 Dungeon Crawl Stone Soup version 0.31-a0-229-g1fc7ce93e2 (webtiles) character file.

Game seed: 16595835413443415309

154 qw the Shooter (level 5, 34/34 HPs)
             Began as a Minotaur Hexslinger on July 6, 2023.
             Quit the game on level 4 of the Dungeon.
             The game lasted 01:46:04 (23952 turns).

qw the Shooter (Minotaur Hexslinger)               Turns: 23952, Time: 01:46:04

Health: 34/34      AC:  6    Str: 13    XL:     5   Next: 13%
Magic:  5/5        EV: 11    Int: 10    God:
Gold:   208        SH:  0    Dex: 14    Spells: 5/6 levels left

rFire   + . .        Y - +1 sling
rCold   + . .        (no shield)
rNeg    . . .        c - +0 ring mail
rPois   .            (helmet unavailable)
rElec   .            (no cloak)
rCorr   .            (no gloves)
SInv    .            f - +0 pair of boots
Will    .....        (no amulet)
Stlth   +            k - ring of protection from fire
HPRegen 0.25/turn    d - ring of protection from cold
MPRegen 0.09/turn

%: no passive effects
@: no status effects
A: horns 3, retaliatory headbutt, hooves 1, deterioration 1, MP-powered wands
a: no special abilities


You were on level 4 of the Dungeon.
You visited 1 branch of the dungeon, and saw 4 of its levels.

You collected 208 gold pieces.


Innate Abilities, Weirdness & Mutations

You have a pair of large horns on your head.
You reflexively headbutt those who attack you in melee.
You have large cloven feet.
Your body sometimes deteriorates upon taking damage.
You expend magic power (3 MP) to strengthen your wands.


   Skills:
 - Level 3.1 Fighting
 - Level 5.2 Ranged Weapons
 + Level 0.0 Armour
 - Level 2.1 Dodging
 - Level 1.0 Spellcasting
 - Level 2.0 Hexes


You had 5 spell levels left.
You knew the following spells:

 Your Spells              Type           Power      Damage    Failure   Level
a - Slow                  Hex            16%        N/A       32%         1

Your spell library contained the following spells:

 Spells                   Type           Power      Damage    Failure   Level
 Inner Flame              Hex/Fire       2%         N/A       83%         3
 Portal Projectile        Hex/Tloc       4%         N/A       83%         3
 Cause Fear               Hex            2%         N/A       97%         4

Inventory:

Hand Weapons
 Y - a +1 sling (weapon)
Armour
 c - a +0 ring mail (worn)
 f - a +0 pair of boots (worn)
Jewellery
 d - a ring of protection from cold (right hand)
 e - a ring of resist corrosion
 k - a ring of protection from fire (left hand)
Scrolls
 a - 2 scrolls of identify
Potions
 b - a potion of mutation
 j - 2 potions of might

Dungeon Overview and Level Annotations

Branches:
Dungeon (4/15)
 Temple: D:4-7

Altars:

Annotations:
D:3 3 runed translucent doors, qw's ghost, amateur MiHs
D:4 3 runed translucent doors, qw's ghost, amateur GrFi


Message History

23937 ||| Stepping randomly (stuck).
There is a collapsed entrance here.
Enter note:
Enter note:
Enter note:
23939 ||| Stepping randomly (stuck).
There is a collapsed entrance here.
Enter note:
Enter note:
Enter note:
23941 ||| Stepping randomly (stuck).
There is a collapsed entrance here.
Enter note:
Enter note:
Enter note:
23943 ||| Stepping randomly (stuck).
There is a collapsed entrance here.
Enter note:
Enter note:
Enter note:
23945 ||| Stepping randomly (stuck).
There is a collapsed entrance here.
Enter note:
Enter note:
Enter note:
23947 ||| Stepping randomly (stuck).
There is a collapsed entrance here.
Enter note:
Enter note:
Enter note:
23949 ||| Stepping randomly (stuck).
There is a collapsed entrance here.
Enter note:
Enter note:
Enter note:
23951 ||| Stepping randomly (stuck).
Zot's power touches on you...
23952 ||| RIP OSSUARY
23952 ||| QUITTING!
Are you sure you want to abandon this character and quit the game? (Confirm with "yes".)

...............####..........#.##
.....####...#####............#..#
...#....................#...###..
...#####..##....#####...#.#..#...
..........................)....##
..####...##......[......#.#.#....
######...##.#####'#####)#:#.#....
.............##.....##..#.#...###
..............##@..##..##.#######
.#.#.)####.....##.##.............
.#.#.######.....###...###.#######
...#.............#...####.#
.#######.###..##%......##.#######
## #................<........
.###########.......######%##.....
..........................#..####
########8.#.#.#....##.......##


There were no monsters in sight!

Vanquished Creatures
  2 orc wizards (D:4)
  A mummy (D:4)
  2 adders
  A worm (D:2)
  4 dart slugs
  3 orcs (D:4)
  A bat (D:1)
  2 endoplasms
  3 giant cockroaches
  5 goblins
  6 hobgoblins
  10 jackals
  A quokka (D:1)
  5 ball pythons
  2 frilled lizards (D:1)
  5 kobolds
  4 rats
57 creatures vanquished.

Notes
Turn   | Place    | Note
-------+----------+-------------------------------------------
     0 | D:1      | qw the Minotaur Hexslinger began the quest for the Orb.
     0 | D:1      | Reached XP level 1. HP: 16/16 MP: 1/1
     0 | D:1      | 0 ||| qw: Version: 0.3-a-46-gb1f654a
     0 | D:1      | 0 ||| qw: Game counter: 1143
     0 | D:1      | 0 ||| qw: Melee chars always use a shield: true
     0 | D:1      | 0 ||| qw: God list: Okawaru
     0 | D:1      | 0 ||| qw: Allow faded altars: false
     0 | D:1      | 0 ||| qw: Do Orc after clearing Dungeon:15 true
     0 | D:1      | 0 ||| qw: Do second Lair branch before Depths: true
     0 | D:1      | 0 ||| qw: Lair rune preference: random
     0 | D:1      | 0 ||| qw: Goals: Normal
     0 | D:1      | 0 ||| PLANNING D:1-11
    79 | D:1      | Reached skill level 3 in Ranged Weapons
    79 | D:1      | Reached XP level 2. HP: 23/23 MP: 2/2
   496 | D:1      | 496 ||| UPGRADING to +2 hat.
   501 | D:1      | 501 ||| READING 3 scrolls labelled HAURINWEFF.
   502 | D:1      | 502 ||| READING 2 scrolls of identify.
   502 | D:1      | 502 ||| IDENTIFYING white potion
   503 | D:1      | 503 ||| DROPPING scroll of poison.
   504 | D:1      | 504 ||| DROPPING potion of ambrosia.
   934 | D:2      | Reached XP level 3. HP: 27/29 MP: 3/3
  1284 | D:2      | Reached skill level 4 in Ranged Weapons
  1478 | D:2      | 1478 ||| UPGRADING to +0 pair of boots.
  1483 | D:2      | 1483 ||| UPGRADING to +0 leather armour.
  1493 | D:2      | 1493 ||| DROPPING +0 robe.
  1494 | D:2      | 1494 ||| READING scroll labelled AKUTEZX VYPH.
  1495 | D:2      | 1495 ||| READING scroll labelled JIP WIAROUSKA.
  1499 | D:2      | 1499 ||| READING scroll labelled UPLIVE PUFYH.
  1500 | D:2      | 1500 ||| DRINKING 2 ruby potions.
  1790 | D:3      | Found a runed translucent gate.
  1790 | D:3      | Found a runed translucent gate.
  1790 | D:3      | Found a runed translucent gate.
  1790 | D:3      | Noticed qw's ghost (amateur MiHs)
  2282 | D:3      | 2282 ||| UPGRADING to ring of protection from fire.
  2283 | D:3      | 2283 ||| DROPPING ring of wizardry.
  2284 | D:3      | 2284 ||| READING scroll labelled WUYQOTZ VUSYO.
  2285 | D:3      | 2285 ||| READING scroll labelled TONI SAAWN.
  2286 | D:3      | 2286 ||| READING scroll labelled JAPNIPSUWN.
  2287 | D:3      | 2287 ||| DRINKING 2 red potions.
  2287 | D:3      | Gained mutation: You have a pair of large horns on your
                  | head. [potion of mutation]
  2287 | D:3      | Gained mutation: Your body sometimes deteriorates upon
                  | taking damage. [potion of mutation]
  2287 | D:3      | Gained mutation: You have large cloven feet. [potion of
                  | mutation]
  2287 | D:3      | Gained mutation: You expend magic power (3 MP) to
                  | strengthen your wands. [potion of mutation]
  2288 | D:3      | 2288 ||| DROPPING +2 hat.
  2289 | D:3      | 2289 ||| READING 3 scrolls of identify.
  2289 | D:3      | 2289 ||| IDENTIFYING viscous orange potion
  2290 | D:3      | 2290 ||| READING 2 scrolls of identify.
  2290 | D:3      | 2290 ||| IDENTIFYING viscous red potion
  2291 | D:3      | 2291 ||| DROPPING potion of magic.
  2313 | D:4      | 2313 ||| PLANNING OSSUARY
  2332 | D:4      | Reached XP level 4. HP: 36/36 MP: 4/4
  2630 | D:4      | Identified the +8 sling of Xom's Favour {flame, rC- Will+
                  | Int+5}
  2631 | D:4      | Noticed qw's ghost (amateur GrFi)
  2632 | D:4      | Found a runed translucent gate.
  2633 | D:4      | Found a runed translucent gate.
  2634 | D:4      | Found a runed translucent gate.
  2718 | D:4      | Reached skill level 5 in Ranged Weapons
  2742 | D:4      | HP: 8/36 [something (3)]
  2747 | D:4      | HP: 8/36 [something (2)]
  2750 | D:4      | Reached XP level 5. HP: 11/44 MP: 5/5
  2750 | D:4      | 2750 ||| DRINKING potion of curing.
  2750 | D:4      | 2750 ||| (to cure confusion)
  2886 | D:4      | Found a sand-covered staircase.
  2900 | D:4      | HP: 2/44 [mummy (12)]
  2903 | D:4      | Reached skill level 3 in Fighting
  3059 | D:4      | 3059 ||| UPGRADING to +0 ring mail.
  3069 | D:4      | 3069 ||| DROPPING +0 leather armour.
  3070 | D:4      | 3070 ||| UPGRADING to ring of protection from cold.
  3075 | D:4      | 3075 ||| Stepping randomly (stuck).
  3077 | D:4      | 3077 ||| Stepping randomly (stuck).
  3079 | D:4      | 3079 ||| Stepping randomly (stuck).
  3081 | D:4      | 3081 ||| Stepping randomly (stuck).
  3083 | D:4      | 3083 ||| Stepping randomly (stuck).
  3085 | D:4      | 3085 ||| Stepping randomly (stuck).
  3087 | D:4      | 3087 ||| Stepping randomly (stuck).
  3089 | D:4      | 3089 ||| Stepping randomly (stuck).
  3091 | D:4      | 3091 ||| Stepping randomly (stuck).
  3093 | D:4      | 3093 ||| Stepping randomly (stuck).
  3095 | D:4      | 3095 ||| Stepping randomly (stuck).
  3097 | D:4      | 3097 ||| Stepping randomly (stuck).
  3099 | D:4      | 3099 ||| Stepping randomly (stuck).
  3101 | D:4      | 3101 ||| Stepping randomly (stuck).
  3103 | D:4      | 3103 ||| Stepping randomly (stuck).
  3105 | D:4      | 3105 ||| Stepping randomly (stuck).
  3107 | D:4      | 3107 ||| Stepping randomly (stuck).
  3109 | D:4      | 3109 ||| Stepping randomly (stuck).
  3111 | D:4      | 3111 ||| Stepping randomly (stuck).
  3113 | D:4      | 3113 ||| Stepping randomly (stuck).
  3115 | D:4      | 3115 ||| Stepping randomly (stuck).
  3117 | D:4      | 3117 ||| Stepping randomly (stuck).
  3119 | D:4      | 3119 ||| Stepping randomly (stuck).
  3121 | D:4      | 3121 ||| Stepping randomly (stuck).
  3123 | D:4      | 3123 ||| Stepping randomly (stuck).
  3125 | D:4      | 3125 ||| Stepping randomly (stuck).
  3127 | D:4      | 3127 ||| Stepping randomly (stuck).
  3129 | D:4      | 3129 ||| Stepping randomly (stuck).
  3131 | D:4      | 3131 ||| Stepping randomly (stuck).
  3133 | D:4      | 3133 ||| Stepping randomly (stuck).
  3135 | D:4      | 3135 ||| Stepping randomly (stuck).
  3137 | D:4      | 3137 ||| Stepping randomly (stuck).
  3139 | D:4      | 3139 ||| Stepping randomly (stuck).
  3141 | D:4      | 3141 ||| Stepping randomly (stuck).
  3143 | D:4      | 3143 ||| Stepping randomly (stuck).
  3145 | D:4      | 3145 ||| Stepping randomly (stuck).
  3147 | D:4      | 3147 ||| Stepping randomly (stuck).
  3149 | D:4      | 3149 ||| Stepping randomly (stuck).
  3151 | D:4      | 3151 ||| Stepping randomly (stuck).
  3153 | D:4      | 3153 ||| Stepping randomly (stuck).
  3155 | D:4      | 3155 ||| Stepping randomly (stuck).
  3157 | D:4      | 3157 ||| Stepping randomly (stuck).
  3159 | D:4      | 3159 ||| Stepping randomly (stuck).
  3161 | D:4      | 3161 ||| Stepping randomly (stuck).
  3163 | D:4      | 3163 ||| Stepping randomly (stuck).
  3165 | D:4      | 3165 ||| Stepping randomly (stuck).
  3167 | D:4      | 3167 ||| Stepping randomly (stuck).
  3169 | D:4      | 3169 ||| Stepping randomly (stuck).
  3171 | D:4      | 3171 ||| Stepping randomly (stuck).
  3173 | D:4      | 3173 ||| Stepping randomly (stuck).
  3175 | D:4      | 3175 ||| Stepping randomly (stuck).
  3177 | D:4      | 3177 ||| Stepping randomly (stuck).
  3179 | D:4      | 3179 ||| Stepping randomly (stuck).
  3181 | D:4      | 3181 ||| Stepping randomly (stuck).
  3183 | D:4      | 3183 ||| Stepping randomly (stuck).
  3185 | D:4      | 3185 ||| Stepping randomly (stuck).
  3187 | D:4      | 3187 ||| Stepping randomly (stuck).
  3189 | D:4      | 3189 ||| Stepping randomly (stuck).
  3191 | D:4      | 3191 ||| Stepping randomly (stuck).
  3193 | D:4      | 3193 ||| Stepping randomly (stuck).
  3195 | D:4      | 3195 ||| Stepping randomly (stuck).
  3197 | D:4      | 3197 ||| Stepping randomly (stuck).
  3199 | D:4      | 3199 ||| Stepping randomly (stuck).
  3201 | D:4      | 3201 ||| Stepping randomly (stuck).
  3203 | D:4      | 3203 ||| Stepping randomly (stuck).
  3205 | D:4      | 3205 ||| Stepping randomly (stuck).
  3207 | D:4      | 3207 ||| Stepping randomly (stuck).
  3209 | D:4      | 3209 ||| Stepping randomly (stuck).
  3211 | D:4      | 3211 ||| Stepping randomly (stuck).
  3213 | D:4      | 3213 ||| Stepping randomly (stuck).
  3215 | D:4      | 3215 ||| Stepping randomly (stuck).
  3217 | D:4      | 3217 ||| Stepping randomly (stuck).
  3219 | D:4      | 3219 ||| Stepping randomly (stuck).
  3221 | D:4      | 3221 ||| Stepping randomly (stuck).
  3223 | D:4      | 3223 ||| Stepping randomly (stuck).
  3225 | D:4      | 3225 ||| Stepping randomly (stuck).
  3227 | D:4      | 3227 ||| Stepping randomly (stuck).
  3229 | D:4      | 3229 ||| Stepping randomly (stuck).
  3231 | D:4      | 3231 ||| Stepping randomly (stuck).
  3233 | D:4      | 3233 ||| Stepping randomly (stuck).
  3235 | D:4      | 3235 ||| Stepping randomly (stuck).
  3237 | D:4      | 3237 ||| Stepping randomly (stuck).
  3239 | D:4      | 3239 ||| Stepping randomly (stuck).
  3241 | D:4      | 3241 ||| Stepping randomly (stuck).
  3243 | D:4      | 3243 ||| Stepping randomly (stuck).
  3245 | D:4      | 3245 ||| Stepping randomly (stuck).
  3247 | D:4      | 3247 ||| Stepping randomly (stuck).
  3249 | D:4      | 3249 ||| Stepping randomly (stuck).
  3251 | D:4      | 3251 ||| Stepping randomly (stuck).
  3253 | D:4      | 3253 ||| Stepping randomly (stuck).
  3255 | D:4      | 3255 ||| Stepping randomly (stuck).
  3257 | D:4      | 3257 ||| Stepping randomly (stuck).
  3259 | D:4      | 3259 ||| Stepping randomly (stuck).
  3261 | D:4      | 3261 ||| Stepping randomly (stuck).
  3263 | D:4      | 3263 ||| Stepping randomly (stuck).
  3265 | D:4      | 3265 ||| Stepping randomly (stuck).
  3267 | D:4      | 3267 ||| Stepping randomly (stuck).
  3269 | D:4      | 3269 ||| Stepping randomly (stuck).
  3271 | D:4      | 3271 ||| Stepping randomly (stuck).
  3273 | D:4      | 3273 ||| Stepping randomly (stuck).
  3275 | D:4      | 3275 ||| Stepping randomly (stuck).
  3277 | D:4      | 3277 ||| Stepping randomly (stuck).
  3279 | D:4      | 3279 ||| Stepping randomly (stuck).
  3281 | D:4      | 3281 ||| Stepping randomly (stuck).
  3283 | D:4      | 3283 ||| Stepping randomly (stuck).
  3285 | D:4      | 3285 ||| Stepping randomly (stuck).
  3287 | D:4      | 3287 ||| Stepping randomly (stuck).
  3289 | D:4      | 3289 ||| Stepping randomly (stuck).
  3291 | D:4      | 3291 ||| Stepping randomly (stuck).
  3293 | D:4      | 3293 ||| Stepping randomly (stuck).
  3295 | D:4      | 3295 ||| Stepping randomly (stuck).
  3297 | D:4      | 3297 ||| Stepping randomly (stuck).
  3299 | D:4      | 3299 ||| Stepping randomly (stuck).
  3301 | D:4      | 3301 ||| Stepping randomly (stuck).
  3303 | D:4      | 3303 ||| Stepping randomly (stuck).
  3305 | D:4      | 3305 ||| Stepping randomly (stuck).
  3307 | D:4      | 3307 ||| Stepping randomly (stuck).
  3309 | D:4      | 3309 ||| Stepping randomly (stuck).
  3311 | D:4      | 3311 ||| Stepping randomly (stuck).
  3313 | D:4      | 3313 ||| Stepping randomly (stuck).
  3315 | D:4      | 3315 ||| Stepping randomly (stuck).
  3317 | D:4      | 3317 ||| Stepping randomly (stuck).
  3319 | D:4      | 3319 ||| Stepping randomly (stuck).
  3321 | D:4      | 3321 ||| Stepping randomly (stuck).
  3323 | D:4      | 3323 ||| Stepping randomly (stuck).
  3325 | D:4      | 3325 ||| Stepping randomly (stuck).
  3327 | D:4      | 3327 ||| Stepping randomly (stuck).
  3329 | D:4      | 3329 ||| Stepping randomly (stuck).
  3331 | D:4      | 3331 ||| Stepping randomly (stuck).
  3333 | D:4      | 3333 ||| Stepping randomly (stuck).
  3335 | D:4      | 3335 ||| Stepping randomly (stuck).
  3337 | D:4      | 3337 ||| Stepping randomly (stuck).
  3339 | D:4      | 3339 ||| Stepping randomly (stuck).
  3341 | D:4      | 3341 ||| Stepping randomly (stuck).
  3343 | D:4      | 3343 ||| Stepping randomly (stuck).
  3345 | D:4      | 3345 ||| Stepping randomly (stuck).
  3347 | D:4      | 3347 ||| Stepping randomly (stuck).
  3349 | D:4      | 3349 ||| Stepping randomly (stuck).
  3351 | D:4      | 3351 ||| Stepping randomly (stuck).
  3353 | D:4      | 3353 ||| Stepping randomly (stuck).
  3355 | D:4      | 3355 ||| Stepping randomly (stuck).
  3357 | D:4      | 3357 ||| Stepping randomly (stuck).
  3359 | D:4      | 3359 ||| Stepping randomly (stuck).
  3361 | D:4      | 3361 ||| Stepping randomly (stuck).
  3363 | D:4      | 3363 ||| Stepping randomly (stuck).
  3365 | D:4      | 3365 ||| Stepping randomly (stuck).
  3367 | D:4      | 3367 ||| Stepping randomly (stuck).
  3369 | D:4      | 3369 ||| Stepping randomly (stuck).
  3371 | D:4      | 3371 ||| Stepping randomly (stuck).
  3373 | D:4      | 3373 ||| Stepping randomly (stuck).
  3375 | D:4      | 3375 ||| Stepping randomly (stuck).
  3377 | D:4      | 3377 ||| Stepping randomly (stuck).
  3379 | D:4      | 3379 ||| Stepping randomly (stuck).
  3381 | D:4      | 3381 ||| Stepping randomly (stuck).
  3383 | D:4      | 3383 ||| Stepping randomly (stuck).
  3385 | D:4      | 3385 ||| Stepping randomly (stuck).
  3387 | D:4      | 3387 ||| Stepping randomly (stuck).
  3389 | D:4      | 3389 ||| Stepping randomly (stuck).
  3391 | D:4      | 3391 ||| Stepping randomly (stuck).
  3393 | D:4      | 3393 ||| Stepping randomly (stuck).
  3395 | D:4      | 3395 ||| Stepping randomly (stuck).
  3397 | D:4      | 3397 ||| Stepping randomly (stuck).
  3399 | D:4      | 3399 ||| Stepping randomly (stuck).
  3401 | D:4      | 3401 ||| Stepping randomly (stuck).
  3403 | D:4      | 3403 ||| Stepping randomly (stuck).
  3405 | D:4      | 3405 ||| Stepping randomly (stuck).
  3407 | D:4      | 3407 ||| Stepping randomly (stuck).
  3409 | D:4      | 3409 ||| Stepping randomly (stuck).
  3411 | D:4      | 3411 ||| Stepping randomly (stuck).
  3413 | D:4      | 3413 ||| Stepping randomly (stuck).
  3415 | D:4      | 3415 ||| Stepping randomly (stuck).
  3417 | D:4      | 3417 ||| Stepping randomly (stuck).
  3419 | D:4      | 3419 ||| Stepping randomly (stuck).
  3421 | D:4      | 3421 ||| Stepping randomly (stuck).
  3423 | D:4      | 3423 ||| Stepping randomly (stuck).
  3425 | D:4      | 3425 ||| Stepping randomly (stuck).
  3427 | D:4      | 3427 ||| Stepping randomly (stuck).
  3429 | D:4      | 3429 ||| Stepping randomly (stuck).
  3431 | D:4      | 3431 ||| Stepping randomly (stuck).
  3433 | D:4      | 3433 ||| Stepping randomly (stuck).
  3435 | D:4      | 3435 ||| Stepping randomly (stuck).
  3437 | D:4      | 3437 ||| Stepping randomly (stuck).
  3439 | D:4      | 3439 ||| Stepping randomly (stuck).
  3441 | D:4      | 3441 ||| Stepping randomly (stuck).
  3443 | D:4      | 3443 ||| Stepping randomly (stuck).
  3445 | D:4      | 3445 ||| Stepping randomly (stuck).
  3447 | D:4      | 3447 ||| Stepping randomly (stuck).
  3449 | D:4      | 3449 ||| Stepping randomly (stuck).
  3451 | D:4      | 3451 ||| Stepping randomly (stuck).
  3453 | D:4      | 3453 ||| Stepping randomly (stuck).
  3455 | D:4      | 3455 ||| Stepping randomly (stuck).
  3457 | D:4      | 3457 ||| Stepping randomly (stuck).
  3459 | D:4      | 3459 ||| Stepping randomly (stuck).
  3461 | D:4      | 3461 ||| Stepping randomly (stuck).
  3463 | D:4      | 3463 ||| Stepping randomly (stuck).
  3465 | D:4      | 3465 ||| Stepping randomly (stuck).
  3467 | D:4      | 3467 ||| Stepping randomly (stuck).
  3469 | D:4      | 3469 ||| Stepping randomly (stuck).
  3471 | D:4      | 3471 ||| Stepping randomly (stuck).
  3473 | D:4      | 3473 ||| Stepping randomly (stuck).
  3475 | D:4      | 3475 ||| Stepping randomly (stuck).
  3477 | D:4      | 3477 ||| Stepping randomly (stuck).
  3479 | D:4      | 3479 ||| Stepping randomly (stuck).
  3481 | D:4      | 3481 ||| Stepping randomly (stuck).
  3483 | D:4      | 3483 ||| Stepping randomly (stuck).
  3485 | D:4      | 3485 ||| Stepping randomly (stuck).
  3487 | D:4      | 3487 ||| Stepping randomly (stuck).
  3489 | D:4      | 3489 ||| Stepping randomly (stuck).
  3491 | D:4      | 3491 ||| Stepping randomly (stuck).
  3493 | D:4      | 3493 ||| Stepping randomly (stuck).
  3495 | D:4      | 3495 ||| Stepping randomly (stuck).
  3497 | D:4      | 3497 ||| Stepping randomly (stuck).
  3499 | D:4      | 3499 ||| Stepping randomly (stuck).
  3501 | D:4      | 3501 ||| Stepping randomly (stuck).
  3503 | D:4      | 3503 ||| Stepping randomly (stuck).
  3505 | D:4      | 3505 ||| Stepping randomly (stuck).
  3507 | D:4      | 3507 ||| Stepping randomly (stuck).
  3509 | D:4      | 3509 ||| Stepping randomly (stuck).
  3511 | D:4      | 3511 ||| Stepping randomly (stuck).
  3513 | D:4      | 3513 ||| Stepping randomly (stuck).
  3515 | D:4      | 3515 ||| Stepping randomly (stuck).
  3517 | D:4      | 3517 ||| Stepping randomly (stuck).
  3519 | D:4      | 3519 ||| Stepping randomly (stuck).
  3521 | D:4      | 3521 ||| Stepping randomly (stuck).
  3523 | D:4      | 3523 ||| Stepping randomly (stuck).
  3525 | D:4      | 3525 ||| Stepping randomly (stuck).
  3527 | D:4      | 3527 ||| Stepping randomly (stuck).
  3529 | D:4      | 3529 ||| Stepping randomly (stuck).
  3531 | D:4      | 3531 ||| Stepping randomly (stuck).
  3533 | D:4      | 3533 ||| Stepping randomly (stuck).
  3535 | D:4      | 3535 ||| Stepping randomly (stuck).
  3537 | D:4      | 3537 ||| Stepping randomly (stuck).
  3539 | D:4      | 3539 ||| Stepping randomly (stuck).
  3541 | D:4      | 3541 ||| Stepping randomly (stuck).
  3543 | D:4      | 3543 ||| Stepping randomly (stuck).
  3545 | D:4      | 3545 ||| Stepping randomly (stuck).
  3547 | D:4      | 3547 ||| Stepping randomly (stuck).
  3549 | D:4      | 3549 ||| Stepping randomly (stuck).
  3551 | D:4      | 3551 ||| Stepping randomly (stuck).
  3553 | D:4      | 3553 ||| Stepping randomly (stuck).
  3555 | D:4      | 3555 ||| Stepping randomly (stuck).
  3557 | D:4      | 3557 ||| Stepping randomly (stuck).
  3559 | D:4      | 3559 ||| Stepping randomly (stuck).
  3561 | D:4      | 3561 ||| Stepping randomly (stuck).
  3563 | D:4      | 3563 ||| Stepping randomly (stuck).
  3565 | D:4      | 3565 ||| Stepping randomly (stuck).
  3567 | D:4      | 3567 ||| Stepping randomly (stuck).
  3569 | D:4      | 3569 ||| Stepping randomly (stuck).
  3571 | D:4      | 3571 ||| Stepping randomly (stuck).
  3573 | D:4      | 3573 ||| Stepping randomly (stuck).
  3575 | D:4      | 3575 ||| Stepping randomly (stuck).
  3577 | D:4      | 3577 ||| Stepping randomly (stuck).
  3579 | D:4      | 3579 ||| Stepping randomly (stuck).
  3581 | D:4      | 3581 ||| Stepping randomly (stuck).
  3583 | D:4      | 3583 ||| Stepping randomly (stuck).
  3585 | D:4      | 3585 ||| Stepping randomly (stuck).
  3587 | D:4      | 3587 ||| Stepping randomly (stuck).
  3589 | D:4      | 3589 ||| Stepping randomly (stuck).
  3591 | D:4      | 3591 ||| Stepping randomly (stuck).
  3593 | D:4      | 3593 ||| Stepping randomly (stuck).
  3595 | D:4      | 3595 ||| Stepping randomly (stuck).
  3597 | D:4      | 3597 ||| Stepping randomly (stuck).
  3599 | D:4      | 3599 ||| Stepping randomly (stuck).
  3601 | D:4      | 3601 ||| Stepping randomly (stuck).
  3603 | D:4      | 3603 ||| Stepping randomly (stuck).
  3605 | D:4      | 3605 ||| Stepping randomly (stuck).
  3607 | D:4      | 3607 ||| Stepping randomly (stuck).
  3609 | D:4      | 3609 ||| Stepping randomly (stuck).
  3611 | D:4      | 3611 ||| Stepping randomly (stuck).
  3613 | D:4      | 3613 ||| Stepping randomly (stuck).
  3615 | D:4      | 3615 ||| Stepping randomly (stuck).
  3617 | D:4      | 3617 ||| Stepping randomly (stuck).
  3619 | D:4      | 3619 ||| Stepping randomly (stuck).
  3621 | D:4      | 3621 ||| Stepping randomly (stuck).
  3623 | D:4      | 3623 ||| Stepping randomly (stuck).
  3625 | D:4      | 3625 ||| Stepping randomly (stuck).
  3627 | D:4      | 3627 ||| Stepping randomly (stuck).
  3629 | D:4      | 3629 ||| Stepping randomly (stuck).
  3631 | D:4      | 3631 ||| Stepping randomly (stuck).
  3633 | D:4      | 3633 ||| Stepping randomly (stuck).
  3635 | D:4      | 3635 ||| Stepping randomly (stuck).
  3637 | D:4      | 3637 ||| Stepping randomly (stuck).
  3639 | D:4      | 3639 ||| Stepping randomly (stuck).
  3641 | D:4      | 3641 ||| Stepping randomly (stuck).
  3643 | D:4      | 3643 ||| Stepping randomly (stuck).
  3645 | D:4      | 3645 ||| Stepping randomly (stuck).
  3647 | D:4      | 3647 ||| Stepping randomly (stuck).
  3649 | D:4      | 3649 ||| Stepping randomly (stuck).
  3651 | D:4      | 3651 ||| Stepping randomly (stuck).
  3653 | D:4      | 3653 ||| Stepping randomly (stuck).
  3655 | D:4      | 3655 ||| Stepping randomly (stuck).
  3657 | D:4      | 3657 ||| Stepping randomly (stuck).
  3659 | D:4      | 3659 ||| Stepping randomly (stuck).
  3661 | D:4      | 3661 ||| Stepping randomly (stuck).
  3663 | D:4      | 3663 ||| Stepping randomly (stuck).
  3665 | D:4      | 3665 ||| Stepping randomly (stuck).
  3667 | D:4      | 3667 ||| Stepping randomly (stuck).
  3669 | D:4      | 3669 ||| Stepping randomly (stuck).
  3671 | D:4      | 3671 ||| Stepping randomly (stuck).
  3673 | D:4      | 3673 ||| Stepping randomly (stuck).
  3675 | D:4      | 3675 ||| Stepping randomly (stuck).
  3677 | D:4      | 3677 ||| Stepping randomly (stuck).
  3679 | D:4      | 3679 ||| Stepping randomly (stuck).
  3681 | D:4      | 3681 ||| Stepping randomly (stuck).
  3683 | D:4      | 3683 ||| Stepping randomly (stuck).
  3685 | D:4      | 3685 ||| Stepping randomly (stuck).
  3687 | D:4      | 3687 ||| Stepping randomly (stuck).
  3689 | D:4      | 3689 ||| Stepping randomly (stuck).
  3691 | D:4      | 3691 ||| Stepping randomly (stuck).
  3693 | D:4      | 3693 ||| Stepping randomly (stuck).
  3695 | D:4      | 3695 ||| Stepping randomly (stuck).
  3697 | D:4      | 3697 ||| Stepping randomly (stuck).
  3699 | D:4      | 3699 ||| Stepping randomly (stuck).
  3701 | D:4      | 3701 ||| Stepping randomly (stuck).
  3703 | D:4      | 3703 ||| Stepping randomly (stuck).
  3705 | D:4      | 3705 ||| Stepping randomly (stuck).
  3707 | D:4      | 3707 ||| Stepping randomly (stuck).
  3709 | D:4      | 3709 ||| Stepping randomly (stuck).
  3711 | D:4      | 3711 ||| Stepping randomly (stuck).
  3713 | D:4      | 3713 ||| Stepping randomly (stuck).
  3715 | D:4      | 3715 ||| Stepping randomly (stuck).
  3717 | D:4      | 3717 ||| Stepping randomly (stuck).
  3719 | D:4      | 3719 ||| Stepping randomly (stuck).
  3721 | D:4      | 3721 ||| Stepping randomly (stuck).
  3723 | D:4      | 3723 ||| Stepping randomly (stuck).
  3725 | D:4      | 3725 ||| Stepping randomly (stuck).
  3727 | D:4      | 3727 ||| Stepping randomly (stuck).
  3729 | D:4      | 3729 ||| Stepping randomly (stuck).
  3731 | D:4      | 3731 ||| Stepping randomly (stuck).
  3733 | D:4      | 3733 ||| Stepping randomly (stuck).
  3735 | D:4      | 3735 ||| Stepping randomly (stuck).
  3737 | D:4      | 3737 ||| Stepping randomly (stuck).
  3739 | D:4      | 3739 ||| Stepping randomly (stuck).
  3741 | D:4      | 3741 ||| Stepping randomly (stuck).
  3743 | D:4      | 3743 ||| Stepping randomly (stuck).
  3745 | D:4      | 3745 ||| Stepping randomly (stuck).
  3747 | D:4      | 3747 ||| Stepping randomly (stuck).
  3749 | D:4      | 3749 ||| Stepping randomly (stuck).
  3751 | D:4      | 3751 ||| Stepping randomly (stuck).
  3753 | D:4      | 3753 ||| Stepping randomly (stuck).
  3755 | D:4      | 3755 ||| Stepping randomly (stuck).
  3757 | D:4      | 3757 ||| Stepping randomly (stuck).
  3759 | D:4      | 3759 ||| Stepping randomly (stuck).
  3761 | D:4      | 3761 ||| Stepping randomly (stuck).
  3763 | D:4      | 3763 ||| Stepping randomly (stuck).
  3765 | D:4      | 3765 ||| Stepping randomly (stuck).
  3767 | D:4      | 3767 ||| Stepping randomly (stuck).
  3769 | D:4      | 3769 ||| Stepping randomly (stuck).
  3771 | D:4      | 3771 ||| Stepping randomly (stuck).
  3773 | D:4      | 3773 ||| Stepping randomly (stuck).
  3775 | D:4      | 3775 ||| Stepping randomly (stuck).
  3777 | D:4      | 3777 ||| Stepping randomly (stuck).
  3779 | D:4      | 3779 ||| Stepping randomly (stuck).
  3781 | D:4      | 3781 ||| Stepping randomly (stuck).
  3783 | D:4      | 3783 ||| Stepping randomly (stuck).
  3785 | D:4      | 3785 ||| Stepping randomly (stuck).
  3787 | D:4      | 3787 ||| Stepping randomly (stuck).
  3789 | D:4      | 3789 ||| Stepping randomly (stuck).
  3791 | D:4      | 3791 ||| Stepping randomly (stuck).
  3793 | D:4      | 3793 ||| Stepping randomly (stuck).
  3795 | D:4      | 3795 ||| Stepping randomly (stuck).
  3797 | D:4      | 3797 ||| Stepping randomly (stuck).
  3799 | D:4      | 3799 ||| Stepping randomly (stuck).
  3801 | D:4      | 3801 ||| Stepping randomly (stuck).
  3803 | D:4      | 3803 ||| Stepping randomly (stuck).
  3805 | D:4      | 3805 ||| Stepping randomly (stuck).
  3807 | D:4      | 3807 ||| Stepping randomly (stuck).
  3809 | D:4      | 3809 ||| Stepping randomly (stuck).
  3811 | D:4      | 3811 ||| Stepping randomly (stuck).
  3813 | D:4      | 3813 ||| Stepping randomly (stuck).
  3815 | D:4      | 3815 ||| Stepping randomly (stuck).
  3817 | D:4      | 3817 ||| Stepping randomly (stuck).
  3819 | D:4      | 3819 ||| Stepping randomly (stuck).
  3821 | D:4      | 3821 ||| Stepping randomly (stuck).
  3823 | D:4      | 3823 ||| Stepping randomly (stuck).
  3825 | D:4      | 3825 ||| Stepping randomly (stuck).
  3827 | D:4      | 3827 ||| Stepping randomly (stuck).
  3829 | D:4      | 3829 ||| Stepping randomly (stuck).
  3831 | D:4      | 3831 ||| Stepping randomly (stuck).
  3833 | D:4      | 3833 ||| Stepping randomly (stuck).
  3835 | D:4      | 3835 ||| Stepping randomly (stuck).
  3837 | D:4      | 3837 ||| Stepping randomly (stuck).
  3839 | D:4      | 3839 ||| Stepping randomly (stuck).
  3841 | D:4      | 3841 ||| Stepping randomly (stuck).
  3843 | D:4      | 3843 ||| Stepping randomly (stuck).
  3845 | D:4      | 3845 ||| Stepping randomly (stuck).
  3847 | D:4      | 3847 ||| Stepping randomly (stuck).
  3849 | D:4      | 3849 ||| Stepping randomly (stuck).
  3851 | D:4      | 3851 ||| Stepping randomly (stuck).
  3853 | D:4      | 3853 ||| Stepping randomly (stuck).
  3855 | D:4      | 3855 ||| Stepping randomly (stuck).
  3857 | D:4      | 3857 ||| Stepping randomly (stuck).
  3859 | D:4      | 3859 ||| Stepping randomly (stuck).
  3861 | D:4      | 3861 ||| Stepping randomly (stuck).
  3863 | D:4      | 3863 ||| Stepping randomly (stuck).
  3865 | D:4      | 3865 ||| Stepping randomly (stuck).
  3867 | D:4      | 3867 ||| Stepping randomly (stuck).
  3869 | D:4      | 3869 ||| Stepping randomly (stuck).
  3871 | D:4      | 3871 ||| Stepping randomly (stuck).
  3873 | D:4      | 3873 ||| Stepping randomly (stuck).
  3875 | D:4      | 3875 ||| Stepping randomly (stuck).
  3877 | D:4      | 3877 ||| Stepping randomly (stuck).
  3879 | D:4      | 3879 ||| Stepping randomly (stuck).
  3881 | D:4      | 3881 ||| Stepping randomly (stuck).
  3883 | D:4      | 3883 ||| Stepping randomly (stuck).
  3885 | D:4      | 3885 ||| Stepping randomly (stuck).
  3887 | D:4      | 3887 ||| Stepping randomly (stuck).
  3889 | D:4      | 3889 ||| Stepping randomly (stuck).
  3891 | D:4      | 3891 ||| Stepping randomly (stuck).
  3893 | D:4      | 3893 ||| Stepping randomly (stuck).
  3895 | D:4      | 3895 ||| Stepping randomly (stuck).
  3897 | D:4      | 3897 ||| Stepping randomly (stuck).
  3899 | D:4      | 3899 ||| Stepping randomly (stuck).
  3901 | D:4      | 3901 ||| Stepping randomly (stuck).
  3903 | D:4      | 3903 ||| Stepping randomly (stuck).
  3905 | D:4      | 3905 ||| Stepping randomly (stuck).
  3907 | D:4      | 3907 ||| Stepping randomly (stuck).
  3909 | D:4      | 3909 ||| Stepping randomly (stuck).
  3911 | D:4      | 3911 ||| Stepping randomly (stuck).
  3913 | D:4      | 3913 ||| Stepping randomly (stuck).
  3915 | D:4      | 3915 ||| Stepping randomly (stuck).
  3917 | D:4      | 3917 ||| Stepping randomly (stuck).
  3919 | D:4      | 3919 ||| Stepping randomly (stuck).
  3921 | D:4      | 3921 ||| Stepping randomly (stuck).
  3923 | D:4      | 3923 ||| Stepping randomly (stuck).
  3925 | D:4      | 3925 ||| Stepping randomly (stuck).
  3927 | D:4      | 3927 ||| Stepping randomly (stuck).
  3929 | D:4      | 3929 ||| Stepping randomly (stuck).
  3931 | D:4      | 3931 ||| Stepping randomly (stuck).
  3933 | D:4      | 3933 ||| Stepping randomly (stuck).
  3935 | D:4      | 3935 ||| Stepping randomly (stuck).
  3937 | D:4      | 3937 ||| Stepping randomly (stuck).
  3939 | D:4      | 3939 ||| Stepping randomly (stuck).
  3941 | D:4      | 3941 ||| Stepping randomly (stuck).
  3943 | D:4      | 3943 ||| Stepping randomly (stuck).
  3945 | D:4      | 3945 ||| Stepping randomly (stuck).
  3947 | D:4      | 3947 ||| Stepping randomly (stuck).
  3949 | D:4      | 3949 ||| Stepping randomly (stuck).
  3951 | D:4      | 3951 ||| Stepping randomly (stuck).
  3953 | D:4      | 3953 ||| Stepping randomly (stuck).
  3955 | D:4      | 3955 ||| Stepping randomly (stuck).
  3957 | D:4      | 3957 ||| Stepping randomly (stuck).
  3959 | D:4      | 3959 ||| Stepping randomly (stuck).
  3961 | D:4      | 3961 ||| Stepping randomly (stuck).
  3963 | D:4      | 3963 ||| Stepping randomly (stuck).
  3965 | D:4      | 3965 ||| Stepping randomly (stuck).
  3967 | D:4      | 3967 ||| Stepping randomly (stuck).
  3969 | D:4      | 3969 ||| Stepping randomly (stuck).
  3971 | D:4      | 3971 ||| Stepping randomly (stuck).
  3973 | D:4      | 3973 ||| Stepping randomly (stuck).
  3975 | D:4      | 3975 ||| Stepping randomly (stuck).
  3977 | D:4      | 3977 ||| Stepping randomly (stuck).
  3979 | D:4      | 3979 ||| Stepping randomly (stuck).
  3981 | D:4      | 3981 ||| Stepping randomly (stuck).
  3983 | D:4      | 3983 ||| Stepping randomly (stuck).
  3985 | D:4      | 3985 ||| Stepping randomly (stuck).
  3987 | D:4      | 3987 ||| Stepping randomly (stuck).
  3989 | D:4      | 3989 ||| Stepping randomly (stuck).
  3991 | D:4      | 3991 ||| Stepping randomly (stuck).
  3993 | D:4      | 3993 ||| Stepping randomly (stuck).
  3995 | D:4      | 3995 ||| Stepping randomly (stuck).
  3997 | D:4      | 3997 ||| Stepping randomly (stuck).
  3999 | D:4      | 3999 ||| Stepping randomly (stuck).
  4001 | D:4      | 4001 ||| Stepping randomly (stuck).
  4003 | D:4      | 4003 ||| Stepping randomly (stuck).
  4005 | D:4      | 4005 ||| Stepping randomly (stuck).
  4007 | D:4      | 4007 ||| Stepping randomly (stuck).
  4009 | D:4      | 4009 ||| Stepping randomly (stuck).
  4011 | D:4      | 4011 ||| Stepping randomly (stuck).
  4013 | D:4      | 4013 ||| Stepping randomly (stuck).
  4015 | D:4      | 4015 ||| Stepping randomly (stuck).
  4017 | D:4      | 4017 ||| Stepping randomly (stuck).
  4019 | D:4      | 4019 ||| Stepping randomly (stuck).
  4021 | D:4      | 4021 ||| Stepping randomly (stuck).
  4023 | D:4      | 4023 ||| Stepping randomly (stuck).
  4025 | D:4      | 4025 ||| Stepping randomly (stuck).
  4027 | D:4      | 4027 ||| Stepping randomly (stuck).
  4029 | D:4      | 4029 ||| Stepping randomly (stuck).
  4031 | D:4      | 4031 ||| Stepping randomly (stuck).
  4033 | D:4      | 4033 ||| Stepping randomly (stuck).
  4035 | D:4      | 4035 ||| Stepping randomly (stuck).
  4037 | D:4      | 4037 ||| Stepping randomly (stuck).
  4039 | D:4      | 4039 ||| Stepping randomly (stuck).
  4041 | D:4      | 4041 ||| Stepping randomly (stuck).
  4043 | D:4      | 4043 ||| Stepping randomly (stuck).
  4045 | D:4      | 4045 ||| Stepping randomly (stuck).
  4047 | D:4      | 4047 ||| Stepping randomly (stuck).
  4049 | D:4      | 4049 ||| Stepping randomly (stuck).
  4051 | D:4      | 4051 ||| Stepping randomly (stuck).
  4053 | D:4      | 4053 ||| Stepping randomly (stuck).
  4055 | D:4      | 4055 ||| Stepping randomly (stuck).
  4057 | D:4      | 4057 ||| Stepping randomly (stuck).
  4059 | D:4      | 4059 ||| Stepping randomly (stuck).
  4061 | D:4      | 4061 ||| Stepping randomly (stuck).
  4063 | D:4      | 4063 ||| Stepping randomly (stuck).
  4065 | D:4      | 4065 ||| Stepping randomly (stuck).
  4067 | D:4      | 4067 ||| Stepping randomly (stuck).
  4069 | D:4      | 4069 ||| Stepping randomly (stuck).
  4071 | D:4      | 4071 ||| Stepping randomly (stuck).
  4073 | D:4      | 4073 ||| Stepping randomly (stuck).
  4075 | D:4      | 4075 ||| Stepping randomly (stuck).
  4077 | D:4      | 4077 ||| Stepping randomly (stuck).
  4079 | D:4      | 4079 ||| Stepping randomly (stuck).
  4081 | D:4      | 4081 ||| Stepping randomly (stuck).
  4083 | D:4      | 4083 ||| Stepping randomly (stuck).
  4085 | D:4      | 4085 ||| Stepping randomly (stuck).
  4087 | D:4      | 4087 ||| Stepping randomly (stuck).
  4089 | D:4      | 4089 ||| Stepping randomly (stuck).
  4091 | D:4      | 4091 ||| Stepping randomly (stuck).
  4093 | D:4      | 4093 ||| Stepping randomly (stuck).
  4095 | D:4      | 4095 ||| Stepping randomly (stuck).
  4097 | D:4      | 4097 ||| Stepping randomly (stuck).
  4099 | D:4      | 4099 ||| Stepping randomly (stuck).
  4101 | D:4      | 4101 ||| Stepping randomly (stuck).
  4103 | D:4      | 4103 ||| Stepping randomly (stuck).
  4105 | D:4      | 4105 ||| Stepping randomly (stuck).
  4107 | D:4      | 4107 ||| Stepping randomly (stuck).
  4109 | D:4      | 4109 ||| Stepping randomly (stuck).
  4111 | D:4      | 4111 ||| Stepping randomly (stuck).
  4113 | D:4      | 4113 ||| Stepping randomly (stuck).
  4115 | D:4      | 4115 ||| Stepping randomly (stuck).
  4117 | D:4      | 4117 ||| Stepping randomly (stuck).
  4119 | D:4      | 4119 ||| Stepping randomly (stuck).
  4121 | D:4      | 4121 ||| Stepping randomly (stuck).
  4123 | D:4      | 4123 ||| Stepping randomly (stuck).
  4125 | D:4      | 4125 ||| Stepping randomly (stuck).
  4127 | D:4      | 4127 ||| Stepping randomly (stuck).
  4129 | D:4      | 4129 ||| Stepping randomly (stuck).
  4131 | D:4      | 4131 ||| Stepping randomly (stuck).
  4133 | D:4      | 4133 ||| Stepping randomly (stuck).
  4135 | D:4      | 4135 ||| Stepping randomly (stuck).
  4137 | D:4      | 4137 ||| Stepping randomly (stuck).
  4139 | D:4      | 4139 ||| Stepping randomly (stuck).
  4141 | D:4      | 4141 ||| Stepping randomly (stuck).
  4143 | D:4      | 4143 ||| Stepping randomly (stuck).
  4145 | D:4      | 4145 ||| Stepping randomly (stuck).
  4147 | D:4      | 4147 ||| Stepping randomly (stuck).
  4149 | D:4      | 4149 ||| Stepping randomly (stuck).
  4151 | D:4      | 4151 ||| Stepping randomly (stuck).
  4153 | D:4      | 4153 ||| Stepping randomly (stuck).
  4155 | D:4      | 4155 ||| Stepping randomly (stuck).
  4157 | D:4      | 4157 ||| Stepping randomly (stuck).
  4159 | D:4      | 4159 ||| Stepping randomly (stuck).
  4161 | D:4      | 4161 ||| Stepping randomly (stuck).
  4163 | D:4      | 4163 ||| Stepping randomly (stuck).
  4165 | D:4      | 4165 ||| Stepping randomly (stuck).
  4167 | D:4      | 4167 ||| Stepping randomly (stuck).
  4169 | D:4      | 4169 ||| Stepping randomly (stuck).
  4171 | D:4      | 4171 ||| Stepping randomly (stuck).
  4173 | D:4      | 4173 ||| Stepping randomly (stuck).
  4175 | D:4      | 4175 ||| Stepping randomly (stuck).
  4177 | D:4      | 4177 ||| Stepping randomly (stuck).
  4179 | D:4      | 4179 ||| Stepping randomly (stuck).
  4181 | D:4      | 4181 ||| Stepping randomly (stuck).
  4183 | D:4      | 4183 ||| Stepping randomly (stuck).
  4185 | D:4      | 4185 ||| Stepping randomly (stuck).
  4187 | D:4      | 4187 ||| Stepping randomly (stuck).
  4189 | D:4      | 4189 ||| Stepping randomly (stuck).
  4191 | D:4      | 4191 ||| Stepping randomly (stuck).
  4193 | D:4      | 4193 ||| Stepping randomly (stuck).
  4195 | D:4      | 4195 ||| Stepping randomly (stuck).
  4197 | D:4      | 4197 ||| Stepping randomly (stuck).
  4199 | D:4      | 4199 ||| Stepping randomly (stuck).
  4201 | D:4      | 4201 ||| Stepping randomly (stuck).
  4203 | D:4      | 4203 ||| Stepping randomly (stuck).
  4205 | D:4      | 4205 ||| Stepping randomly (stuck).
  4207 | D:4      | 4207 ||| Stepping randomly (stuck).
  4209 | D:4      | 4209 ||| Stepping randomly (stuck).
  4211 | D:4      | 4211 ||| Stepping randomly (stuck).
  4213 | D:4      | 4213 ||| Stepping randomly (stuck).
  4215 | D:4      | 4215 ||| Stepping randomly (stuck).
  4217 | D:4      | 4217 ||| Stepping randomly (stuck).
  4219 | D:4      | 4219 ||| Stepping randomly (stuck).
  4221 | D:4      | 4221 ||| Stepping randomly (stuck).
  4223 | D:4      | 4223 ||| Stepping randomly (stuck).
  4225 | D:4      | 4225 ||| Stepping randomly (stuck).
  4227 | D:4      | 4227 ||| Stepping randomly (stuck).
  4229 | D:4      | 4229 ||| Stepping randomly (stuck).
  4231 | D:4      | 4231 ||| Stepping randomly (stuck).
  4233 | D:4      | 4233 ||| Stepping randomly (stuck).
  4235 | D:4      | 4235 ||| Stepping randomly (stuck).
  4237 | D:4      | 4237 ||| Stepping randomly (stuck).
  4239 | D:4      | 4239 ||| Stepping randomly (stuck).
  4241 | D:4      | 4241 ||| Stepping randomly (stuck).
  4243 | D:4      | 4243 ||| Stepping randomly (stuck).
  4245 | D:4      | 4245 ||| Stepping randomly (stuck).
  4247 | D:4      | 4247 ||| Stepping randomly (stuck).
  4249 | D:4      | 4249 ||| Stepping randomly (stuck).
  4251 | D:4      | 4251 ||| Stepping randomly (stuck).
  4253 | D:4      | 4253 ||| Stepping randomly (stuck).
  4255 | D:4      | 4255 ||| Stepping randomly (stuck).
  4257 | D:4      | 4257 ||| Stepping randomly (stuck).
  4259 | D:4      | 4259 ||| Stepping randomly (stuck).
  4261 | D:4      | 4261 ||| Stepping randomly (stuck).
  4263 | D:4      | 4263 ||| Stepping randomly (stuck).
  4265 | D:4      | 4265 ||| Stepping randomly (stuck).
  4267 | D:4      | 4267 ||| Stepping randomly (stuck).
  4269 | D:4      | 4269 ||| Stepping randomly (stuck).
  4271 | D:4      | 4271 ||| Stepping randomly (stuck).
  4273 | D:4      | 4273 ||| Stepping randomly (stuck).
  4275 | D:4      | 4275 ||| Stepping randomly (stuck).
  4277 | D:4      | 4277 ||| Stepping randomly (stuck).
  4279 | D:4      | 4279 ||| Stepping randomly (stuck).
  4281 | D:4      | 4281 ||| Stepping randomly (stuck).
  4283 | D:4      | 4283 ||| Stepping randomly (stuck).
  4285 | D:4      | 4285 ||| Stepping randomly (stuck).
  4287 | D:4      | 4287 ||| Stepping randomly (stuck).
  4289 | D:4      | 4289 ||| Stepping randomly (stuck).
  4291 | D:4      | 4291 ||| Stepping randomly (stuck).
  4293 | D:4      | 4293 ||| Stepping randomly (stuck).
  4295 | D:4      | 4295 ||| Stepping randomly (stuck).
  4297 | D:4      | 4297 ||| Stepping randomly (stuck).
  4299 | D:4      | 4299 ||| Stepping randomly (stuck).
  4301 | D:4      | 4301 ||| Stepping randomly (stuck).
  4303 | D:4      | 4303 ||| Stepping randomly (stuck).
  4305 | D:4      | 4305 ||| Stepping randomly (stuck).
  4307 | D:4      | 4307 ||| Stepping randomly (stuck).
  4309 | D:4      | 4309 ||| Stepping randomly (stuck).
  4311 | D:4      | 4311 ||| Stepping randomly (stuck).
  4313 | D:4      | 4313 ||| Stepping randomly (stuck).
  4315 | D:4      | 4315 ||| Stepping randomly (stuck).
  4317 | D:4      | 4317 ||| Stepping randomly (stuck).
  4319 | D:4      | 4319 ||| Stepping randomly (stuck).
  4321 | D:4      | 4321 ||| Stepping randomly (stuck).
  4323 | D:4      | 4323 ||| Stepping randomly (stuck).
  4325 | D:4      | 4325 ||| Stepping randomly (stuck).
  4327 | D:4      | 4327 ||| Stepping randomly (stuck).
  4329 | D:4      | 4329 ||| Stepping randomly (stuck).
  4331 | D:4      | 4331 ||| Stepping randomly (stuck).
  4333 | D:4      | 4333 ||| Stepping randomly (stuck).
  4335 | D:4      | 4335 ||| Stepping randomly (stuck).
  4337 | D:4      | 4337 ||| Stepping randomly (stuck).
  4339 | D:4      | 4339 ||| Stepping randomly (stuck).
  4341 | D:4      | 4341 ||| Stepping randomly (stuck).
  4343 | D:4      | 4343 ||| Stepping randomly (stuck).
  4345 | D:4      | 4345 ||| Stepping randomly (stuck).
  4347 | D:4      | 4347 ||| Stepping randomly (stuck).
  4349 | D:4      | 4349 ||| Stepping randomly (stuck).
  4351 | D:4      | 4351 ||| Stepping randomly (stuck).
  4353 | D:4      | 4353 ||| Stepping randomly (stuck).
  4355 | D:4      | 4355 ||| Stepping randomly (stuck).
  4357 | D:4      | 4357 ||| Stepping randomly (stuck).
  4359 | D:4      | 4359 ||| Stepping randomly (stuck).
  4361 | D:4      | 4361 ||| Stepping randomly (stuck).
  4363 | D:4      | 4363 ||| Stepping randomly (stuck).
  4365 | D:4      | 4365 ||| Stepping randomly (stuck).
  4367 | D:4      | 4367 ||| Stepping randomly (stuck).
  4369 | D:4      | 4369 ||| Stepping randomly (stuck).
  4371 | D:4      | 4371 ||| Stepping randomly (stuck).
  4373 | D:4      | 4373 ||| Stepping randomly (stuck).
  4375 | D:4      | 4375 ||| Stepping randomly (stuck).
  4377 | D:4      | 4377 ||| Stepping randomly (stuck).
  4379 | D:4      | 4379 ||| Stepping randomly (stuck).
  4381 | D:4      | 4381 ||| Stepping randomly (stuck).
  4383 | D:4      | 4383 ||| Stepping randomly (stuck).
  4385 | D:4      | 4385 ||| Stepping randomly (stuck).
  4387 | D:4      | 4387 ||| Stepping randomly (stuck).
  4389 | D:4      | 4389 ||| Stepping randomly (stuck).
  4391 | D:4      | 4391 ||| Stepping randomly (stuck).
  4393 | D:4      | 4393 ||| Stepping randomly (stuck).
  4395 | D:4      | 4395 ||| Stepping randomly (stuck).
  4397 | D:4      | 4397 ||| Stepping randomly (stuck).
  4399 | D:4      | 4399 ||| Stepping randomly (stuck).
  4401 | D:4      | 4401 ||| Stepping randomly (stuck).
  4403 | D:4      | 4403 ||| Stepping randomly (stuck).
  4405 | D:4      | 4405 ||| Stepping randomly (stuck).
  4407 | D:4      | 4407 ||| Stepping randomly (stuck).
  4409 | D:4      | 4409 ||| Stepping randomly (stuck).
  4411 | D:4      | 4411 ||| Stepping randomly (stuck).
  4413 | D:4      | 4413 ||| Stepping randomly (stuck).
  4415 | D:4      | 4415 ||| Stepping randomly (stuck).
  4417 | D:4      | 4417 ||| Stepping randomly (stuck).
  4419 | D:4      | 4419 ||| Stepping randomly (stuck).
  4421 | D:4      | 4421 ||| Stepping randomly (stuck).
  4423 | D:4      | 4423 ||| Stepping randomly (stuck).
  4425 | D:4      | 4425 ||| Stepping randomly (stuck).
  4427 | D:4      | 4427 ||| Stepping randomly (stuck).
  4429 | D:4      | 4429 ||| Stepping randomly (stuck).
  4431 | D:4      | 4431 ||| Stepping randomly (stuck).
  4433 | D:4      | 4433 ||| Stepping randomly (stuck).
  4435 | D:4      | 4435 ||| Stepping randomly (stuck).
  4437 | D:4      | 4437 ||| Stepping randomly (stuck).
  4439 | D:4      | 4439 ||| Stepping randomly (stuck).
  4441 | D:4      | 4441 ||| Stepping randomly (stuck).
  4443 | D:4      | 4443 ||| Stepping randomly (stuck).
  4445 | D:4      | 4445 ||| Stepping randomly (stuck).
  4447 | D:4      | 4447 ||| Stepping randomly (stuck).
  4449 | D:4      | 4449 ||| Stepping randomly (stuck).
  4451 | D:4      | 4451 ||| Stepping randomly (stuck).
  4453 | D:4      | 4453 ||| Stepping randomly (stuck).
  4455 | D:4      | 4455 ||| Stepping randomly (stuck).
  4457 | D:4      | 4457 ||| Stepping randomly (stuck).
  4459 | D:4      | 4459 ||| Stepping randomly (stuck).
  4461 | D:4      | 4461 ||| Stepping randomly (stuck).
  4463 | D:4      | 4463 ||| Stepping randomly (stuck).
  4465 | D:4      | 4465 ||| Stepping randomly (stuck).
  4467 | D:4      | 4467 ||| Stepping randomly (stuck).
  4469 | D:4      | 4469 ||| Stepping randomly (stuck).
  4471 | D:4      | 4471 ||| Stepping randomly (stuck).
  4473 | D:4      | 4473 ||| Stepping randomly (stuck).
  4475 | D:4      | 4475 ||| Stepping randomly (stuck).
  4477 | D:4      | 4477 ||| Stepping randomly (stuck).
  4479 | D:4      | 4479 ||| Stepping randomly (stuck).
  4481 | D:4      | 4481 ||| Stepping randomly (stuck).
  4483 | D:4      | 4483 ||| Stepping randomly (stuck).
  4485 | D:4      | 4485 ||| Stepping randomly (stuck).
  4487 | D:4      | 4487 ||| Stepping randomly (stuck).
  4489 | D:4      | 4489 ||| Stepping randomly (stuck).
  4491 | D:4      | 4491 ||| Stepping randomly (stuck).
  4493 | D:4      | 4493 ||| Stepping randomly (stuck).
  4495 | D:4      | 4495 ||| Stepping randomly (stuck).
  4497 | D:4      | 4497 ||| Stepping randomly (stuck).
  4499 | D:4      | 4499 ||| Stepping randomly (stuck).
  4501 | D:4      | 4501 ||| Stepping randomly (stuck).
  4503 | D:4      | 4503 ||| Stepping randomly (stuck).
  4505 | D:4      | 4505 ||| Stepping randomly (stuck).
  4507 | D:4      | 4507 ||| Stepping randomly (stuck).
  4509 | D:4      | 4509 ||| Stepping randomly (stuck).
  4511 | D:4      | 4511 ||| Stepping randomly (stuck).
  4513 | D:4      | 4513 ||| Stepping randomly (stuck).
  4515 | D:4      | 4515 ||| Stepping randomly (stuck).
  4517 | D:4      | 4517 ||| Stepping randomly (stuck).
  4519 | D:4      | 4519 ||| Stepping randomly (stuck).
  4521 | D:4      | 4521 ||| Stepping randomly (stuck).
  4523 | D:4      | 4523 ||| Stepping randomly (stuck).
  4525 | D:4      | 4525 ||| Stepping randomly (stuck).
  4527 | D:4      | 4527 ||| Stepping randomly (stuck).
  4529 | D:4      | 4529 ||| Stepping randomly (stuck).
  4531 | D:4      | 4531 ||| Stepping randomly (stuck).
  4533 | D:4      | 4533 ||| Stepping randomly (stuck).
  4535 | D:4      | 4535 ||| Stepping randomly (stuck).
  4537 | D:4      | 4537 ||| Stepping randomly (stuck).
  4539 | D:4      | 4539 ||| Stepping randomly (stuck).
  4541 | D:4      | 4541 ||| Stepping randomly (stuck).
  4543 | D:4      | 4543 ||| Stepping randomly (stuck).
  4545 | D:4      | 4545 ||| Stepping randomly (stuck).
  4547 | D:4      | 4547 ||| Stepping randomly (stuck).
  4549 | D:4      | 4549 ||| Stepping randomly (stuck).
  4551 | D:4      | 4551 ||| Stepping randomly (stuck).
  4553 | D:4      | 4553 ||| Stepping randomly (stuck).
  4555 | D:4      | 4555 ||| Stepping randomly (stuck).
  4557 | D:4      | 4557 ||| Stepping randomly (stuck).
  4559 | D:4      | 4559 ||| Stepping randomly (stuck).
  4561 | D:4      | 4561 ||| Stepping randomly (stuck).
  4563 | D:4      | 4563 ||| Stepping randomly (stuck).
  4565 | D:4      | 4565 ||| Stepping randomly (stuck).
  4567 | D:4      | 4567 ||| Stepping randomly (stuck).
  4569 | D:4      | 4569 ||| Stepping randomly (stuck).
  4571 | D:4      | 4571 ||| Stepping randomly (stuck).
  4573 | D:4      | 4573 ||| Stepping randomly (stuck).
  4575 | D:4      | 4575 ||| Stepping randomly (stuck).
  4577 | D:4      | 4577 ||| Stepping randomly (stuck).
  4579 | D:4      | 4579 ||| Stepping randomly (stuck).
  4581 | D:4      | 4581 ||| Stepping randomly (stuck).
  4583 | D:4      | 4583 ||| Stepping randomly (stuck).
  4585 | D:4      | 4585 ||| Stepping randomly (stuck).
  4587 | D:4      | 4587 ||| Stepping randomly (stuck).
  4589 | D:4      | 4589 ||| Stepping randomly (stuck).
  4591 | D:4      | 4591 ||| Stepping randomly (stuck).
  4593 | D:4      | 4593 ||| Stepping randomly (stuck).
  4595 | D:4      | 4595 ||| Stepping randomly (stuck).
  4597 | D:4      | 4597 ||| Stepping randomly (stuck).
  4599 | D:4      | 4599 ||| Stepping randomly (stuck).
  4601 | D:4      | 4601 ||| Stepping randomly (stuck).
  4603 | D:4      | 4603 ||| Stepping randomly (stuck).
  4605 | D:4      | 4605 ||| Stepping randomly (stuck).
  4607 | D:4      | 4607 ||| Stepping randomly (stuck).
  4609 | D:4      | 4609 ||| Stepping randomly (stuck).
  4611 | D:4      | 4611 ||| Stepping randomly (stuck).
  4613 | D:4      | 4613 ||| Stepping randomly (stuck).
  4615 | D:4      | 4615 ||| Stepping randomly (stuck).
  4617 | D:4      | 4617 ||| Stepping randomly (stuck).
  4619 | D:4      | 4619 ||| Stepping randomly (stuck).
  4621 | D:4      | 4621 ||| Stepping randomly (stuck).
  4623 | D:4      | 4623 ||| Stepping randomly (stuck).
  4625 | D:4      | 4625 ||| Stepping randomly (stuck).
  4627 | D:4      | 4627 ||| Stepping randomly (stuck).
  4629 | D:4      | 4629 ||| Stepping randomly (stuck).
  4631 | D:4      | 4631 ||| Stepping randomly (stuck).
  4633 | D:4      | 4633 ||| Stepping randomly (stuck).
  4635 | D:4      | 4635 ||| Stepping randomly (stuck).
  4637 | D:4      | 4637 ||| Stepping randomly (stuck).
  4639 | D:4      | 4639 ||| Stepping randomly (stuck).
  4641 | D:4      | 4641 ||| Stepping randomly (stuck).
  4643 | D:4      | 4643 ||| Stepping randomly (stuck).
  4645 | D:4      | 4645 ||| Stepping randomly (stuck).
  4647 | D:4      | 4647 ||| Stepping randomly (stuck).
  4649 | D:4      | 4649 ||| Stepping randomly (stuck).
  4651 | D:4      | 4651 ||| Stepping randomly (stuck).
  4653 | D:4      | 4653 ||| Stepping randomly (stuck).
  4655 | D:4      | 4655 ||| Stepping randomly (stuck).
  4657 | D:4      | 4657 ||| Stepping randomly (stuck).
  4659 | D:4      | 4659 ||| Stepping randomly (stuck).
  4661 | D:4      | 4661 ||| Stepping randomly (stuck).
  4663 | D:4      | 4663 ||| Stepping randomly (stuck).
  4665 | D:4      | 4665 ||| Stepping randomly (stuck).
  4667 | D:4      | 4667 ||| Stepping randomly (stuck).
  4669 | D:4      | 4669 ||| Stepping randomly (stuck).
  4671 | D:4      | 4671 ||| Stepping randomly (stuck).
  4673 | D:4      | 4673 ||| Stepping randomly (stuck).
  4675 | D:4      | 4675 ||| Stepping randomly (stuck).
  4677 | D:4      | 4677 ||| Stepping randomly (stuck).
  4679 | D:4      | 4679 ||| Stepping randomly (stuck).
  4681 | D:4      | 4681 ||| Stepping randomly (stuck).
  4683 | D:4      | 4683 ||| Stepping randomly (stuck).
  4685 | D:4      | 4685 ||| Stepping randomly (stuck).
  4687 | D:4      | 4687 ||| Stepping randomly (stuck).
  4689 | D:4      | 4689 ||| Stepping randomly (stuck).
  4691 | D:4      | 4691 ||| Stepping randomly (stuck).
  4693 | D:4      | 4693 ||| Stepping randomly (stuck).
  4695 | D:4      | 4695 ||| Stepping randomly (stuck).
  4697 | D:4      | 4697 ||| Stepping randomly (stuck).
  4699 | D:4      | 4699 ||| Stepping randomly (stuck).
  4701 | D:4      | 4701 ||| Stepping randomly (stuck).
  4703 | D:4      | 4703 ||| Stepping randomly (stuck).
  4705 | D:4      | 4705 ||| Stepping randomly (stuck).
  4707 | D:4      | 4707 ||| Stepping randomly (stuck).
  4709 | D:4      | 4709 ||| Stepping randomly (stuck).
  4711 | D:4      | 4711 ||| Stepping randomly (stuck).
  4713 | D:4      | 4713 ||| Stepping randomly (stuck).
  4715 | D:4      | 4715 ||| Stepping randomly (stuck).
  4717 | D:4      | 4717 ||| Stepping randomly (stuck).
  4719 | D:4      | 4719 ||| Stepping randomly (stuck).
  4721 | D:4      | 4721 ||| Stepping randomly (stuck).
  4723 | D:4      | 4723 ||| Stepping randomly (stuck).
  4725 | D:4      | 4725 ||| Stepping randomly (stuck).
  4727 | D:4      | 4727 ||| Stepping randomly (stuck).
  4729 | D:4      | 4729 ||| Stepping randomly (stuck).
  4731 | D:4      | 4731 ||| Stepping randomly (stuck).
  4733 | D:4      | 4733 ||| Stepping randomly (stuck).
  4735 | D:4      | 4735 ||| Stepping randomly (stuck).
  4737 | D:4      | 4737 ||| Stepping randomly (stuck).
  4739 | D:4      | 4739 ||| Stepping randomly (stuck).
  4741 | D:4      | 4741 ||| Stepping randomly (stuck).
  4743 | D:4      | 4743 ||| Stepping randomly (stuck).
  4745 | D:4      | 4745 ||| Stepping randomly (stuck).
  4747 | D:4      | 4747 ||| Stepping randomly (stuck).
  4749 | D:4      | 4749 ||| Stepping randomly (stuck).
  4751 | D:4      | 4751 ||| Stepping randomly (stuck).
  4753 | D:4      | 4753 ||| Stepping randomly (stuck).
  4755 | D:4      | 4755 ||| Stepping randomly (stuck).
  4757 | D:4      | 4757 ||| Stepping randomly (stuck).
  4759 | D:4      | 4759 ||| Stepping randomly (stuck).
  4761 | D:4      | 4761 ||| Stepping randomly (stuck).
  4763 | D:4      | 4763 ||| Stepping randomly (stuck).
  4765 | D:4      | 4765 ||| Stepping randomly (stuck).
  4767 | D:4      | 4767 ||| Stepping randomly (stuck).
  4769 | D:4      | 4769 ||| Stepping randomly (stuck).
  4771 | D:4      | 4771 ||| Stepping randomly (stuck).
  4773 | D:4      | 4773 ||| Stepping randomly (stuck).
  4775 | D:4      | 4775 ||| Stepping randomly (stuck).
  4777 | D:4      | 4777 ||| Stepping randomly (stuck).
  4779 | D:4      | 4779 ||| Stepping randomly (stuck).
  4781 | D:4      | 4781 ||| Stepping randomly (stuck).
  4783 | D:4      | 4783 ||| Stepping randomly (stuck).
  4785 | D:4      | 4785 ||| Stepping randomly (stuck).
  4787 | D:4      | 4787 ||| Stepping randomly (stuck).
  4789 | D:4      | 4789 ||| Stepping randomly (stuck).
  4791 | D:4      | 4791 ||| Stepping randomly (stuck).
  4793 | D:4      | 4793 ||| Stepping randomly (stuck).
  4795 | D:4      | 4795 ||| Stepping randomly (stuck).
  4797 | D:4      | 4797 ||| Stepping randomly (stuck).
  4799 | D:4      | 4799 ||| Stepping randomly (stuck).
  4801 | D:4      | 4801 ||| Stepping randomly (stuck).
  4803 | D:4      | 4803 ||| Stepping randomly (stuck).
  4805 | D:4      | 4805 ||| Stepping randomly (stuck).
  4807 | D:4      | 4807 ||| Stepping randomly (stuck).
  4809 | D:4      | 4809 ||| Stepping randomly (stuck).
  4811 | D:4      | 4811 ||| Stepping randomly (stuck).
  4813 | D:4      | 4813 ||| Stepping randomly (stuck).
  4815 | D:4      | 4815 ||| Stepping randomly (stuck).
  4817 | D:4      | 4817 ||| Stepping randomly (stuck).
  4819 | D:4      | 4819 ||| Stepping randomly (stuck).
  4821 | D:4      | 4821 ||| Stepping randomly (stuck).
  4823 | D:4      | 4823 ||| Stepping randomly (stuck).
  4825 | D:4      | 4825 ||| Stepping randomly (stuck).
  4827 | D:4      | 4827 ||| Stepping randomly (stuck).
  4829 | D:4      | 4829 ||| Stepping randomly (stuck).
  4831 | D:4      | 4831 ||| Stepping randomly (stuck).
  4833 | D:4      | 4833 ||| Stepping randomly (stuck).
  4835 | D:4      | 4835 ||| Stepping randomly (stuck).
  4837 | D:4      | 4837 ||| Stepping randomly (stuck).
  4839 | D:4      | 4839 ||| Stepping randomly (stuck).
  4841 | D:4      | 4841 ||| Stepping randomly (stuck).
  4843 | D:4      | 4843 ||| Stepping randomly (stuck).
  4845 | D:4      | 4845 ||| Stepping randomly (stuck).
  4847 | D:4      | 4847 ||| Stepping randomly (stuck).
  4849 | D:4      | 4849 ||| Stepping randomly (stuck).
  4851 | D:4      | 4851 ||| Stepping randomly (stuck).
  4853 | D:4      | 4853 ||| Stepping randomly (stuck).
  4855 | D:4      | 4855 ||| Stepping randomly (stuck).
  4857 | D:4      | 4857 ||| Stepping randomly (stuck).
  4859 | D:4      | 4859 ||| Stepping randomly (stuck).
  4861 | D:4      | 4861 ||| Stepping randomly (stuck).
  4863 | D:4      | 4863 ||| Stepping randomly (stuck).
  4865 | D:4      | 4865 ||| Stepping randomly (stuck).
  4867 | D:4      | 4867 ||| Stepping randomly (stuck).
  4869 | D:4      | 4869 ||| Stepping randomly (stuck).
  4871 | D:4      | 4871 ||| Stepping randomly (stuck).
  4873 | D:4      | 4873 ||| Stepping randomly (stuck).
  4875 | D:4      | 4875 ||| Stepping randomly (stuck).
  4877 | D:4      | 4877 ||| Stepping randomly (stuck).
  4879 | D:4      | 4879 ||| Stepping randomly (stuck).
  4881 | D:4      | 4881 ||| Stepping randomly (stuck).
  4883 | D:4      | 4883 ||| Stepping randomly (stuck).
  4885 | D:4      | 4885 ||| Stepping randomly (stuck).
  4887 | D:4      | 4887 ||| Stepping randomly (stuck).
  4889 | D:4      | 4889 ||| Stepping randomly (stuck).
  4891 | D:4      | 4891 ||| Stepping randomly (stuck).
  4893 | D:4      | 4893 ||| Stepping randomly (stuck).
  4895 | D:4      | 4895 ||| Stepping randomly (stuck).
  4897 | D:4      | 4897 ||| Stepping randomly (stuck).
  4899 | D:4      | 4899 ||| Stepping randomly (stuck).
  4901 | D:4      | 4901 ||| Stepping randomly (stuck).
  4903 | D:4      | 4903 ||| Stepping randomly (stuck).
  4905 | D:4      | 4905 ||| Stepping randomly (stuck).
  4907 | D:4      | 4907 ||| Stepping randomly (stuck).
  4909 | D:4      | 4909 ||| Stepping randomly (stuck).
  4911 | D:4      | 4911 ||| Stepping randomly (stuck).
  4913 | D:4      | 4913 ||| Stepping randomly (stuck).
  4915 | D:4      | 4915 ||| Stepping randomly (stuck).
  4917 | D:4      | 4917 ||| Stepping randomly (stuck).
  4919 | D:4      | 4919 ||| Stepping randomly (stuck).
  4921 | D:4      | 4921 ||| Stepping randomly (stuck).
  4923 | D:4      | 4923 ||| Stepping randomly (stuck).
  4925 | D:4      | 4925 ||| Stepping randomly (stuck).
  4927 | D:4      | 4927 ||| Stepping randomly (stuck).
  4929 | D:4      | 4929 ||| Stepping randomly (stuck).
  4931 | D:4      | 4931 ||| Stepping randomly (stuck).
  4933 | D:4      | 4933 ||| Stepping randomly (stuck).
  4935 | D:4      | 4935 ||| Stepping randomly (stuck).
  4937 | D:4      | 4937 ||| Stepping randomly (stuck).
  4939 | D:4      | 4939 ||| Stepping randomly (stuck).
  4941 | D:4      | 4941 ||| Stepping randomly (stuck).
  4943 | D:4      | 4943 ||| Stepping randomly (stuck).
  4945 | D:4      | 4945 ||| Stepping randomly (stuck).
  4947 | D:4      | 4947 ||| Stepping randomly (stuck).
  4949 | D:4      | 4949 ||| Stepping randomly (stuck).
  4951 | D:4      | 4951 ||| Stepping randomly (stuck).
  4953 | D:4      | 4953 ||| Stepping randomly (stuck).
  4955 | D:4      | 4955 ||| Stepping randomly (stuck).
  4957 | D:4      | 4957 ||| Stepping randomly (stuck).
  4959 | D:4      | 4959 ||| Stepping randomly (stuck).
  4961 | D:4      | 4961 ||| Stepping randomly (stuck).
  4963 | D:4      | 4963 ||| Stepping randomly (stuck).
  4965 | D:4      | 4965 ||| Stepping randomly (stuck).
  4967 | D:4      | 4967 ||| Stepping randomly (stuck).
  4969 | D:4      | 4969 ||| Stepping randomly (stuck).
  4971 | D:4      | 4971 ||| Stepping randomly (stuck).
  4973 | D:4      | 4973 ||| Stepping randomly (stuck).
  4975 | D:4      | 4975 ||| Stepping randomly (stuck).
  4977 | D:4      | 4977 ||| Stepping randomly (stuck).
  4979 | D:4      | 4979 ||| Stepping randomly (stuck).
  4981 | D:4      | 4981 ||| Stepping randomly (stuck).
  4983 | D:4      | 4983 ||| Stepping randomly (stuck).
  4985 | D:4      | 4985 ||| Stepping randomly (stuck).
  4987 | D:4      | 4987 ||| Stepping randomly (stuck).
  4989 | D:4      | 4989 ||| Stepping randomly (stuck).
  4991 | D:4      | 4991 ||| Stepping randomly (stuck).
  4993 | D:4      | 4993 ||| Stepping randomly (stuck).
  4995 | D:4      | 4995 ||| Stepping randomly (stuck).
  4997 | D:4      | 4997 ||| Stepping randomly (stuck).
  4999 | D:4      | 4999 ||| Stepping randomly (stuck).
  5001 | D:4      | 5001 ||| Stepping randomly (stuck).
  5003 | D:4      | 5003 ||| Stepping randomly (stuck).
  5005 | D:4      | 5005 ||| Stepping randomly (stuck).
  5007 | D:4      | 5007 ||| Stepping randomly (stuck).
  5009 | D:4      | 5009 ||| Stepping randomly (stuck).
  5011 | D:4      | 5011 ||| Stepping randomly (stuck).
  5013 | D:4      | 5013 ||| Stepping randomly (stuck).
  5015 | D:4      | 5015 ||| Stepping randomly (stuck).
  5017 | D:4      | 5017 ||| Stepping randomly (stuck).
  5019 | D:4      | 5019 ||| Stepping randomly (stuck).
  5021 | D:4      | 5021 ||| Stepping randomly (stuck).
  5023 | D:4      | 5023 ||| Stepping randomly (stuck).
  5025 | D:4      | 5025 ||| Stepping randomly (stuck).
  5027 | D:4      | 5027 ||| Stepping randomly (stuck).
  5029 | D:4      | 5029 ||| Stepping randomly (stuck).
  5031 | D:4      | 5031 ||| Stepping randomly (stuck).
  5033 | D:4      | 5033 ||| Stepping randomly (stuck).
  5035 | D:4      | 5035 ||| Stepping randomly (stuck).
  5037 | D:4      | 5037 ||| Stepping randomly (stuck).
  5039 | D:4      | 5039 ||| Stepping randomly (stuck).
  5041 | D:4      | 5041 ||| Stepping randomly (stuck).
  5043 | D:4      | 5043 ||| Stepping randomly (stuck).
  5045 | D:4      | 5045 ||| Stepping randomly (stuck).
  5047 | D:4      | 5047 ||| Stepping randomly (stuck).
  5049 | D:4      | 5049 ||| Stepping randomly (stuck).
  5051 | D:4      | 5051 ||| Stepping randomly (stuck).
  5053 | D:4      | 5053 ||| Stepping randomly (stuck).
  5055 | D:4      | 5055 ||| Stepping randomly (stuck).
  5057 | D:4      | 5057 ||| Stepping randomly (stuck).
  5059 | D:4      | 5059 ||| Stepping randomly (stuck).
  5061 | D:4      | 5061 ||| Stepping randomly (stuck).
  5063 | D:4      | 5063 ||| Stepping randomly (stuck).
  5065 | D:4      | 5065 ||| Stepping randomly (stuck).
  5067 | D:4      | 5067 ||| Stepping randomly (stuck).
  5069 | D:4      | 5069 ||| Stepping randomly (stuck).
  5071 | D:4      | 5071 ||| Stepping randomly (stuck).
  5073 | D:4      | 5073 ||| Stepping randomly (stuck).
  5075 | D:4      | 5075 ||| Stepping randomly (stuck).
  5077 | D:4      | 5077 ||| Stepping randomly (stuck).
  5079 | D:4      | 5079 ||| Stepping randomly (stuck).
  5081 | D:4      | 5081 ||| Stepping randomly (stuck).
  5083 | D:4      | 5083 ||| Stepping randomly (stuck).
  5085 | D:4      | 5085 ||| Stepping randomly (stuck).
  5087 | D:4      | 5087 ||| Stepping randomly (stuck).
  5089 | D:4      | 5089 ||| Stepping randomly (stuck).
  5091 | D:4      | 5091 ||| Stepping randomly (stuck).
  5093 | D:4      | 5093 ||| Stepping randomly (stuck).
  5095 | D:4      | 5095 ||| Stepping randomly (stuck).
  5097 | D:4      | 5097 ||| Stepping randomly (stuck).
  5099 | D:4      | 5099 ||| Stepping randomly (stuck).
  5101 | D:4      | 5101 ||| Stepping randomly (stuck).
  5103 | D:4      | 5103 ||| Stepping randomly (stuck).
  5105 | D:4      | 5105 ||| Stepping randomly (stuck).
  5107 | D:4      | 5107 ||| Stepping randomly (stuck).
  5109 | D:4      | 5109 ||| Stepping randomly (stuck).
  5111 | D:4      | 5111 ||| Stepping randomly (stuck).
  5113 | D:4      | 5113 ||| Stepping randomly (stuck).
  5115 | D:4      | 5115 ||| Stepping randomly (stuck).
  5117 | D:4      | 5117 ||| Stepping randomly (stuck).
  5119 | D:4      | 5119 ||| Stepping randomly (stuck).
  5121 | D:4      | 5121 ||| Stepping randomly (stuck).
  5123 | D:4      | 5123 ||| Stepping randomly (stuck).
  5125 | D:4      | 5125 ||| Stepping randomly (stuck).
  5127 | D:4      | 5127 ||| Stepping randomly (stuck).
  5129 | D:4      | 5129 ||| Stepping randomly (stuck).
  5131 | D:4      | 5131 ||| Stepping randomly (stuck).
  5133 | D:4      | 5133 ||| Stepping randomly (stuck).
  5135 | D:4      | 5135 ||| Stepping randomly (stuck).
  5137 | D:4      | 5137 ||| Stepping randomly (stuck).
  5139 | D:4      | 5139 ||| Stepping randomly (stuck).
  5141 | D:4      | 5141 ||| Stepping randomly (stuck).
  5143 | D:4      | 5143 ||| Stepping randomly (stuck).
  5145 | D:4      | 5145 ||| Stepping randomly (stuck).
  5147 | D:4      | 5147 ||| Stepping randomly (stuck).
  5149 | D:4      | 5149 ||| Stepping randomly (stuck).
  5151 | D:4      | 5151 ||| Stepping randomly (stuck).
  5153 | D:4      | 5153 ||| Stepping randomly (stuck).
  5155 | D:4      | 5155 ||| Stepping randomly (stuck).
  5157 | D:4      | 5157 ||| Stepping randomly (stuck).
  5159 | D:4      | 5159 ||| Stepping randomly (stuck).
  5161 | D:4      | 5161 ||| Stepping randomly (stuck).
  5163 | D:4      | 5163 ||| Stepping randomly (stuck).
  5165 | D:4      | 5165 ||| Stepping randomly (stuck).
  5167 | D:4      | 5167 ||| Stepping randomly (stuck).
  5169 | D:4      | 5169 ||| Stepping randomly (stuck).
  5171 | D:4      | 5171 ||| Stepping randomly (stuck).
  5173 | D:4      | 5173 ||| Stepping randomly (stuck).
  5175 | D:4      | 5175 ||| Stepping randomly (stuck).
  5177 | D:4      | 5177 ||| Stepping randomly (stuck).
  5179 | D:4      | 5179 ||| Stepping randomly (stuck).
  5181 | D:4      | 5181 ||| Stepping randomly (stuck).
  5183 | D:4      | 5183 ||| Stepping randomly (stuck).
  5185 | D:4      | 5185 ||| Stepping randomly (stuck).
  5187 | D:4      | 5187 ||| Stepping randomly (stuck).
  5189 | D:4      | 5189 ||| Stepping randomly (stuck).
  5191 | D:4      | 5191 ||| Stepping randomly (stuck).
  5193 | D:4      | 5193 ||| Stepping randomly (stuck).
  5195 | D:4      | 5195 ||| Stepping randomly (stuck).
  5197 | D:4      | 5197 ||| Stepping randomly (stuck).
  5199 | D:4      | 5199 ||| Stepping randomly (stuck).
  5201 | D:4      | 5201 ||| Stepping randomly (stuck).
  5203 | D:4      | 5203 ||| Stepping randomly (stuck).
  5205 | D:4      | 5205 ||| Stepping randomly (stuck).
  5207 | D:4      | 5207 ||| Stepping randomly (stuck).
  5209 | D:4      | 5209 ||| Stepping randomly (stuck).
  5211 | D:4      | 5211 ||| Stepping randomly (stuck).
  5213 | D:4      | 5213 ||| Stepping randomly (stuck).
  5215 | D:4      | 5215 ||| Stepping randomly (stuck).
  5217 | D:4      | 5217 ||| Stepping randomly (stuck).
  5219 | D:4      | 5219 ||| Stepping randomly (stuck).
  5221 | D:4      | 5221 ||| Stepping randomly (stuck).
  5223 | D:4      | 5223 ||| Stepping randomly (stuck).
  5225 | D:4      | 5225 ||| Stepping randomly (stuck).
  5227 | D:4      | 5227 ||| Stepping randomly (stuck).
  5229 | D:4      | 5229 ||| Stepping randomly (stuck).
  5231 | D:4      | 5231 ||| Stepping randomly (stuck).
  5233 | D:4      | 5233 ||| Stepping randomly (stuck).
  5235 | D:4      | 5235 ||| Stepping randomly (stuck).
  5237 | D:4      | 5237 ||| Stepping randomly (stuck).
  5239 | D:4      | 5239 ||| Stepping randomly (stuck).
  5241 | D:4      | 5241 ||| Stepping randomly (stuck).
  5243 | D:4      | 5243 ||| Stepping randomly (stuck).
  5245 | D:4      | 5245 ||| Stepping randomly (stuck).
  5247 | D:4      | 5247 ||| Stepping randomly (stuck).
  5249 | D:4      | 5249 ||| Stepping randomly (stuck).
  5251 | D:4      | 5251 ||| Stepping randomly (stuck).
  5253 | D:4      | 5253 ||| Stepping randomly (stuck).
  5255 | D:4      | 5255 ||| Stepping randomly (stuck).
  5257 | D:4      | 5257 ||| Stepping randomly (stuck).
  5259 | D:4      | 5259 ||| Stepping randomly (stuck).
  5261 | D:4      | 5261 ||| Stepping randomly (stuck).
  5263 | D:4      | 5263 ||| Stepping randomly (stuck).
  5265 | D:4      | 5265 ||| Stepping randomly (stuck).
  5267 | D:4      | 5267 ||| Stepping randomly (stuck).
  5269 | D:4      | 5269 ||| Stepping randomly (stuck).
  5271 | D:4      | 5271 ||| Stepping randomly (stuck).
  5273 | D:4      | 5273 ||| Stepping randomly (stuck).
  5275 | D:4      | 5275 ||| Stepping randomly (stuck).
  5277 | D:4      | 5277 ||| Stepping randomly (stuck).
  5279 | D:4      | 5279 ||| Stepping randomly (stuck).
  5281 | D:4      | 5281 ||| Stepping randomly (stuck).
  5283 | D:4      | 5283 ||| Stepping randomly (stuck).
  5285 | D:4      | 5285 ||| Stepping randomly (stuck).
  5287 | D:4      | 5287 ||| Stepping randomly (stuck).
  5289 | D:4      | 5289 ||| Stepping randomly (stuck).
  5291 | D:4      | 5291 ||| Stepping randomly (stuck).
  5293 | D:4      | 5293 ||| Stepping randomly (stuck).
  5295 | D:4      | 5295 ||| Stepping randomly (stuck).
  5297 | D:4      | 5297 ||| Stepping randomly (stuck).
  5299 | D:4      | 5299 ||| Stepping randomly (stuck).
  5301 | D:4      | 5301 ||| Stepping randomly (stuck).
  5303 | D:4      | 5303 ||| Stepping randomly (stuck).
  5305 | D:4      | 5305 ||| Stepping randomly (stuck).
  5307 | D:4      | 5307 ||| Stepping randomly (stuck).
  5309 | D:4      | 5309 ||| Stepping randomly (stuck).
  5311 | D:4      | 5311 ||| Stepping randomly (stuck).
  5313 | D:4      | 5313 ||| Stepping randomly (stuck).
  5315 | D:4      | 5315 ||| Stepping randomly (stuck).
  5317 | D:4      | 5317 ||| Stepping randomly (stuck).
  5319 | D:4      | 5319 ||| Stepping randomly (stuck).
  5321 | D:4      | 5321 ||| Stepping randomly (stuck).
  5323 | D:4      | 5323 ||| Stepping randomly (stuck).
  5325 | D:4      | 5325 ||| Stepping randomly (stuck).
  5327 | D:4      | 5327 ||| Stepping randomly (stuck).
  5329 | D:4      | 5329 ||| Stepping randomly (stuck).
  5331 | D:4      | 5331 ||| Stepping randomly (stuck).
  5333 | D:4      | 5333 ||| Stepping randomly (stuck).
  5335 | D:4      | 5335 ||| Stepping randomly (stuck).
  5337 | D:4      | 5337 ||| Stepping randomly (stuck).
  5339 | D:4      | 5339 ||| Stepping randomly (stuck).
  5341 | D:4      | 5341 ||| Stepping randomly (stuck).
  5343 | D:4      | 5343 ||| Stepping randomly (stuck).
  5345 | D:4      | 5345 ||| Stepping randomly (stuck).
  5347 | D:4      | 5347 ||| Stepping randomly (stuck).
  5349 | D:4      | 5349 ||| Stepping randomly (stuck).
  5351 | D:4      | 5351 ||| Stepping randomly (stuck).
  5353 | D:4      | 5353 ||| Stepping randomly (stuck).
  5355 | D:4      | 5355 ||| Stepping randomly (stuck).
  5357 | D:4      | 5357 ||| Stepping randomly (stuck).
  5359 | D:4      | 5359 ||| Stepping randomly (stuck).
  5361 | D:4      | 5361 ||| Stepping randomly (stuck).
  5363 | D:4      | 5363 ||| Stepping randomly (stuck).
  5365 | D:4      | 5365 ||| Stepping randomly (stuck).
  5367 | D:4      | 5367 ||| Stepping randomly (stuck).
  5369 | D:4      | 5369 ||| Stepping randomly (stuck).
  5371 | D:4      | 5371 ||| Stepping randomly (stuck).
  5373 | D:4      | 5373 ||| Stepping randomly (stuck).
  5375 | D:4      | 5375 ||| Stepping randomly (stuck).
  5377 | D:4      | 5377 ||| Stepping randomly (stuck).
  5379 | D:4      | 5379 ||| Stepping randomly (stuck).
  5381 | D:4      | 5381 ||| Stepping randomly (stuck).
  5383 | D:4      | 5383 ||| Stepping randomly (stuck).
  5385 | D:4      | 5385 ||| Stepping randomly (stuck).
  5387 | D:4      | 5387 ||| Stepping randomly (stuck).
  5389 | D:4      | 5389 ||| Stepping randomly (stuck).
  5391 | D:4      | 5391 ||| Stepping randomly (stuck).
  5393 | D:4      | 5393 ||| Stepping randomly (stuck).
  5395 | D:4      | 5395 ||| Stepping randomly (stuck).
  5397 | D:4      | 5397 ||| Stepping randomly (stuck).
  5399 | D:4      | 5399 ||| Stepping randomly (stuck).
  5401 | D:4      | 5401 ||| Stepping randomly (stuck).
  5403 | D:4      | 5403 ||| Stepping randomly (stuck).
  5405 | D:4      | 5405 ||| Stepping randomly (stuck).
  5407 | D:4      | 5407 ||| Stepping randomly (stuck).
  5409 | D:4      | 5409 ||| Stepping randomly (stuck).
  5411 | D:4      | 5411 ||| Stepping randomly (stuck).
  5413 | D:4      | 5413 ||| Stepping randomly (stuck).
  5415 | D:4      | 5415 ||| Stepping randomly (stuck).
  5417 | D:4      | 5417 ||| Stepping randomly (stuck).
  5419 | D:4      | 5419 ||| Stepping randomly (stuck).
  5421 | D:4      | 5421 ||| Stepping randomly (stuck).
  5423 | D:4      | 5423 ||| Stepping randomly (stuck).
  5425 | D:4      | 5425 ||| Stepping randomly (stuck).
  5427 | D:4      | 5427 ||| Stepping randomly (stuck).
  5429 | D:4      | 5429 ||| Stepping randomly (stuck).
  5431 | D:4      | 5431 ||| Stepping randomly (stuck).
  5433 | D:4      | 5433 ||| Stepping randomly (stuck).
  5435 | D:4      | 5435 ||| Stepping randomly (stuck).
  5437 | D:4      | 5437 ||| Stepping randomly (stuck).
  5439 | D:4      | 5439 ||| Stepping randomly (stuck).
  5441 | D:4      | 5441 ||| Stepping randomly (stuck).
  5443 | D:4      | 5443 ||| Stepping randomly (stuck).
  5445 | D:4      | 5445 ||| Stepping randomly (stuck).
  5447 | D:4      | 5447 ||| Stepping randomly (stuck).
  5449 | D:4      | 5449 ||| Stepping randomly (stuck).
  5451 | D:4      | 5451 ||| Stepping randomly (stuck).
  5453 | D:4      | 5453 ||| Stepping randomly (stuck).
  5455 | D:4      | 5455 ||| Stepping randomly (stuck).
  5457 | D:4      | 5457 ||| Stepping randomly (stuck).
  5459 | D:4      | 5459 ||| Stepping randomly (stuck).
  5461 | D:4      | 5461 ||| Stepping randomly (stuck).
  5463 | D:4      | 5463 ||| Stepping randomly (stuck).
  5465 | D:4      | 5465 ||| Stepping randomly (stuck).
  5467 | D:4      | 5467 ||| Stepping randomly (stuck).
  5469 | D:4      | 5469 ||| Stepping randomly (stuck).
  5471 | D:4      | 5471 ||| Stepping randomly (stuck).
  5473 | D:4      | 5473 ||| Stepping randomly (stuck).
  5475 | D:4      | 5475 ||| Stepping randomly (stuck).
  5477 | D:4      | 5477 ||| Stepping randomly (stuck).
  5479 | D:4      | 5479 ||| Stepping randomly (stuck).
  5481 | D:4      | 5481 ||| Stepping randomly (stuck).
  5483 | D:4      | 5483 ||| Stepping randomly (stuck).
  5485 | D:4      | 5485 ||| Stepping randomly (stuck).
  5487 | D:4      | 5487 ||| Stepping randomly (stuck).
  5489 | D:4      | 5489 ||| Stepping randomly (stuck).
  5491 | D:4      | 5491 ||| Stepping randomly (stuck).
  5493 | D:4      | 5493 ||| Stepping randomly (stuck).
  5495 | D:4      | 5495 ||| Stepping randomly (stuck).
  5497 | D:4      | 5497 ||| Stepping randomly (stuck).
  5499 | D:4      | 5499 ||| Stepping randomly (stuck).
  5501 | D:4      | 5501 ||| Stepping randomly (stuck).
  5503 | D:4      | 5503 ||| Stepping randomly (stuck).
  5505 | D:4      | 5505 ||| Stepping randomly (stuck).
  5507 | D:4      | 5507 ||| Stepping randomly (stuck).
  5509 | D:4      | 5509 ||| Stepping randomly (stuck).
  5511 | D:4      | 5511 ||| Stepping randomly (stuck).
  5513 | D:4      | 5513 ||| Stepping randomly (stuck).
  5515 | D:4      | 5515 ||| Stepping randomly (stuck).
  5517 | D:4      | 5517 ||| Stepping randomly (stuck).
  5519 | D:4      | 5519 ||| Stepping randomly (stuck).
  5521 | D:4      | 5521 ||| Stepping randomly (stuck).
  5523 | D:4      | 5523 ||| Stepping randomly (stuck).
  5525 | D:4      | 5525 ||| Stepping randomly (stuck).
  5527 | D:4      | 5527 ||| Stepping randomly (stuck).
  5529 | D:4      | 5529 ||| Stepping randomly (stuck).
  5531 | D:4      | 5531 ||| Stepping randomly (stuck).
  5533 | D:4      | 5533 ||| Stepping randomly (stuck).
  5535 | D:4      | 5535 ||| Stepping randomly (stuck).
  5537 | D:4      | 5537 ||| Stepping randomly (stuck).
  5539 | D:4      | 5539 ||| Stepping randomly (stuck).
  5541 | D:4      | 5541 ||| Stepping randomly (stuck).
  5543 | D:4      | 5543 ||| Stepping randomly (stuck).
  5545 | D:4      | 5545 ||| Stepping randomly (stuck).
  5547 | D:4      | 5547 ||| Stepping randomly (stuck).
  5549 | D:4      | 5549 ||| Stepping randomly (stuck).
  5551 | D:4      | 5551 ||| Stepping randomly (stuck).
  5553 | D:4      | 5553 ||| Stepping randomly (stuck).
  5555 | D:4      | 5555 ||| Stepping randomly (stuck).
  5557 | D:4      | 5557 ||| Stepping randomly (stuck).
  5559 | D:4      | 5559 ||| Stepping randomly (stuck).
  5561 | D:4      | 5561 ||| Stepping randomly (stuck).
  5563 | D:4      | 5563 ||| Stepping randomly (stuck).
  5565 | D:4      | 5565 ||| Stepping randomly (stuck).
  5567 | D:4      | 5567 ||| Stepping randomly (stuck).
  5569 | D:4      | 5569 ||| Stepping randomly (stuck).
  5571 | D:4      | 5571 ||| Stepping randomly (stuck).
  5573 | D:4      | 5573 ||| Stepping randomly (stuck).
  5575 | D:4      | 5575 ||| Stepping randomly (stuck).
  5577 | D:4      | 5577 ||| Stepping randomly (stuck).
  5579 | D:4      | 5579 ||| Stepping randomly (stuck).
  5581 | D:4      | 5581 ||| Stepping randomly (stuck).
  5583 | D:4      | 5583 ||| Stepping randomly (stuck).
  5585 | D:4      | 5585 ||| Stepping randomly (stuck).
  5587 | D:4      | 5587 ||| Stepping randomly (stuck).
  5589 | D:4      | 5589 ||| Stepping randomly (stuck).
  5591 | D:4      | 5591 ||| Stepping randomly (stuck).
  5593 | D:4      | 5593 ||| Stepping randomly (stuck).
  5595 | D:4      | 5595 ||| Stepping randomly (stuck).
  5597 | D:4      | 5597 ||| Stepping randomly (stuck).
  5599 | D:4      | 5599 ||| Stepping randomly (stuck).
  5601 | D:4      | 5601 ||| Stepping randomly (stuck).
  5603 | D:4      | 5603 ||| Stepping randomly (stuck).
  5605 | D:4      | 5605 ||| Stepping randomly (stuck).
  5607 | D:4      | 5607 ||| Stepping randomly (stuck).
  5609 | D:4      | 5609 ||| Stepping randomly (stuck).
  5611 | D:4      | 5611 ||| Stepping randomly (stuck).
  5613 | D:4      | 5613 ||| Stepping randomly (stuck).
  5615 | D:4      | 5615 ||| Stepping randomly (stuck).
  5617 | D:4      | 5617 ||| Stepping randomly (stuck).
  5619 | D:4      | 5619 ||| Stepping randomly (stuck).
  5621 | D:4      | 5621 ||| Stepping randomly (stuck).
  5623 | D:4      | 5623 ||| Stepping randomly (stuck).
  5625 | D:4      | 5625 ||| Stepping randomly (stuck).
  5627 | D:4      | 5627 ||| Stepping randomly (stuck).
  5629 | D:4      | 5629 ||| Stepping randomly (stuck).
  5631 | D:4      | 5631 ||| Stepping randomly (stuck).
  5633 | D:4      | 5633 ||| Stepping randomly (stuck).
  5635 | D:4      | 5635 ||| Stepping randomly (stuck).
  5637 | D:4      | 5637 ||| Stepping randomly (stuck).
  5639 | D:4      | 5639 ||| Stepping randomly (stuck).
  5641 | D:4      | 5641 ||| Stepping randomly (stuck).
  5643 | D:4      | 5643 ||| Stepping randomly (stuck).
  5645 | D:4      | 5645 ||| Stepping randomly (stuck).
  5647 | D:4      | 5647 ||| Stepping randomly (stuck).
  5649 | D:4      | 5649 ||| Stepping randomly (stuck).
  5651 | D:4      | 5651 ||| Stepping randomly (stuck).
  5653 | D:4      | 5653 ||| Stepping randomly (stuck).
  5655 | D:4      | 5655 ||| Stepping randomly (stuck).
  5657 | D:4      | 5657 ||| Stepping randomly (stuck).
  5659 | D:4      | 5659 ||| Stepping randomly (stuck).
  5661 | D:4      | 5661 ||| Stepping randomly (stuck).
  5663 | D:4      | 5663 ||| Stepping randomly (stuck).
  5665 | D:4      | 5665 ||| Stepping randomly (stuck).
  5667 | D:4      | 5667 ||| Stepping randomly (stuck).
  5669 | D:4      | 5669 ||| Stepping randomly (stuck).
  5671 | D:4      | 5671 ||| Stepping randomly (stuck).
  5673 | D:4      | 5673 ||| Stepping randomly (stuck).
  5675 | D:4      | 5675 ||| Stepping randomly (stuck).
  5677 | D:4      | 5677 ||| Stepping randomly (stuck).
  5679 | D:4      | 5679 ||| Stepping randomly (stuck).
  5681 | D:4      | 5681 ||| Stepping randomly (stuck).
  5683 | D:4      | 5683 ||| Stepping randomly (stuck).
  5685 | D:4      | 5685 ||| Stepping randomly (stuck).
  5687 | D:4      | 5687 ||| Stepping randomly (stuck).
  5689 | D:4      | 5689 ||| Stepping randomly (stuck).
  5691 | D:4      | 5691 ||| Stepping randomly (stuck).
  5693 | D:4      | 5693 ||| Stepping randomly (stuck).
  5695 | D:4      | 5695 ||| Stepping randomly (stuck).
  5697 | D:4      | 5697 ||| Stepping randomly (stuck).
  5699 | D:4      | 5699 ||| Stepping randomly (stuck).
  5701 | D:4      | 5701 ||| Stepping randomly (stuck).
  5703 | D:4      | 5703 ||| Stepping randomly (stuck).
  5705 | D:4      | 5705 ||| Stepping randomly (stuck).
  5707 | D:4      | 5707 ||| Stepping randomly (stuck).
  5709 | D:4      | 5709 ||| Stepping randomly (stuck).
  5711 | D:4      | 5711 ||| Stepping randomly (stuck).
  5713 | D:4      | 5713 ||| Stepping randomly (stuck).
  5715 | D:4      | 5715 ||| Stepping randomly (stuck).
  5717 | D:4      | 5717 ||| Stepping randomly (stuck).
  5719 | D:4      | 5719 ||| Stepping randomly (stuck).
  5721 | D:4      | 5721 ||| Stepping randomly (stuck).
  5723 | D:4      | 5723 ||| Stepping randomly (stuck).
  5725 | D:4      | 5725 ||| Stepping randomly (stuck).
  5727 | D:4      | 5727 ||| Stepping randomly (stuck).
  5729 | D:4      | 5729 ||| Stepping randomly (stuck).
  5731 | D:4      | 5731 ||| Stepping randomly (stuck).
  5733 | D:4      | 5733 ||| Stepping randomly (stuck).
  5735 | D:4      | 5735 ||| Stepping randomly (stuck).
  5737 | D:4      | 5737 ||| Stepping randomly (stuck).
  5739 | D:4      | 5739 ||| Stepping randomly (stuck).
  5741 | D:4      | 5741 ||| Stepping randomly (stuck).
  5743 | D:4      | 5743 ||| Stepping randomly (stuck).
  5745 | D:4      | 5745 ||| Stepping randomly (stuck).
  5747 | D:4      | 5747 ||| Stepping randomly (stuck).
  5749 | D:4      | 5749 ||| Stepping randomly (stuck).
  5751 | D:4      | 5751 ||| Stepping randomly (stuck).
  5753 | D:4      | 5753 ||| Stepping randomly (stuck).
  5755 | D:4      | 5755 ||| Stepping randomly (stuck).
  5757 | D:4      | 5757 ||| Stepping randomly (stuck).
  5759 | D:4      | 5759 ||| Stepping randomly (stuck).
  5761 | D:4      | 5761 ||| Stepping randomly (stuck).
  5763 | D:4      | 5763 ||| Stepping randomly (stuck).
  5765 | D:4      | 5765 ||| Stepping randomly (stuck).
  5767 | D:4      | 5767 ||| Stepping randomly (stuck).
  5769 | D:4      | 5769 ||| Stepping randomly (stuck).
  5771 | D:4      | 5771 ||| Stepping randomly (stuck).
  5773 | D:4      | 5773 ||| Stepping randomly (stuck).
  5775 | D:4      | 5775 ||| Stepping randomly (stuck).
  5777 | D:4      | 5777 ||| Stepping randomly (stuck).
  5779 | D:4      | 5779 ||| Stepping randomly (stuck).
  5781 | D:4      | 5781 ||| Stepping randomly (stuck).
  5783 | D:4      | 5783 ||| Stepping randomly (stuck).
  5785 | D:4      | 5785 ||| Stepping randomly (stuck).
  5787 | D:4      | 5787 ||| Stepping randomly (stuck).
  5789 | D:4      | 5789 ||| Stepping randomly (stuck).
  5791 | D:4      | 5791 ||| Stepping randomly (stuck).
  5793 | D:4      | 5793 ||| Stepping randomly (stuck).
  5795 | D:4      | 5795 ||| Stepping randomly (stuck).
  5797 | D:4      | 5797 ||| Stepping randomly (stuck).
  5799 | D:4      | 5799 ||| Stepping randomly (stuck).
  5801 | D:4      | 5801 ||| Stepping randomly (stuck).
  5803 | D:4      | 5803 ||| Stepping randomly (stuck).
  5805 | D:4      | 5805 ||| Stepping randomly (stuck).
  5807 | D:4      | 5807 ||| Stepping randomly (stuck).
  5809 | D:4      | 5809 ||| Stepping randomly (stuck).
  5811 | D:4      | 5811 ||| Stepping randomly (stuck).
  5813 | D:4      | 5813 ||| Stepping randomly (stuck).
  5815 | D:4      | 5815 ||| Stepping randomly (stuck).
  5817 | D:4      | 5817 ||| Stepping randomly (stuck).
  5819 | D:4      | 5819 ||| Stepping randomly (stuck).
  5821 | D:4      | 5821 ||| Stepping randomly (stuck).
  5823 | D:4      | 5823 ||| Stepping randomly (stuck).
  5825 | D:4      | 5825 ||| Stepping randomly (stuck).
  5827 | D:4      | 5827 ||| Stepping randomly (stuck).
  5829 | D:4      | 5829 ||| Stepping randomly (stuck).
  5831 | D:4      | 5831 ||| Stepping randomly (stuck).
  5833 | D:4      | 5833 ||| Stepping randomly (stuck).
  5835 | D:4      | 5835 ||| Stepping randomly (stuck).
  5837 | D:4      | 5837 ||| Stepping randomly (stuck).
  5839 | D:4      | 5839 ||| Stepping randomly (stuck).
  5841 | D:4      | 5841 ||| Stepping randomly (stuck).
  5843 | D:4      | 5843 ||| Stepping randomly (stuck).
  5845 | D:4      | 5845 ||| Stepping randomly (stuck).
  5847 | D:4      | 5847 ||| Stepping randomly (stuck).
  5849 | D:4      | 5849 ||| Stepping randomly (stuck).
  5851 | D:4      | 5851 ||| Stepping randomly (stuck).
  5853 | D:4      | 5853 ||| Stepping randomly (stuck).
  5855 | D:4      | 5855 ||| Stepping randomly (stuck).
  5857 | D:4      | 5857 ||| Stepping randomly (stuck).
  5859 | D:4      | 5859 ||| Stepping randomly (stuck).
  5861 | D:4      | 5861 ||| Stepping randomly (stuck).
  5863 | D:4      | 5863 ||| Stepping randomly (stuck).
  5865 | D:4      | 5865 ||| Stepping randomly (stuck).
  5867 | D:4      | 5867 ||| Stepping randomly (stuck).
  5869 | D:4      | 5869 ||| Stepping randomly (stuck).
  5871 | D:4      | 5871 ||| Stepping randomly (stuck).
  5873 | D:4      | 5873 ||| Stepping randomly (stuck).
  5875 | D:4      | 5875 ||| Stepping randomly (stuck).
  5877 | D:4      | 5877 ||| Stepping randomly (stuck).
  5879 | D:4      | 5879 ||| Stepping randomly (stuck).
  5881 | D:4      | 5881 ||| Stepping randomly (stuck).
  5883 | D:4      | 5883 ||| Stepping randomly (stuck).
  5885 | D:4      | 5885 ||| Stepping randomly (stuck).
  5887 | D:4      | 5887 ||| Stepping randomly (stuck).
  5889 | D:4      | 5889 ||| Stepping randomly (stuck).
  5891 | D:4      | 5891 ||| Stepping randomly (stuck).
  5893 | D:4      | 5893 ||| Stepping randomly (stuck).
  5895 | D:4      | 5895 ||| Stepping randomly (stuck).
  5897 | D:4      | 5897 ||| Stepping randomly (stuck).
  5899 | D:4      | 5899 ||| Stepping randomly (stuck).
  5901 | D:4      | 5901 ||| Stepping randomly (stuck).
  5903 | D:4      | 5903 ||| Stepping randomly (stuck).
  5905 | D:4      | 5905 ||| Stepping randomly (stuck).
  5907 | D:4      | 5907 ||| Stepping randomly (stuck).
  5909 | D:4      | 5909 ||| Stepping randomly (stuck).
  5911 | D:4      | 5911 ||| Stepping randomly (stuck).
  5913 | D:4      | 5913 ||| Stepping randomly (stuck).
  5915 | D:4      | 5915 ||| Stepping randomly (stuck).
  5917 | D:4      | 5917 ||| Stepping randomly (stuck).
  5919 | D:4      | 5919 ||| Stepping randomly (stuck).
  5921 | D:4      | 5921 ||| Stepping randomly (stuck).
  5923 | D:4      | 5923 ||| Stepping randomly (stuck).
  5925 | D:4      | 5925 ||| Stepping randomly (stuck).
  5927 | D:4      | 5927 ||| Stepping randomly (stuck).
  5929 | D:4      | 5929 ||| Stepping randomly (stuck).
  5931 | D:4      | 5931 ||| Stepping randomly (stuck).
  5933 | D:4      | 5933 ||| Stepping randomly (stuck).
  5935 | D:4      | 5935 ||| Stepping randomly (stuck).
  5937 | D:4      | 5937 ||| Stepping randomly (stuck).
  5939 | D:4      | 5939 ||| Stepping randomly (stuck).
  5941 | D:4      | 5941 ||| Stepping randomly (stuck).
  5943 | D:4      | 5943 ||| Stepping randomly (stuck).
  5945 | D:4      | 5945 ||| Stepping randomly (stuck).
  5947 | D:4      | 5947 ||| Stepping randomly (stuck).
  5949 | D:4      | 5949 ||| Stepping randomly (stuck).
  5951 | D:4      | 5951 ||| Stepping randomly (stuck).
  5953 | D:4      | 5953 ||| Stepping randomly (stuck).
  5955 | D:4      | 5955 ||| Stepping randomly (stuck).
  5957 | D:4      | 5957 ||| Stepping randomly (stuck).
  5959 | D:4      | 5959 ||| Stepping randomly (stuck).
  5961 | D:4      | 5961 ||| Stepping randomly (stuck).
  5963 | D:4      | 5963 ||| Stepping randomly (stuck).
  5965 | D:4      | 5965 ||| Stepping randomly (stuck).
  5967 | D:4      | 5967 ||| Stepping randomly (stuck).
  5969 | D:4      | 5969 ||| Stepping randomly (stuck).
  5971 | D:4      | 5971 ||| Stepping randomly (stuck).
  5973 | D:4      | 5973 ||| Stepping randomly (stuck).
  5975 | D:4      | 5975 ||| Stepping randomly (stuck).
  5977 | D:4      | 5977 ||| Stepping randomly (stuck).
  5979 | D:4      | 5979 ||| Stepping randomly (stuck).
  5981 | D:4      | 5981 ||| Stepping randomly (stuck).
  5983 | D:4      | 5983 ||| Stepping randomly (stuck).
  5985 | D:4      | 5985 ||| Stepping randomly (stuck).
  5987 | D:4      | 5987 ||| Stepping randomly (stuck).
  5989 | D:4      | 5989 ||| Stepping randomly (stuck).
  5991 | D:4      | 5991 ||| Stepping randomly (stuck).
  5993 | D:4      | 5993 ||| Stepping randomly (stuck).
  5995 | D:4      | 5995 ||| Stepping randomly (stuck).
  5997 | D:4      | 5997 ||| Stepping randomly (stuck).
  5999 | D:4      | 5999 ||| Stepping randomly (stuck).
  6001 | D:4      | 6001 ||| Stepping randomly (stuck).
  6003 | D:4      | 6003 ||| Stepping randomly (stuck).
  6005 | D:4      | 6005 ||| Stepping randomly (stuck).
  6007 | D:4      | 6007 ||| Stepping randomly (stuck).
  6009 | D:4      | 6009 ||| Stepping randomly (stuck).
  6011 | D:4      | 6011 ||| Stepping randomly (stuck).
  6013 | D:4      | 6013 ||| Stepping randomly (stuck).
  6015 | D:4      | 6015 ||| Stepping randomly (stuck).
  6017 | D:4      | 6017 ||| Stepping randomly (stuck).
  6019 | D:4      | 6019 ||| Stepping randomly (stuck).
  6021 | D:4      | 6021 ||| Stepping randomly (stuck).
  6023 | D:4      | 6023 ||| Stepping randomly (stuck).
  6025 | D:4      | 6025 ||| Stepping randomly (stuck).
  6027 | D:4      | 6027 ||| Stepping randomly (stuck).
  6029 | D:4      | 6029 ||| Stepping randomly (stuck).
  6031 | D:4      | 6031 ||| Stepping randomly (stuck).
  6033 | D:4      | 6033 ||| Stepping randomly (stuck).
  6035 | D:4      | 6035 ||| Stepping randomly (stuck).
  6037 | D:4      | 6037 ||| Stepping randomly (stuck).
  6039 | D:4      | 6039 ||| Stepping randomly (stuck).
  6041 | D:4      | 6041 ||| Stepping randomly (stuck).
  6043 | D:4      | 6043 ||| Stepping randomly (stuck).
  6045 | D:4      | 6045 ||| Stepping randomly (stuck).
  6047 | D:4      | 6047 ||| Stepping randomly (stuck).
  6049 | D:4      | 6049 ||| Stepping randomly (stuck).
  6051 | D:4      | 6051 ||| Stepping randomly (stuck).
  6053 | D:4      | 6053 ||| Stepping randomly (stuck).
  6055 | D:4      | 6055 ||| Stepping randomly (stuck).
  6057 | D:4      | 6057 ||| Stepping randomly (stuck).
  6059 | D:4      | 6059 ||| Stepping randomly (stuck).
  6061 | D:4      | 6061 ||| Stepping randomly (stuck).
  6063 | D:4      | 6063 ||| Stepping randomly (stuck).
  6065 | D:4      | 6065 ||| Stepping randomly (stuck).
  6067 | D:4      | 6067 ||| Stepping randomly (stuck).
  6069 | D:4      | 6069 ||| Stepping randomly (stuck).
  6071 | D:4      | 6071 ||| Stepping randomly (stuck).
  6073 | D:4      | 6073 ||| Stepping randomly (stuck).
  6075 | D:4      | 6075 ||| Stepping randomly (stuck).
  6077 | D:4      | 6077 ||| Stepping randomly (stuck).
  6079 | D:4      | 6079 ||| Stepping randomly (stuck).
  6081 | D:4      | 6081 ||| Stepping randomly (stuck).
  6083 | D:4      | 6083 ||| Stepping randomly (stuck).
  6085 | D:4      | 6085 ||| Stepping randomly (stuck).
  6087 | D:4      | 6087 ||| Stepping randomly (stuck).
  6089 | D:4      | 6089 ||| Stepping randomly (stuck).
  6091 | D:4      | 6091 ||| Stepping randomly (stuck).
  6093 | D:4      | 6093 ||| Stepping randomly (stuck).
  6095 | D:4      | 6095 ||| Stepping randomly (stuck).
  6097 | D:4      | 6097 ||| Stepping randomly (stuck).
  6099 | D:4      | 6099 ||| Stepping randomly (stuck).
  6101 | D:4      | 6101 ||| Stepping randomly (stuck).
  6103 | D:4      | 6103 ||| Stepping randomly (stuck).
  6105 | D:4      | 6105 ||| Stepping randomly (stuck).
  6107 | D:4      | 6107 ||| Stepping randomly (stuck).
  6109 | D:4      | 6109 ||| Stepping randomly (stuck).
  6111 | D:4      | 6111 ||| Stepping randomly (stuck).
  6113 | D:4      | 6113 ||| Stepping randomly (stuck).
  6115 | D:4      | 6115 ||| Stepping randomly (stuck).
  6117 | D:4      | 6117 ||| Stepping randomly (stuck).
  6119 | D:4      | 6119 ||| Stepping randomly (stuck).
  6121 | D:4      | 6121 ||| Stepping randomly (stuck).
  6123 | D:4      | 6123 ||| Stepping randomly (stuck).
  6125 | D:4      | 6125 ||| Stepping randomly (stuck).
  6127 | D:4      | 6127 ||| Stepping randomly (stuck).
  6129 | D:4      | 6129 ||| Stepping randomly (stuck).
  6131 | D:4      | 6131 ||| Stepping randomly (stuck).
  6133 | D:4      | 6133 ||| Stepping randomly (stuck).
  6135 | D:4      | 6135 ||| Stepping randomly (stuck).
  6137 | D:4      | 6137 ||| Stepping randomly (stuck).
  6139 | D:4      | 6139 ||| Stepping randomly (stuck).
  6141 | D:4      | 6141 ||| Stepping randomly (stuck).
  6143 | D:4      | 6143 ||| Stepping randomly (stuck).
  6145 | D:4      | 6145 ||| Stepping randomly (stuck).
  6147 | D:4      | 6147 ||| Stepping randomly (stuck).
  6149 | D:4      | 6149 ||| Stepping randomly (stuck).
  6151 | D:4      | 6151 ||| Stepping randomly (stuck).
  6153 | D:4      | 6153 ||| Stepping randomly (stuck).
  6155 | D:4      | 6155 ||| Stepping randomly (stuck).
  6157 | D:4      | 6157 ||| Stepping randomly (stuck).
  6159 | D:4      | 6159 ||| Stepping randomly (stuck).
  6161 | D:4      | 6161 ||| Stepping randomly (stuck).
  6163 | D:4      | 6163 ||| Stepping randomly (stuck).
  6165 | D:4      | 6165 ||| Stepping randomly (stuck).
  6167 | D:4      | 6167 ||| Stepping randomly (stuck).
  6169 | D:4      | 6169 ||| Stepping randomly (stuck).
  6171 | D:4      | 6171 ||| Stepping randomly (stuck).
  6173 | D:4      | 6173 ||| Stepping randomly (stuck).
  6175 | D:4      | 6175 ||| Stepping randomly (stuck).
  6177 | D:4      | 6177 ||| Stepping randomly (stuck).
  6179 | D:4      | 6179 ||| Stepping randomly (stuck).
  6181 | D:4      | 6181 ||| Stepping randomly (stuck).
  6183 | D:4      | 6183 ||| Stepping randomly (stuck).
  6185 | D:4      | 6185 ||| Stepping randomly (stuck).
  6187 | D:4      | 6187 ||| Stepping randomly (stuck).
  6189 | D:4      | 6189 ||| Stepping randomly (stuck).
  6191 | D:4      | 6191 ||| Stepping randomly (stuck).
  6193 | D:4      | 6193 ||| Stepping randomly (stuck).
  6195 | D:4      | 6195 ||| Stepping randomly (stuck).
  6197 | D:4      | 6197 ||| Stepping randomly (stuck).
  6199 | D:4      | 6199 ||| Stepping randomly (stuck).
  6201 | D:4      | 6201 ||| Stepping randomly (stuck).
  6203 | D:4      | 6203 ||| Stepping randomly (stuck).
  6205 | D:4      | 6205 ||| Stepping randomly (stuck).
  6207 | D:4      | 6207 ||| Stepping randomly (stuck).
  6209 | D:4      | 6209 ||| Stepping randomly (stuck).
  6211 | D:4      | 6211 ||| Stepping randomly (stuck).
  6213 | D:4      | 6213 ||| Stepping randomly (stuck).
  6215 | D:4      | 6215 ||| Stepping randomly (stuck).
  6217 | D:4      | 6217 ||| Stepping randomly (stuck).
  6219 | D:4      | 6219 ||| Stepping randomly (stuck).
  6221 | D:4      | 6221 ||| Stepping randomly (stuck).
  6223 | D:4      | 6223 ||| Stepping randomly (stuck).
  6225 | D:4      | 6225 ||| Stepping randomly (stuck).
  6227 | D:4      | 6227 ||| Stepping randomly (stuck).
  6229 | D:4      | 6229 ||| Stepping randomly (stuck).
  6231 | D:4      | 6231 ||| Stepping randomly (stuck).
  6233 | D:4      | 6233 ||| Stepping randomly (stuck).
  6235 | D:4      | 6235 ||| Stepping randomly (stuck).
  6237 | D:4      | 6237 ||| Stepping randomly (stuck).
  6239 | D:4      | 6239 ||| Stepping randomly (stuck).
  6241 | D:4      | 6241 ||| Stepping randomly (stuck).
  6243 | D:4      | 6243 ||| Stepping randomly (stuck).
  6245 | D:4      | 6245 ||| Stepping randomly (stuck).
  6247 | D:4      | 6247 ||| Stepping randomly (stuck).
  6249 | D:4      | 6249 ||| Stepping randomly (stuck).
  6251 | D:4      | 6251 ||| Stepping randomly (stuck).
  6253 | D:4      | 6253 ||| Stepping randomly (stuck).
  6255 | D:4      | 6255 ||| Stepping randomly (stuck).
  6257 | D:4      | 6257 ||| Stepping randomly (stuck).
  6259 | D:4      | 6259 ||| Stepping randomly (stuck).
  6261 | D:4      | 6261 ||| Stepping randomly (stuck).
  6263 | D:4      | 6263 ||| Stepping randomly (stuck).
  6265 | D:4      | 6265 ||| Stepping randomly (stuck).
  6267 | D:4      | 6267 ||| Stepping randomly (stuck).
  6269 | D:4      | 6269 ||| Stepping randomly (stuck).
  6271 | D:4      | 6271 ||| Stepping randomly (stuck).
  6273 | D:4      | 6273 ||| Stepping randomly (stuck).
  6275 | D:4      | 6275 ||| Stepping randomly (stuck).
  6277 | D:4      | 6277 ||| Stepping randomly (stuck).
  6279 | D:4      | 6279 ||| Stepping randomly (stuck).
  6281 | D:4      | 6281 ||| Stepping randomly (stuck).
  6283 | D:4      | 6283 ||| Stepping randomly (stuck).
  6285 | D:4      | 6285 ||| Stepping randomly (stuck).
  6287 | D:4      | 6287 ||| Stepping randomly (stuck).
  6289 | D:4      | 6289 ||| Stepping randomly (stuck).
  6291 | D:4      | 6291 ||| Stepping randomly (stuck).
  6293 | D:4      | 6293 ||| Stepping randomly (stuck).
  6295 | D:4      | 6295 ||| Stepping randomly (stuck).
  6297 | D:4      | 6297 ||| Stepping randomly (stuck).
  6299 | D:4      | 6299 ||| Stepping randomly (stuck).
  6301 | D:4      | 6301 ||| Stepping randomly (stuck).
  6303 | D:4      | 6303 ||| Stepping randomly (stuck).
  6305 | D:4      | 6305 ||| Stepping randomly (stuck).
  6307 | D:4      | 6307 ||| Stepping randomly (stuck).
  6309 | D:4      | 6309 ||| Stepping randomly (stuck).
  6311 | D:4      | 6311 ||| Stepping randomly (stuck).
  6313 | D:4      | 6313 ||| Stepping randomly (stuck).
  6315 | D:4      | 6315 ||| Stepping randomly (stuck).
  6317 | D:4      | 6317 ||| Stepping randomly (stuck).
  6319 | D:4      | 6319 ||| Stepping randomly (stuck).
  6321 | D:4      | 6321 ||| Stepping randomly (stuck).
  6323 | D:4      | 6323 ||| Stepping randomly (stuck).
  6325 | D:4      | 6325 ||| Stepping randomly (stuck).
  6327 | D:4      | 6327 ||| Stepping randomly (stuck).
  6329 | D:4      | 6329 ||| Stepping randomly (stuck).
  6331 | D:4      | 6331 ||| Stepping randomly (stuck).
  6333 | D:4      | 6333 ||| Stepping randomly (stuck).
  6335 | D:4      | 6335 ||| Stepping randomly (stuck).
  6337 | D:4      | 6337 ||| Stepping randomly (stuck).
  6339 | D:4      | 6339 ||| Stepping randomly (stuck).
  6341 | D:4      | 6341 ||| Stepping randomly (stuck).
  6343 | D:4      | 6343 ||| Stepping randomly (stuck).
  6345 | D:4      | 6345 ||| Stepping randomly (stuck).
  6347 | D:4      | 6347 ||| Stepping randomly (stuck).
  6349 | D:4      | 6349 ||| Stepping randomly (stuck).
  6351 | D:4      | 6351 ||| Stepping randomly (stuck).
  6353 | D:4      | 6353 ||| Stepping randomly (stuck).
  6355 | D:4      | 6355 ||| Stepping randomly (stuck).
  6357 | D:4      | 6357 ||| Stepping randomly (stuck).
  6359 | D:4      | 6359 ||| Stepping randomly (stuck).
  6361 | D:4      | 6361 ||| Stepping randomly (stuck).
  6363 | D:4      | 6363 ||| Stepping randomly (stuck).
  6365 | D:4      | 6365 ||| Stepping randomly (stuck).
  6367 | D:4      | 6367 ||| Stepping randomly (stuck).
  6369 | D:4      | 6369 ||| Stepping randomly (stuck).
  6371 | D:4      | 6371 ||| Stepping randomly (stuck).
  6373 | D:4      | 6373 ||| Stepping randomly (stuck).
  6375 | D:4      | 6375 ||| Stepping randomly (stuck).
  6377 | D:4      | 6377 ||| Stepping randomly (stuck).
  6379 | D:4      | 6379 ||| Stepping randomly (stuck).
  6381 | D:4      | 6381 ||| Stepping randomly (stuck).
  6383 | D:4      | 6383 ||| Stepping randomly (stuck).
  6385 | D:4      | 6385 ||| Stepping randomly (stuck).
  6387 | D:4      | 6387 ||| Stepping randomly (stuck).
  6389 | D:4      | 6389 ||| Stepping randomly (stuck).
  6391 | D:4      | 6391 ||| Stepping randomly (stuck).
  6393 | D:4      | 6393 ||| Stepping randomly (stuck).
  6395 | D:4      | 6395 ||| Stepping randomly (stuck).
  6397 | D:4      | 6397 ||| Stepping randomly (stuck).
  6399 | D:4      | 6399 ||| Stepping randomly (stuck).
  6401 | D:4      | 6401 ||| Stepping randomly (stuck).
  6403 | D:4      | 6403 ||| Stepping randomly (stuck).
  6405 | D:4      | 6405 ||| Stepping randomly (stuck).
  6407 | D:4      | 6407 ||| Stepping randomly (stuck).
  6409 | D:4      | 6409 ||| Stepping randomly (stuck).
  6411 | D:4      | 6411 ||| Stepping randomly (stuck).
  6413 | D:4      | 6413 ||| Stepping randomly (stuck).
  6415 | D:4      | 6415 ||| Stepping randomly (stuck).
  6417 | D:4      | 6417 ||| Stepping randomly (stuck).
  6419 | D:4      | 6419 ||| Stepping randomly (stuck).
  6421 | D:4      | 6421 ||| Stepping randomly (stuck).
  6423 | D:4      | 6423 ||| Stepping randomly (stuck).
  6425 | D:4      | 6425 ||| Stepping randomly (stuck).
  6427 | D:4      | 6427 ||| Stepping randomly (stuck).
  6429 | D:4      | 6429 ||| Stepping randomly (stuck).
  6431 | D:4      | 6431 ||| Stepping randomly (stuck).
  6433 | D:4      | 6433 ||| Stepping randomly (stuck).
  6435 | D:4      | 6435 ||| Stepping randomly (stuck).
  6437 | D:4      | 6437 ||| Stepping randomly (stuck).
  6439 | D:4      | 6439 ||| Stepping randomly (stuck).
  6441 | D:4      | 6441 ||| Stepping randomly (stuck).
  6443 | D:4      | 6443 ||| Stepping randomly (stuck).
  6445 | D:4      | 6445 ||| Stepping randomly (stuck).
  6447 | D:4      | 6447 ||| Stepping randomly (stuck).
  6449 | D:4      | 6449 ||| Stepping randomly (stuck).
  6451 | D:4      | 6451 ||| Stepping randomly (stuck).
  6453 | D:4      | 6453 ||| Stepping randomly (stuck).
  6455 | D:4      | 6455 ||| Stepping randomly (stuck).
  6457 | D:4      | 6457 ||| Stepping randomly (stuck).
  6459 | D:4      | 6459 ||| Stepping randomly (stuck).
  6461 | D:4      | 6461 ||| Stepping randomly (stuck).
  6463 | D:4      | 6463 ||| Stepping randomly (stuck).
  6465 | D:4      | 6465 ||| Stepping randomly (stuck).
  6467 | D:4      | 6467 ||| Stepping randomly (stuck).
  6469 | D:4      | 6469 ||| Stepping randomly (stuck).
  6471 | D:4      | 6471 ||| Stepping randomly (stuck).
  6473 | D:4      | 6473 ||| Stepping randomly (stuck).
  6475 | D:4      | 6475 ||| Stepping randomly (stuck).
  6477 | D:4      | 6477 ||| Stepping randomly (stuck).
  6479 | D:4      | 6479 ||| Stepping randomly (stuck).
  6481 | D:4      | 6481 ||| Stepping randomly (stuck).
  6483 | D:4      | 6483 ||| Stepping randomly (stuck).
  6485 | D:4      | 6485 ||| Stepping randomly (stuck).
  6487 | D:4      | 6487 ||| Stepping randomly (stuck).
  6489 | D:4      | 6489 ||| Stepping randomly (stuck).
  6491 | D:4      | 6491 ||| Stepping randomly (stuck).
  6493 | D:4      | 6493 ||| Stepping randomly (stuck).
  6495 | D:4      | 6495 ||| Stepping randomly (stuck).
  6497 | D:4      | 6497 ||| Stepping randomly (stuck).
  6499 | D:4      | 6499 ||| Stepping randomly (stuck).
  6501 | D:4      | 6501 ||| Stepping randomly (stuck).
  6503 | D:4      | 6503 ||| Stepping randomly (stuck).
  6505 | D:4      | 6505 ||| Stepping randomly (stuck).
  6507 | D:4      | 6507 ||| Stepping randomly (stuck).
  6509 | D:4      | 6509 ||| Stepping randomly (stuck).
  6511 | D:4      | 6511 ||| Stepping randomly (stuck).
  6513 | D:4      | 6513 ||| Stepping randomly (stuck).
  6515 | D:4      | 6515 ||| Stepping randomly (stuck).
  6517 | D:4      | 6517 ||| Stepping randomly (stuck).
  6519 | D:4      | 6519 ||| Stepping randomly (stuck).
  6521 | D:4      | 6521 ||| Stepping randomly (stuck).
  6523 | D:4      | 6523 ||| Stepping randomly (stuck).
  6525 | D:4      | 6525 ||| Stepping randomly (stuck).
  6527 | D:4      | 6527 ||| Stepping randomly (stuck).
  6529 | D:4      | 6529 ||| Stepping randomly (stuck).
  6531 | D:4      | 6531 ||| Stepping randomly (stuck).
  6533 | D:4      | 6533 ||| Stepping randomly (stuck).
  6535 | D:4      | 6535 ||| Stepping randomly (stuck).
  6537 | D:4      | 6537 ||| Stepping randomly (stuck).
  6539 | D:4      | 6539 ||| Stepping randomly (stuck).
  6541 | D:4      | 6541 ||| Stepping randomly (stuck).
  6543 | D:4      | 6543 ||| Stepping randomly (stuck).
  6545 | D:4      | 6545 ||| Stepping randomly (stuck).
  6547 | D:4      | 6547 ||| Stepping randomly (stuck).
  6549 | D:4      | 6549 ||| Stepping randomly (stuck).
  6551 | D:4      | 6551 ||| Stepping randomly (stuck).
  6553 | D:4      | 6553 ||| Stepping randomly (stuck).
  6555 | D:4      | 6555 ||| Stepping randomly (stuck).
  6557 | D:4      | 6557 ||| Stepping randomly (stuck).
  6559 | D:4      | 6559 ||| Stepping randomly (stuck).
  6561 | D:4      | 6561 ||| Stepping randomly (stuck).
  6563 | D:4      | 6563 ||| Stepping randomly (stuck).
  6565 | D:4      | 6565 ||| Stepping randomly (stuck).
  6567 | D:4      | 6567 ||| Stepping randomly (stuck).
  6569 | D:4      | 6569 ||| Stepping randomly (stuck).
  6571 | D:4      | 6571 ||| Stepping randomly (stuck).
  6573 | D:4      | 6573 ||| Stepping randomly (stuck).
  6575 | D:4      | 6575 ||| Stepping randomly (stuck).
  6577 | D:4      | 6577 ||| Stepping randomly (stuck).
  6579 | D:4      | 6579 ||| Stepping randomly (stuck).
  6581 | D:4      | 6581 ||| Stepping randomly (stuck).
  6583 | D:4      | 6583 ||| Stepping randomly (stuck).
  6585 | D:4      | 6585 ||| Stepping randomly (stuck).
  6587 | D:4      | 6587 ||| Stepping randomly (stuck).
  6589 | D:4      | 6589 ||| Stepping randomly (stuck).
  6591 | D:4      | 6591 ||| Stepping randomly (stuck).
  6593 | D:4      | 6593 ||| Stepping randomly (stuck).
  6595 | D:4      | 6595 ||| Stepping randomly (stuck).
  6597 | D:4      | 6597 ||| Stepping randomly (stuck).
  6599 | D:4      | 6599 ||| Stepping randomly (stuck).
  6601 | D:4      | 6601 ||| Stepping randomly (stuck).
  6603 | D:4      | 6603 ||| Stepping randomly (stuck).
  6605 | D:4      | 6605 ||| Stepping randomly (stuck).
  6607 | D:4      | 6607 ||| Stepping randomly (stuck).
  6609 | D:4      | 6609 ||| Stepping randomly (stuck).
  6611 | D:4      | 6611 ||| Stepping randomly (stuck).
  6613 | D:4      | 6613 ||| Stepping randomly (stuck).
  6615 | D:4      | 6615 ||| Stepping randomly (stuck).
  6617 | D:4      | 6617 ||| Stepping randomly (stuck).
  6619 | D:4      | 6619 ||| Stepping randomly (stuck).
  6621 | D:4      | 6621 ||| Stepping randomly (stuck).
  6623 | D:4      | 6623 ||| Stepping randomly (stuck).
  6625 | D:4      | 6625 ||| Stepping randomly (stuck).
  6627 | D:4      | 6627 ||| Stepping randomly (stuck).
  6629 | D:4      | 6629 ||| Stepping randomly (stuck).
  6631 | D:4      | 6631 ||| Stepping randomly (stuck).
  6633 | D:4      | 6633 ||| Stepping randomly (stuck).
  6635 | D:4      | 6635 ||| Stepping randomly (stuck).
  6637 | D:4      | 6637 ||| Stepping randomly (stuck).
  6639 | D:4      | 6639 ||| Stepping randomly (stuck).
  6641 | D:4      | 6641 ||| Stepping randomly (stuck).
  6643 | D:4      | 6643 ||| Stepping randomly (stuck).
  6645 | D:4      | 6645 ||| Stepping randomly (stuck).
  6647 | D:4      | 6647 ||| Stepping randomly (stuck).
  6649 | D:4      | 6649 ||| Stepping randomly (stuck).
  6651 | D:4      | 6651 ||| Stepping randomly (stuck).
  6653 | D:4      | 6653 ||| Stepping randomly (stuck).
  6655 | D:4      | 6655 ||| Stepping randomly (stuck).
  6657 | D:4      | 6657 ||| Stepping randomly (stuck).
  6659 | D:4      | 6659 ||| Stepping randomly (stuck).
  6661 | D:4      | 6661 ||| Stepping randomly (stuck).
  6663 | D:4      | 6663 ||| Stepping randomly (stuck).
  6665 | D:4      | 6665 ||| Stepping randomly (stuck).
  6667 | D:4      | 6667 ||| Stepping randomly (stuck).
  6669 | D:4      | 6669 ||| Stepping randomly (stuck).
  6671 | D:4      | 6671 ||| Stepping randomly (stuck).
  6673 | D:4      | 6673 ||| Stepping randomly (stuck).
  6675 | D:4      | 6675 ||| Stepping randomly (stuck).
  6677 | D:4      | 6677 ||| Stepping randomly (stuck).
  6679 | D:4      | 6679 ||| Stepping randomly (stuck).
  6681 | D:4      | 6681 ||| Stepping randomly (stuck).
  6683 | D:4      | 6683 ||| Stepping randomly (stuck).
  6685 | D:4      | 6685 ||| Stepping randomly (stuck).
  6687 | D:4      | 6687 ||| Stepping randomly (stuck).
  6689 | D:4      | 6689 ||| Stepping randomly (stuck).
  6691 | D:4      | 6691 ||| Stepping randomly (stuck).
  6693 | D:4      | 6693 ||| Stepping randomly (stuck).
  6695 | D:4      | 6695 ||| Stepping randomly (stuck).
  6697 | D:4      | 6697 ||| Stepping randomly (stuck).
  6699 | D:4      | 6699 ||| Stepping randomly (stuck).
  6701 | D:4      | 6701 ||| Stepping randomly (stuck).
  6703 | D:4      | 6703 ||| Stepping randomly (stuck).
  6705 | D:4      | 6705 ||| Stepping randomly (stuck).
  6707 | D:4      | 6707 ||| Stepping randomly (stuck).
  6709 | D:4      | 6709 ||| Stepping randomly (stuck).
  6711 | D:4      | 6711 ||| Stepping randomly (stuck).
  6713 | D:4      | 6713 ||| Stepping randomly (stuck).
  6715 | D:4      | 6715 ||| Stepping randomly (stuck).
  6717 | D:4      | 6717 ||| Stepping randomly (stuck).
  6719 | D:4      | 6719 ||| Stepping randomly (stuck).
  6721 | D:4      | 6721 ||| Stepping randomly (stuck).
  6723 | D:4      | 6723 ||| Stepping randomly (stuck).
  6725 | D:4      | 6725 ||| Stepping randomly (stuck).
  6727 | D:4      | 6727 ||| Stepping randomly (stuck).
  6729 | D:4      | 6729 ||| Stepping randomly (stuck).
  6731 | D:4      | 6731 ||| Stepping randomly (stuck).
  6733 | D:4      | 6733 ||| Stepping randomly (stuck).
  6735 | D:4      | 6735 ||| Stepping randomly (stuck).
  6737 | D:4      | 6737 ||| Stepping randomly (stuck).
  6739 | D:4      | 6739 ||| Stepping randomly (stuck).
  6741 | D:4      | 6741 ||| Stepping randomly (stuck).
  6743 | D:4      | 6743 ||| Stepping randomly (stuck).
  6745 | D:4      | 6745 ||| Stepping randomly (stuck).
  6747 | D:4      | 6747 ||| Stepping randomly (stuck).
  6749 | D:4      | 6749 ||| Stepping randomly (stuck).
  6751 | D:4      | 6751 ||| Stepping randomly (stuck).
  6753 | D:4      | 6753 ||| Stepping randomly (stuck).
  6755 | D:4      | 6755 ||| Stepping randomly (stuck).
  6757 | D:4      | 6757 ||| Stepping randomly (stuck).
  6759 | D:4      | 6759 ||| Stepping randomly (stuck).
  6761 | D:4      | 6761 ||| Stepping randomly (stuck).
  6763 | D:4      | 6763 ||| Stepping randomly (stuck).
  6765 | D:4      | 6765 ||| Stepping randomly (stuck).
  6767 | D:4      | 6767 ||| Stepping randomly (stuck).
  6769 | D:4      | 6769 ||| Stepping randomly (stuck).
  6771 | D:4      | 6771 ||| Stepping randomly (stuck).
  6773 | D:4      | 6773 ||| Stepping randomly (stuck).
  6775 | D:4      | 6775 ||| Stepping randomly (stuck).
  6777 | D:4      | 6777 ||| Stepping randomly (stuck).
  6779 | D:4      | 6779 ||| Stepping randomly (stuck).
  6781 | D:4      | 6781 ||| Stepping randomly (stuck).
  6783 | D:4      | 6783 ||| Stepping randomly (stuck).
  6785 | D:4      | 6785 ||| Stepping randomly (stuck).
  6787 | D:4      | 6787 ||| Stepping randomly (stuck).
  6789 | D:4      | 6789 ||| Stepping randomly (stuck).
  6791 | D:4      | 6791 ||| Stepping randomly (stuck).
  6793 | D:4      | 6793 ||| Stepping randomly (stuck).
  6795 | D:4      | 6795 ||| Stepping randomly (stuck).
  6797 | D:4      | 6797 ||| Stepping randomly (stuck).
  6799 | D:4      | 6799 ||| Stepping randomly (stuck).
  6801 | D:4      | 6801 ||| Stepping randomly (stuck).
  6803 | D:4      | 6803 ||| Stepping randomly (stuck).
  6805 | D:4      | 6805 ||| Stepping randomly (stuck).
  6807 | D:4      | 6807 ||| Stepping randomly (stuck).
  6809 | D:4      | 6809 ||| Stepping randomly (stuck).
  6811 | D:4      | 6811 ||| Stepping randomly (stuck).
  6813 | D:4      | 6813 ||| Stepping randomly (stuck).
  6815 | D:4      | 6815 ||| Stepping randomly (stuck).
  6817 | D:4      | 6817 ||| Stepping randomly (stuck).
  6819 | D:4      | 6819 ||| Stepping randomly (stuck).
  6821 | D:4      | 6821 ||| Stepping randomly (stuck).
  6823 | D:4      | 6823 ||| Stepping randomly (stuck).
  6825 | D:4      | 6825 ||| Stepping randomly (stuck).
  6827 | D:4      | 6827 ||| Stepping randomly (stuck).
  6829 | D:4      | 6829 ||| Stepping randomly (stuck).
  6831 | D:4      | 6831 ||| Stepping randomly (stuck).
  6833 | D:4      | 6833 ||| Stepping randomly (stuck).
  6835 | D:4      | 6835 ||| Stepping randomly (stuck).
  6837 | D:4      | 6837 ||| Stepping randomly (stuck).
  6839 | D:4      | 6839 ||| Stepping randomly (stuck).
  6841 | D:4      | 6841 ||| Stepping randomly (stuck).
  6843 | D:4      | 6843 ||| Stepping randomly (stuck).
  6845 | D:4      | 6845 ||| Stepping randomly (stuck).
  6847 | D:4      | 6847 ||| Stepping randomly (stuck).
  6849 | D:4      | 6849 ||| Stepping randomly (stuck).
  6851 | D:4      | 6851 ||| Stepping randomly (stuck).
  6853 | D:4      | 6853 ||| Stepping randomly (stuck).
  6855 | D:4      | 6855 ||| Stepping randomly (stuck).
  6857 | D:4      | 6857 ||| Stepping randomly (stuck).
  6859 | D:4      | 6859 ||| Stepping randomly (stuck).
  6861 | D:4      | 6861 ||| Stepping randomly (stuck).
  6863 | D:4      | 6863 ||| Stepping randomly (stuck).
  6865 | D:4      | 6865 ||| Stepping randomly (stuck).
  6867 | D:4      | 6867 ||| Stepping randomly (stuck).
  6869 | D:4      | 6869 ||| Stepping randomly (stuck).
  6871 | D:4      | 6871 ||| Stepping randomly (stuck).
  6873 | D:4      | 6873 ||| Stepping randomly (stuck).
  6875 | D:4      | 6875 ||| Stepping randomly (stuck).
  6877 | D:4      | 6877 ||| Stepping randomly (stuck).
  6879 | D:4      | 6879 ||| Stepping randomly (stuck).
  6881 | D:4      | 6881 ||| Stepping randomly (stuck).
  6883 | D:4      | 6883 ||| Stepping randomly (stuck).
  6885 | D:4      | 6885 ||| Stepping randomly (stuck).
  6887 | D:4      | 6887 ||| Stepping randomly (stuck).
  6889 | D:4      | 6889 ||| Stepping randomly (stuck).
  6891 | D:4      | 6891 ||| Stepping randomly (stuck).
  6893 | D:4      | 6893 ||| Stepping randomly (stuck).
  6895 | D:4      | 6895 ||| Stepping randomly (stuck).
  6897 | D:4      | 6897 ||| Stepping randomly (stuck).
  6899 | D:4      | 6899 ||| Stepping randomly (stuck).
  6901 | D:4      | 6901 ||| Stepping randomly (stuck).
  6903 | D:4      | 6903 ||| Stepping randomly (stuck).
  6905 | D:4      | 6905 ||| Stepping randomly (stuck).
  6907 | D:4      | 6907 ||| Stepping randomly (stuck).
  6909 | D:4      | 6909 ||| Stepping randomly (stuck).
  6911 | D:4      | 6911 ||| Stepping randomly (stuck).
  6913 | D:4      | 6913 ||| Stepping randomly (stuck).
  6915 | D:4      | 6915 ||| Stepping randomly (stuck).
  6917 | D:4      | 6917 ||| Stepping randomly (stuck).
  6919 | D:4      | 6919 ||| Stepping randomly (stuck).
  6921 | D:4      | 6921 ||| Stepping randomly (stuck).
  6923 | D:4      | 6923 ||| Stepping randomly (stuck).
  6925 | D:4      | 6925 ||| Stepping randomly (stuck).
  6927 | D:4      | 6927 ||| Stepping randomly (stuck).
  6929 | D:4      | 6929 ||| Stepping randomly (stuck).
  6931 | D:4      | 6931 ||| Stepping randomly (stuck).
  6933 | D:4      | 6933 ||| Stepping randomly (stuck).
  6935 | D:4      | 6935 ||| Stepping randomly (stuck).
  6937 | D:4      | 6937 ||| Stepping randomly (stuck).
  6939 | D:4      | 6939 ||| Stepping randomly (stuck).
  6941 | D:4      | 6941 ||| Stepping randomly (stuck).
  6943 | D:4      | 6943 ||| Stepping randomly (stuck).
  6945 | D:4      | 6945 ||| Stepping randomly (stuck).
  6947 | D:4      | 6947 ||| Stepping randomly (stuck).
  6949 | D:4      | 6949 ||| Stepping randomly (stuck).
  6951 | D:4      | 6951 ||| Stepping randomly (stuck).
  6953 | D:4      | 6953 ||| Stepping randomly (stuck).
  6955 | D:4      | 6955 ||| Stepping randomly (stuck).
  6957 | D:4      | 6957 ||| Stepping randomly (stuck).
  6959 | D:4      | 6959 ||| Stepping randomly (stuck).
  6961 | D:4      | 6961 ||| Stepping randomly (stuck).
  6963 | D:4      | 6963 ||| Stepping randomly (stuck).
  6965 | D:4      | 6965 ||| Stepping randomly (stuck).
  6967 | D:4      | 6967 ||| Stepping randomly (stuck).
  6969 | D:4      | 6969 ||| Stepping randomly (stuck).
  6971 | D:4      | 6971 ||| Stepping randomly (stuck).
  6973 | D:4      | 6973 ||| Stepping randomly (stuck).
  6975 | D:4      | 6975 ||| Stepping randomly (stuck).
  6977 | D:4      | 6977 ||| Stepping randomly (stuck).
  6979 | D:4      | 6979 ||| Stepping randomly (stuck).
  6981 | D:4      | 6981 ||| Stepping randomly (stuck).
  6983 | D:4      | 6983 ||| Stepping randomly (stuck).
  6985 | D:4      | 6985 ||| Stepping randomly (stuck).
  6987 | D:4      | 6987 ||| Stepping randomly (stuck).
  6989 | D:4      | 6989 ||| Stepping randomly (stuck).
  6991 | D:4      | 6991 ||| Stepping randomly (stuck).
  6993 | D:4      | 6993 ||| Stepping randomly (stuck).
  6995 | D:4      | 6995 ||| Stepping randomly (stuck).
  6997 | D:4      | 6997 ||| Stepping randomly (stuck).
  6999 | D:4      | 6999 ||| Stepping randomly (stuck).
  7001 | D:4      | 7001 ||| Stepping randomly (stuck).
  7003 | D:4      | 7003 ||| Stepping randomly (stuck).
  7005 | D:4      | 7005 ||| Stepping randomly (stuck).
  7007 | D:4      | 7007 ||| Stepping randomly (stuck).
  7009 | D:4      | 7009 ||| Stepping randomly (stuck).
  7011 | D:4      | 7011 ||| Stepping randomly (stuck).
  7013 | D:4      | 7013 ||| Stepping randomly (stuck).
  7015 | D:4      | 7015 ||| Stepping randomly (stuck).
  7017 | D:4      | 7017 ||| Stepping randomly (stuck).
  7019 | D:4      | 7019 ||| Stepping randomly (stuck).
  7021 | D:4      | 7021 ||| Stepping randomly (stuck).
  7023 | D:4      | 7023 ||| Stepping randomly (stuck).
  7025 | D:4      | 7025 ||| Stepping randomly (stuck).
  7027 | D:4      | 7027 ||| Stepping randomly (stuck).
  7029 | D:4      | 7029 ||| Stepping randomly (stuck).
  7031 | D:4      | 7031 ||| Stepping randomly (stuck).
  7033 | D:4      | 7033 ||| Stepping randomly (stuck).
  7035 | D:4      | 7035 ||| Stepping randomly (stuck).
  7037 | D:4      | 7037 ||| Stepping randomly (stuck).
  7039 | D:4      | 7039 ||| Stepping randomly (stuck).
  7041 | D:4      | 7041 ||| Stepping randomly (stuck).
  7043 | D:4      | 7043 ||| Stepping randomly (stuck).
  7045 | D:4      | 7045 ||| Stepping randomly (stuck).
  7047 | D:4      | 7047 ||| Stepping randomly (stuck).
  7049 | D:4      | 7049 ||| Stepping randomly (stuck).
  7051 | D:4      | 7051 ||| Stepping randomly (stuck).
  7053 | D:4      | 7053 ||| Stepping randomly (stuck).
  7055 | D:4      | 7055 ||| Stepping randomly (stuck).
  7057 | D:4      | 7057 ||| Stepping randomly (stuck).
  7059 | D:4      | 7059 ||| Stepping randomly (stuck).
  7061 | D:4      | 7061 ||| Stepping randomly (stuck).
  7063 | D:4      | 7063 ||| Stepping randomly (stuck).
  7065 | D:4      | 7065 ||| Stepping randomly (stuck).
  7067 | D:4      | 7067 ||| Stepping randomly (stuck).
  7069 | D:4      | 7069 ||| Stepping randomly (stuck).
  7071 | D:4      | 7071 ||| Stepping randomly (stuck).
  7073 | D:4      | 7073 ||| Stepping randomly (stuck).
  7075 | D:4      | 7075 ||| Stepping randomly (stuck).
  7077 | D:4      | 7077 ||| Stepping randomly (stuck).
  7079 | D:4      | 7079 ||| Stepping randomly (stuck).
  7081 | D:4      | 7081 ||| Stepping randomly (stuck).
  7083 | D:4      | 7083 ||| Stepping randomly (stuck).
  7085 | D:4      | 7085 ||| Stepping randomly (stuck).
  7087 | D:4      | 7087 ||| Stepping randomly (stuck).
  7089 | D:4      | 7089 ||| Stepping randomly (stuck).
  7091 | D:4      | 7091 ||| Stepping randomly (stuck).
  7093 | D:4      | 7093 ||| Stepping randomly (stuck).
  7095 | D:4      | 7095 ||| Stepping randomly (stuck).
  7097 | D:4      | 7097 ||| Stepping randomly (stuck).
  7099 | D:4      | 7099 ||| Stepping randomly (stuck).
  7101 | D:4      | 7101 ||| Stepping randomly (stuck).
  7103 | D:4      | 7103 ||| Stepping randomly (stuck).
  7105 | D:4      | 7105 ||| Stepping randomly (stuck).
  7107 | D:4      | 7107 ||| Stepping randomly (stuck).
  7109 | D:4      | 7109 ||| Stepping randomly (stuck).
  7111 | D:4      | 7111 ||| Stepping randomly (stuck).
  7113 | D:4      | 7113 ||| Stepping randomly (stuck).
  7115 | D:4      | 7115 ||| Stepping randomly (stuck).
  7117 | D:4      | 7117 ||| Stepping randomly (stuck).
  7119 | D:4      | 7119 ||| Stepping randomly (stuck).
  7121 | D:4      | 7121 ||| Stepping randomly (stuck).
  7123 | D:4      | 7123 ||| Stepping randomly (stuck).
  7125 | D:4      | 7125 ||| Stepping randomly (stuck).
  7127 | D:4      | 7127 ||| Stepping randomly (stuck).
  7129 | D:4      | 7129 ||| Stepping randomly (stuck).
  7131 | D:4      | 7131 ||| Stepping randomly (stuck).
  7133 | D:4      | 7133 ||| Stepping randomly (stuck).
  7135 | D:4      | 7135 ||| Stepping randomly (stuck).
  7137 | D:4      | 7137 ||| Stepping randomly (stuck).
  7139 | D:4      | 7139 ||| Stepping randomly (stuck).
  7141 | D:4      | 7141 ||| Stepping randomly (stuck).
  7143 | D:4      | 7143 ||| Stepping randomly (stuck).
  7145 | D:4      | 7145 ||| Stepping randomly (stuck).
  7147 | D:4      | 7147 ||| Stepping randomly (stuck).
  7149 | D:4      | 7149 ||| Stepping randomly (stuck).
  7151 | D:4      | 7151 ||| Stepping randomly (stuck).
  7153 | D:4      | 7153 ||| Stepping randomly (stuck).
  7155 | D:4      | 7155 ||| Stepping randomly (stuck).
  7157 | D:4      | 7157 ||| Stepping randomly (stuck).
  7159 | D:4      | 7159 ||| Stepping randomly (stuck).
  7161 | D:4      | 7161 ||| Stepping randomly (stuck).
  7163 | D:4      | 7163 ||| Stepping randomly (stuck).
  7165 | D:4      | 7165 ||| Stepping randomly (stuck).
  7167 | D:4      | 7167 ||| Stepping randomly (stuck).
  7169 | D:4      | 7169 ||| Stepping randomly (stuck).
  7171 | D:4      | 7171 ||| Stepping randomly (stuck).
  7173 | D:4      | 7173 ||| Stepping randomly (stuck).
  7175 | D:4      | 7175 ||| Stepping randomly (stuck).
  7177 | D:4      | 7177 ||| Stepping randomly (stuck).
  7179 | D:4      | 7179 ||| Stepping randomly (stuck).
  7181 | D:4      | 7181 ||| Stepping randomly (stuck).
  7183 | D:4      | 7183 ||| Stepping randomly (stuck).
  7185 | D:4      | 7185 ||| Stepping randomly (stuck).
  7187 | D:4      | 7187 ||| Stepping randomly (stuck).
  7189 | D:4      | 7189 ||| Stepping randomly (stuck).
  7191 | D:4      | 7191 ||| Stepping randomly (stuck).
  7193 | D:4      | 7193 ||| Stepping randomly (stuck).
  7195 | D:4      | 7195 ||| Stepping randomly (stuck).
  7197 | D:4      | 7197 ||| Stepping randomly (stuck).
  7199 | D:4      | 7199 ||| Stepping randomly (stuck).
  7201 | D:4      | 7201 ||| Stepping randomly (stuck).
  7203 | D:4      | 7203 ||| Stepping randomly (stuck).
  7205 | D:4      | 7205 ||| Stepping randomly (stuck).
  7207 | D:4      | 7207 ||| Stepping randomly (stuck).
  7209 | D:4      | 7209 ||| Stepping randomly (stuck).
  7211 | D:4      | 7211 ||| Stepping randomly (stuck).
  7213 | D:4      | 7213 ||| Stepping randomly (stuck).
  7215 | D:4      | 7215 ||| Stepping randomly (stuck).
  7217 | D:4      | 7217 ||| Stepping randomly (stuck).
  7219 | D:4      | 7219 ||| Stepping randomly (stuck).
  7221 | D:4      | 7221 ||| Stepping randomly (stuck).
  7223 | D:4      | 7223 ||| Stepping randomly (stuck).
  7225 | D:4      | 7225 ||| Stepping randomly (stuck).
  7227 | D:4      | 7227 ||| Stepping randomly (stuck).
  7229 | D:4      | 7229 ||| Stepping randomly (stuck).
  7231 | D:4      | 7231 ||| Stepping randomly (stuck).
  7233 | D:4      | 7233 ||| Stepping randomly (stuck).
  7235 | D:4      | 7235 ||| Stepping randomly (stuck).
  7237 | D:4      | 7237 ||| Stepping randomly (stuck).
  7239 | D:4      | 7239 ||| Stepping randomly (stuck).
  7241 | D:4      | 7241 ||| Stepping randomly (stuck).
  7243 | D:4      | 7243 ||| Stepping randomly (stuck).
  7245 | D:4      | 7245 ||| Stepping randomly (stuck).
  7247 | D:4      | 7247 ||| Stepping randomly (stuck).
  7249 | D:4      | 7249 ||| Stepping randomly (stuck).
  7251 | D:4      | 7251 ||| Stepping randomly (stuck).
  7253 | D:4      | 7253 ||| Stepping randomly (stuck).
  7255 | D:4      | 7255 ||| Stepping randomly (stuck).
  7257 | D:4      | 7257 ||| Stepping randomly (stuck).
  7259 | D:4      | 7259 ||| Stepping randomly (stuck).
  7261 | D:4      | 7261 ||| Stepping randomly (stuck).
  7263 | D:4      | 7263 ||| Stepping randomly (stuck).
  7265 | D:4      | 7265 ||| Stepping randomly (stuck).
  7267 | D:4      | 7267 ||| Stepping randomly (stuck).
  7269 | D:4      | 7269 ||| Stepping randomly (stuck).
  7271 | D:4      | 7271 ||| Stepping randomly (stuck).
  7273 | D:4      | 7273 ||| Stepping randomly (stuck).
  7275 | D:4      | 7275 ||| Stepping randomly (stuck).
  7277 | D:4      | 7277 ||| Stepping randomly (stuck).
  7279 | D:4      | 7279 ||| Stepping randomly (stuck).
  7281 | D:4      | 7281 ||| Stepping randomly (stuck).
  7283 | D:4      | 7283 ||| Stepping randomly (stuck).
  7285 | D:4      | 7285 ||| Stepping randomly (stuck).
  7287 | D:4      | 7287 ||| Stepping randomly (stuck).
  7289 | D:4      | 7289 ||| Stepping randomly (stuck).
  7291 | D:4      | 7291 ||| Stepping randomly (stuck).
  7293 | D:4      | 7293 ||| Stepping randomly (stuck).
  7295 | D:4      | 7295 ||| Stepping randomly (stuck).
  7297 | D:4      | 7297 ||| Stepping randomly (stuck).
  7299 | D:4      | 7299 ||| Stepping randomly (stuck).
  7301 | D:4      | 7301 ||| Stepping randomly (stuck).
  7303 | D:4      | 7303 ||| Stepping randomly (stuck).
  7305 | D:4      | 7305 ||| Stepping randomly (stuck).
  7307 | D:4      | 7307 ||| Stepping randomly (stuck).
  7309 | D:4      | 7309 ||| Stepping randomly (stuck).
  7311 | D:4      | 7311 ||| Stepping randomly (stuck).
  7313 | D:4      | 7313 ||| Stepping randomly (stuck).
  7315 | D:4      | 7315 ||| Stepping randomly (stuck).
  7317 | D:4      | 7317 ||| Stepping randomly (stuck).
  7319 | D:4      | 7319 ||| Stepping randomly (stuck).
  7321 | D:4      | 7321 ||| Stepping randomly (stuck).
  7323 | D:4      | 7323 ||| Stepping randomly (stuck).
  7325 | D:4      | 7325 ||| Stepping randomly (stuck).
  7327 | D:4      | 7327 ||| Stepping randomly (stuck).
  7329 | D:4      | 7329 ||| Stepping randomly (stuck).
  7331 | D:4      | 7331 ||| Stepping randomly (stuck).
  7333 | D:4      | 7333 ||| Stepping randomly (stuck).
  7335 | D:4      | 7335 ||| Stepping randomly (stuck).
  7337 | D:4      | 7337 ||| Stepping randomly (stuck).
  7339 | D:4      | 7339 ||| Stepping randomly (stuck).
  7341 | D:4      | 7341 ||| Stepping randomly (stuck).
  7343 | D:4      | 7343 ||| Stepping randomly (stuck).
  7345 | D:4      | 7345 ||| Stepping randomly (stuck).
  7347 | D:4      | 7347 ||| Stepping randomly (stuck).
  7349 | D:4      | 7349 ||| Stepping randomly (stuck).
  7351 | D:4      | 7351 ||| Stepping randomly (stuck).
  7353 | D:4      | 7353 ||| Stepping randomly (stuck).
  7355 | D:4      | 7355 ||| Stepping randomly (stuck).
  7357 | D:4      | 7357 ||| Stepping randomly (stuck).
  7359 | D:4      | 7359 ||| Stepping randomly (stuck).
  7361 | D:4      | 7361 ||| Stepping randomly (stuck).
  7363 | D:4      | 7363 ||| Stepping randomly (stuck).
  7365 | D:4      | 7365 ||| Stepping randomly (stuck).
  7367 | D:4      | 7367 ||| Stepping randomly (stuck).
  7369 | D:4      | 7369 ||| Stepping randomly (stuck).
  7371 | D:4      | 7371 ||| Stepping randomly (stuck).
  7373 | D:4      | 7373 ||| Stepping randomly (stuck).
  7375 | D:4      | 7375 ||| Stepping randomly (stuck).
  7377 | D:4      | 7377 ||| Stepping randomly (stuck).
  7379 | D:4      | 7379 ||| Stepping randomly (stuck).
  7381 | D:4      | 7381 ||| Stepping randomly (stuck).
  7383 | D:4      | 7383 ||| Stepping randomly (stuck).
  7385 | D:4      | 7385 ||| Stepping randomly (stuck).
  7387 | D:4      | 7387 ||| Stepping randomly (stuck).
  7389 | D:4      | 7389 ||| Stepping randomly (stuck).
  7391 | D:4      | 7391 ||| Stepping randomly (stuck).
  7393 | D:4      | 7393 ||| Stepping randomly (stuck).
  7395 | D:4      | 7395 ||| Stepping randomly (stuck).
  7397 | D:4      | 7397 ||| Stepping randomly (stuck).
  7399 | D:4      | 7399 ||| Stepping randomly (stuck).
  7401 | D:4      | 7401 ||| Stepping randomly (stuck).
  7403 | D:4      | 7403 ||| Stepping randomly (stuck).
  7405 | D:4      | 7405 ||| Stepping randomly (stuck).
  7407 | D:4      | 7407 ||| Stepping randomly (stuck).
  7409 | D:4      | 7409 ||| Stepping randomly (stuck).
  7411 | D:4      | 7411 ||| Stepping randomly (stuck).
  7413 | D:4      | 7413 ||| Stepping randomly (stuck).
  7415 | D:4      | 7415 ||| Stepping randomly (stuck).
  7417 | D:4      | 7417 ||| Stepping randomly (stuck).
  7419 | D:4      | 7419 ||| Stepping randomly (stuck).
  7421 | D:4      | 7421 ||| Stepping randomly (stuck).
  7423 | D:4      | 7423 ||| Stepping randomly (stuck).
  7425 | D:4      | 7425 ||| Stepping randomly (stuck).
  7427 | D:4      | 7427 ||| Stepping randomly (stuck).
  7429 | D:4      | 7429 ||| Stepping randomly (stuck).
  7431 | D:4      | 7431 ||| Stepping randomly (stuck).
  7433 | D:4      | 7433 ||| Stepping randomly (stuck).
  7435 | D:4      | 7435 ||| Stepping randomly (stuck).
  7437 | D:4      | 7437 ||| Stepping randomly (stuck).
  7439 | D:4      | 7439 ||| Stepping randomly (stuck).
  7441 | D:4      | 7441 ||| Stepping randomly (stuck).
  7443 | D:4      | 7443 ||| Stepping randomly (stuck).
  7445 | D:4      | 7445 ||| Stepping randomly (stuck).
  7447 | D:4      | 7447 ||| Stepping randomly (stuck).
  7449 | D:4      | 7449 ||| Stepping randomly (stuck).
  7451 | D:4      | 7451 ||| Stepping randomly (stuck).
  7453 | D:4      | 7453 ||| Stepping randomly (stuck).
  7455 | D:4      | 7455 ||| Stepping randomly (stuck).
  7457 | D:4      | 7457 ||| Stepping randomly (stuck).
  7459 | D:4      | 7459 ||| Stepping randomly (stuck).
  7461 | D:4      | 7461 ||| Stepping randomly (stuck).
  7463 | D:4      | 7463 ||| Stepping randomly (stuck).
  7465 | D:4      | 7465 ||| Stepping randomly (stuck).
  7467 | D:4      | 7467 ||| Stepping randomly (stuck).
  7469 | D:4      | 7469 ||| Stepping randomly (stuck).
  7471 | D:4      | 7471 ||| Stepping randomly (stuck).
  7473 | D:4      | 7473 ||| Stepping randomly (stuck).
  7475 | D:4      | 7475 ||| Stepping randomly (stuck).
  7477 | D:4      | 7477 ||| Stepping randomly (stuck).
  7479 | D:4      | 7479 ||| Stepping randomly (stuck).
  7481 | D:4      | 7481 ||| Stepping randomly (stuck).
  7483 | D:4      | 7483 ||| Stepping randomly (stuck).
  7485 | D:4      | 7485 ||| Stepping randomly (stuck).
  7487 | D:4      | 7487 ||| Stepping randomly (stuck).
  7489 | D:4      | 7489 ||| Stepping randomly (stuck).
  7491 | D:4      | 7491 ||| Stepping randomly (stuck).
  7493 | D:4      | 7493 ||| Stepping randomly (stuck).
  7495 | D:4      | 7495 ||| Stepping randomly (stuck).
  7497 | D:4      | 7497 ||| Stepping randomly (stuck).
  7499 | D:4      | 7499 ||| Stepping randomly (stuck).
  7501 | D:4      | 7501 ||| Stepping randomly (stuck).
  7503 | D:4      | 7503 ||| Stepping randomly (stuck).
  7505 | D:4      | 7505 ||| Stepping randomly (stuck).
  7507 | D:4      | 7507 ||| Stepping randomly (stuck).
  7509 | D:4      | 7509 ||| Stepping randomly (stuck).
  7511 | D:4      | 7511 ||| Stepping randomly (stuck).
  7513 | D:4      | 7513 ||| Stepping randomly (stuck).
  7515 | D:4      | 7515 ||| Stepping randomly (stuck).
  7517 | D:4      | 7517 ||| Stepping randomly (stuck).
  7519 | D:4      | 7519 ||| Stepping randomly (stuck).
  7521 | D:4      | 7521 ||| Stepping randomly (stuck).
  7523 | D:4      | 7523 ||| Stepping randomly (stuck).
  7525 | D:4      | 7525 ||| Stepping randomly (stuck).
  7527 | D:4      | 7527 ||| Stepping randomly (stuck).
  7529 | D:4      | 7529 ||| Stepping randomly (stuck).
  7531 | D:4      | 7531 ||| Stepping randomly (stuck).
  7533 | D:4      | 7533 ||| Stepping randomly (stuck).
  7535 | D:4      | 7535 ||| Stepping randomly (stuck).
  7537 | D:4      | 7537 ||| Stepping randomly (stuck).
  7539 | D:4      | 7539 ||| Stepping randomly (stuck).
  7541 | D:4      | 7541 ||| Stepping randomly (stuck).
  7543 | D:4      | 7543 ||| Stepping randomly (stuck).
  7545 | D:4      | 7545 ||| Stepping randomly (stuck).
  7547 | D:4      | 7547 ||| Stepping randomly (stuck).
  7549 | D:4      | 7549 ||| Stepping randomly (stuck).
  7551 | D:4      | 7551 ||| Stepping randomly (stuck).
  7553 | D:4      | 7553 ||| Stepping randomly (stuck).
  7555 | D:4      | 7555 ||| Stepping randomly (stuck).
  7557 | D:4      | 7557 ||| Stepping randomly (stuck).
  7559 | D:4      | 7559 ||| Stepping randomly (stuck).
  7561 | D:4      | 7561 ||| Stepping randomly (stuck).
  7563 | D:4      | 7563 ||| Stepping randomly (stuck).
  7565 | D:4      | 7565 ||| Stepping randomly (stuck).
  7567 | D:4      | 7567 ||| Stepping randomly (stuck).
  7569 | D:4      | 7569 ||| Stepping randomly (stuck).
  7571 | D:4      | 7571 ||| Stepping randomly (stuck).
  7573 | D:4      | 7573 ||| Stepping randomly (stuck).
  7575 | D:4      | 7575 ||| Stepping randomly (stuck).
  7577 | D:4      | 7577 ||| Stepping randomly (stuck).
  7579 | D:4      | 7579 ||| Stepping randomly (stuck).
  7581 | D:4      | 7581 ||| Stepping randomly (stuck).
  7583 | D:4      | 7583 ||| Stepping randomly (stuck).
  7585 | D:4      | 7585 ||| Stepping randomly (stuck).
  7587 | D:4      | 7587 ||| Stepping randomly (stuck).
  7589 | D:4      | 7589 ||| Stepping randomly (stuck).
  7591 | D:4      | 7591 ||| Stepping randomly (stuck).
  7593 | D:4      | 7593 ||| Stepping randomly (stuck).
  7595 | D:4      | 7595 ||| Stepping randomly (stuck).
  7597 | D:4      | 7597 ||| Stepping randomly (stuck).
  7599 | D:4      | 7599 ||| Stepping randomly (stuck).
  7601 | D:4      | 7601 ||| Stepping randomly (stuck).
  7603 | D:4      | 7603 ||| Stepping randomly (stuck).
  7605 | D:4      | 7605 ||| Stepping randomly (stuck).
  7607 | D:4      | 7607 ||| Stepping randomly (stuck).
  7609 | D:4      | 7609 ||| Stepping randomly (stuck).
  7611 | D:4      | 7611 ||| Stepping randomly (stuck).
  7613 | D:4      | 7613 ||| Stepping randomly (stuck).
  7615 | D:4      | 7615 ||| Stepping randomly (stuck).
  7617 | D:4      | 7617 ||| Stepping randomly (stuck).
  7619 | D:4      | 7619 ||| Stepping randomly (stuck).
  7621 | D:4      | 7621 ||| Stepping randomly (stuck).
  7623 | D:4      | 7623 ||| Stepping randomly (stuck).
  7625 | D:4      | 7625 ||| Stepping randomly (stuck).
  7627 | D:4      | 7627 ||| Stepping randomly (stuck).
  7629 | D:4      | 7629 ||| Stepping randomly (stuck).
  7631 | D:4      | 7631 ||| Stepping randomly (stuck).
  7633 | D:4      | 7633 ||| Stepping randomly (stuck).
  7635 | D:4      | 7635 ||| Stepping randomly (stuck).
  7637 | D:4      | 7637 ||| Stepping randomly (stuck).
  7639 | D:4      | 7639 ||| Stepping randomly (stuck).
  7641 | D:4      | 7641 ||| Stepping randomly (stuck).
  7643 | D:4      | 7643 ||| Stepping randomly (stuck).
  7645 | D:4      | 7645 ||| Stepping randomly (stuck).
  7647 | D:4      | 7647 ||| Stepping randomly (stuck).
  7649 | D:4      | 7649 ||| Stepping randomly (stuck).
  7651 | D:4      | 7651 ||| Stepping randomly (stuck).
  7653 | D:4      | 7653 ||| Stepping randomly (stuck).
  7655 | D:4      | 7655 ||| Stepping randomly (stuck).
  7657 | D:4      | 7657 ||| Stepping randomly (stuck).
  7659 | D:4      | 7659 ||| Stepping randomly (stuck).
  7661 | D:4      | 7661 ||| Stepping randomly (stuck).
  7663 | D:4      | 7663 ||| Stepping randomly (stuck).
  7665 | D:4      | 7665 ||| Stepping randomly (stuck).
  7667 | D:4      | 7667 ||| Stepping randomly (stuck).
  7669 | D:4      | 7669 ||| Stepping randomly (stuck).
  7671 | D:4      | 7671 ||| Stepping randomly (stuck).
  7673 | D:4      | 7673 ||| Stepping randomly (stuck).
  7675 | D:4      | 7675 ||| Stepping randomly (stuck).
  7677 | D:4      | 7677 ||| Stepping randomly (stuck).
  7679 | D:4      | 7679 ||| Stepping randomly (stuck).
  7681 | D:4      | 7681 ||| Stepping randomly (stuck).
  7683 | D:4      | 7683 ||| Stepping randomly (stuck).
  7685 | D:4      | 7685 ||| Stepping randomly (stuck).
  7687 | D:4      | 7687 ||| Stepping randomly (stuck).
  7689 | D:4      | 7689 ||| Stepping randomly (stuck).
  7691 | D:4      | 7691 ||| Stepping randomly (stuck).
  7693 | D:4      | 7693 ||| Stepping randomly (stuck).
  7695 | D:4      | 7695 ||| Stepping randomly (stuck).
  7697 | D:4      | 7697 ||| Stepping randomly (stuck).
  7699 | D:4      | 7699 ||| Stepping randomly (stuck).
  7701 | D:4      | 7701 ||| Stepping randomly (stuck).
  7703 | D:4      | 7703 ||| Stepping randomly (stuck).
  7705 | D:4      | 7705 ||| Stepping randomly (stuck).
  7707 | D:4      | 7707 ||| Stepping randomly (stuck).
  7709 | D:4      | 7709 ||| Stepping randomly (stuck).
  7711 | D:4      | 7711 ||| Stepping randomly (stuck).
  7713 | D:4      | 7713 ||| Stepping randomly (stuck).
  7715 | D:4      | 7715 ||| Stepping randomly (stuck).
  7717 | D:4      | 7717 ||| Stepping randomly (stuck).
  7719 | D:4      | 7719 ||| Stepping randomly (stuck).
  7721 | D:4      | 7721 ||| Stepping randomly (stuck).
  7723 | D:4      | 7723 ||| Stepping randomly (stuck).
  7725 | D:4      | 7725 ||| Stepping randomly (stuck).
  7727 | D:4      | 7727 ||| Stepping randomly (stuck).
  7729 | D:4      | 7729 ||| Stepping randomly (stuck).
  7731 | D:4      | 7731 ||| Stepping randomly (stuck).
  7733 | D:4      | 7733 ||| Stepping randomly (stuck).
  7735 | D:4      | 7735 ||| Stepping randomly (stuck).
  7737 | D:4      | 7737 ||| Stepping randomly (stuck).
  7739 | D:4      | 7739 ||| Stepping randomly (stuck).
  7741 | D:4      | 7741 ||| Stepping randomly (stuck).
  7743 | D:4      | 7743 ||| Stepping randomly (stuck).
  7745 | D:4      | 7745 ||| Stepping randomly (stuck).
  7747 | D:4      | 7747 ||| Stepping randomly (stuck).
  7749 | D:4      | 7749 ||| Stepping randomly (stuck).
  7751 | D:4      | 7751 ||| Stepping randomly (stuck).
  7753 | D:4      | 7753 ||| Stepping randomly (stuck).
  7755 | D:4      | 7755 ||| Stepping randomly (stuck).
  7757 | D:4      | 7757 ||| Stepping randomly (stuck).
  7759 | D:4      | 7759 ||| Stepping randomly (stuck).
  7761 | D:4      | 7761 ||| Stepping randomly (stuck).
  7763 | D:4      | 7763 ||| Stepping randomly (stuck).
  7765 | D:4      | 7765 ||| Stepping randomly (stuck).
  7767 | D:4      | 7767 ||| Stepping randomly (stuck).
  7769 | D:4      | 7769 ||| Stepping randomly (stuck).
  7771 | D:4      | 7771 ||| Stepping randomly (stuck).
  7773 | D:4      | 7773 ||| Stepping randomly (stuck).
  7775 | D:4      | 7775 ||| Stepping randomly (stuck).
  7777 | D:4      | 7777 ||| Stepping randomly (stuck).
  7779 | D:4      | 7779 ||| Stepping randomly (stuck).
  7781 | D:4      | 7781 ||| Stepping randomly (stuck).
  7783 | D:4      | 7783 ||| Stepping randomly (stuck).
  7785 | D:4      | 7785 ||| Stepping randomly (stuck).
  7787 | D:4      | 7787 ||| Stepping randomly (stuck).
  7789 | D:4      | 7789 ||| Stepping randomly (stuck).
  7791 | D:4      | 7791 ||| Stepping randomly (stuck).
  7793 | D:4      | 7793 ||| Stepping randomly (stuck).
  7795 | D:4      | 7795 ||| Stepping randomly (stuck).
  7797 | D:4      | 7797 ||| Stepping randomly (stuck).
  7799 | D:4      | 7799 ||| Stepping randomly (stuck).
  7801 | D:4      | 7801 ||| Stepping randomly (stuck).
  7803 | D:4      | 7803 ||| Stepping randomly (stuck).
  7805 | D:4      | 7805 ||| Stepping randomly (stuck).
  7807 | D:4      | 7807 ||| Stepping randomly (stuck).
  7809 | D:4      | 7809 ||| Stepping randomly (stuck).
  7811 | D:4      | 7811 ||| Stepping randomly (stuck).
  7813 | D:4      | 7813 ||| Stepping randomly (stuck).
  7815 | D:4      | 7815 ||| Stepping randomly (stuck).
  7817 | D:4      | 7817 ||| Stepping randomly (stuck).
  7819 | D:4      | 7819 ||| Stepping randomly (stuck).
  7821 | D:4      | 7821 ||| Stepping randomly (stuck).
  7823 | D:4      | 7823 ||| Stepping randomly (stuck).
  7825 | D:4      | 7825 ||| Stepping randomly (stuck).
  7827 | D:4      | 7827 ||| Stepping randomly (stuck).
  7829 | D:4      | 7829 ||| Stepping randomly (stuck).
  7831 | D:4      | 7831 ||| Stepping randomly (stuck).
  7833 | D:4      | 7833 ||| Stepping randomly (stuck).
  7835 | D:4      | 7835 ||| Stepping randomly (stuck).
  7837 | D:4      | 7837 ||| Stepping randomly (stuck).
  7839 | D:4      | 7839 ||| Stepping randomly (stuck).
  7841 | D:4      | 7841 ||| Stepping randomly (stuck).
  7843 | D:4      | 7843 ||| Stepping randomly (stuck).
  7845 | D:4      | 7845 ||| Stepping randomly (stuck).
  7847 | D:4      | 7847 ||| Stepping randomly (stuck).
  7849 | D:4      | 7849 ||| Stepping randomly (stuck).
  7851 | D:4      | 7851 ||| Stepping randomly (stuck).
  7853 | D:4      | 7853 ||| Stepping randomly (stuck).
  7855 | D:4      | 7855 ||| Stepping randomly (stuck).
  7857 | D:4      | 7857 ||| Stepping randomly (stuck).
  7859 | D:4      | 7859 ||| Stepping randomly (stuck).
  7861 | D:4      | 7861 ||| Stepping randomly (stuck).
  7863 | D:4      | 7863 ||| Stepping randomly (stuck).
  7865 | D:4      | 7865 ||| Stepping randomly (stuck).
  7867 | D:4      | 7867 ||| Stepping randomly (stuck).
  7869 | D:4      | 7869 ||| Stepping randomly (stuck).
  7871 | D:4      | 7871 ||| Stepping randomly (stuck).
  7873 | D:4      | 7873 ||| Stepping randomly (stuck).
  7875 | D:4      | 7875 ||| Stepping randomly (stuck).
  7877 | D:4      | 7877 ||| Stepping randomly (stuck).
  7879 | D:4      | 7879 ||| Stepping randomly (stuck).
  7881 | D:4      | 7881 ||| Stepping randomly (stuck).
  7883 | D:4      | 7883 ||| Stepping randomly (stuck).
  7885 | D:4      | 7885 ||| Stepping randomly (stuck).
  7887 | D:4      | 7887 ||| Stepping randomly (stuck).
  7889 | D:4      | 7889 ||| Stepping randomly (stuck).
  7891 | D:4      | 7891 ||| Stepping randomly (stuck).
  7893 | D:4      | 7893 ||| Stepping randomly (stuck).
  7895 | D:4      | 7895 ||| Stepping randomly (stuck).
  7897 | D:4      | 7897 ||| Stepping randomly (stuck).
  7899 | D:4      | 7899 ||| Stepping randomly (stuck).
  7901 | D:4      | 7901 ||| Stepping randomly (stuck).
  7903 | D:4      | 7903 ||| Stepping randomly (stuck).
  7905 | D:4      | 7905 ||| Stepping randomly (stuck).
  7907 | D:4      | 7907 ||| Stepping randomly (stuck).
  7909 | D:4      | 7909 ||| Stepping randomly (stuck).
  7911 | D:4      | 7911 ||| Stepping randomly (stuck).
  7913 | D:4      | 7913 ||| Stepping randomly (stuck).
  7915 | D:4      | 7915 ||| Stepping randomly (stuck).
  7917 | D:4      | 7917 ||| Stepping randomly (stuck).
  7919 | D:4      | 7919 ||| Stepping randomly (stuck).
  7921 | D:4      | 7921 ||| Stepping randomly (stuck).
  7923 | D:4      | 7923 ||| Stepping randomly (stuck).
  7925 | D:4      | 7925 ||| Stepping randomly (stuck).
  7927 | D:4      | 7927 ||| Stepping randomly (stuck).
  7929 | D:4      | 7929 ||| Stepping randomly (stuck).
  7931 | D:4      | 7931 ||| Stepping randomly (stuck).
  7933 | D:4      | 7933 ||| Stepping randomly (stuck).
  7935 | D:4      | 7935 ||| Stepping randomly (stuck).
  7937 | D:4      | 7937 ||| Stepping randomly (stuck).
  7939 | D:4      | 7939 ||| Stepping randomly (stuck).
  7941 | D:4      | 7941 ||| Stepping randomly (stuck).
  7943 | D:4      | 7943 ||| Stepping randomly (stuck).
  7945 | D:4      | 7945 ||| Stepping randomly (stuck).
  7947 | D:4      | 7947 ||| Stepping randomly (stuck).
  7949 | D:4      | 7949 ||| Stepping randomly (stuck).
  7951 | D:4      | 7951 ||| Stepping randomly (stuck).
  7953 | D:4      | 7953 ||| Stepping randomly (stuck).
  7955 | D:4      | 7955 ||| Stepping randomly (stuck).
  7957 | D:4      | 7957 ||| Stepping randomly (stuck).
  7959 | D:4      | 7959 ||| Stepping randomly (stuck).
  7961 | D:4      | 7961 ||| Stepping randomly (stuck).
  7963 | D:4      | 7963 ||| Stepping randomly (stuck).
  7965 | D:4      | 7965 ||| Stepping randomly (stuck).
  7967 | D:4      | 7967 ||| Stepping randomly (stuck).
  7969 | D:4      | 7969 ||| Stepping randomly (stuck).
  7971 | D:4      | 7971 ||| Stepping randomly (stuck).
  7973 | D:4      | 7973 ||| Stepping randomly (stuck).
  7975 | D:4      | 7975 ||| Stepping randomly (stuck).
  7977 | D:4      | 7977 ||| Stepping randomly (stuck).
  7979 | D:4      | 7979 ||| Stepping randomly (stuck).
  7981 | D:4      | 7981 ||| Stepping randomly (stuck).
  7983 | D:4      | 7983 ||| Stepping randomly (stuck).
  7985 | D:4      | 7985 ||| Stepping randomly (stuck).
  7987 | D:4      | 7987 ||| Stepping randomly (stuck).
  7989 | D:4      | 7989 ||| Stepping randomly (stuck).
  7991 | D:4      | 7991 ||| Stepping randomly (stuck).
  7993 | D:4      | 7993 ||| Stepping randomly (stuck).
  7995 | D:4      | 7995 ||| Stepping randomly (stuck).
  7997 | D:4      | 7997 ||| Stepping randomly (stuck).
  7999 | D:4      | 7999 ||| Stepping randomly (stuck).
  8001 | D:4      | 8001 ||| Stepping randomly (stuck).
  8003 | D:4      | 8003 ||| Stepping randomly (stuck).
  8005 | D:4      | 8005 ||| Stepping randomly (stuck).
  8007 | D:4      | 8007 ||| Stepping randomly (stuck).
  8009 | D:4      | 8009 ||| Stepping randomly (stuck).
  8011 | D:4      | 8011 ||| Stepping randomly (stuck).
  8013 | D:4      | 8013 ||| Stepping randomly (stuck).
  8015 | D:4      | 8015 ||| Stepping randomly (stuck).
  8017 | D:4      | 8017 ||| Stepping randomly (stuck).
  8019 | D:4      | 8019 ||| Stepping randomly (stuck).
  8021 | D:4      | 8021 ||| Stepping randomly (stuck).
  8023 | D:4      | 8023 ||| Stepping randomly (stuck).
  8025 | D:4      | 8025 ||| Stepping randomly (stuck).
  8027 | D:4      | 8027 ||| Stepping randomly (stuck).
  8029 | D:4      | 8029 ||| Stepping randomly (stuck).
  8031 | D:4      | 8031 ||| Stepping randomly (stuck).
  8033 | D:4      | 8033 ||| Stepping randomly (stuck).
  8035 | D:4      | 8035 ||| Stepping randomly (stuck).
  8037 | D:4      | 8037 ||| Stepping randomly (stuck).
  8039 | D:4      | 8039 ||| Stepping randomly (stuck).
  8041 | D:4      | 8041 ||| Stepping randomly (stuck).
  8043 | D:4      | 8043 ||| Stepping randomly (stuck).
  8045 | D:4      | 8045 ||| Stepping randomly (stuck).
  8047 | D:4      | 8047 ||| Stepping randomly (stuck).
  8049 | D:4      | 8049 ||| Stepping randomly (stuck).
  8051 | D:4      | 8051 ||| Stepping randomly (stuck).
  8053 | D:4      | 8053 ||| Stepping randomly (stuck).
  8055 | D:4      | 8055 ||| Stepping randomly (stuck).
  8057 | D:4      | 8057 ||| Stepping randomly (stuck).
  8059 | D:4      | 8059 ||| Stepping randomly (stuck).
  8061 | D:4      | 8061 ||| Stepping randomly (stuck).
  8063 | D:4      | 8063 ||| Stepping randomly (stuck).
  8065 | D:4      | 8065 ||| Stepping randomly (stuck).
  8067 | D:4      | 8067 ||| Stepping randomly (stuck).
  8069 | D:4      | 8069 ||| Stepping randomly (stuck).
  8071 | D:4      | 8071 ||| Stepping randomly (stuck).
  8073 | D:4      | 8073 ||| Stepping randomly (stuck).
  8075 | D:4      | 8075 ||| Stepping randomly (stuck).
  8077 | D:4      | 8077 ||| Stepping randomly (stuck).
  8079 | D:4      | 8079 ||| Stepping randomly (stuck).
  8081 | D:4      | 8081 ||| Stepping randomly (stuck).
  8083 | D:4      | 8083 ||| Stepping randomly (stuck).
  8085 | D:4      | 8085 ||| Stepping randomly (stuck).
  8087 | D:4      | 8087 ||| Stepping randomly (stuck).
  8089 | D:4      | 8089 ||| Stepping randomly (stuck).
  8091 | D:4      | 8091 ||| Stepping randomly (stuck).
  8093 | D:4      | 8093 ||| Stepping randomly (stuck).
  8095 | D:4      | 8095 ||| Stepping randomly (stuck).
  8097 | D:4      | 8097 ||| Stepping randomly (stuck).
  8099 | D:4      | 8099 ||| Stepping randomly (stuck).
  8101 | D:4      | 8101 ||| Stepping randomly (stuck).
  8103 | D:4      | 8103 ||| Stepping randomly (stuck).
  8105 | D:4      | 8105 ||| Stepping randomly (stuck).
  8107 | D:4      | 8107 ||| Stepping randomly (stuck).
  8109 | D:4      | 8109 ||| Stepping randomly (stuck).
  8111 | D:4      | 8111 ||| Stepping randomly (stuck).
  8113 | D:4      | 8113 ||| Stepping randomly (stuck).
  8115 | D:4      | 8115 ||| Stepping randomly (stuck).
  8117 | D:4      | 8117 ||| Stepping randomly (stuck).
  8119 | D:4      | 8119 ||| Stepping randomly (stuck).
  8121 | D:4      | 8121 ||| Stepping randomly (stuck).
  8123 | D:4      | 8123 ||| Stepping randomly (stuck).
  8125 | D:4      | 8125 ||| Stepping randomly (stuck).
  8127 | D:4      | 8127 ||| Stepping randomly (stuck).
  8129 | D:4      | 8129 ||| Stepping randomly (stuck).
  8131 | D:4      | 8131 ||| Stepping randomly (stuck).
  8133 | D:4      | 8133 ||| Stepping randomly (stuck).
  8135 | D:4      | 8135 ||| Stepping randomly (stuck).
  8137 | D:4      | 8137 ||| Stepping randomly (stuck).
  8139 | D:4      | 8139 ||| Stepping randomly (stuck).
  8141 | D:4      | 8141 ||| Stepping randomly (stuck).
  8143 | D:4      | 8143 ||| Stepping randomly (stuck).
  8145 | D:4      | 8145 ||| Stepping randomly (stuck).
  8147 | D:4      | 8147 ||| Stepping randomly (stuck).
  8149 | D:4      | 8149 ||| Stepping randomly (stuck).
  8151 | D:4      | 8151 ||| Stepping randomly (stuck).
  8153 | D:4      | 8153 ||| Stepping randomly (stuck).
  8155 | D:4      | 8155 ||| Stepping randomly (stuck).
  8157 | D:4      | 8157 ||| Stepping randomly (stuck).
  8159 | D:4      | 8159 ||| Stepping randomly (stuck).
  8161 | D:4      | 8161 ||| Stepping randomly (stuck).
  8163 | D:4      | 8163 ||| Stepping randomly (stuck).
  8165 | D:4      | 8165 ||| Stepping randomly (stuck).
  8167 | D:4      | 8167 ||| Stepping randomly (stuck).
  8169 | D:4      | 8169 ||| Stepping randomly (stuck).
  8171 | D:4      | 8171 ||| Stepping randomly (stuck).
  8173 | D:4      | 8173 ||| Stepping randomly (stuck).
  8175 | D:4      | 8175 ||| Stepping randomly (stuck).
  8177 | D:4      | 8177 ||| Stepping randomly (stuck).
  8179 | D:4      | 8179 ||| Stepping randomly (stuck).
  8181 | D:4      | 8181 ||| Stepping randomly (stuck).
  8183 | D:4      | 8183 ||| Stepping randomly (stuck).
  8185 | D:4      | 8185 ||| Stepping randomly (stuck).
  8187 | D:4      | 8187 ||| Stepping randomly (stuck).
  8189 | D:4      | 8189 ||| Stepping randomly (stuck).
  8191 | D:4      | 8191 ||| Stepping randomly (stuck).
  8193 | D:4      | 8193 ||| Stepping randomly (stuck).
  8195 | D:4      | 8195 ||| Stepping randomly (stuck).
  8197 | D:4      | 8197 ||| Stepping randomly (stuck).
  8199 | D:4      | 8199 ||| Stepping randomly (stuck).
  8201 | D:4      | 8201 ||| Stepping randomly (stuck).
  8203 | D:4      | 8203 ||| Stepping randomly (stuck).
  8205 | D:4      | 8205 ||| Stepping randomly (stuck).
  8207 | D:4      | 8207 ||| Stepping randomly (stuck).
  8209 | D:4      | 8209 ||| Stepping randomly (stuck).
  8211 | D:4      | 8211 ||| Stepping randomly (stuck).
  8213 | D:4      | 8213 ||| Stepping randomly (stuck).
  8215 | D:4      | 8215 ||| Stepping randomly (stuck).
  8217 | D:4      | 8217 ||| Stepping randomly (stuck).
  8219 | D:4      | 8219 ||| Stepping randomly (stuck).
  8221 | D:4      | 8221 ||| Stepping randomly (stuck).
  8223 | D:4      | 8223 ||| Stepping randomly (stuck).
  8225 | D:4      | 8225 ||| Stepping randomly (stuck).
  8227 | D:4      | 8227 ||| Stepping randomly (stuck).
  8229 | D:4      | 8229 ||| Stepping randomly (stuck).
  8231 | D:4      | 8231 ||| Stepping randomly (stuck).
  8233 | D:4      | 8233 ||| Stepping randomly (stuck).
  8235 | D:4      | 8235 ||| Stepping randomly (stuck).
  8237 | D:4      | 8237 ||| Stepping randomly (stuck).
  8239 | D:4      | 8239 ||| Stepping randomly (stuck).
  8241 | D:4      | 8241 ||| Stepping randomly (stuck).
  8243 | D:4      | 8243 ||| Stepping randomly (stuck).
  8245 | D:4      | 8245 ||| Stepping randomly (stuck).
  8247 | D:4      | 8247 ||| Stepping randomly (stuck).
  8249 | D:4      | 8249 ||| Stepping randomly (stuck).
  8251 | D:4      | 8251 ||| Stepping randomly (stuck).
  8253 | D:4      | 8253 ||| Stepping randomly (stuck).
  8255 | D:4      | 8255 ||| Stepping randomly (stuck).
  8257 | D:4      | 8257 ||| Stepping randomly (stuck).
  8259 | D:4      | 8259 ||| Stepping randomly (stuck).
  8261 | D:4      | 8261 ||| Stepping randomly (stuck).
  8263 | D:4      | 8263 ||| Stepping randomly (stuck).
  8265 | D:4      | 8265 ||| Stepping randomly (stuck).
  8267 | D:4      | 8267 ||| Stepping randomly (stuck).
  8269 | D:4      | 8269 ||| Stepping randomly (stuck).
  8271 | D:4      | 8271 ||| Stepping randomly (stuck).
  8273 | D:4      | 8273 ||| Stepping randomly (stuck).
  8275 | D:4      | 8275 ||| Stepping randomly (stuck).
  8277 | D:4      | 8277 ||| Stepping randomly (stuck).
  8279 | D:4      | 8279 ||| Stepping randomly (stuck).
  8281 | D:4      | 8281 ||| Stepping randomly (stuck).
  8283 | D:4      | 8283 ||| Stepping randomly (stuck).
  8285 | D:4      | 8285 ||| Stepping randomly (stuck).
  8287 | D:4      | 8287 ||| Stepping randomly (stuck).
  8289 | D:4      | 8289 ||| Stepping randomly (stuck).
  8291 | D:4      | 8291 ||| Stepping randomly (stuck).
  8293 | D:4      | 8293 ||| Stepping randomly (stuck).
  8295 | D:4      | 8295 ||| Stepping randomly (stuck).
  8297 | D:4      | 8297 ||| Stepping randomly (stuck).
  8299 | D:4      | 8299 ||| Stepping randomly (stuck).
  8301 | D:4      | 8301 ||| Stepping randomly (stuck).
  8303 | D:4      | 8303 ||| Stepping randomly (stuck).
  8305 | D:4      | 8305 ||| Stepping randomly (stuck).
  8307 | D:4      | 8307 ||| Stepping randomly (stuck).
  8309 | D:4      | 8309 ||| Stepping randomly (stuck).
  8311 | D:4      | 8311 ||| Stepping randomly (stuck).
  8313 | D:4      | 8313 ||| Stepping randomly (stuck).
  8315 | D:4      | 8315 ||| Stepping randomly (stuck).
  8317 | D:4      | 8317 ||| Stepping randomly (stuck).
  8319 | D:4      | 8319 ||| Stepping randomly (stuck).
  8321 | D:4      | 8321 ||| Stepping randomly (stuck).
  8323 | D:4      | 8323 ||| Stepping randomly (stuck).
  8325 | D:4      | 8325 ||| Stepping randomly (stuck).
  8327 | D:4      | 8327 ||| Stepping randomly (stuck).
  8329 | D:4      | 8329 ||| Stepping randomly (stuck).
  8331 | D:4      | 8331 ||| Stepping randomly (stuck).
  8333 | D:4      | 8333 ||| Stepping randomly (stuck).
  8335 | D:4      | 8335 ||| Stepping randomly (stuck).
  8337 | D:4      | 8337 ||| Stepping randomly (stuck).
  8339 | D:4      | 8339 ||| Stepping randomly (stuck).
  8341 | D:4      | 8341 ||| Stepping randomly (stuck).
  8343 | D:4      | 8343 ||| Stepping randomly (stuck).
  8345 | D:4      | 8345 ||| Stepping randomly (stuck).
  8347 | D:4      | 8347 ||| Stepping randomly (stuck).
  8349 | D:4      | 8349 ||| Stepping randomly (stuck).
  8351 | D:4      | 8351 ||| Stepping randomly (stuck).
  8353 | D:4      | 8353 ||| Stepping randomly (stuck).
  8355 | D:4      | 8355 ||| Stepping randomly (stuck).
  8357 | D:4      | 8357 ||| Stepping randomly (stuck).
  8359 | D:4      | 8359 ||| Stepping randomly (stuck).
  8361 | D:4      | 8361 ||| Stepping randomly (stuck).
  8363 | D:4      | 8363 ||| Stepping randomly (stuck).
  8365 | D:4      | 8365 ||| Stepping randomly (stuck).
  8367 | D:4      | 8367 ||| Stepping randomly (stuck).
  8369 | D:4      | 8369 ||| Stepping randomly (stuck).
  8371 | D:4      | 8371 ||| Stepping randomly (stuck).
  8373 | D:4      | 8373 ||| Stepping randomly (stuck).
  8375 | D:4      | 8375 ||| Stepping randomly (stuck).
  8377 | D:4      | 8377 ||| Stepping randomly (stuck).
  8379 | D:4      | 8379 ||| Stepping randomly (stuck).
  8381 | D:4      | 8381 ||| Stepping randomly (stuck).
  8383 | D:4      | 8383 ||| Stepping randomly (stuck).
  8385 | D:4      | 8385 ||| Stepping randomly (stuck).
  8387 | D:4      | 8387 ||| Stepping randomly (stuck).
  8389 | D:4      | 8389 ||| Stepping randomly (stuck).
  8391 | D:4      | 8391 ||| Stepping randomly (stuck).
  8393 | D:4      | 8393 ||| Stepping randomly (stuck).
  8395 | D:4      | 8395 ||| Stepping randomly (stuck).
  8397 | D:4      | 8397 ||| Stepping randomly (stuck).
  8399 | D:4      | 8399 ||| Stepping randomly (stuck).
  8401 | D:4      | 8401 ||| Stepping randomly (stuck).
  8403 | D:4      | 8403 ||| Stepping randomly (stuck).
  8405 | D:4      | 8405 ||| Stepping randomly (stuck).
  8407 | D:4      | 8407 ||| Stepping randomly (stuck).
  8409 | D:4      | 8409 ||| Stepping randomly (stuck).
  8411 | D:4      | 8411 ||| Stepping randomly (stuck).
  8413 | D:4      | 8413 ||| Stepping randomly (stuck).
  8415 | D:4      | 8415 ||| Stepping randomly (stuck).
  8417 | D:4      | 8417 ||| Stepping randomly (stuck).
  8419 | D:4      | 8419 ||| Stepping randomly (stuck).
  8421 | D:4      | 8421 ||| Stepping randomly (stuck).
  8423 | D:4      | 8423 ||| Stepping randomly (stuck).
  8425 | D:4      | 8425 ||| Stepping randomly (stuck).
  8427 | D:4      | 8427 ||| Stepping randomly (stuck).
  8429 | D:4      | 8429 ||| Stepping randomly (stuck).
  8431 | D:4      | 8431 ||| Stepping randomly (stuck).
  8433 | D:4      | 8433 ||| Stepping randomly (stuck).
  8435 | D:4      | 8435 ||| Stepping randomly (stuck).
  8437 | D:4      | 8437 ||| Stepping randomly (stuck).
  8439 | D:4      | 8439 ||| Stepping randomly (stuck).
  8441 | D:4      | 8441 ||| Stepping randomly (stuck).
  8443 | D:4      | 8443 ||| Stepping randomly (stuck).
  8445 | D:4      | 8445 ||| Stepping randomly (stuck).
  8447 | D:4      | 8447 ||| Stepping randomly (stuck).
  8449 | D:4      | 8449 ||| Stepping randomly (stuck).
  8451 | D:4      | 8451 ||| Stepping randomly (stuck).
  8453 | D:4      | 8453 ||| Stepping randomly (stuck).
  8455 | D:4      | 8455 ||| Stepping randomly (stuck).
  8457 | D:4      | 8457 ||| Stepping randomly (stuck).
  8459 | D:4      | 8459 ||| Stepping randomly (stuck).
  8461 | D:4      | 8461 ||| Stepping randomly (stuck).
  8463 | D:4      | 8463 ||| Stepping randomly (stuck).
  8465 | D:4      | 8465 ||| Stepping randomly (stuck).
  8467 | D:4      | 8467 ||| Stepping randomly (stuck).
  8469 | D:4      | 8469 ||| Stepping randomly (stuck).
  8471 | D:4      | 8471 ||| Stepping randomly (stuck).
  8473 | D:4      | 8473 ||| Stepping randomly (stuck).
  8475 | D:4      | 8475 ||| Stepping randomly (stuck).
  8477 | D:4      | 8477 ||| Stepping randomly (stuck).
  8479 | D:4      | 8479 ||| Stepping randomly (stuck).
  8481 | D:4      | 8481 ||| Stepping randomly (stuck).
  8483 | D:4      | 8483 ||| Stepping randomly (stuck).
  8485 | D:4      | 8485 ||| Stepping randomly (stuck).
  8487 | D:4      | 8487 ||| Stepping randomly (stuck).
  8489 | D:4      | 8489 ||| Stepping randomly (stuck).
  8491 | D:4      | 8491 ||| Stepping randomly (stuck).
  8493 | D:4      | 8493 ||| Stepping randomly (stuck).
  8495 | D:4      | 8495 ||| Stepping randomly (stuck).
  8497 | D:4      | 8497 ||| Stepping randomly (stuck).
  8499 | D:4      | 8499 ||| Stepping randomly (stuck).
  8501 | D:4      | 8501 ||| Stepping randomly (stuck).
  8503 | D:4      | 8503 ||| Stepping randomly (stuck).
  8505 | D:4      | 8505 ||| Stepping randomly (stuck).
  8507 | D:4      | 8507 ||| Stepping randomly (stuck).
  8509 | D:4      | 8509 ||| Stepping randomly (stuck).
  8511 | D:4      | 8511 ||| Stepping randomly (stuck).
  8513 | D:4      | 8513 ||| Stepping randomly (stuck).
  8515 | D:4      | 8515 ||| Stepping randomly (stuck).
  8517 | D:4      | 8517 ||| Stepping randomly (stuck).
  8519 | D:4      | 8519 ||| Stepping randomly (stuck).
  8521 | D:4      | 8521 ||| Stepping randomly (stuck).
  8523 | D:4      | 8523 ||| Stepping randomly (stuck).
  8525 | D:4      | 8525 ||| Stepping randomly (stuck).
  8527 | D:4      | 8527 ||| Stepping randomly (stuck).
  8529 | D:4      | 8529 ||| Stepping randomly (stuck).
  8531 | D:4      | 8531 ||| Stepping randomly (stuck).
  8533 | D:4      | 8533 ||| Stepping randomly (stuck).
  8535 | D:4      | 8535 ||| Stepping randomly (stuck).
  8537 | D:4      | 8537 ||| Stepping randomly (stuck).
  8539 | D:4      | 8539 ||| Stepping randomly (stuck).
  8541 | D:4      | 8541 ||| Stepping randomly (stuck).
  8543 | D:4      | 8543 ||| Stepping randomly (stuck).
  8545 | D:4      | 8545 ||| Stepping randomly (stuck).
  8547 | D:4      | 8547 ||| Stepping randomly (stuck).
  8549 | D:4      | 8549 ||| Stepping randomly (stuck).
  8551 | D:4      | 8551 ||| Stepping randomly (stuck).
  8553 | D:4      | 8553 ||| Stepping randomly (stuck).
  8555 | D:4      | 8555 ||| Stepping randomly (stuck).
  8557 | D:4      | 8557 ||| Stepping randomly (stuck).
  8559 | D:4      | 8559 ||| Stepping randomly (stuck).
  8561 | D:4      | 8561 ||| Stepping randomly (stuck).
  8563 | D:4      | 8563 ||| Stepping randomly (stuck).
  8565 | D:4      | 8565 ||| Stepping randomly (stuck).
  8567 | D:4      | 8567 ||| Stepping randomly (stuck).
  8569 | D:4      | 8569 ||| Stepping randomly (stuck).
  8571 | D:4      | 8571 ||| Stepping randomly (stuck).
  8573 | D:4      | 8573 ||| Stepping randomly (stuck).
  8575 | D:4      | 8575 ||| Stepping randomly (stuck).
  8577 | D:4      | 8577 ||| Stepping randomly (stuck).
  8579 | D:4      | 8579 ||| Stepping randomly (stuck).
  8581 | D:4      | 8581 ||| Stepping randomly (stuck).
  8583 | D:4      | 8583 ||| Stepping randomly (stuck).
  8585 | D:4      | 8585 ||| Stepping randomly (stuck).
  8587 | D:4      | 8587 ||| Stepping randomly (stuck).
  8589 | D:4      | 8589 ||| Stepping randomly (stuck).
  8591 | D:4      | 8591 ||| Stepping randomly (stuck).
  8593 | D:4      | 8593 ||| Stepping randomly (stuck).
  8595 | D:4      | 8595 ||| Stepping randomly (stuck).
  8597 | D:4      | 8597 ||| Stepping randomly (stuck).
  8599 | D:4      | 8599 ||| Stepping randomly (stuck).
  8601 | D:4      | 8601 ||| Stepping randomly (stuck).
  8603 | D:4      | 8603 ||| Stepping randomly (stuck).
  8605 | D:4      | 8605 ||| Stepping randomly (stuck).
  8607 | D:4      | 8607 ||| Stepping randomly (stuck).
  8609 | D:4      | 8609 ||| Stepping randomly (stuck).
  8611 | D:4      | 8611 ||| Stepping randomly (stuck).
  8613 | D:4      | 8613 ||| Stepping randomly (stuck).
  8615 | D:4      | 8615 ||| Stepping randomly (stuck).
  8617 | D:4      | 8617 ||| Stepping randomly (stuck).
  8619 | D:4      | 8619 ||| Stepping randomly (stuck).
  8621 | D:4      | 8621 ||| Stepping randomly (stuck).
  8623 | D:4      | 8623 ||| Stepping randomly (stuck).
  8625 | D:4      | 8625 ||| Stepping randomly (stuck).
  8627 | D:4      | 8627 ||| Stepping randomly (stuck).
  8629 | D:4      | 8629 ||| Stepping randomly (stuck).
  8631 | D:4      | 8631 ||| Stepping randomly (stuck).
  8633 | D:4      | 8633 ||| Stepping randomly (stuck).
  8635 | D:4      | 8635 ||| Stepping randomly (stuck).
  8637 | D:4      | 8637 ||| Stepping randomly (stuck).
  8639 | D:4      | 8639 ||| Stepping randomly (stuck).
  8641 | D:4      | 8641 ||| Stepping randomly (stuck).
  8643 | D:4      | 8643 ||| Stepping randomly (stuck).
  8645 | D:4      | 8645 ||| Stepping randomly (stuck).
  8647 | D:4      | 8647 ||| Stepping randomly (stuck).
  8649 | D:4      | 8649 ||| Stepping randomly (stuck).
  8651 | D:4      | 8651 ||| Stepping randomly (stuck).
  8653 | D:4      | 8653 ||| Stepping randomly (stuck).
  8655 | D:4      | 8655 ||| Stepping randomly (stuck).
  8657 | D:4      | 8657 ||| Stepping randomly (stuck).
  8659 | D:4      | 8659 ||| Stepping randomly (stuck).
  8661 | D:4      | 8661 ||| Stepping randomly (stuck).
  8663 | D:4      | 8663 ||| Stepping randomly (stuck).
  8665 | D:4      | 8665 ||| Stepping randomly (stuck).
  8667 | D:4      | 8667 ||| Stepping randomly (stuck).
  8669 | D:4      | 8669 ||| Stepping randomly (stuck).
  8671 | D:4      | 8671 ||| Stepping randomly (stuck).
  8673 | D:4      | 8673 ||| Stepping randomly (stuck).
  8675 | D:4      | 8675 ||| Stepping randomly (stuck).
  8677 | D:4      | 8677 ||| Stepping randomly (stuck).
  8679 | D:4      | 8679 ||| Stepping randomly (stuck).
  8681 | D:4      | 8681 ||| Stepping randomly (stuck).
  8683 | D:4      | 8683 ||| Stepping randomly (stuck).
  8685 | D:4      | 8685 ||| Stepping randomly (stuck).
  8687 | D:4      | 8687 ||| Stepping randomly (stuck).
  8689 | D:4      | 8689 ||| Stepping randomly (stuck).
  8691 | D:4      | 8691 ||| Stepping randomly (stuck).
  8693 | D:4      | 8693 ||| Stepping randomly (stuck).
  8695 | D:4      | 8695 ||| Stepping randomly (stuck).
  8697 | D:4      | 8697 ||| Stepping randomly (stuck).
  8699 | D:4      | 8699 ||| Stepping randomly (stuck).
  8701 | D:4      | 8701 ||| Stepping randomly (stuck).
  8703 | D:4      | 8703 ||| Stepping randomly (stuck).
  8705 | D:4      | 8705 ||| Stepping randomly (stuck).
  8707 | D:4      | 8707 ||| Stepping randomly (stuck).
  8709 | D:4      | 8709 ||| Stepping randomly (stuck).
  8711 | D:4      | 8711 ||| Stepping randomly (stuck).
  8713 | D:4      | 8713 ||| Stepping randomly (stuck).
  8715 | D:4      | 8715 ||| Stepping randomly (stuck).
  8717 | D:4      | 8717 ||| Stepping randomly (stuck).
  8719 | D:4      | 8719 ||| Stepping randomly (stuck).
  8721 | D:4      | 8721 ||| Stepping randomly (stuck).
  8723 | D:4      | 8723 ||| Stepping randomly (stuck).
  8725 | D:4      | 8725 ||| Stepping randomly (stuck).
  8727 | D:4      | 8727 ||| Stepping randomly (stuck).
  8729 | D:4      | 8729 ||| Stepping randomly (stuck).
  8731 | D:4      | 8731 ||| Stepping randomly (stuck).
  8733 | D:4      | 8733 ||| Stepping randomly (stuck).
  8735 | D:4      | 8735 ||| Stepping randomly (stuck).
  8737 | D:4      | 8737 ||| Stepping randomly (stuck).
  8739 | D:4      | 8739 ||| Stepping randomly (stuck).
  8741 | D:4      | 8741 ||| Stepping randomly (stuck).
  8743 | D:4      | 8743 ||| Stepping randomly (stuck).
  8745 | D:4      | 8745 ||| Stepping randomly (stuck).
  8747 | D:4      | 8747 ||| Stepping randomly (stuck).
  8749 | D:4      | 8749 ||| Stepping randomly (stuck).
  8751 | D:4      | 8751 ||| Stepping randomly (stuck).
  8753 | D:4      | 8753 ||| Stepping randomly (stuck).
  8755 | D:4      | 8755 ||| Stepping randomly (stuck).
  8757 | D:4      | 8757 ||| Stepping randomly (stuck).
  8759 | D:4      | 8759 ||| Stepping randomly (stuck).
  8761 | D:4      | 8761 ||| Stepping randomly (stuck).
  8763 | D:4      | 8763 ||| Stepping randomly (stuck).
  8765 | D:4      | 8765 ||| Stepping randomly (stuck).
  8767 | D:4      | 8767 ||| Stepping randomly (stuck).
  8769 | D:4      | 8769 ||| Stepping randomly (stuck).
  8771 | D:4      | 8771 ||| Stepping randomly (stuck).
  8773 | D:4      | 8773 ||| Stepping randomly (stuck).
  8775 | D:4      | 8775 ||| Stepping randomly (stuck).
  8777 | D:4      | 8777 ||| Stepping randomly (stuck).
  8779 | D:4      | 8779 ||| Stepping randomly (stuck).
  8781 | D:4      | 8781 ||| Stepping randomly (stuck).
  8783 | D:4      | 8783 ||| Stepping randomly (stuck).
  8785 | D:4      | 8785 ||| Stepping randomly (stuck).
  8787 | D:4      | 8787 ||| Stepping randomly (stuck).
  8789 | D:4      | 8789 ||| Stepping randomly (stuck).
  8791 | D:4      | 8791 ||| Stepping randomly (stuck).
  8793 | D:4      | 8793 ||| Stepping randomly (stuck).
  8795 | D:4      | 8795 ||| Stepping randomly (stuck).
  8797 | D:4      | 8797 ||| Stepping randomly (stuck).
  8799 | D:4      | 8799 ||| Stepping randomly (stuck).
  8801 | D:4      | 8801 ||| Stepping randomly (stuck).
  8803 | D:4      | 8803 ||| Stepping randomly (stuck).
  8805 | D:4      | 8805 ||| Stepping randomly (stuck).
  8807 | D:4      | 8807 ||| Stepping randomly (stuck).
  8809 | D:4      | 8809 ||| Stepping randomly (stuck).
  8811 | D:4      | 8811 ||| Stepping randomly (stuck).
  8813 | D:4      | 8813 ||| Stepping randomly (stuck).
  8815 | D:4      | 8815 ||| Stepping randomly (stuck).
  8817 | D:4      | 8817 ||| Stepping randomly (stuck).
  8819 | D:4      | 8819 ||| Stepping randomly (stuck).
  8821 | D:4      | 8821 ||| Stepping randomly (stuck).
  8823 | D:4      | 8823 ||| Stepping randomly (stuck).
  8825 | D:4      | 8825 ||| Stepping randomly (stuck).
  8827 | D:4      | 8827 ||| Stepping randomly (stuck).
  8829 | D:4      | 8829 ||| Stepping randomly (stuck).
  8831 | D:4      | 8831 ||| Stepping randomly (stuck).
  8833 | D:4      | 8833 ||| Stepping randomly (stuck).
  8835 | D:4      | 8835 ||| Stepping randomly (stuck).
  8837 | D:4      | 8837 ||| Stepping randomly (stuck).
  8839 | D:4      | 8839 ||| Stepping randomly (stuck).
  8841 | D:4      | 8841 ||| Stepping randomly (stuck).
  8843 | D:4      | 8843 ||| Stepping randomly (stuck).
  8845 | D:4      | 8845 ||| Stepping randomly (stuck).
  8847 | D:4      | 8847 ||| Stepping randomly (stuck).
  8849 | D:4      | 8849 ||| Stepping randomly (stuck).
  8851 | D:4      | 8851 ||| Stepping randomly (stuck).
  8853 | D:4      | 8853 ||| Stepping randomly (stuck).
  8855 | D:4      | 8855 ||| Stepping randomly (stuck).
  8857 | D:4      | 8857 ||| Stepping randomly (stuck).
  8859 | D:4      | 8859 ||| Stepping randomly (stuck).
  8861 | D:4      | 8861 ||| Stepping randomly (stuck).
  8863 | D:4      | 8863 ||| Stepping randomly (stuck).
  8865 | D:4      | 8865 ||| Stepping randomly (stuck).
  8867 | D:4      | 8867 ||| Stepping randomly (stuck).
  8869 | D:4      | 8869 ||| Stepping randomly (stuck).
  8871 | D:4      | 8871 ||| Stepping randomly (stuck).
  8873 | D:4      | 8873 ||| Stepping randomly (stuck).
  8875 | D:4      | 8875 ||| Stepping randomly (stuck).
  8877 | D:4      | 8877 ||| Stepping randomly (stuck).
  8879 | D:4      | 8879 ||| Stepping randomly (stuck).
  8881 | D:4      | 8881 ||| Stepping randomly (stuck).
  8883 | D:4      | 8883 ||| Stepping randomly (stuck).
  8885 | D:4      | 8885 ||| Stepping randomly (stuck).
  8887 | D:4      | 8887 ||| Stepping randomly (stuck).
  8889 | D:4      | 8889 ||| Stepping randomly (stuck).
  8891 | D:4      | 8891 ||| Stepping randomly (stuck).
  8893 | D:4      | 8893 ||| Stepping randomly (stuck).
  8895 | D:4      | 8895 ||| Stepping randomly (stuck).
  8897 | D:4      | 8897 ||| Stepping randomly (stuck).
  8899 | D:4      | 8899 ||| Stepping randomly (stuck).
  8901 | D:4      | 8901 ||| Stepping randomly (stuck).
  8903 | D:4      | 8903 ||| Stepping randomly (stuck).
  8905 | D:4      | 8905 ||| Stepping randomly (stuck).
  8907 | D:4      | 8907 ||| Stepping randomly (stuck).
  8909 | D:4      | 8909 ||| Stepping randomly (stuck).
  8911 | D:4      | 8911 ||| Stepping randomly (stuck).
  8913 | D:4      | 8913 ||| Stepping randomly (stuck).
  8915 | D:4      | 8915 ||| Stepping randomly (stuck).
  8917 | D:4      | 8917 ||| Stepping randomly (stuck).
  8919 | D:4      | 8919 ||| Stepping randomly (stuck).
  8921 | D:4      | 8921 ||| Stepping randomly (stuck).
  8923 | D:4      | 8923 ||| Stepping randomly (stuck).
  8925 | D:4      | 8925 ||| Stepping randomly (stuck).
  8927 | D:4      | 8927 ||| Stepping randomly (stuck).
  8929 | D:4      | 8929 ||| Stepping randomly (stuck).
  8931 | D:4      | 8931 ||| Stepping randomly (stuck).
  8933 | D:4      | 8933 ||| Stepping randomly (stuck).
  8935 | D:4      | 8935 ||| Stepping randomly (stuck).
  8937 | D:4      | 8937 ||| Stepping randomly (stuck).
  8939 | D:4      | 8939 ||| Stepping randomly (stuck).
  8941 | D:4      | 8941 ||| Stepping randomly (stuck).
  8943 | D:4      | 8943 ||| Stepping randomly (stuck).
  8945 | D:4      | 8945 ||| Stepping randomly (stuck).
  8947 | D:4      | 8947 ||| Stepping randomly (stuck).
  8949 | D:4      | 8949 ||| Stepping randomly (stuck).
  8951 | D:4      | 8951 ||| Stepping randomly (stuck).
  8953 | D:4      | 8953 ||| Stepping randomly (stuck).
  8955 | D:4      | 8955 ||| Stepping randomly (stuck).
  8957 | D:4      | 8957 ||| Stepping randomly (stuck).
  8959 | D:4      | 8959 ||| Stepping randomly (stuck).
  8961 | D:4      | 8961 ||| Stepping randomly (stuck).
  8963 | D:4      | 8963 ||| Stepping randomly (stuck).
  8965 | D:4      | 8965 ||| Stepping randomly (stuck).
  8967 | D:4      | 8967 ||| Stepping randomly (stuck).
  8969 | D:4      | 8969 ||| Stepping randomly (stuck).
  8971 | D:4      | 8971 ||| Stepping randomly (stuck).
  8973 | D:4      | 8973 ||| Stepping randomly (stuck).
  8975 | D:4      | 8975 ||| Stepping randomly (stuck).
  8977 | D:4      | 8977 ||| Stepping randomly (stuck).
  8979 | D:4      | 8979 ||| Stepping randomly (stuck).
  8981 | D:4      | 8981 ||| Stepping randomly (stuck).
  8983 | D:4      | 8983 ||| Stepping randomly (stuck).
  8985 | D:4      | 8985 ||| Stepping randomly (stuck).
  8987 | D:4      | 8987 ||| Stepping randomly (stuck).
  8989 | D:4      | 8989 ||| Stepping randomly (stuck).
  8991 | D:4      | 8991 ||| Stepping randomly (stuck).
  8993 | D:4      | 8993 ||| Stepping randomly (stuck).
  8995 | D:4      | 8995 ||| Stepping randomly (stuck).
  8997 | D:4      | 8997 ||| Stepping randomly (stuck).
  8999 | D:4      | 8999 ||| Stepping randomly (stuck).
  9001 | D:4      | 9001 ||| Stepping randomly (stuck).
  9003 | D:4      | 9003 ||| Stepping randomly (stuck).
  9005 | D:4      | 9005 ||| Stepping randomly (stuck).
  9007 | D:4      | 9007 ||| Stepping randomly (stuck).
  9009 | D:4      | 9009 ||| Stepping randomly (stuck).
  9011 | D:4      | 9011 ||| Stepping randomly (stuck).
  9013 | D:4      | 9013 ||| Stepping randomly (stuck).
  9015 | D:4      | 9015 ||| Stepping randomly (stuck).
  9017 | D:4      | 9017 ||| Stepping randomly (stuck).
  9019 | D:4      | 9019 ||| Stepping randomly (stuck).
  9021 | D:4      | 9021 ||| Stepping randomly (stuck).
  9023 | D:4      | 9023 ||| Stepping randomly (stuck).
  9025 | D:4      | 9025 ||| Stepping randomly (stuck).
  9027 | D:4      | 9027 ||| Stepping randomly (stuck).
  9029 | D:4      | 9029 ||| Stepping randomly (stuck).
  9031 | D:4      | 9031 ||| Stepping randomly (stuck).
  9033 | D:4      | 9033 ||| Stepping randomly (stuck).
  9035 | D:4      | 9035 ||| Stepping randomly (stuck).
  9037 | D:4      | 9037 ||| Stepping randomly (stuck).
  9039 | D:4      | 9039 ||| Stepping randomly (stuck).
  9041 | D:4      | 9041 ||| Stepping randomly (stuck).
  9043 | D:4      | 9043 ||| Stepping randomly (stuck).
  9045 | D:4      | 9045 ||| Stepping randomly (stuck).
  9047 | D:4      | 9047 ||| Stepping randomly (stuck).
  9049 | D:4      | 9049 ||| Stepping randomly (stuck).
  9051 | D:4      | 9051 ||| Stepping randomly (stuck).
  9053 | D:4      | 9053 ||| Stepping randomly (stuck).
  9055 | D:4      | 9055 ||| Stepping randomly (stuck).
  9057 | D:4      | 9057 ||| Stepping randomly (stuck).
  9059 | D:4      | 9059 ||| Stepping randomly (stuck).
  9061 | D:4      | 9061 ||| Stepping randomly (stuck).
  9063 | D:4      | 9063 ||| Stepping randomly (stuck).
  9065 | D:4      | 9065 ||| Stepping randomly (stuck).
  9067 | D:4      | 9067 ||| Stepping randomly (stuck).
  9069 | D:4      | 9069 ||| Stepping randomly (stuck).
  9071 | D:4      | 9071 ||| Stepping randomly (stuck).
  9073 | D:4      | 9073 ||| Stepping randomly (stuck).
  9075 | D:4      | 9075 ||| Stepping randomly (stuck).
  9077 | D:4      | 9077 ||| Stepping randomly (stuck).
  9079 | D:4      | 9079 ||| Stepping randomly (stuck).
  9081 | D:4      | 9081 ||| Stepping randomly (stuck).
  9083 | D:4      | 9083 ||| Stepping randomly (stuck).
  9085 | D:4      | 9085 ||| Stepping randomly (stuck).
  9087 | D:4      | 9087 ||| Stepping randomly (stuck).
  9089 | D:4      | 9089 ||| Stepping randomly (stuck).
  9091 | D:4      | 9091 ||| Stepping randomly (stuck).
  9093 | D:4      | 9093 ||| Stepping randomly (stuck).
  9095 | D:4      | 9095 ||| Stepping randomly (stuck).
  9097 | D:4      | 9097 ||| Stepping randomly (stuck).
  9099 | D:4      | 9099 ||| Stepping randomly (stuck).
  9101 | D:4      | 9101 ||| Stepping randomly (stuck).
  9103 | D:4      | 9103 ||| Stepping randomly (stuck).
  9105 | D:4      | 9105 ||| Stepping randomly (stuck).
  9107 | D:4      | 9107 ||| Stepping randomly (stuck).
  9109 | D:4      | 9109 ||| Stepping randomly (stuck).
  9111 | D:4      | 9111 ||| Stepping randomly (stuck).
  9113 | D:4      | 9113 ||| Stepping randomly (stuck).
  9115 | D:4      | 9115 ||| Stepping randomly (stuck).
  9117 | D:4      | 9117 ||| Stepping randomly (stuck).
  9119 | D:4      | 9119 ||| Stepping randomly (stuck).
  9121 | D:4      | 9121 ||| Stepping randomly (stuck).
  9123 | D:4      | 9123 ||| Stepping randomly (stuck).
  9125 | D:4      | 9125 ||| Stepping randomly (stuck).
  9127 | D:4      | 9127 ||| Stepping randomly (stuck).
  9129 | D:4      | 9129 ||| Stepping randomly (stuck).
  9131 | D:4      | 9131 ||| Stepping randomly (stuck).
  9133 | D:4      | 9133 ||| Stepping randomly (stuck).
  9135 | D:4      | 9135 ||| Stepping randomly (stuck).
  9137 | D:4      | 9137 ||| Stepping randomly (stuck).
  9139 | D:4      | 9139 ||| Stepping randomly (stuck).
  9141 | D:4      | 9141 ||| Stepping randomly (stuck).
  9143 | D:4      | 9143 ||| Stepping randomly (stuck).
  9145 | D:4      | 9145 ||| Stepping randomly (stuck).
  9147 | D:4      | 9147 ||| Stepping randomly (stuck).
  9149 | D:4      | 9149 ||| Stepping randomly (stuck).
  9151 | D:4      | 9151 ||| Stepping randomly (stuck).
  9153 | D:4      | 9153 ||| Stepping randomly (stuck).
  9155 | D:4      | 9155 ||| Stepping randomly (stuck).
  9157 | D:4      | 9157 ||| Stepping randomly (stuck).
  9159 | D:4      | 9159 ||| Stepping randomly (stuck).
  9161 | D:4      | 9161 ||| Stepping randomly (stuck).
  9163 | D:4      | 9163 ||| Stepping randomly (stuck).
  9165 | D:4      | 9165 ||| Stepping randomly (stuck).
  9167 | D:4      | 9167 ||| Stepping randomly (stuck).
  9169 | D:4      | 9169 ||| Stepping randomly (stuck).
  9171 | D:4      | 9171 ||| Stepping randomly (stuck).
  9173 | D:4      | 9173 ||| Stepping randomly (stuck).
  9175 | D:4      | 9175 ||| Stepping randomly (stuck).
  9177 | D:4      | 9177 ||| Stepping randomly (stuck).
  9179 | D:4      | 9179 ||| Stepping randomly (stuck).
  9181 | D:4      | 9181 ||| Stepping randomly (stuck).
  9183 | D:4      | 9183 ||| Stepping randomly (stuck).
  9185 | D:4      | 9185 ||| Stepping randomly (stuck).
  9187 | D:4      | 9187 ||| Stepping randomly (stuck).
  9189 | D:4      | 9189 ||| Stepping randomly (stuck).
  9191 | D:4      | 9191 ||| Stepping randomly (stuck).
  9193 | D:4      | 9193 ||| Stepping randomly (stuck).
  9195 | D:4      | 9195 ||| Stepping randomly (stuck).
  9197 | D:4      | 9197 ||| Stepping randomly (stuck).
  9199 | D:4      | 9199 ||| Stepping randomly (stuck).
  9201 | D:4      | 9201 ||| Stepping randomly (stuck).
  9203 | D:4      | 9203 ||| Stepping randomly (stuck).
  9205 | D:4      | 9205 ||| Stepping randomly (stuck).
  9207 | D:4      | 9207 ||| Stepping randomly (stuck).
  9209 | D:4      | 9209 ||| Stepping randomly (stuck).
  9211 | D:4      | 9211 ||| Stepping randomly (stuck).
  9213 | D:4      | 9213 ||| Stepping randomly (stuck).
  9215 | D:4      | 9215 ||| Stepping randomly (stuck).
  9217 | D:4      | 9217 ||| Stepping randomly (stuck).
  9219 | D:4      | 9219 ||| Stepping randomly (stuck).
  9221 | D:4      | 9221 ||| Stepping randomly (stuck).
  9223 | D:4      | 9223 ||| Stepping randomly (stuck).
  9225 | D:4      | 9225 ||| Stepping randomly (stuck).
  9227 | D:4      | 9227 ||| Stepping randomly (stuck).
  9229 | D:4      | 9229 ||| Stepping randomly (stuck).
  9231 | D:4      | 9231 ||| Stepping randomly (stuck).
  9233 | D:4      | 9233 ||| Stepping randomly (stuck).
  9235 | D:4      | 9235 ||| Stepping randomly (stuck).
  9237 | D:4      | 9237 ||| Stepping randomly (stuck).
  9239 | D:4      | 9239 ||| Stepping randomly (stuck).
  9241 | D:4      | 9241 ||| Stepping randomly (stuck).
  9243 | D:4      | 9243 ||| Stepping randomly (stuck).
  9245 | D:4      | 9245 ||| Stepping randomly (stuck).
  9247 | D:4      | 9247 ||| Stepping randomly (stuck).
  9249 | D:4      | 9249 ||| Stepping randomly (stuck).
  9251 | D:4      | 9251 ||| Stepping randomly (stuck).
  9253 | D:4      | 9253 ||| Stepping randomly (stuck).
  9255 | D:4      | 9255 ||| Stepping randomly (stuck).
  9257 | D:4      | 9257 ||| Stepping randomly (stuck).
  9259 | D:4      | 9259 ||| Stepping randomly (stuck).
  9261 | D:4      | 9261 ||| Stepping randomly (stuck).
  9263 | D:4      | 9263 ||| Stepping randomly (stuck).
  9265 | D:4      | 9265 ||| Stepping randomly (stuck).
  9267 | D:4      | 9267 ||| Stepping randomly (stuck).
  9269 | D:4      | 9269 ||| Stepping randomly (stuck).
  9271 | D:4      | 9271 ||| Stepping randomly (stuck).
  9273 | D:4      | 9273 ||| Stepping randomly (stuck).
  9275 | D:4      | 9275 ||| Stepping randomly (stuck).
  9277 | D:4      | 9277 ||| Stepping randomly (stuck).
  9279 | D:4      | 9279 ||| Stepping randomly (stuck).
  9281 | D:4      | 9281 ||| Stepping randomly (stuck).
  9283 | D:4      | 9283 ||| Stepping randomly (stuck).
  9285 | D:4      | 9285 ||| Stepping randomly (stuck).
  9287 | D:4      | 9287 ||| Stepping randomly (stuck).
  9289 | D:4      | 9289 ||| Stepping randomly (stuck).
  9291 | D:4      | 9291 ||| Stepping randomly (stuck).
  9293 | D:4      | 9293 ||| Stepping randomly (stuck).
  9295 | D:4      | 9295 ||| Stepping randomly (stuck).
  9297 | D:4      | 9297 ||| Stepping randomly (stuck).
  9299 | D:4      | 9299 ||| Stepping randomly (stuck).
  9301 | D:4      | 9301 ||| Stepping randomly (stuck).
  9303 | D:4      | 9303 ||| Stepping randomly (stuck).
  9305 | D:4      | 9305 ||| Stepping randomly (stuck).
  9307 | D:4      | 9307 ||| Stepping randomly (stuck).
  9309 | D:4      | 9309 ||| Stepping randomly (stuck).
  9311 | D:4      | 9311 ||| Stepping randomly (stuck).
  9313 | D:4      | 9313 ||| Stepping randomly (stuck).
  9315 | D:4      | 9315 ||| Stepping randomly (stuck).
  9317 | D:4      | 9317 ||| Stepping randomly (stuck).
  9319 | D:4      | 9319 ||| Stepping randomly (stuck).
  9321 | D:4      | 9321 ||| Stepping randomly (stuck).
  9323 | D:4      | 9323 ||| Stepping randomly (stuck).
  9325 | D:4      | 9325 ||| Stepping randomly (stuck).
  9327 | D:4      | 9327 ||| Stepping randomly (stuck).
  9329 | D:4      | 9329 ||| Stepping randomly (stuck).
  9331 | D:4      | 9331 ||| Stepping randomly (stuck).
  9333 | D:4      | 9333 ||| Stepping randomly (stuck).
  9335 | D:4      | 9335 ||| Stepping randomly (stuck).
  9337 | D:4      | 9337 ||| Stepping randomly (stuck).
  9339 | D:4      | 9339 ||| Stepping randomly (stuck).
  9341 | D:4      | 9341 ||| Stepping randomly (stuck).
  9343 | D:4      | 9343 ||| Stepping randomly (stuck).
  9345 | D:4      | 9345 ||| Stepping randomly (stuck).
  9347 | D:4      | 9347 ||| Stepping randomly (stuck).
  9349 | D:4      | 9349 ||| Stepping randomly (stuck).
  9351 | D:4      | 9351 ||| Stepping randomly (stuck).
  9353 | D:4      | 9353 ||| Stepping randomly (stuck).
  9355 | D:4      | 9355 ||| Stepping randomly (stuck).
  9357 | D:4      | 9357 ||| Stepping randomly (stuck).
  9359 | D:4      | 9359 ||| Stepping randomly (stuck).
  9361 | D:4      | 9361 ||| Stepping randomly (stuck).
  9363 | D:4      | 9363 ||| Stepping randomly (stuck).
  9365 | D:4      | 9365 ||| Stepping randomly (stuck).
  9367 | D:4      | 9367 ||| Stepping randomly (stuck).
  9369 | D:4      | 9369 ||| Stepping randomly (stuck).
  9371 | D:4      | 9371 ||| Stepping randomly (stuck).
  9373 | D:4      | 9373 ||| Stepping randomly (stuck).
  9375 | D:4      | 9375 ||| Stepping randomly (stuck).
  9377 | D:4      | 9377 ||| Stepping randomly (stuck).
  9379 | D:4      | 9379 ||| Stepping randomly (stuck).
  9381 | D:4      | 9381 ||| Stepping randomly (stuck).
  9383 | D:4      | 9383 ||| Stepping randomly (stuck).
  9385 | D:4      | 9385 ||| Stepping randomly (stuck).
  9387 | D:4      | 9387 ||| Stepping randomly (stuck).
  9389 | D:4      | 9389 ||| Stepping randomly (stuck).
  9391 | D:4      | 9391 ||| Stepping randomly (stuck).
  9393 | D:4      | 9393 ||| Stepping randomly (stuck).
  9395 | D:4      | 9395 ||| Stepping randomly (stuck).
  9397 | D:4      | 9397 ||| Stepping randomly (stuck).
  9399 | D:4      | 9399 ||| Stepping randomly (stuck).
  9401 | D:4      | 9401 ||| Stepping randomly (stuck).
  9403 | D:4      | 9403 ||| Stepping randomly (stuck).
  9405 | D:4      | 9405 ||| Stepping randomly (stuck).
  9407 | D:4      | 9407 ||| Stepping randomly (stuck).
  9409 | D:4      | 9409 ||| Stepping randomly (stuck).
  9411 | D:4      | 9411 ||| Stepping randomly (stuck).
  9413 | D:4      | 9413 ||| Stepping randomly (stuck).
  9415 | D:4      | 9415 ||| Stepping randomly (stuck).
  9417 | D:4      | 9417 ||| Stepping randomly (stuck).
  9419 | D:4      | 9419 ||| Stepping randomly (stuck).
  9421 | D:4      | 9421 ||| Stepping randomly (stuck).
  9423 | D:4      | 9423 ||| Stepping randomly (stuck).
  9425 | D:4      | 9425 ||| Stepping randomly (stuck).
  9427 | D:4      | 9427 ||| Stepping randomly (stuck).
  9429 | D:4      | 9429 ||| Stepping randomly (stuck).
  9431 | D:4      | 9431 ||| Stepping randomly (stuck).
  9433 | D:4      | 9433 ||| Stepping randomly (stuck).
  9435 | D:4      | 9435 ||| Stepping randomly (stuck).
  9437 | D:4      | 9437 ||| Stepping randomly (stuck).
  9439 | D:4      | 9439 ||| Stepping randomly (stuck).
  9441 | D:4      | 9441 ||| Stepping randomly (stuck).
  9443 | D:4      | 9443 ||| Stepping randomly (stuck).
  9445 | D:4      | 9445 ||| Stepping randomly (stuck).
  9447 | D:4      | 9447 ||| Stepping randomly (stuck).
  9449 | D:4      | 9449 ||| Stepping randomly (stuck).
  9451 | D:4      | 9451 ||| Stepping randomly (stuck).
  9453 | D:4      | 9453 ||| Stepping randomly (stuck).
  9455 | D:4      | 9455 ||| Stepping randomly (stuck).
  9457 | D:4      | 9457 ||| Stepping randomly (stuck).
  9459 | D:4      | 9459 ||| Stepping randomly (stuck).
  9461 | D:4      | 9461 ||| Stepping randomly (stuck).
  9463 | D:4      | 9463 ||| Stepping randomly (stuck).
  9465 | D:4      | 9465 ||| Stepping randomly (stuck).
  9467 | D:4      | 9467 ||| Stepping randomly (stuck).
  9469 | D:4      | 9469 ||| Stepping randomly (stuck).
  9471 | D:4      | 9471 ||| Stepping randomly (stuck).
  9473 | D:4      | 9473 ||| Stepping randomly (stuck).
  9475 | D:4      | 9475 ||| Stepping randomly (stuck).
  9477 | D:4      | 9477 ||| Stepping randomly (stuck).
  9479 | D:4      | 9479 ||| Stepping randomly (stuck).
  9481 | D:4      | 9481 ||| Stepping randomly (stuck).
  9483 | D:4      | 9483 ||| Stepping randomly (stuck).
  9485 | D:4      | 9485 ||| Stepping randomly (stuck).
  9487 | D:4      | 9487 ||| Stepping randomly (stuck).
  9489 | D:4      | 9489 ||| Stepping randomly (stuck).
  9491 | D:4      | 9491 ||| Stepping randomly (stuck).
  9493 | D:4      | 9493 ||| Stepping randomly (stuck).
  9495 | D:4      | 9495 ||| Stepping randomly (stuck).
  9497 | D:4      | 9497 ||| Stepping randomly (stuck).
  9499 | D:4      | 9499 ||| Stepping randomly (stuck).
  9501 | D:4      | 9501 ||| Stepping randomly (stuck).
  9503 | D:4      | 9503 ||| Stepping randomly (stuck).
  9505 | D:4      | 9505 ||| Stepping randomly (stuck).
  9507 | D:4      | 9507 ||| Stepping randomly (stuck).
  9509 | D:4      | 9509 ||| Stepping randomly (stuck).
  9511 | D:4      | 9511 ||| Stepping randomly (stuck).
  9513 | D:4      | 9513 ||| Stepping randomly (stuck).
  9515 | D:4      | 9515 ||| Stepping randomly (stuck).
  9517 | D:4      | 9517 ||| Stepping randomly (stuck).
  9519 | D:4      | 9519 ||| Stepping randomly (stuck).
  9521 | D:4      | 9521 ||| Stepping randomly (stuck).
  9523 | D:4      | 9523 ||| Stepping randomly (stuck).
  9525 | D:4      | 9525 ||| Stepping randomly (stuck).
  9527 | D:4      | 9527 ||| Stepping randomly (stuck).
  9529 | D:4      | 9529 ||| Stepping randomly (stuck).
  9531 | D:4      | 9531 ||| Stepping randomly (stuck).
  9533 | D:4      | 9533 ||| Stepping randomly (stuck).
  9535 | D:4      | 9535 ||| Stepping randomly (stuck).
  9537 | D:4      | 9537 ||| Stepping randomly (stuck).
  9539 | D:4      | 9539 ||| Stepping randomly (stuck).
  9541 | D:4      | 9541 ||| Stepping randomly (stuck).
  9543 | D:4      | 9543 ||| Stepping randomly (stuck).
  9545 | D:4      | 9545 ||| Stepping randomly (stuck).
  9547 | D:4      | 9547 ||| Stepping randomly (stuck).
  9549 | D:4      | 9549 ||| Stepping randomly (stuck).
  9551 | D:4      | 9551 ||| Stepping randomly (stuck).
  9553 | D:4      | 9553 ||| Stepping randomly (stuck).
  9555 | D:4      | 9555 ||| Stepping randomly (stuck).
  9557 | D:4      | 9557 ||| Stepping randomly (stuck).
  9559 | D:4      | 9559 ||| Stepping randomly (stuck).
  9561 | D:4      | 9561 ||| Stepping randomly (stuck).
  9563 | D:4      | 9563 ||| Stepping randomly (stuck).
  9565 | D:4      | 9565 ||| Stepping randomly (stuck).
  9567 | D:4      | 9567 ||| Stepping randomly (stuck).
  9569 | D:4      | 9569 ||| Stepping randomly (stuck).
  9571 | D:4      | 9571 ||| Stepping randomly (stuck).
  9573 | D:4      | 9573 ||| Stepping randomly (stuck).
  9575 | D:4      | 9575 ||| Stepping randomly (stuck).
  9577 | D:4      | 9577 ||| Stepping randomly (stuck).
  9579 | D:4      | 9579 ||| Stepping randomly (stuck).
  9581 | D:4      | 9581 ||| Stepping randomly (stuck).
  9583 | D:4      | 9583 ||| Stepping randomly (stuck).
  9585 | D:4      | 9585 ||| Stepping randomly (stuck).
  9587 | D:4      | 9587 ||| Stepping randomly (stuck).
  9589 | D:4      | 9589 ||| Stepping randomly (stuck).
  9591 | D:4      | 9591 ||| Stepping randomly (stuck).
  9593 | D:4      | 9593 ||| Stepping randomly (stuck).
  9595 | D:4      | 9595 ||| Stepping randomly (stuck).
  9597 | D:4      | 9597 ||| Stepping randomly (stuck).
  9599 | D:4      | 9599 ||| Stepping randomly (stuck).
  9601 | D:4      | 9601 ||| Stepping randomly (stuck).
  9603 | D:4      | 9603 ||| Stepping randomly (stuck).
  9605 | D:4      | 9605 ||| Stepping randomly (stuck).
  9607 | D:4      | 9607 ||| Stepping randomly (stuck).
  9609 | D:4      | 9609 ||| Stepping randomly (stuck).
  9611 | D:4      | 9611 ||| Stepping randomly (stuck).
  9613 | D:4      | 9613 ||| Stepping randomly (stuck).
  9615 | D:4      | 9615 ||| Stepping randomly (stuck).
  9617 | D:4      | 9617 ||| Stepping randomly (stuck).
  9619 | D:4      | 9619 ||| Stepping randomly (stuck).
  9621 | D:4      | 9621 ||| Stepping randomly (stuck).
  9623 | D:4      | 9623 ||| Stepping randomly (stuck).
  9625 | D:4      | 9625 ||| Stepping randomly (stuck).
  9627 | D:4      | 9627 ||| Stepping randomly (stuck).
  9629 | D:4      | 9629 ||| Stepping randomly (stuck).
  9631 | D:4      | 9631 ||| Stepping randomly (stuck).
  9633 | D:4      | 9633 ||| Stepping randomly (stuck).
  9635 | D:4      | 9635 ||| Stepping randomly (stuck).
  9637 | D:4      | 9637 ||| Stepping randomly (stuck).
  9639 | D:4      | 9639 ||| Stepping randomly (stuck).
  9641 | D:4      | 9641 ||| Stepping randomly (stuck).
  9643 | D:4      | 9643 ||| Stepping randomly (stuck).
  9645 | D:4      | 9645 ||| Stepping randomly (stuck).
  9647 | D:4      | 9647 ||| Stepping randomly (stuck).
  9649 | D:4      | 9649 ||| Stepping randomly (stuck).
  9651 | D:4      | 9651 ||| Stepping randomly (stuck).
  9653 | D:4      | 9653 ||| Stepping randomly (stuck).
  9655 | D:4      | 9655 ||| Stepping randomly (stuck).
  9657 | D:4      | 9657 ||| Stepping randomly (stuck).
  9659 | D:4      | 9659 ||| Stepping randomly (stuck).
  9661 | D:4      | 9661 ||| Stepping randomly (stuck).
  9663 | D:4      | 9663 ||| Stepping randomly (stuck).
  9665 | D:4      | 9665 ||| Stepping randomly (stuck).
  9667 | D:4      | 9667 ||| Stepping randomly (stuck).
  9669 | D:4      | 9669 ||| Stepping randomly (stuck).
  9671 | D:4      | 9671 ||| Stepping randomly (stuck).
  9673 | D:4      | 9673 ||| Stepping randomly (stuck).
  9675 | D:4      | 9675 ||| Stepping randomly (stuck).
  9677 | D:4      | 9677 ||| Stepping randomly (stuck).
  9679 | D:4      | 9679 ||| Stepping randomly (stuck).
  9681 | D:4      | 9681 ||| Stepping randomly (stuck).
  9683 | D:4      | 9683 ||| Stepping randomly (stuck).
  9685 | D:4      | 9685 ||| Stepping randomly (stuck).
  9687 | D:4      | 9687 ||| Stepping randomly (stuck).
  9689 | D:4      | 9689 ||| Stepping randomly (stuck).
  9691 | D:4      | 9691 ||| Stepping randomly (stuck).
  9693 | D:4      | 9693 ||| Stepping randomly (stuck).
  9695 | D:4      | 9695 ||| Stepping randomly (stuck).
  9697 | D:4      | 9697 ||| Stepping randomly (stuck).
  9699 | D:4      | 9699 ||| Stepping randomly (stuck).
  9701 | D:4      | 9701 ||| Stepping randomly (stuck).
  9703 | D:4      | 9703 ||| Stepping randomly (stuck).
  9705 | D:4      | 9705 ||| Stepping randomly (stuck).
  9707 | D:4      | 9707 ||| Stepping randomly (stuck).
  9709 | D:4      | 9709 ||| Stepping randomly (stuck).
  9711 | D:4      | 9711 ||| Stepping randomly (stuck).
  9713 | D:4      | 9713 ||| Stepping randomly (stuck).
  9715 | D:4      | 9715 ||| Stepping randomly (stuck).
  9717 | D:4      | 9717 ||| Stepping randomly (stuck).
  9719 | D:4      | 9719 ||| Stepping randomly (stuck).
  9721 | D:4      | 9721 ||| Stepping randomly (stuck).
  9723 | D:4      | 9723 ||| Stepping randomly (stuck).
  9725 | D:4      | 9725 ||| Stepping randomly (stuck).
  9727 | D:4      | 9727 ||| Stepping randomly (stuck).
  9729 | D:4      | 9729 ||| Stepping randomly (stuck).
  9731 | D:4      | 9731 ||| Stepping randomly (stuck).
  9733 | D:4      | 9733 ||| Stepping randomly (stuck).
  9735 | D:4      | 9735 ||| Stepping randomly (stuck).
  9737 | D:4      | 9737 ||| Stepping randomly (stuck).
  9739 | D:4      | 9739 ||| Stepping randomly (stuck).
  9741 | D:4      | 9741 ||| Stepping randomly (stuck).
  9743 | D:4      | 9743 ||| Stepping randomly (stuck).
  9745 | D:4      | 9745 ||| Stepping randomly (stuck).
  9747 | D:4      | 9747 ||| Stepping randomly (stuck).
  9749 | D:4      | 9749 ||| Stepping randomly (stuck).
  9751 | D:4      | 9751 ||| Stepping randomly (stuck).
  9753 | D:4      | 9753 ||| Stepping randomly (stuck).
  9755 | D:4      | 9755 ||| Stepping randomly (stuck).
  9757 | D:4      | 9757 ||| Stepping randomly (stuck).
  9759 | D:4      | 9759 ||| Stepping randomly (stuck).
  9761 | D:4      | 9761 ||| Stepping randomly (stuck).
  9763 | D:4      | 9763 ||| Stepping randomly (stuck).
  9765 | D:4      | 9765 ||| Stepping randomly (stuck).
  9767 | D:4      | 9767 ||| Stepping randomly (stuck).
  9769 | D:4      | 9769 ||| Stepping randomly (stuck).
  9771 | D:4      | 9771 ||| Stepping randomly (stuck).
  9773 | D:4      | 9773 ||| Stepping randomly (stuck).
  9775 | D:4      | 9775 ||| Stepping randomly (stuck).
  9777 | D:4      | 9777 ||| Stepping randomly (stuck).
  9779 | D:4      | 9779 ||| Stepping randomly (stuck).
  9781 | D:4      | 9781 ||| Stepping randomly (stuck).
  9783 | D:4      | 9783 ||| Stepping randomly (stuck).
  9785 | D:4      | 9785 ||| Stepping randomly (stuck).
  9787 | D:4      | 9787 ||| Stepping randomly (stuck).
  9789 | D:4      | 9789 ||| Stepping randomly (stuck).
  9791 | D:4      | 9791 ||| Stepping randomly (stuck).
  9793 | D:4      | 9793 ||| Stepping randomly (stuck).
  9795 | D:4      | 9795 ||| Stepping randomly (stuck).
  9797 | D:4      | 9797 ||| Stepping randomly (stuck).
  9799 | D:4      | 9799 ||| Stepping randomly (stuck).
  9801 | D:4      | 9801 ||| Stepping randomly (stuck).
  9803 | D:4      | 9803 ||| Stepping randomly (stuck).
  9805 | D:4      | 9805 ||| Stepping randomly (stuck).
  9807 | D:4      | 9807 ||| Stepping randomly (stuck).
  9809 | D:4      | 9809 ||| Stepping randomly (stuck).
  9811 | D:4      | 9811 ||| Stepping randomly (stuck).
  9813 | D:4      | 9813 ||| Stepping randomly (stuck).
  9815 | D:4      | 9815 ||| Stepping randomly (stuck).
  9817 | D:4      | 9817 ||| Stepping randomly (stuck).
  9819 | D:4      | 9819 ||| Stepping randomly (stuck).
  9821 | D:4      | 9821 ||| Stepping randomly (stuck).
  9823 | D:4      | 9823 ||| Stepping randomly (stuck).
  9825 | D:4      | 9825 ||| Stepping randomly (stuck).
  9827 | D:4      | 9827 ||| Stepping randomly (stuck).
  9829 | D:4      | 9829 ||| Stepping randomly (stuck).
  9831 | D:4      | 9831 ||| Stepping randomly (stuck).
  9833 | D:4      | 9833 ||| Stepping randomly (stuck).
  9835 | D:4      | 9835 ||| Stepping randomly (stuck).
  9837 | D:4      | 9837 ||| Stepping randomly (stuck).
  9839 | D:4      | 9839 ||| Stepping randomly (stuck).
  9841 | D:4      | 9841 ||| Stepping randomly (stuck).
  9843 | D:4      | 9843 ||| Stepping randomly (stuck).
  9845 | D:4      | 9845 ||| Stepping randomly (stuck).
  9847 | D:4      | 9847 ||| Stepping randomly (stuck).
  9849 | D:4      | 9849 ||| Stepping randomly (stuck).
  9851 | D:4      | 9851 ||| Stepping randomly (stuck).
  9853 | D:4      | 9853 ||| Stepping randomly (stuck).
  9855 | D:4      | 9855 ||| Stepping randomly (stuck).
  9857 | D:4      | 9857 ||| Stepping randomly (stuck).
  9859 | D:4      | 9859 ||| Stepping randomly (stuck).
  9861 | D:4      | 9861 ||| Stepping randomly (stuck).
  9863 | D:4      | 9863 ||| Stepping randomly (stuck).
  9865 | D:4      | 9865 ||| Stepping randomly (stuck).
  9867 | D:4      | 9867 ||| Stepping randomly (stuck).
  9869 | D:4      | 9869 ||| Stepping randomly (stuck).
  9871 | D:4      | 9871 ||| Stepping randomly (stuck).
  9873 | D:4      | 9873 ||| Stepping randomly (stuck).
  9875 | D:4      | 9875 ||| Stepping randomly (stuck).
  9877 | D:4      | 9877 ||| Stepping randomly (stuck).
  9879 | D:4      | 9879 ||| Stepping randomly (stuck).
  9881 | D:4      | 9881 ||| Stepping randomly (stuck).
  9883 | D:4      | 9883 ||| Stepping randomly (stuck).
  9885 | D:4      | 9885 ||| Stepping randomly (stuck).
  9887 | D:4      | 9887 ||| Stepping randomly (stuck).
  9889 | D:4      | 9889 ||| Stepping randomly (stuck).
  9891 | D:4      | 9891 ||| Stepping randomly (stuck).
  9893 | D:4      | 9893 ||| Stepping randomly (stuck).
  9895 | D:4      | 9895 ||| Stepping randomly (stuck).
  9897 | D:4      | 9897 ||| Stepping randomly (stuck).
  9899 | D:4      | 9899 ||| Stepping randomly (stuck).
  9901 | D:4      | 9901 ||| Stepping randomly (stuck).
  9903 | D:4      | 9903 ||| Stepping randomly (stuck).
  9905 | D:4      | 9905 ||| Stepping randomly (stuck).
  9907 | D:4      | 9907 ||| Stepping randomly (stuck).
  9909 | D:4      | 9909 ||| Stepping randomly (stuck).
  9911 | D:4      | 9911 ||| Stepping randomly (stuck).
  9913 | D:4      | 9913 ||| Stepping randomly (stuck).
  9915 | D:4      | 9915 ||| Stepping randomly (stuck).
  9917 | D:4      | 9917 ||| Stepping randomly (stuck).
  9919 | D:4      | 9919 ||| Stepping randomly (stuck).
  9921 | D:4      | 9921 ||| Stepping randomly (stuck).
  9923 | D:4      | 9923 ||| Stepping randomly (stuck).
  9925 | D:4      | 9925 ||| Stepping randomly (stuck).
  9927 | D:4      | 9927 ||| Stepping randomly (stuck).
  9929 | D:4      | 9929 ||| Stepping randomly (stuck).
  9931 | D:4      | 9931 ||| Stepping randomly (stuck).
  9933 | D:4      | 9933 ||| Stepping randomly (stuck).
  9935 | D:4      | 9935 ||| Stepping randomly (stuck).
  9937 | D:4      | 9937 ||| Stepping randomly (stuck).
  9939 | D:4      | 9939 ||| Stepping randomly (stuck).
  9941 | D:4      | 9941 ||| Stepping randomly (stuck).
  9943 | D:4      | 9943 ||| Stepping randomly (stuck).
  9945 | D:4      | 9945 ||| Stepping randomly (stuck).
  9947 | D:4      | 9947 ||| Stepping randomly (stuck).
  9949 | D:4      | 9949 ||| Stepping randomly (stuck).
  9951 | D:4      | 9951 ||| Stepping randomly (stuck).
  9953 | D:4      | 9953 ||| Stepping randomly (stuck).
  9955 | D:4      | 9955 ||| Stepping randomly (stuck).
  9957 | D:4      | 9957 ||| Stepping randomly (stuck).
  9959 | D:4      | 9959 ||| Stepping randomly (stuck).
  9961 | D:4      | 9961 ||| Stepping randomly (stuck).
  9963 | D:4      | 9963 ||| Stepping randomly (stuck).
  9965 | D:4      | 9965 ||| Stepping randomly (stuck).
  9967 | D:4      | 9967 ||| Stepping randomly (stuck).
  9969 | D:4      | 9969 ||| Stepping randomly (stuck).
  9971 | D:4      | 9971 ||| Stepping randomly (stuck).
  9973 | D:4      | 9973 ||| Stepping randomly (stuck).
  9975 | D:4      | 9975 ||| Stepping randomly (stuck).
  9977 | D:4      | 9977 ||| Stepping randomly (stuck).
  9979 | D:4      | 9979 ||| Stepping randomly (stuck).
  9981 | D:4      | 9981 ||| Stepping randomly (stuck).
  9983 | D:4      | 9983 ||| Stepping randomly (stuck).
  9985 | D:4      | 9985 ||| Stepping randomly (stuck).
  9987 | D:4      | 9987 ||| Stepping randomly (stuck).
  9989 | D:4      | 9989 ||| Stepping randomly (stuck).
  9991 | D:4      | 9991 ||| Stepping randomly (stuck).
  9993 | D:4      | 9993 ||| Stepping randomly (stuck).
  9995 | D:4      | 9995 ||| Stepping randomly (stuck).
  9997 | D:4      | 9997 ||| Stepping randomly (stuck).
  9999 | D:4      | 9999 ||| Stepping randomly (stuck).
 10001 | D:4      | 10001 ||| Stepping randomly (stuck).
 10003 | D:4      | 10003 ||| Stepping randomly (stuck).
 10005 | D:4      | 10005 ||| Stepping randomly (stuck).
 10007 | D:4      | 10007 ||| Stepping randomly (stuck).
 10009 | D:4      | 10009 ||| Stepping randomly (stuck).
 10011 | D:4      | 10011 ||| Stepping randomly (stuck).
 10013 | D:4      | 10013 ||| Stepping randomly (stuck).
 10015 | D:4      | 10015 ||| Stepping randomly (stuck).
 10017 | D:4      | 10017 ||| Stepping randomly (stuck).
 10019 | D:4      | 10019 ||| Stepping randomly (stuck).
 10021 | D:4      | 10021 ||| Stepping randomly (stuck).
 10023 | D:4      | 10023 ||| Stepping randomly (stuck).
 10025 | D:4      | 10025 ||| Stepping randomly (stuck).
 10027 | D:4      | 10027 ||| Stepping randomly (stuck).
 10029 | D:4      | 10029 ||| Stepping randomly (stuck).
 10031 | D:4      | 10031 ||| Stepping randomly (stuck).
 10033 | D:4      | 10033 ||| Stepping randomly (stuck).
 10035 | D:4      | 10035 ||| Stepping randomly (stuck).
 10037 | D:4      | 10037 ||| Stepping randomly (stuck).
 10039 | D:4      | 10039 ||| Stepping randomly (stuck).
 10041 | D:4      | 10041 ||| Stepping randomly (stuck).
 10043 | D:4      | 10043 ||| Stepping randomly (stuck).
 10045 | D:4      | 10045 ||| Stepping randomly (stuck).
 10047 | D:4      | 10047 ||| Stepping randomly (stuck).
 10049 | D:4      | 10049 ||| Stepping randomly (stuck).
 10051 | D:4      | 10051 ||| Stepping randomly (stuck).
 10053 | D:4      | 10053 ||| Stepping randomly (stuck).
 10055 | D:4      | 10055 ||| Stepping randomly (stuck).
 10057 | D:4      | 10057 ||| Stepping randomly (stuck).
 10059 | D:4      | 10059 ||| Stepping randomly (stuck).
 10061 | D:4      | 10061 ||| Stepping randomly (stuck).
 10063 | D:4      | 10063 ||| Stepping randomly (stuck).
 10065 | D:4      | 10065 ||| Stepping randomly (stuck).
 10067 | D:4      | 10067 ||| Stepping randomly (stuck).
 10069 | D:4      | 10069 ||| Stepping randomly (stuck).
 10071 | D:4      | 10071 ||| Stepping randomly (stuck).
 10073 | D:4      | 10073 ||| Stepping randomly (stuck).
 10075 | D:4      | 10075 ||| Stepping randomly (stuck).
 10077 | D:4      | 10077 ||| Stepping randomly (stuck).
 10079 | D:4      | 10079 ||| Stepping randomly (stuck).
 10081 | D:4      | 10081 ||| Stepping randomly (stuck).
 10083 | D:4      | 10083 ||| Stepping randomly (stuck).
 10085 | D:4      | 10085 ||| Stepping randomly (stuck).
 10087 | D:4      | 10087 ||| Stepping randomly (stuck).
 10089 | D:4      | 10089 ||| Stepping randomly (stuck).
 10091 | D:4      | 10091 ||| Stepping randomly (stuck).
 10093 | D:4      | 10093 ||| Stepping randomly (stuck).
 10095 | D:4      | 10095 ||| Stepping randomly (stuck).
 10097 | D:4      | 10097 ||| Stepping randomly (stuck).
 10099 | D:4      | 10099 ||| Stepping randomly (stuck).
 10101 | D:4      | 10101 ||| Stepping randomly (stuck).
 10103 | D:4      | 10103 ||| Stepping randomly (stuck).
 10105 | D:4      | 10105 ||| Stepping randomly (stuck).
 10107 | D:4      | 10107 ||| Stepping randomly (stuck).
 10109 | D:4      | 10109 ||| Stepping randomly (stuck).
 10111 | D:4      | 10111 ||| Stepping randomly (stuck).
 10113 | D:4      | 10113 ||| Stepping randomly (stuck).
 10115 | D:4      | 10115 ||| Stepping randomly (stuck).
 10117 | D:4      | 10117 ||| Stepping randomly (stuck).
 10119 | D:4      | 10119 ||| Stepping randomly (stuck).
 10121 | D:4      | 10121 ||| Stepping randomly (stuck).
 10123 | D:4      | 10123 ||| Stepping randomly (stuck).
 10125 | D:4      | 10125 ||| Stepping randomly (stuck).
 10127 | D:4      | 10127 ||| Stepping randomly (stuck).
 10129 | D:4      | 10129 ||| Stepping randomly (stuck).
 10131 | D:4      | 10131 ||| Stepping randomly (stuck).
 10133 | D:4      | 10133 ||| Stepping randomly (stuck).
 10135 | D:4      | 10135 ||| Stepping randomly (stuck).
 10137 | D:4      | 10137 ||| Stepping randomly (stuck).
 10139 | D:4      | 10139 ||| Stepping randomly (stuck).
 10141 | D:4      | 10141 ||| Stepping randomly (stuck).
 10143 | D:4      | 10143 ||| Stepping randomly (stuck).
 10145 | D:4      | 10145 ||| Stepping randomly (stuck).
 10147 | D:4      | 10147 ||| Stepping randomly (stuck).
 10149 | D:4      | 10149 ||| Stepping randomly (stuck).
 10151 | D:4      | 10151 ||| Stepping randomly (stuck).
 10153 | D:4      | 10153 ||| Stepping randomly (stuck).
 10155 | D:4      | 10155 ||| Stepping randomly (stuck).
 10157 | D:4      | 10157 ||| Stepping randomly (stuck).
 10159 | D:4      | 10159 ||| Stepping randomly (stuck).
 10161 | D:4      | 10161 ||| Stepping randomly (stuck).
 10163 | D:4      | 10163 ||| Stepping randomly (stuck).
 10165 | D:4      | 10165 ||| Stepping randomly (stuck).
 10167 | D:4      | 10167 ||| Stepping randomly (stuck).
 10169 | D:4      | 10169 ||| Stepping randomly (stuck).
 10171 | D:4      | 10171 ||| Stepping randomly (stuck).
 10173 | D:4      | 10173 ||| Stepping randomly (stuck).
 10175 | D:4      | 10175 ||| Stepping randomly (stuck).
 10177 | D:4      | 10177 ||| Stepping randomly (stuck).
 10179 | D:4      | 10179 ||| Stepping randomly (stuck).
 10181 | D:4      | 10181 ||| Stepping randomly (stuck).
 10183 | D:4      | 10183 ||| Stepping randomly (stuck).
 10185 | D:4      | 10185 ||| Stepping randomly (stuck).
 10187 | D:4      | 10187 ||| Stepping randomly (stuck).
 10189 | D:4      | 10189 ||| Stepping randomly (stuck).
 10191 | D:4      | 10191 ||| Stepping randomly (stuck).
 10193 | D:4      | 10193 ||| Stepping randomly (stuck).
 10195 | D:4      | 10195 ||| Stepping randomly (stuck).
 10197 | D:4      | 10197 ||| Stepping randomly (stuck).
 10199 | D:4      | 10199 ||| Stepping randomly (stuck).
 10201 | D:4      | 10201 ||| Stepping randomly (stuck).
 10203 | D:4      | 10203 ||| Stepping randomly (stuck).
 10205 | D:4      | 10205 ||| Stepping randomly (stuck).
 10207 | D:4      | 10207 ||| Stepping randomly (stuck).
 10209 | D:4      | 10209 ||| Stepping randomly (stuck).
 10211 | D:4      | 10211 ||| Stepping randomly (stuck).
 10213 | D:4      | 10213 ||| Stepping randomly (stuck).
 10215 | D:4      | 10215 ||| Stepping randomly (stuck).
 10217 | D:4      | 10217 ||| Stepping randomly (stuck).
 10219 | D:4      | 10219 ||| Stepping randomly (stuck).
 10221 | D:4      | 10221 ||| Stepping randomly (stuck).
 10223 | D:4      | 10223 ||| Stepping randomly (stuck).
 10225 | D:4      | 10225 ||| Stepping randomly (stuck).
 10227 | D:4      | 10227 ||| Stepping randomly (stuck).
 10229 | D:4      | 10229 ||| Stepping randomly (stuck).
 10231 | D:4      | 10231 ||| Stepping randomly (stuck).
 10233 | D:4      | 10233 ||| Stepping randomly (stuck).
 10235 | D:4      | 10235 ||| Stepping randomly (stuck).
 10237 | D:4      | 10237 ||| Stepping randomly (stuck).
 10239 | D:4      | 10239 ||| Stepping randomly (stuck).
 10241 | D:4      | 10241 ||| Stepping randomly (stuck).
 10243 | D:4      | 10243 ||| Stepping randomly (stuck).
 10245 | D:4      | 10245 ||| Stepping randomly (stuck).
 10247 | D:4      | 10247 ||| Stepping randomly (stuck).
 10249 | D:4      | 10249 ||| Stepping randomly (stuck).
 10251 | D:4      | 10251 ||| Stepping randomly (stuck).
 10253 | D:4      | 10253 ||| Stepping randomly (stuck).
 10255 | D:4      | 10255 ||| Stepping randomly (stuck).
 10257 | D:4      | 10257 ||| Stepping randomly (stuck).
 10259 | D:4      | 10259 ||| Stepping randomly (stuck).
 10261 | D:4      | 10261 ||| Stepping randomly (stuck).
 10263 | D:4      | 10263 ||| Stepping randomly (stuck).
 10265 | D:4      | 10265 ||| Stepping randomly (stuck).
 10267 | D:4      | 10267 ||| Stepping randomly (stuck).
 10269 | D:4      | 10269 ||| Stepping randomly (stuck).
 10271 | D:4      | 10271 ||| Stepping randomly (stuck).
 10273 | D:4      | 10273 ||| Stepping randomly (stuck).
 10275 | D:4      | 10275 ||| Stepping randomly (stuck).
 10277 | D:4      | 10277 ||| Stepping randomly (stuck).
 10279 | D:4      | 10279 ||| Stepping randomly (stuck).
 10281 | D:4      | 10281 ||| Stepping randomly (stuck).
 10283 | D:4      | 10283 ||| Stepping randomly (stuck).
 10285 | D:4      | 10285 ||| Stepping randomly (stuck).
 10287 | D:4      | 10287 ||| Stepping randomly (stuck).
 10289 | D:4      | 10289 ||| Stepping randomly (stuck).
 10291 | D:4      | 10291 ||| Stepping randomly (stuck).
 10293 | D:4      | 10293 ||| Stepping randomly (stuck).
 10295 | D:4      | 10295 ||| Stepping randomly (stuck).
 10297 | D:4      | 10297 ||| Stepping randomly (stuck).
 10299 | D:4      | 10299 ||| Stepping randomly (stuck).
 10301 | D:4      | 10301 ||| Stepping randomly (stuck).
 10303 | D:4      | 10303 ||| Stepping randomly (stuck).
 10305 | D:4      | 10305 ||| Stepping randomly (stuck).
 10307 | D:4      | 10307 ||| Stepping randomly (stuck).
 10309 | D:4      | 10309 ||| Stepping randomly (stuck).
 10311 | D:4      | 10311 ||| Stepping randomly (stuck).
 10313 | D:4      | 10313 ||| Stepping randomly (stuck).
 10315 | D:4      | 10315 ||| Stepping randomly (stuck).
 10317 | D:4      | 10317 ||| Stepping randomly (stuck).
 10319 | D:4      | 10319 ||| Stepping randomly (stuck).
 10321 | D:4      | 10321 ||| Stepping randomly (stuck).
 10323 | D:4      | 10323 ||| Stepping randomly (stuck).
 10325 | D:4      | 10325 ||| Stepping randomly (stuck).
 10327 | D:4      | 10327 ||| Stepping randomly (stuck).
 10329 | D:4      | 10329 ||| Stepping randomly (stuck).
 10331 | D:4      | 10331 ||| Stepping randomly (stuck).
 10333 | D:4      | 10333 ||| Stepping randomly (stuck).
 10335 | D:4      | 10335 ||| Stepping randomly (stuck).
 10337 | D:4      | 10337 ||| Stepping randomly (stuck).
 10339 | D:4      | 10339 ||| Stepping randomly (stuck).
 10341 | D:4      | 10341 ||| Stepping randomly (stuck).
 10343 | D:4      | 10343 ||| Stepping randomly (stuck).
 10345 | D:4      | 10345 ||| Stepping randomly (stuck).
 10347 | D:4      | 10347 ||| Stepping randomly (stuck).
 10349 | D:4      | 10349 ||| Stepping randomly (stuck).
 10351 | D:4      | 10351 ||| Stepping randomly (stuck).
 10353 | D:4      | 10353 ||| Stepping randomly (stuck).
 10355 | D:4      | 10355 ||| Stepping randomly (stuck).
 10357 | D:4      | 10357 ||| Stepping randomly (stuck).
 10359 | D:4      | 10359 ||| Stepping randomly (stuck).
 10361 | D:4      | 10361 ||| Stepping randomly (stuck).
 10363 | D:4      | 10363 ||| Stepping randomly (stuck).
 10365 | D:4      | 10365 ||| Stepping randomly (stuck).
 10367 | D:4      | 10367 ||| Stepping randomly (stuck).
 10369 | D:4      | 10369 ||| Stepping randomly (stuck).
 10371 | D:4      | 10371 ||| Stepping randomly (stuck).
 10373 | D:4      | 10373 ||| Stepping randomly (stuck).
 10375 | D:4      | 10375 ||| Stepping randomly (stuck).
 10377 | D:4      | 10377 ||| Stepping randomly (stuck).
 10379 | D:4      | 10379 ||| Stepping randomly (stuck).
 10381 | D:4      | 10381 ||| Stepping randomly (stuck).
 10383 | D:4      | 10383 ||| Stepping randomly (stuck).
 10385 | D:4      | 10385 ||| Stepping randomly (stuck).
 10387 | D:4      | 10387 ||| Stepping randomly (stuck).
 10389 | D:4      | 10389 ||| Stepping randomly (stuck).
 10391 | D:4      | 10391 ||| Stepping randomly (stuck).
 10393 | D:4      | 10393 ||| Stepping randomly (stuck).
 10395 | D:4      | 10395 ||| Stepping randomly (stuck).
 10397 | D:4      | 10397 ||| Stepping randomly (stuck).
 10399 | D:4      | 10399 ||| Stepping randomly (stuck).
 10401 | D:4      | 10401 ||| Stepping randomly (stuck).
 10403 | D:4      | 10403 ||| Stepping randomly (stuck).
 10405 | D:4      | 10405 ||| Stepping randomly (stuck).
 10407 | D:4      | 10407 ||| Stepping randomly (stuck).
 10409 | D:4      | 10409 ||| Stepping randomly (stuck).
 10411 | D:4      | 10411 ||| Stepping randomly (stuck).
 10413 | D:4      | 10413 ||| Stepping randomly (stuck).
 10415 | D:4      | 10415 ||| Stepping randomly (stuck).
 10417 | D:4      | 10417 ||| Stepping randomly (stuck).
 10419 | D:4      | 10419 ||| Stepping randomly (stuck).
 10421 | D:4      | 10421 ||| Stepping randomly (stuck).
 10423 | D:4      | 10423 ||| Stepping randomly (stuck).
 10425 | D:4      | 10425 ||| Stepping randomly (stuck).
 10427 | D:4      | 10427 ||| Stepping randomly (stuck).
 10429 | D:4      | 10429 ||| Stepping randomly (stuck).
 10431 | D:4      | 10431 ||| Stepping randomly (stuck).
 10433 | D:4      | 10433 ||| Stepping randomly (stuck).
 10435 | D:4      | 10435 ||| Stepping randomly (stuck).
 10437 | D:4      | 10437 ||| Stepping randomly (stuck).
 10439 | D:4      | 10439 ||| Stepping randomly (stuck).
 10441 | D:4      | 10441 ||| Stepping randomly (stuck).
 10443 | D:4      | 10443 ||| Stepping randomly (stuck).
 10445 | D:4      | 10445 ||| Stepping randomly (stuck).
 10447 | D:4      | 10447 ||| Stepping randomly (stuck).
 10449 | D:4      | 10449 ||| Stepping randomly (stuck).
 10451 | D:4      | 10451 ||| Stepping randomly (stuck).
 10453 | D:4      | 10453 ||| Stepping randomly (stuck).
 10455 | D:4      | 10455 ||| Stepping randomly (stuck).
 10457 | D:4      | 10457 ||| Stepping randomly (stuck).
 10459 | D:4      | 10459 ||| Stepping randomly (stuck).
 10461 | D:4      | 10461 ||| Stepping randomly (stuck).
 10463 | D:4      | 10463 ||| Stepping randomly (stuck).
 10465 | D:4      | 10465 ||| Stepping randomly (stuck).
 10467 | D:4      | 10467 ||| Stepping randomly (stuck).
 10469 | D:4      | 10469 ||| Stepping randomly (stuck).
 10471 | D:4      | 10471 ||| Stepping randomly (stuck).
 10473 | D:4      | 10473 ||| Stepping randomly (stuck).
 10475 | D:4      | 10475 ||| Stepping randomly (stuck).
 10477 | D:4      | 10477 ||| Stepping randomly (stuck).
 10479 | D:4      | 10479 ||| Stepping randomly (stuck).
 10481 | D:4      | 10481 ||| Stepping randomly (stuck).
 10483 | D:4      | 10483 ||| Stepping randomly (stuck).
 10485 | D:4      | 10485 ||| Stepping randomly (stuck).
 10487 | D:4      | 10487 ||| Stepping randomly (stuck).
 10489 | D:4      | 10489 ||| Stepping randomly (stuck).
 10491 | D:4      | 10491 ||| Stepping randomly (stuck).
 10493 | D:4      | 10493 ||| Stepping randomly (stuck).
 10495 | D:4      | 10495 ||| Stepping randomly (stuck).
 10497 | D:4      | 10497 ||| Stepping randomly (stuck).
 10499 | D:4      | 10499 ||| Stepping randomly (stuck).
 10501 | D:4      | 10501 ||| Stepping randomly (stuck).
 10503 | D:4      | 10503 ||| Stepping randomly (stuck).
 10505 | D:4      | 10505 ||| Stepping randomly (stuck).
 10507 | D:4      | 10507 ||| Stepping randomly (stuck).
 10509 | D:4      | 10509 ||| Stepping randomly (stuck).
 10511 | D:4      | 10511 ||| Stepping randomly (stuck).
 10513 | D:4      | 10513 ||| Stepping randomly (stuck).
 10515 | D:4      | 10515 ||| Stepping randomly (stuck).
 10517 | D:4      | 10517 ||| Stepping randomly (stuck).
 10519 | D:4      | 10519 ||| Stepping randomly (stuck).
 10521 | D:4      | 10521 ||| Stepping randomly (stuck).
 10523 | D:4      | 10523 ||| Stepping randomly (stuck).
 10525 | D:4      | 10525 ||| Stepping randomly (stuck).
 10527 | D:4      | 10527 ||| Stepping randomly (stuck).
 10529 | D:4      | 10529 ||| Stepping randomly (stuck).
 10531 | D:4      | 10531 ||| Stepping randomly (stuck).
 10533 | D:4      | 10533 ||| Stepping randomly (stuck).
 10535 | D:4      | 10535 ||| Stepping randomly (stuck).
 10537 | D:4      | 10537 ||| Stepping randomly (stuck).
 10539 | D:4      | 10539 ||| Stepping randomly (stuck).
 10541 | D:4      | 10541 ||| Stepping randomly (stuck).
 10543 | D:4      | 10543 ||| Stepping randomly (stuck).
 10545 | D:4      | 10545 ||| Stepping randomly (stuck).
 10547 | D:4      | 10547 ||| Stepping randomly (stuck).
 10549 | D:4      | 10549 ||| Stepping randomly (stuck).
 10551 | D:4      | 10551 ||| Stepping randomly (stuck).
 10553 | D:4      | 10553 ||| Stepping randomly (stuck).
 10555 | D:4      | 10555 ||| Stepping randomly (stuck).
 10557 | D:4      | 10557 ||| Stepping randomly (stuck).
 10559 | D:4      | 10559 ||| Stepping randomly (stuck).
 10561 | D:4      | 10561 ||| Stepping randomly (stuck).
 10563 | D:4      | 10563 ||| Stepping randomly (stuck).
 10565 | D:4      | 10565 ||| Stepping randomly (stuck).
 10567 | D:4      | 10567 ||| Stepping randomly (stuck).
 10569 | D:4      | 10569 ||| Stepping randomly (stuck).
 10571 | D:4      | 10571 ||| Stepping randomly (stuck).
 10573 | D:4      | 10573 ||| Stepping randomly (stuck).
 10575 | D:4      | 10575 ||| Stepping randomly (stuck).
 10577 | D:4      | 10577 ||| Stepping randomly (stuck).
 10579 | D:4      | 10579 ||| Stepping randomly (stuck).
 10581 | D:4      | 10581 ||| Stepping randomly (stuck).
 10583 | D:4      | 10583 ||| Stepping randomly (stuck).
 10585 | D:4      | 10585 ||| Stepping randomly (stuck).
 10587 | D:4      | 10587 ||| Stepping randomly (stuck).
 10589 | D:4      | 10589 ||| Stepping randomly (stuck).
 10591 | D:4      | 10591 ||| Stepping randomly (stuck).
 10593 | D:4      | 10593 ||| Stepping randomly (stuck).
 10595 | D:4      | 10595 ||| Stepping randomly (stuck).
 10597 | D:4      | 10597 ||| Stepping randomly (stuck).
 10599 | D:4      | 10599 ||| Stepping randomly (stuck).
 10601 | D:4      | 10601 ||| Stepping randomly (stuck).
 10603 | D:4      | 10603 ||| Stepping randomly (stuck).
 10605 | D:4      | 10605 ||| Stepping randomly (stuck).
 10607 | D:4      | 10607 ||| Stepping randomly (stuck).
 10609 | D:4      | 10609 ||| Stepping randomly (stuck).
 10611 | D:4      | 10611 ||| Stepping randomly (stuck).
 10613 | D:4      | 10613 ||| Stepping randomly (stuck).
 10615 | D:4      | 10615 ||| Stepping randomly (stuck).
 10617 | D:4      | 10617 ||| Stepping randomly (stuck).
 10619 | D:4      | 10619 ||| Stepping randomly (stuck).
 10621 | D:4      | 10621 ||| Stepping randomly (stuck).
 10623 | D:4      | 10623 ||| Stepping randomly (stuck).
 10625 | D:4      | 10625 ||| Stepping randomly (stuck).
 10627 | D:4      | 10627 ||| Stepping randomly (stuck).
 10629 | D:4      | 10629 ||| Stepping randomly (stuck).
 10631 | D:4      | 10631 ||| Stepping randomly (stuck).
 10633 | D:4      | 10633 ||| Stepping randomly (stuck).
 10635 | D:4      | 10635 ||| Stepping randomly (stuck).
 10637 | D:4      | 10637 ||| Stepping randomly (stuck).
 10639 | D:4      | 10639 ||| Stepping randomly (stuck).
 10641 | D:4      | 10641 ||| Stepping randomly (stuck).
 10643 | D:4      | 10643 ||| Stepping randomly (stuck).
 10645 | D:4      | 10645 ||| Stepping randomly (stuck).
 10647 | D:4      | 10647 ||| Stepping randomly (stuck).
 10649 | D:4      | 10649 ||| Stepping randomly (stuck).
 10651 | D:4      | 10651 ||| Stepping randomly (stuck).
 10653 | D:4      | 10653 ||| Stepping randomly (stuck).
 10655 | D:4      | 10655 ||| Stepping randomly (stuck).
 10657 | D:4      | 10657 ||| Stepping randomly (stuck).
 10659 | D:4      | 10659 ||| Stepping randomly (stuck).
 10661 | D:4      | 10661 ||| Stepping randomly (stuck).
 10663 | D:4      | 10663 ||| Stepping randomly (stuck).
 10665 | D:4      | 10665 ||| Stepping randomly (stuck).
 10667 | D:4      | 10667 ||| Stepping randomly (stuck).
 10669 | D:4      | 10669 ||| Stepping randomly (stuck).
 10671 | D:4      | 10671 ||| Stepping randomly (stuck).
 10673 | D:4      | 10673 ||| Stepping randomly (stuck).
 10675 | D:4      | 10675 ||| Stepping randomly (stuck).
 10677 | D:4      | 10677 ||| Stepping randomly (stuck).
 10679 | D:4      | 10679 ||| Stepping randomly (stuck).
 10681 | D:4      | 10681 ||| Stepping randomly (stuck).
 10683 | D:4      | 10683 ||| Stepping randomly (stuck).
 10685 | D:4      | 10685 ||| Stepping randomly (stuck).
 10687 | D:4      | 10687 ||| Stepping randomly (stuck).
 10689 | D:4      | 10689 ||| Stepping randomly (stuck).
 10691 | D:4      | 10691 ||| Stepping randomly (stuck).
 10693 | D:4      | 10693 ||| Stepping randomly (stuck).
 10695 | D:4      | 10695 ||| Stepping randomly (stuck).
 10697 | D:4      | 10697 ||| Stepping randomly (stuck).
 10699 | D:4      | 10699 ||| Stepping randomly (stuck).
 10701 | D:4      | 10701 ||| Stepping randomly (stuck).
 10703 | D:4      | 10703 ||| Stepping randomly (stuck).
 10705 | D:4      | 10705 ||| Stepping randomly (stuck).
 10707 | D:4      | 10707 ||| Stepping randomly (stuck).
 10709 | D:4      | 10709 ||| Stepping randomly (stuck).
 10711 | D:4      | 10711 ||| Stepping randomly (stuck).
 10713 | D:4      | 10713 ||| Stepping randomly (stuck).
 10715 | D:4      | 10715 ||| Stepping randomly (stuck).
 10717 | D:4      | 10717 ||| Stepping randomly (stuck).
 10719 | D:4      | 10719 ||| Stepping randomly (stuck).
 10721 | D:4      | 10721 ||| Stepping randomly (stuck).
 10723 | D:4      | 10723 ||| Stepping randomly (stuck).
 10725 | D:4      | 10725 ||| Stepping randomly (stuck).
 10727 | D:4      | 10727 ||| Stepping randomly (stuck).
 10729 | D:4      | 10729 ||| Stepping randomly (stuck).
 10731 | D:4      | 10731 ||| Stepping randomly (stuck).
 10733 | D:4      | 10733 ||| Stepping randomly (stuck).
 10735 | D:4      | 10735 ||| Stepping randomly (stuck).
 10737 | D:4      | 10737 ||| Stepping randomly (stuck).
 10739 | D:4      | 10739 ||| Stepping randomly (stuck).
 10741 | D:4      | 10741 ||| Stepping randomly (stuck).
 10743 | D:4      | 10743 ||| Stepping randomly (stuck).
 10745 | D:4      | 10745 ||| Stepping randomly (stuck).
 10747 | D:4      | 10747 ||| Stepping randomly (stuck).
 10749 | D:4      | 10749 ||| Stepping randomly (stuck).
 10751 | D:4      | 10751 ||| Stepping randomly (stuck).
 10753 | D:4      | 10753 ||| Stepping randomly (stuck).
 10755 | D:4      | 10755 ||| Stepping randomly (stuck).
 10757 | D:4      | 10757 ||| Stepping randomly (stuck).
 10759 | D:4      | 10759 ||| Stepping randomly (stuck).
 10761 | D:4      | 10761 ||| Stepping randomly (stuck).
 10763 | D:4      | 10763 ||| Stepping randomly (stuck).
 10765 | D:4      | 10765 ||| Stepping randomly (stuck).
 10767 | D:4      | 10767 ||| Stepping randomly (stuck).
 10769 | D:4      | 10769 ||| Stepping randomly (stuck).
 10771 | D:4      | 10771 ||| Stepping randomly (stuck).
 10773 | D:4      | 10773 ||| Stepping randomly (stuck).
 10775 | D:4      | 10775 ||| Stepping randomly (stuck).
 10777 | D:4      | 10777 ||| Stepping randomly (stuck).
 10779 | D:4      | 10779 ||| Stepping randomly (stuck).
 10781 | D:4      | 10781 ||| Stepping randomly (stuck).
 10783 | D:4      | 10783 ||| Stepping randomly (stuck).
 10785 | D:4      | 10785 ||| Stepping randomly (stuck).
 10787 | D:4      | 10787 ||| Stepping randomly (stuck).
 10789 | D:4      | 10789 ||| Stepping randomly (stuck).
 10791 | D:4      | 10791 ||| Stepping randomly (stuck).
 10793 | D:4      | 10793 ||| Stepping randomly (stuck).
 10795 | D:4      | 10795 ||| Stepping randomly (stuck).
 10797 | D:4      | 10797 ||| Stepping randomly (stuck).
 10799 | D:4      | 10799 ||| Stepping randomly (stuck).
 10801 | D:4      | 10801 ||| Stepping randomly (stuck).
 10803 | D:4      | 10803 ||| Stepping randomly (stuck).
 10805 | D:4      | 10805 ||| Stepping randomly (stuck).
 10807 | D:4      | 10807 ||| Stepping randomly (stuck).
 10809 | D:4      | 10809 ||| Stepping randomly (stuck).
 10811 | D:4      | 10811 ||| Stepping randomly (stuck).
 10813 | D:4      | 10813 ||| Stepping randomly (stuck).
 10815 | D:4      | 10815 ||| Stepping randomly (stuck).
 10817 | D:4      | 10817 ||| Stepping randomly (stuck).
 10819 | D:4      | 10819 ||| Stepping randomly (stuck).
 10821 | D:4      | 10821 ||| Stepping randomly (stuck).
 10823 | D:4      | 10823 ||| Stepping randomly (stuck).
 10825 | D:4      | 10825 ||| Stepping randomly (stuck).
 10827 | D:4      | 10827 ||| Stepping randomly (stuck).
 10829 | D:4      | 10829 ||| Stepping randomly (stuck).
 10831 | D:4      | 10831 ||| Stepping randomly (stuck).
 10833 | D:4      | 10833 ||| Stepping randomly (stuck).
 10835 | D:4      | 10835 ||| Stepping randomly (stuck).
 10837 | D:4      | 10837 ||| Stepping randomly (stuck).
 10839 | D:4      | 10839 ||| Stepping randomly (stuck).
 10841 | D:4      | 10841 ||| Stepping randomly (stuck).
 10843 | D:4      | 10843 ||| Stepping randomly (stuck).
 10845 | D:4      | 10845 ||| Stepping randomly (stuck).
 10847 | D:4      | 10847 ||| Stepping randomly (stuck).
 10849 | D:4      | 10849 ||| Stepping randomly (stuck).
 10851 | D:4      | 10851 ||| Stepping randomly (stuck).
 10853 | D:4      | 10853 ||| Stepping randomly (stuck).
 10855 | D:4      | 10855 ||| Stepping randomly (stuck).
 10857 | D:4      | 10857 ||| Stepping randomly (stuck).
 10859 | D:4      | 10859 ||| Stepping randomly (stuck).
 10861 | D:4      | 10861 ||| Stepping randomly (stuck).
 10863 | D:4      | 10863 ||| Stepping randomly (stuck).
 10865 | D:4      | 10865 ||| Stepping randomly (stuck).
 10867 | D:4      | 10867 ||| Stepping randomly (stuck).
 10869 | D:4      | 10869 ||| Stepping randomly (stuck).
 10871 | D:4      | 10871 ||| Stepping randomly (stuck).
 10873 | D:4      | 10873 ||| Stepping randomly (stuck).
 10875 | D:4      | 10875 ||| Stepping randomly (stuck).
 10877 | D:4      | 10877 ||| Stepping randomly (stuck).
 10879 | D:4      | 10879 ||| Stepping randomly (stuck).
 10881 | D:4      | 10881 ||| Stepping randomly (stuck).
 10883 | D:4      | 10883 ||| Stepping randomly (stuck).
 10885 | D:4      | 10885 ||| Stepping randomly (stuck).
 10887 | D:4      | 10887 ||| Stepping randomly (stuck).
 10889 | D:4      | 10889 ||| Stepping randomly (stuck).
 10891 | D:4      | 10891 ||| Stepping randomly (stuck).
 10893 | D:4      | 10893 ||| Stepping randomly (stuck).
 10895 | D:4      | 10895 ||| Stepping randomly (stuck).
 10897 | D:4      | 10897 ||| Stepping randomly (stuck).
 10899 | D:4      | 10899 ||| Stepping randomly (stuck).
 10901 | D:4      | 10901 ||| Stepping randomly (stuck).
 10903 | D:4      | 10903 ||| Stepping randomly (stuck).
 10905 | D:4      | 10905 ||| Stepping randomly (stuck).
 10907 | D:4      | 10907 ||| Stepping randomly (stuck).
 10909 | D:4      | 10909 ||| Stepping randomly (stuck).
 10911 | D:4      | 10911 ||| Stepping randomly (stuck).
 10913 | D:4      | 10913 ||| Stepping randomly (stuck).
 10915 | D:4      | 10915 ||| Stepping randomly (stuck).
 10917 | D:4      | 10917 ||| Stepping randomly (stuck).
 10919 | D:4      | 10919 ||| Stepping randomly (stuck).
 10921 | D:4      | 10921 ||| Stepping randomly (stuck).
 10923 | D:4      | 10923 ||| Stepping randomly (stuck).
 10925 | D:4      | 10925 ||| Stepping randomly (stuck).
 10927 | D:4      | 10927 ||| Stepping randomly (stuck).
 10929 | D:4      | 10929 ||| Stepping randomly (stuck).
 10931 | D:4      | 10931 ||| Stepping randomly (stuck).
 10933 | D:4      | 10933 ||| Stepping randomly (stuck).
 10935 | D:4      | 10935 ||| Stepping randomly (stuck).
 10937 | D:4      | 10937 ||| Stepping randomly (stuck).
 10939 | D:4      | 10939 ||| Stepping randomly (stuck).
 10941 | D:4      | 10941 ||| Stepping randomly (stuck).
 10943 | D:4      | 10943 ||| Stepping randomly (stuck).
 10945 | D:4      | 10945 ||| Stepping randomly (stuck).
 10947 | D:4      | 10947 ||| Stepping randomly (stuck).
 10949 | D:4      | 10949 ||| Stepping randomly (stuck).
 10951 | D:4      | 10951 ||| Stepping randomly (stuck).
 10953 | D:4      | 10953 ||| Stepping randomly (stuck).
 10955 | D:4      | 10955 ||| Stepping randomly (stuck).
 10957 | D:4      | 10957 ||| Stepping randomly (stuck).
 10959 | D:4      | 10959 ||| Stepping randomly (stuck).
 10961 | D:4      | 10961 ||| Stepping randomly (stuck).
 10963 | D:4      | 10963 ||| Stepping randomly (stuck).
 10965 | D:4      | 10965 ||| Stepping randomly (stuck).
 10967 | D:4      | 10967 ||| Stepping randomly (stuck).
 10969 | D:4      | 10969 ||| Stepping randomly (stuck).
 10971 | D:4      | 10971 ||| Stepping randomly (stuck).
 10973 | D:4      | 10973 ||| Stepping randomly (stuck).
 10975 | D:4      | 10975 ||| Stepping randomly (stuck).
 10977 | D:4      | 10977 ||| Stepping randomly (stuck).
 10979 | D:4      | 10979 ||| Stepping randomly (stuck).
 10981 | D:4      | 10981 ||| Stepping randomly (stuck).
 10983 | D:4      | 10983 ||| Stepping randomly (stuck).
 10985 | D:4      | 10985 ||| Stepping randomly (stuck).
 10987 | D:4      | 10987 ||| Stepping randomly (stuck).
 10989 | D:4      | 10989 ||| Stepping randomly (stuck).
 10991 | D:4      | 10991 ||| Stepping randomly (stuck).
 10993 | D:4      | 10993 ||| Stepping randomly (stuck).
 10995 | D:4      | 10995 ||| Stepping randomly (stuck).
 10997 | D:4      | 10997 ||| Stepping randomly (stuck).
 10999 | D:4      | 10999 ||| Stepping randomly (stuck).
 11001 | D:4      | 11001 ||| Stepping randomly (stuck).
 11003 | D:4      | 11003 ||| Stepping randomly (stuck).
 11005 | D:4      | 11005 ||| Stepping randomly (stuck).
 11007 | D:4      | 11007 ||| Stepping randomly (stuck).
 11009 | D:4      | 11009 ||| Stepping randomly (stuck).
 11011 | D:4      | 11011 ||| Stepping randomly (stuck).
 11013 | D:4      | 11013 ||| Stepping randomly (stuck).
 11015 | D:4      | 11015 ||| Stepping randomly (stuck).
 11017 | D:4      | 11017 ||| Stepping randomly (stuck).
 11019 | D:4      | 11019 ||| Stepping randomly (stuck).
 11021 | D:4      | 11021 ||| Stepping randomly (stuck).
 11023 | D:4      | 11023 ||| Stepping randomly (stuck).
 11025 | D:4      | 11025 ||| Stepping randomly (stuck).
 11027 | D:4      | 11027 ||| Stepping randomly (stuck).
 11029 | D:4      | 11029 ||| Stepping randomly (stuck).
 11031 | D:4      | 11031 ||| Stepping randomly (stuck).
 11033 | D:4      | 11033 ||| Stepping randomly (stuck).
 11035 | D:4      | 11035 ||| Stepping randomly (stuck).
 11037 | D:4      | 11037 ||| Stepping randomly (stuck).
 11039 | D:4      | 11039 ||| Stepping randomly (stuck).
 11041 | D:4      | 11041 ||| Stepping randomly (stuck).
 11043 | D:4      | 11043 ||| Stepping randomly (stuck).
 11045 | D:4      | 11045 ||| Stepping randomly (stuck).
 11047 | D:4      | 11047 ||| Stepping randomly (stuck).
 11049 | D:4      | 11049 ||| Stepping randomly (stuck).
 11051 | D:4      | 11051 ||| Stepping randomly (stuck).
 11053 | D:4      | 11053 ||| Stepping randomly (stuck).
 11055 | D:4      | 11055 ||| Stepping randomly (stuck).
 11057 | D:4      | 11057 ||| Stepping randomly (stuck).
 11059 | D:4      | 11059 ||| Stepping randomly (stuck).
 11061 | D:4      | 11061 ||| Stepping randomly (stuck).
 11063 | D:4      | 11063 ||| Stepping randomly (stuck).
 11065 | D:4      | 11065 ||| Stepping randomly (stuck).
 11067 | D:4      | 11067 ||| Stepping randomly (stuck).
 11069 | D:4      | 11069 ||| Stepping randomly (stuck).
 11071 | D:4      | 11071 ||| Stepping randomly (stuck).
 11073 | D:4      | 11073 ||| Stepping randomly (stuck).
 11075 | D:4      | 11075 ||| Stepping randomly (stuck).
 11077 | D:4      | 11077 ||| Stepping randomly (stuck).
 11079 | D:4      | 11079 ||| Stepping randomly (stuck).
 11081 | D:4      | 11081 ||| Stepping randomly (stuck).
 11083 | D:4      | 11083 ||| Stepping randomly (stuck).
 11085 | D:4      | 11085 ||| Stepping randomly (stuck).
 11087 | D:4      | 11087 ||| Stepping randomly (stuck).
 11089 | D:4      | 11089 ||| Stepping randomly (stuck).
 11091 | D:4      | 11091 ||| Stepping randomly (stuck).
 11093 | D:4      | 11093 ||| Stepping randomly (stuck).
 11095 | D:4      | 11095 ||| Stepping randomly (stuck).
 11097 | D:4      | 11097 ||| Stepping randomly (stuck).
 11099 | D:4      | 11099 ||| Stepping randomly (stuck).
 11101 | D:4      | 11101 ||| Stepping randomly (stuck).
 11103 | D:4      | 11103 ||| Stepping randomly (stuck).
 11105 | D:4      | 11105 ||| Stepping randomly (stuck).
 11107 | D:4      | 11107 ||| Stepping randomly (stuck).
 11109 | D:4      | 11109 ||| Stepping randomly (stuck).
 11111 | D:4      | 11111 ||| Stepping randomly (stuck).
 11113 | D:4      | 11113 ||| Stepping randomly (stuck).
 11115 | D:4      | 11115 ||| Stepping randomly (stuck).
 11117 | D:4      | 11117 ||| Stepping randomly (stuck).
 11119 | D:4      | 11119 ||| Stepping randomly (stuck).
 11121 | D:4      | 11121 ||| Stepping randomly (stuck).
 11123 | D:4      | 11123 ||| Stepping randomly (stuck).
 11125 | D:4      | 11125 ||| Stepping randomly (stuck).
 11127 | D:4      | 11127 ||| Stepping randomly (stuck).
 11129 | D:4      | 11129 ||| Stepping randomly (stuck).
 11131 | D:4      | 11131 ||| Stepping randomly (stuck).
 11133 | D:4      | 11133 ||| Stepping randomly (stuck).
 11135 | D:4      | 11135 ||| Stepping randomly (stuck).
 11137 | D:4      | 11137 ||| Stepping randomly (stuck).
 11139 | D:4      | 11139 ||| Stepping randomly (stuck).
 11141 | D:4      | 11141 ||| Stepping randomly (stuck).
 11143 | D:4      | 11143 ||| Stepping randomly (stuck).
 11145 | D:4      | 11145 ||| Stepping randomly (stuck).
 11147 | D:4      | 11147 ||| Stepping randomly (stuck).
 11149 | D:4      | 11149 ||| Stepping randomly (stuck).
 11151 | D:4      | 11151 ||| Stepping randomly (stuck).
 11153 | D:4      | 11153 ||| Stepping randomly (stuck).
 11155 | D:4      | 11155 ||| Stepping randomly (stuck).
 11157 | D:4      | 11157 ||| Stepping randomly (stuck).
 11159 | D:4      | 11159 ||| Stepping randomly (stuck).
 11161 | D:4      | 11161 ||| Stepping randomly (stuck).
 11163 | D:4      | 11163 ||| Stepping randomly (stuck).
 11165 | D:4      | 11165 ||| Stepping randomly (stuck).
 11167 | D:4      | 11167 ||| Stepping randomly (stuck).
 11169 | D:4      | 11169 ||| Stepping randomly (stuck).
 11171 | D:4      | 11171 ||| Stepping randomly (stuck).
 11173 | D:4      | 11173 ||| Stepping randomly (stuck).
 11175 | D:4      | 11175 ||| Stepping randomly (stuck).
 11177 | D:4      | 11177 ||| Stepping randomly (stuck).
 11179 | D:4      | 11179 ||| Stepping randomly (stuck).
 11181 | D:4      | 11181 ||| Stepping randomly (stuck).
 11183 | D:4      | 11183 ||| Stepping randomly (stuck).
 11185 | D:4      | 11185 ||| Stepping randomly (stuck).
 11187 | D:4      | 11187 ||| Stepping randomly (stuck).
 11189 | D:4      | 11189 ||| Stepping randomly (stuck).
 11191 | D:4      | 11191 ||| Stepping randomly (stuck).
 11193 | D:4      | 11193 ||| Stepping randomly (stuck).
 11195 | D:4      | 11195 ||| Stepping randomly (stuck).
 11197 | D:4      | 11197 ||| Stepping randomly (stuck).
 11199 | D:4      | 11199 ||| Stepping randomly (stuck).
 11201 | D:4      | 11201 ||| Stepping randomly (stuck).
 11203 | D:4      | 11203 ||| Stepping randomly (stuck).
 11205 | D:4      | 11205 ||| Stepping randomly (stuck).
 11207 | D:4      | 11207 ||| Stepping randomly (stuck).
 11209 | D:4      | 11209 ||| Stepping randomly (stuck).
 11211 | D:4      | 11211 ||| Stepping randomly (stuck).
 11213 | D:4      | 11213 ||| Stepping randomly (stuck).
 11215 | D:4      | 11215 ||| Stepping randomly (stuck).
 11217 | D:4      | 11217 ||| Stepping randomly (stuck).
 11219 | D:4      | 11219 ||| Stepping randomly (stuck).
 11221 | D:4      | 11221 ||| Stepping randomly (stuck).
 11223 | D:4      | 11223 ||| Stepping randomly (stuck).
 11225 | D:4      | 11225 ||| Stepping randomly (stuck).
 11227 | D:4      | 11227 ||| Stepping randomly (stuck).
 11229 | D:4      | 11229 ||| Stepping randomly (stuck).
 11231 | D:4      | 11231 ||| Stepping randomly (stuck).
 11233 | D:4      | 11233 ||| Stepping randomly (stuck).
 11235 | D:4      | 11235 ||| Stepping randomly (stuck).
 11237 | D:4      | 11237 ||| Stepping randomly (stuck).
 11239 | D:4      | 11239 ||| Stepping randomly (stuck).
 11241 | D:4      | 11241 ||| Stepping randomly (stuck).
 11243 | D:4      | 11243 ||| Stepping randomly (stuck).
 11245 | D:4      | 11245 ||| Stepping randomly (stuck).
 11247 | D:4      | 11247 ||| Stepping randomly (stuck).
 11249 | D:4      | 11249 ||| Stepping randomly (stuck).
 11251 | D:4      | 11251 ||| Stepping randomly (stuck).
 11253 | D:4      | 11253 ||| Stepping randomly (stuck).
 11255 | D:4      | 11255 ||| Stepping randomly (stuck).
 11257 | D:4      | 11257 ||| Stepping randomly (stuck).
 11259 | D:4      | 11259 ||| Stepping randomly (stuck).
 11261 | D:4      | 11261 ||| Stepping randomly (stuck).
 11263 | D:4      | 11263 ||| Stepping randomly (stuck).
 11265 | D:4      | 11265 ||| Stepping randomly (stuck).
 11267 | D:4      | 11267 ||| Stepping randomly (stuck).
 11269 | D:4      | 11269 ||| Stepping randomly (stuck).
 11271 | D:4      | 11271 ||| Stepping randomly (stuck).
 11273 | D:4      | 11273 ||| Stepping randomly (stuck).
 11275 | D:4      | 11275 ||| Stepping randomly (stuck).
 11277 | D:4      | 11277 ||| Stepping randomly (stuck).
 11279 | D:4      | 11279 ||| Stepping randomly (stuck).
 11281 | D:4      | 11281 ||| Stepping randomly (stuck).
 11283 | D:4      | 11283 ||| Stepping randomly (stuck).
 11285 | D:4      | 11285 ||| Stepping randomly (stuck).
 11287 | D:4      | 11287 ||| Stepping randomly (stuck).
 11289 | D:4      | 11289 ||| Stepping randomly (stuck).
 11291 | D:4      | 11291 ||| Stepping randomly (stuck).
 11293 | D:4      | 11293 ||| Stepping randomly (stuck).
 11295 | D:4      | 11295 ||| Stepping randomly (stuck).
 11297 | D:4      | 11297 ||| Stepping randomly (stuck).
 11299 | D:4      | 11299 ||| Stepping randomly (stuck).
 11301 | D:4      | 11301 ||| Stepping randomly (stuck).
 11303 | D:4      | 11303 ||| Stepping randomly (stuck).
 11305 | D:4      | 11305 ||| Stepping randomly (stuck).
 11307 | D:4      | 11307 ||| Stepping randomly (stuck).
 11309 | D:4      | 11309 ||| Stepping randomly (stuck).
 11311 | D:4      | 11311 ||| Stepping randomly (stuck).
 11313 | D:4      | 11313 ||| Stepping randomly (stuck).
 11315 | D:4      | 11315 ||| Stepping randomly (stuck).
 11317 | D:4      | 11317 ||| Stepping randomly (stuck).
 11319 | D:4      | 11319 ||| Stepping randomly (stuck).
 11321 | D:4      | 11321 ||| Stepping randomly (stuck).
 11323 | D:4      | 11323 ||| Stepping randomly (stuck).
 11325 | D:4      | 11325 ||| Stepping randomly (stuck).
 11327 | D:4      | 11327 ||| Stepping randomly (stuck).
 11329 | D:4      | 11329 ||| Stepping randomly (stuck).
 11331 | D:4      | 11331 ||| Stepping randomly (stuck).
 11333 | D:4      | 11333 ||| Stepping randomly (stuck).
 11335 | D:4      | 11335 ||| Stepping randomly (stuck).
 11337 | D:4      | 11337 ||| Stepping randomly (stuck).
 11339 | D:4      | 11339 ||| Stepping randomly (stuck).
 11341 | D:4      | 11341 ||| Stepping randomly (stuck).
 11343 | D:4      | 11343 ||| Stepping randomly (stuck).
 11345 | D:4      | 11345 ||| Stepping randomly (stuck).
 11347 | D:4      | 11347 ||| Stepping randomly (stuck).
 11349 | D:4      | 11349 ||| Stepping randomly (stuck).
 11351 | D:4      | 11351 ||| Stepping randomly (stuck).
 11353 | D:4      | 11353 ||| Stepping randomly (stuck).
 11355 | D:4      | 11355 ||| Stepping randomly (stuck).
 11357 | D:4      | 11357 ||| Stepping randomly (stuck).
 11359 | D:4      | 11359 ||| Stepping randomly (stuck).
 11361 | D:4      | 11361 ||| Stepping randomly (stuck).
 11363 | D:4      | 11363 ||| Stepping randomly (stuck).
 11365 | D:4      | 11365 ||| Stepping randomly (stuck).
 11367 | D:4      | 11367 ||| Stepping randomly (stuck).
 11369 | D:4      | 11369 ||| Stepping randomly (stuck).
 11371 | D:4      | 11371 ||| Stepping randomly (stuck).
 11373 | D:4      | 11373 ||| Stepping randomly (stuck).
 11375 | D:4      | 11375 ||| Stepping randomly (stuck).
 11377 | D:4      | 11377 ||| Stepping randomly (stuck).
 11379 | D:4      | 11379 ||| Stepping randomly (stuck).
 11381 | D:4      | 11381 ||| Stepping randomly (stuck).
 11383 | D:4      | 11383 ||| Stepping randomly (stuck).
 11385 | D:4      | 11385 ||| Stepping randomly (stuck).
 11387 | D:4      | 11387 ||| Stepping randomly (stuck).
 11389 | D:4      | 11389 ||| Stepping randomly (stuck).
 11391 | D:4      | 11391 ||| Stepping randomly (stuck).
 11393 | D:4      | 11393 ||| Stepping randomly (stuck).
 11395 | D:4      | 11395 ||| Stepping randomly (stuck).
 11397 | D:4      | 11397 ||| Stepping randomly (stuck).
 11399 | D:4      | 11399 ||| Stepping randomly (stuck).
 11401 | D:4      | 11401 ||| Stepping randomly (stuck).
 11403 | D:4      | 11403 ||| Stepping randomly (stuck).
 11405 | D:4      | 11405 ||| Stepping randomly (stuck).
 11407 | D:4      | 11407 ||| Stepping randomly (stuck).
 11409 | D:4      | 11409 ||| Stepping randomly (stuck).
 11411 | D:4      | 11411 ||| Stepping randomly (stuck).
 11413 | D:4      | 11413 ||| Stepping randomly (stuck).
 11415 | D:4      | 11415 ||| Stepping randomly (stuck).
 11417 | D:4      | 11417 ||| Stepping randomly (stuck).
 11419 | D:4      | 11419 ||| Stepping randomly (stuck).
 11421 | D:4      | 11421 ||| Stepping randomly (stuck).
 11423 | D:4      | 11423 ||| Stepping randomly (stuck).
 11425 | D:4      | 11425 ||| Stepping randomly (stuck).
 11427 | D:4      | 11427 ||| Stepping randomly (stuck).
 11429 | D:4      | 11429 ||| Stepping randomly (stuck).
 11431 | D:4      | 11431 ||| Stepping randomly (stuck).
 11433 | D:4      | 11433 ||| Stepping randomly (stuck).
 11435 | D:4      | 11435 ||| Stepping randomly (stuck).
 11437 | D:4      | 11437 ||| Stepping randomly (stuck).
 11439 | D:4      | 11439 ||| Stepping randomly (stuck).
 11441 | D:4      | 11441 ||| Stepping randomly (stuck).
 11443 | D:4      | 11443 ||| Stepping randomly (stuck).
 11445 | D:4      | 11445 ||| Stepping randomly (stuck).
 11447 | D:4      | 11447 ||| Stepping randomly (stuck).
 11449 | D:4      | 11449 ||| Stepping randomly (stuck).
 11451 | D:4      | 11451 ||| Stepping randomly (stuck).
 11453 | D:4      | 11453 ||| Stepping randomly (stuck).
 11455 | D:4      | 11455 ||| Stepping randomly (stuck).
 11457 | D:4      | 11457 ||| Stepping randomly (stuck).
 11459 | D:4      | 11459 ||| Stepping randomly (stuck).
 11461 | D:4      | 11461 ||| Stepping randomly (stuck).
 11463 | D:4      | 11463 ||| Stepping randomly (stuck).
 11465 | D:4      | 11465 ||| Stepping randomly (stuck).
 11467 | D:4      | 11467 ||| Stepping randomly (stuck).
 11469 | D:4      | 11469 ||| Stepping randomly (stuck).
 11471 | D:4      | 11471 ||| Stepping randomly (stuck).
 11473 | D:4      | 11473 ||| Stepping randomly (stuck).
 11475 | D:4      | 11475 ||| Stepping randomly (stuck).
 11477 | D:4      | 11477 ||| Stepping randomly (stuck).
 11479 | D:4      | 11479 ||| Stepping randomly (stuck).
 11481 | D:4      | 11481 ||| Stepping randomly (stuck).
 11483 | D:4      | 11483 ||| Stepping randomly (stuck).
 11485 | D:4      | 11485 ||| Stepping randomly (stuck).
 11487 | D:4      | 11487 ||| Stepping randomly (stuck).
 11489 | D:4      | 11489 ||| Stepping randomly (stuck).
 11491 | D:4      | 11491 ||| Stepping randomly (stuck).
 11493 | D:4      | 11493 ||| Stepping randomly (stuck).
 11495 | D:4      | 11495 ||| Stepping randomly (stuck).
 11497 | D:4      | 11497 ||| Stepping randomly (stuck).
 11499 | D:4      | 11499 ||| Stepping randomly (stuck).
 11501 | D:4      | 11501 ||| Stepping randomly (stuck).
 11503 | D:4      | 11503 ||| Stepping randomly (stuck).
 11505 | D:4      | 11505 ||| Stepping randomly (stuck).
 11507 | D:4      | 11507 ||| Stepping randomly (stuck).
 11509 | D:4      | 11509 ||| Stepping randomly (stuck).
 11511 | D:4      | 11511 ||| Stepping randomly (stuck).
 11513 | D:4      | 11513 ||| Stepping randomly (stuck).
 11515 | D:4      | 11515 ||| Stepping randomly (stuck).
 11517 | D:4      | 11517 ||| Stepping randomly (stuck).
 11519 | D:4      | 11519 ||| Stepping randomly (stuck).
 11521 | D:4      | 11521 ||| Stepping randomly (stuck).
 11523 | D:4      | 11523 ||| Stepping randomly (stuck).
 11525 | D:4      | 11525 ||| Stepping randomly (stuck).
 11527 | D:4      | 11527 ||| Stepping randomly (stuck).
 11529 | D:4      | 11529 ||| Stepping randomly (stuck).
 11531 | D:4      | 11531 ||| Stepping randomly (stuck).
 11533 | D:4      | 11533 ||| Stepping randomly (stuck).
 11535 | D:4      | 11535 ||| Stepping randomly (stuck).
 11537 | D:4      | 11537 ||| Stepping randomly (stuck).
 11539 | D:4      | 11539 ||| Stepping randomly (stuck).
 11541 | D:4      | 11541 ||| Stepping randomly (stuck).
 11543 | D:4      | 11543 ||| Stepping randomly (stuck).
 11545 | D:4      | 11545 ||| Stepping randomly (stuck).
 11547 | D:4      | 11547 ||| Stepping randomly (stuck).
 11549 | D:4      | 11549 ||| Stepping randomly (stuck).
 11551 | D:4      | 11551 ||| Stepping randomly (stuck).
 11553 | D:4      | 11553 ||| Stepping randomly (stuck).
 11555 | D:4      | 11555 ||| Stepping randomly (stuck).
 11557 | D:4      | 11557 ||| Stepping randomly (stuck).
 11559 | D:4      | 11559 ||| Stepping randomly (stuck).
 11561 | D:4      | 11561 ||| Stepping randomly (stuck).
 11563 | D:4      | 11563 ||| Stepping randomly (stuck).
 11565 | D:4      | 11565 ||| Stepping randomly (stuck).
 11567 | D:4      | 11567 ||| Stepping randomly (stuck).
 11569 | D:4      | 11569 ||| Stepping randomly (stuck).
 11571 | D:4      | 11571 ||| Stepping randomly (stuck).
 11573 | D:4      | 11573 ||| Stepping randomly (stuck).
 11575 | D:4      | 11575 ||| Stepping randomly (stuck).
 11577 | D:4      | 11577 ||| Stepping randomly (stuck).
 11579 | D:4      | 11579 ||| Stepping randomly (stuck).
 11581 | D:4      | 11581 ||| Stepping randomly (stuck).
 11583 | D:4      | 11583 ||| Stepping randomly (stuck).
 11585 | D:4      | 11585 ||| Stepping randomly (stuck).
 11587 | D:4      | 11587 ||| Stepping randomly (stuck).
 11589 | D:4      | 11589 ||| Stepping randomly (stuck).
 11591 | D:4      | 11591 ||| Stepping randomly (stuck).
 11593 | D:4      | 11593 ||| Stepping randomly (stuck).
 11595 | D:4      | 11595 ||| Stepping randomly (stuck).
 11597 | D:4      | 11597 ||| Stepping randomly (stuck).
 11599 | D:4      | 11599 ||| Stepping randomly (stuck).
 11601 | D:4      | 11601 ||| Stepping randomly (stuck).
 11603 | D:4      | 11603 ||| Stepping randomly (stuck).
 11605 | D:4      | 11605 ||| Stepping randomly (stuck).
 11607 | D:4      | 11607 ||| Stepping randomly (stuck).
 11609 | D:4      | 11609 ||| Stepping randomly (stuck).
 11611 | D:4      | 11611 ||| Stepping randomly (stuck).
 11613 | D:4      | 11613 ||| Stepping randomly (stuck).
 11615 | D:4      | 11615 ||| Stepping randomly (stuck).
 11617 | D:4      | 11617 ||| Stepping randomly (stuck).
 11619 | D:4      | 11619 ||| Stepping randomly (stuck).
 11621 | D:4      | 11621 ||| Stepping randomly (stuck).
 11623 | D:4      | 11623 ||| Stepping randomly (stuck).
 11625 | D:4      | 11625 ||| Stepping randomly (stuck).
 11627 | D:4      | 11627 ||| Stepping randomly (stuck).
 11629 | D:4      | 11629 ||| Stepping randomly (stuck).
 11631 | D:4      | 11631 ||| Stepping randomly (stuck).
 11633 | D:4      | 11633 ||| Stepping randomly (stuck).
 11635 | D:4      | 11635 ||| Stepping randomly (stuck).
 11637 | D:4      | 11637 ||| Stepping randomly (stuck).
 11639 | D:4      | 11639 ||| Stepping randomly (stuck).
 11641 | D:4      | 11641 ||| Stepping randomly (stuck).
 11643 | D:4      | 11643 ||| Stepping randomly (stuck).
 11645 | D:4      | 11645 ||| Stepping randomly (stuck).
 11647 | D:4      | 11647 ||| Stepping randomly (stuck).
 11649 | D:4      | 11649 ||| Stepping randomly (stuck).
 11651 | D:4      | 11651 ||| Stepping randomly (stuck).
 11653 | D:4      | 11653 ||| Stepping randomly (stuck).
 11655 | D:4      | 11655 ||| Stepping randomly (stuck).
 11657 | D:4      | 11657 ||| Stepping randomly (stuck).
 11659 | D:4      | 11659 ||| Stepping randomly (stuck).
 11661 | D:4      | 11661 ||| Stepping randomly (stuck).
 11663 | D:4      | 11663 ||| Stepping randomly (stuck).
 11665 | D:4      | 11665 ||| Stepping randomly (stuck).
 11667 | D:4      | 11667 ||| Stepping randomly (stuck).
 11669 | D:4      | 11669 ||| Stepping randomly (stuck).
 11671 | D:4      | 11671 ||| Stepping randomly (stuck).
 11673 | D:4      | 11673 ||| Stepping randomly (stuck).
 11675 | D:4      | 11675 ||| Stepping randomly (stuck).
 11677 | D:4      | 11677 ||| Stepping randomly (stuck).
 11679 | D:4      | 11679 ||| Stepping randomly (stuck).
 11681 | D:4      | 11681 ||| Stepping randomly (stuck).
 11683 | D:4      | 11683 ||| Stepping randomly (stuck).
 11685 | D:4      | 11685 ||| Stepping randomly (stuck).
 11687 | D:4      | 11687 ||| Stepping randomly (stuck).
 11689 | D:4      | 11689 ||| Stepping randomly (stuck).
 11691 | D:4      | 11691 ||| Stepping randomly (stuck).
 11693 | D:4      | 11693 ||| Stepping randomly (stuck).
 11695 | D:4      | 11695 ||| Stepping randomly (stuck).
 11697 | D:4      | 11697 ||| Stepping randomly (stuck).
 11699 | D:4      | 11699 ||| Stepping randomly (stuck).
 11701 | D:4      | 11701 ||| Stepping randomly (stuck).
 11703 | D:4      | 11703 ||| Stepping randomly (stuck).
 11705 | D:4      | 11705 ||| Stepping randomly (stuck).
 11707 | D:4      | 11707 ||| Stepping randomly (stuck).
 11709 | D:4      | 11709 ||| Stepping randomly (stuck).
 11711 | D:4      | 11711 ||| Stepping randomly (stuck).
 11713 | D:4      | 11713 ||| Stepping randomly (stuck).
 11715 | D:4      | 11715 ||| Stepping randomly (stuck).
 11717 | D:4      | 11717 ||| Stepping randomly (stuck).
 11719 | D:4      | 11719 ||| Stepping randomly (stuck).
 11721 | D:4      | 11721 ||| Stepping randomly (stuck).
 11723 | D:4      | 11723 ||| Stepping randomly (stuck).
 11725 | D:4      | 11725 ||| Stepping randomly (stuck).
 11727 | D:4      | 11727 ||| Stepping randomly (stuck).
 11729 | D:4      | 11729 ||| Stepping randomly (stuck).
 11731 | D:4      | 11731 ||| Stepping randomly (stuck).
 11733 | D:4      | 11733 ||| Stepping randomly (stuck).
 11735 | D:4      | 11735 ||| Stepping randomly (stuck).
 11737 | D:4      | 11737 ||| Stepping randomly (stuck).
 11739 | D:4      | 11739 ||| Stepping randomly (stuck).
 11741 | D:4      | 11741 ||| Stepping randomly (stuck).
 11743 | D:4      | 11743 ||| Stepping randomly (stuck).
 11745 | D:4      | 11745 ||| Stepping randomly (stuck).
 11747 | D:4      | 11747 ||| Stepping randomly (stuck).
 11749 | D:4      | 11749 ||| Stepping randomly (stuck).
 11751 | D:4      | 11751 ||| Stepping randomly (stuck).
 11753 | D:4      | 11753 ||| Stepping randomly (stuck).
 11755 | D:4      | 11755 ||| Stepping randomly (stuck).
 11757 | D:4      | 11757 ||| Stepping randomly (stuck).
 11759 | D:4      | 11759 ||| Stepping randomly (stuck).
 11761 | D:4      | 11761 ||| Stepping randomly (stuck).
 11763 | D:4      | 11763 ||| Stepping randomly (stuck).
 11765 | D:4      | 11765 ||| Stepping randomly (stuck).
 11767 | D:4      | 11767 ||| Stepping randomly (stuck).
 11769 | D:4      | 11769 ||| Stepping randomly (stuck).
 11771 | D:4      | 11771 ||| Stepping randomly (stuck).
 11773 | D:4      | 11773 ||| Stepping randomly (stuck).
 11775 | D:4      | 11775 ||| Stepping randomly (stuck).
 11777 | D:4      | 11777 ||| Stepping randomly (stuck).
 11779 | D:4      | 11779 ||| Stepping randomly (stuck).
 11781 | D:4      | 11781 ||| Stepping randomly (stuck).
 11783 | D:4      | 11783 ||| Stepping randomly (stuck).
 11785 | D:4      | 11785 ||| Stepping randomly (stuck).
 11787 | D:4      | 11787 ||| Stepping randomly (stuck).
 11789 | D:4      | 11789 ||| Stepping randomly (stuck).
 11791 | D:4      | 11791 ||| Stepping randomly (stuck).
 11793 | D:4      | 11793 ||| Stepping randomly (stuck).
 11795 | D:4      | 11795 ||| Stepping randomly (stuck).
 11797 | D:4      | 11797 ||| Stepping randomly (stuck).
 11799 | D:4      | 11799 ||| Stepping randomly (stuck).
 11801 | D:4      | 11801 ||| Stepping randomly (stuck).
 11803 | D:4      | 11803 ||| Stepping randomly (stuck).
 11805 | D:4      | 11805 ||| Stepping randomly (stuck).
 11807 | D:4      | 11807 ||| Stepping randomly (stuck).
 11809 | D:4      | 11809 ||| Stepping randomly (stuck).
 11811 | D:4      | 11811 ||| Stepping randomly (stuck).
 11813 | D:4      | 11813 ||| Stepping randomly (stuck).
 11815 | D:4      | 11815 ||| Stepping randomly (stuck).
 11817 | D:4      | 11817 ||| Stepping randomly (stuck).
 11819 | D:4      | 11819 ||| Stepping randomly (stuck).
 11821 | D:4      | 11821 ||| Stepping randomly (stuck).
 11823 | D:4      | 11823 ||| Stepping randomly (stuck).
 11825 | D:4      | 11825 ||| Stepping randomly (stuck).
 11827 | D:4      | 11827 ||| Stepping randomly (stuck).
 11829 | D:4      | 11829 ||| Stepping randomly (stuck).
 11831 | D:4      | 11831 ||| Stepping randomly (stuck).
 11833 | D:4      | 11833 ||| Stepping randomly (stuck).
 11835 | D:4      | 11835 ||| Stepping randomly (stuck).
 11837 | D:4      | 11837 ||| Stepping randomly (stuck).
 11839 | D:4      | 11839 ||| Stepping randomly (stuck).
 11841 | D:4      | 11841 ||| Stepping randomly (stuck).
 11843 | D:4      | 11843 ||| Stepping randomly (stuck).
 11845 | D:4      | 11845 ||| Stepping randomly (stuck).
 11847 | D:4      | 11847 ||| Stepping randomly (stuck).
 11849 | D:4      | 11849 ||| Stepping randomly (stuck).
 11851 | D:4      | 11851 ||| Stepping randomly (stuck).
 11853 | D:4      | 11853 ||| Stepping randomly (stuck).
 11855 | D:4      | 11855 ||| Stepping randomly (stuck).
 11857 | D:4      | 11857 ||| Stepping randomly (stuck).
 11859 | D:4      | 11859 ||| Stepping randomly (stuck).
 11861 | D:4      | 11861 ||| Stepping randomly (stuck).
 11863 | D:4      | 11863 ||| Stepping randomly (stuck).
 11865 | D:4      | 11865 ||| Stepping randomly (stuck).
 11867 | D:4      | 11867 ||| Stepping randomly (stuck).
 11869 | D:4      | 11869 ||| Stepping randomly (stuck).
 11871 | D:4      | 11871 ||| Stepping randomly (stuck).
 11873 | D:4      | 11873 ||| Stepping randomly (stuck).
 11875 | D:4      | 11875 ||| Stepping randomly (stuck).
 11877 | D:4      | 11877 ||| Stepping randomly (stuck).
 11879 | D:4      | 11879 ||| Stepping randomly (stuck).
 11881 | D:4      | 11881 ||| Stepping randomly (stuck).
 11883 | D:4      | 11883 ||| Stepping randomly (stuck).
 11885 | D:4      | 11885 ||| Stepping randomly (stuck).
 11887 | D:4      | 11887 ||| Stepping randomly (stuck).
 11889 | D:4      | 11889 ||| Stepping randomly (stuck).
 11891 | D:4      | 11891 ||| Stepping randomly (stuck).
 11893 | D:4      | 11893 ||| Stepping randomly (stuck).
 11895 | D:4      | 11895 ||| Stepping randomly (stuck).
 11897 | D:4      | 11897 ||| Stepping randomly (stuck).
 11899 | D:4      | 11899 ||| Stepping randomly (stuck).
 11901 | D:4      | 11901 ||| Stepping randomly (stuck).
 11903 | D:4      | 11903 ||| Stepping randomly (stuck).
 11905 | D:4      | 11905 ||| Stepping randomly (stuck).
 11907 | D:4      | 11907 ||| Stepping randomly (stuck).
 11909 | D:4      | 11909 ||| Stepping randomly (stuck).
 11911 | D:4      | 11911 ||| Stepping randomly (stuck).
 11913 | D:4      | 11913 ||| Stepping randomly (stuck).
 11915 | D:4      | 11915 ||| Stepping randomly (stuck).
 11917 | D:4      | 11917 ||| Stepping randomly (stuck).
 11919 | D:4      | 11919 ||| Stepping randomly (stuck).
 11921 | D:4      | 11921 ||| Stepping randomly (stuck).
 11923 | D:4      | 11923 ||| Stepping randomly (stuck).
 11925 | D:4      | 11925 ||| Stepping randomly (stuck).
 11927 | D:4      | 11927 ||| Stepping randomly (stuck).
 11929 | D:4      | 11929 ||| Stepping randomly (stuck).
 11931 | D:4      | 11931 ||| Stepping randomly (stuck).
 11933 | D:4      | 11933 ||| Stepping randomly (stuck).
 11935 | D:4      | 11935 ||| Stepping randomly (stuck).
 11937 | D:4      | 11937 ||| Stepping randomly (stuck).
 11939 | D:4      | 11939 ||| Stepping randomly (stuck).
 11941 | D:4      | 11941 ||| Stepping randomly (stuck).
 11943 | D:4      | 11943 ||| Stepping randomly (stuck).
 11945 | D:4      | 11945 ||| Stepping randomly (stuck).
 11947 | D:4      | 11947 ||| Stepping randomly (stuck).
 11949 | D:4      | 11949 ||| Stepping randomly (stuck).
 11951 | D:4      | 11951 ||| Stepping randomly (stuck).
 11953 | D:4      | 11953 ||| Stepping randomly (stuck).
 11955 | D:4      | 11955 ||| Stepping randomly (stuck).
 11957 | D:4      | 11957 ||| Stepping randomly (stuck).
 11959 | D:4      | 11959 ||| Stepping randomly (stuck).
 11961 | D:4      | 11961 ||| Stepping randomly (stuck).
 11963 | D:4      | 11963 ||| Stepping randomly (stuck).
 11965 | D:4      | 11965 ||| Stepping randomly (stuck).
 11967 | D:4      | 11967 ||| Stepping randomly (stuck).
 11969 | D:4      | 11969 ||| Stepping randomly (stuck).
 11971 | D:4      | 11971 ||| Stepping randomly (stuck).
 11973 | D:4      | 11973 ||| Stepping randomly (stuck).
 11975 | D:4      | 11975 ||| Stepping randomly (stuck).
 11977 | D:4      | 11977 ||| Stepping randomly (stuck).
 11979 | D:4      | 11979 ||| Stepping randomly (stuck).
 11981 | D:4      | 11981 ||| Stepping randomly (stuck).
 11983 | D:4      | 11983 ||| Stepping randomly (stuck).
 11985 | D:4      | 11985 ||| Stepping randomly (stuck).
 11987 | D:4      | 11987 ||| Stepping randomly (stuck).
 11989 | D:4      | 11989 ||| Stepping randomly (stuck).
 11991 | D:4      | 11991 ||| Stepping randomly (stuck).
 11993 | D:4      | 11993 ||| Stepping randomly (stuck).
 11995 | D:4      | 11995 ||| Stepping randomly (stuck).
 11997 | D:4      | 11997 ||| Stepping randomly (stuck).
 11999 | D:4      | 11999 ||| Stepping randomly (stuck).
 12001 | D:4      | 12001 ||| Stepping randomly (stuck).
 12003 | D:4      | 12003 ||| Stepping randomly (stuck).
 12005 | D:4      | 12005 ||| Stepping randomly (stuck).
 12007 | D:4      | 12007 ||| Stepping randomly (stuck).
 12009 | D:4      | 12009 ||| Stepping randomly (stuck).
 12011 | D:4      | 12011 ||| Stepping randomly (stuck).
 12013 | D:4      | 12013 ||| Stepping randomly (stuck).
 12015 | D:4      | 12015 ||| Stepping randomly (stuck).
 12017 | D:4      | 12017 ||| Stepping randomly (stuck).
 12019 | D:4      | 12019 ||| Stepping randomly (stuck).
 12021 | D:4      | 12021 ||| Stepping randomly (stuck).
 12023 | D:4      | 12023 ||| Stepping randomly (stuck).
 12025 | D:4      | 12025 ||| Stepping randomly (stuck).
 12027 | D:4      | 12027 ||| Stepping randomly (stuck).
 12029 | D:4      | 12029 ||| Stepping randomly (stuck).
 12031 | D:4      | 12031 ||| Stepping randomly (stuck).
 12033 | D:4      | 12033 ||| Stepping randomly (stuck).
 12035 | D:4      | 12035 ||| Stepping randomly (stuck).
 12037 | D:4      | 12037 ||| Stepping randomly (stuck).
 12039 | D:4      | 12039 ||| Stepping randomly (stuck).
 12041 | D:4      | 12041 ||| Stepping randomly (stuck).
 12043 | D:4      | 12043 ||| Stepping randomly (stuck).
 12045 | D:4      | 12045 ||| Stepping randomly (stuck).
 12047 | D:4      | 12047 ||| Stepping randomly (stuck).
 12049 | D:4      | 12049 ||| Stepping randomly (stuck).
 12051 | D:4      | 12051 ||| Stepping randomly (stuck).
 12053 | D:4      | 12053 ||| Stepping randomly (stuck).
 12055 | D:4      | 12055 ||| Stepping randomly (stuck).
 12057 | D:4      | 12057 ||| Stepping randomly (stuck).
 12059 | D:4      | 12059 ||| Stepping randomly (stuck).
 12061 | D:4      | 12061 ||| Stepping randomly (stuck).
 12063 | D:4      | 12063 ||| Stepping randomly (stuck).
 12065 | D:4      | 12065 ||| Stepping randomly (stuck).
 12067 | D:4      | 12067 ||| Stepping randomly (stuck).
 12069 | D:4      | 12069 ||| Stepping randomly (stuck).
 12071 | D:4      | 12071 ||| Stepping randomly (stuck).
 12073 | D:4      | 12073 ||| Stepping randomly (stuck).
 12075 | D:4      | 12075 ||| Stepping randomly (stuck).
 12077 | D:4      | 12077 ||| Stepping randomly (stuck).
 12079 | D:4      | 12079 ||| Stepping randomly (stuck).
 12081 | D:4      | 12081 ||| Stepping randomly (stuck).
 12083 | D:4      | 12083 ||| Stepping randomly (stuck).
 12085 | D:4      | 12085 ||| Stepping randomly (stuck).
 12087 | D:4      | 12087 ||| Stepping randomly (stuck).
 12089 | D:4      | 12089 ||| Stepping randomly (stuck).
 12091 | D:4      | 12091 ||| Stepping randomly (stuck).
 12093 | D:4      | 12093 ||| Stepping randomly (stuck).
 12095 | D:4      | 12095 ||| Stepping randomly (stuck).
 12097 | D:4      | 12097 ||| Stepping randomly (stuck).
 12099 | D:4      | 12099 ||| Stepping randomly (stuck).
 12101 | D:4      | 12101 ||| Stepping randomly (stuck).
 12103 | D:4      | 12103 ||| Stepping randomly (stuck).
 12105 | D:4      | 12105 ||| Stepping randomly (stuck).
 12107 | D:4      | 12107 ||| Stepping randomly (stuck).
 12109 | D:4      | 12109 ||| Stepping randomly (stuck).
 12111 | D:4      | 12111 ||| Stepping randomly (stuck).
 12113 | D:4      | 12113 ||| Stepping randomly (stuck).
 12115 | D:4      | 12115 ||| Stepping randomly (stuck).
 12117 | D:4      | 12117 ||| Stepping randomly (stuck).
 12119 | D:4      | 12119 ||| Stepping randomly (stuck).
 12121 | D:4      | 12121 ||| Stepping randomly (stuck).
 12123 | D:4      | 12123 ||| Stepping randomly (stuck).
 12125 | D:4      | 12125 ||| Stepping randomly (stuck).
 12127 | D:4      | 12127 ||| Stepping randomly (stuck).
 12129 | D:4      | 12129 ||| Stepping randomly (stuck).
 12131 | D:4      | 12131 ||| Stepping randomly (stuck).
 12133 | D:4      | 12133 ||| Stepping randomly (stuck).
 12135 | D:4      | 12135 ||| Stepping randomly (stuck).
 12137 | D:4      | 12137 ||| Stepping randomly (stuck).
 12139 | D:4      | 12139 ||| Stepping randomly (stuck).
 12141 | D:4      | 12141 ||| Stepping randomly (stuck).
 12143 | D:4      | 12143 ||| Stepping randomly (stuck).
 12145 | D:4      | 12145 ||| Stepping randomly (stuck).
 12147 | D:4      | 12147 ||| Stepping randomly (stuck).
 12149 | D:4      | 12149 ||| Stepping randomly (stuck).
 12151 | D:4      | 12151 ||| Stepping randomly (stuck).
 12153 | D:4      | 12153 ||| Stepping randomly (stuck).
 12155 | D:4      | 12155 ||| Stepping randomly (stuck).
 12157 | D:4      | 12157 ||| Stepping randomly (stuck).
 12159 | D:4      | 12159 ||| Stepping randomly (stuck).
 12161 | D:4      | 12161 ||| Stepping randomly (stuck).
 12163 | D:4      | 12163 ||| Stepping randomly (stuck).
 12165 | D:4      | 12165 ||| Stepping randomly (stuck).
 12167 | D:4      | 12167 ||| Stepping randomly (stuck).
 12169 | D:4      | 12169 ||| Stepping randomly (stuck).
 12171 | D:4      | 12171 ||| Stepping randomly (stuck).
 12173 | D:4      | 12173 ||| Stepping randomly (stuck).
 12175 | D:4      | 12175 ||| Stepping randomly (stuck).
 12177 | D:4      | 12177 ||| Stepping randomly (stuck).
 12179 | D:4      | 12179 ||| Stepping randomly (stuck).
 12181 | D:4      | 12181 ||| Stepping randomly (stuck).
 12183 | D:4      | 12183 ||| Stepping randomly (stuck).
 12185 | D:4      | 12185 ||| Stepping randomly (stuck).
 12187 | D:4      | 12187 ||| Stepping randomly (stuck).
 12189 | D:4      | 12189 ||| Stepping randomly (stuck).
 12191 | D:4      | 12191 ||| Stepping randomly (stuck).
 12193 | D:4      | 12193 ||| Stepping randomly (stuck).
 12195 | D:4      | 12195 ||| Stepping randomly (stuck).
 12197 | D:4      | 12197 ||| Stepping randomly (stuck).
 12199 | D:4      | 12199 ||| Stepping randomly (stuck).
 12201 | D:4      | 12201 ||| Stepping randomly (stuck).
 12203 | D:4      | 12203 ||| Stepping randomly (stuck).
 12205 | D:4      | 12205 ||| Stepping randomly (stuck).
 12207 | D:4      | 12207 ||| Stepping randomly (stuck).
 12209 | D:4      | 12209 ||| Stepping randomly (stuck).
 12211 | D:4      | 12211 ||| Stepping randomly (stuck).
 12213 | D:4      | 12213 ||| Stepping randomly (stuck).
 12215 | D:4      | 12215 ||| Stepping randomly (stuck).
 12217 | D:4      | 12217 ||| Stepping randomly (stuck).
 12219 | D:4      | 12219 ||| Stepping randomly (stuck).
 12221 | D:4      | 12221 ||| Stepping randomly (stuck).
 12223 | D:4      | 12223 ||| Stepping randomly (stuck).
 12225 | D:4      | 12225 ||| Stepping randomly (stuck).
 12227 | D:4      | 12227 ||| Stepping randomly (stuck).
 12229 | D:4      | 12229 ||| Stepping randomly (stuck).
 12231 | D:4      | 12231 ||| Stepping randomly (stuck).
 12233 | D:4      | 12233 ||| Stepping randomly (stuck).
 12235 | D:4      | 12235 ||| Stepping randomly (stuck).
 12237 | D:4      | 12237 ||| Stepping randomly (stuck).
 12239 | D:4      | 12239 ||| Stepping randomly (stuck).
 12241 | D:4      | 12241 ||| Stepping randomly (stuck).
 12243 | D:4      | 12243 ||| Stepping randomly (stuck).
 12245 | D:4      | 12245 ||| Stepping randomly (stuck).
 12247 | D:4      | 12247 ||| Stepping randomly (stuck).
 12249 | D:4      | 12249 ||| Stepping randomly (stuck).
 12251 | D:4      | 12251 ||| Stepping randomly (stuck).
 12253 | D:4      | 12253 ||| Stepping randomly (stuck).
 12255 | D:4      | 12255 ||| Stepping randomly (stuck).
 12257 | D:4      | 12257 ||| Stepping randomly (stuck).
 12259 | D:4      | 12259 ||| Stepping randomly (stuck).
 12261 | D:4      | 12261 ||| Stepping randomly (stuck).
 12263 | D:4      | 12263 ||| Stepping randomly (stuck).
 12265 | D:4      | 12265 ||| Stepping randomly (stuck).
 12267 | D:4      | 12267 ||| Stepping randomly (stuck).
 12269 | D:4      | 12269 ||| Stepping randomly (stuck).
 12271 | D:4      | 12271 ||| Stepping randomly (stuck).
 12273 | D:4      | 12273 ||| Stepping randomly (stuck).
 12275 | D:4      | 12275 ||| Stepping randomly (stuck).
 12277 | D:4      | 12277 ||| Stepping randomly (stuck).
 12279 | D:4      | 12279 ||| Stepping randomly (stuck).
 12281 | D:4      | 12281 ||| Stepping randomly (stuck).
 12283 | D:4      | 12283 ||| Stepping randomly (stuck).
 12285 | D:4      | 12285 ||| Stepping randomly (stuck).
 12287 | D:4      | 12287 ||| Stepping randomly (stuck).
 12289 | D:4      | 12289 ||| Stepping randomly (stuck).
 12291 | D:4      | 12291 ||| Stepping randomly (stuck).
 12293 | D:4      | 12293 ||| Stepping randomly (stuck).
 12295 | D:4      | 12295 ||| Stepping randomly (stuck).
 12297 | D:4      | 12297 ||| Stepping randomly (stuck).
 12299 | D:4      | 12299 ||| Stepping randomly (stuck).
 12301 | D:4      | 12301 ||| Stepping randomly (stuck).
 12303 | D:4      | 12303 ||| Stepping randomly (stuck).
 12305 | D:4      | 12305 ||| Stepping randomly (stuck).
 12307 | D:4      | 12307 ||| Stepping randomly (stuck).
 12309 | D:4      | 12309 ||| Stepping randomly (stuck).
 12311 | D:4      | 12311 ||| Stepping randomly (stuck).
 12313 | D:4      | 12313 ||| Stepping randomly (stuck).
 12315 | D:4      | 12315 ||| Stepping randomly (stuck).
 12317 | D:4      | 12317 ||| Stepping randomly (stuck).
 12319 | D:4      | 12319 ||| Stepping randomly (stuck).
 12321 | D:4      | 12321 ||| Stepping randomly (stuck).
 12323 | D:4      | 12323 ||| Stepping randomly (stuck).
 12325 | D:4      | 12325 ||| Stepping randomly (stuck).
 12327 | D:4      | 12327 ||| Stepping randomly (stuck).
 12329 | D:4      | 12329 ||| Stepping randomly (stuck).
 12331 | D:4      | 12331 ||| Stepping randomly (stuck).
 12333 | D:4      | 12333 ||| Stepping randomly (stuck).
 12335 | D:4      | 12335 ||| Stepping randomly (stuck).
 12337 | D:4      | 12337 ||| Stepping randomly (stuck).
 12339 | D:4      | 12339 ||| Stepping randomly (stuck).
 12341 | D:4      | 12341 ||| Stepping randomly (stuck).
 12343 | D:4      | 12343 ||| Stepping randomly (stuck).
 12345 | D:4      | 12345 ||| Stepping randomly (stuck).
 12347 | D:4      | 12347 ||| Stepping randomly (stuck).
 12349 | D:4      | 12349 ||| Stepping randomly (stuck).
 12351 | D:4      | 12351 ||| Stepping randomly (stuck).
 12353 | D:4      | 12353 ||| Stepping randomly (stuck).
 12355 | D:4      | 12355 ||| Stepping randomly (stuck).
 12357 | D:4      | 12357 ||| Stepping randomly (stuck).
 12359 | D:4      | 12359 ||| Stepping randomly (stuck).
 12361 | D:4      | 12361 ||| Stepping randomly (stuck).
 12363 | D:4      | 12363 ||| Stepping randomly (stuck).
 12365 | D:4      | 12365 ||| Stepping randomly (stuck).
 12367 | D:4      | 12367 ||| Stepping randomly (stuck).
 12369 | D:4      | 12369 ||| Stepping randomly (stuck).
 12371 | D:4      | 12371 ||| Stepping randomly (stuck).
 12373 | D:4      | 12373 ||| Stepping randomly (stuck).
 12375 | D:4      | 12375 ||| Stepping randomly (stuck).
 12377 | D:4      | 12377 ||| Stepping randomly (stuck).
 12379 | D:4      | 12379 ||| Stepping randomly (stuck).
 12381 | D:4      | 12381 ||| Stepping randomly (stuck).
 12383 | D:4      | 12383 ||| Stepping randomly (stuck).
 12385 | D:4      | 12385 ||| Stepping randomly (stuck).
 12387 | D:4      | 12387 ||| Stepping randomly (stuck).
 12389 | D:4      | 12389 ||| Stepping randomly (stuck).
 12391 | D:4      | 12391 ||| Stepping randomly (stuck).
 12393 | D:4      | 12393 ||| Stepping randomly (stuck).
 12395 | D:4      | 12395 ||| Stepping randomly (stuck).
 12397 | D:4      | 12397 ||| Stepping randomly (stuck).
 12399 | D:4      | 12399 ||| Stepping randomly (stuck).
 12401 | D:4      | 12401 ||| Stepping randomly (stuck).
 12403 | D:4      | 12403 ||| Stepping randomly (stuck).
 12405 | D:4      | 12405 ||| Stepping randomly (stuck).
 12407 | D:4      | 12407 ||| Stepping randomly (stuck).
 12409 | D:4      | 12409 ||| Stepping randomly (stuck).
 12411 | D:4      | 12411 ||| Stepping randomly (stuck).
 12413 | D:4      | 12413 ||| Stepping randomly (stuck).
 12415 | D:4      | 12415 ||| Stepping randomly (stuck).
 12417 | D:4      | 12417 ||| Stepping randomly (stuck).
 12419 | D:4      | 12419 ||| Stepping randomly (stuck).
 12421 | D:4      | 12421 ||| Stepping randomly (stuck).
 12423 | D:4      | 12423 ||| Stepping randomly (stuck).
 12425 | D:4      | 12425 ||| Stepping randomly (stuck).
 12427 | D:4      | 12427 ||| Stepping randomly (stuck).
 12429 | D:4      | 12429 ||| Stepping randomly (stuck).
 12431 | D:4      | 12431 ||| Stepping randomly (stuck).
 12433 | D:4      | 12433 ||| Stepping randomly (stuck).
 12435 | D:4      | 12435 ||| Stepping randomly (stuck).
 12437 | D:4      | 12437 ||| Stepping randomly (stuck).
 12439 | D:4      | 12439 ||| Stepping randomly (stuck).
 12441 | D:4      | 12441 ||| Stepping randomly (stuck).
 12443 | D:4      | 12443 ||| Stepping randomly (stuck).
 12445 | D:4      | 12445 ||| Stepping randomly (stuck).
 12447 | D:4      | 12447 ||| Stepping randomly (stuck).
 12449 | D:4      | 12449 ||| Stepping randomly (stuck).
 12451 | D:4      | 12451 ||| Stepping randomly (stuck).
 12453 | D:4      | 12453 ||| Stepping randomly (stuck).
 12455 | D:4      | 12455 ||| Stepping randomly (stuck).
 12457 | D:4      | 12457 ||| Stepping randomly (stuck).
 12459 | D:4      | 12459 ||| Stepping randomly (stuck).
 12461 | D:4      | 12461 ||| Stepping randomly (stuck).
 12463 | D:4      | 12463 ||| Stepping randomly (stuck).
 12465 | D:4      | 12465 ||| Stepping randomly (stuck).
 12467 | D:4      | 12467 ||| Stepping randomly (stuck).
 12469 | D:4      | 12469 ||| Stepping randomly (stuck).
 12471 | D:4      | 12471 ||| Stepping randomly (stuck).
 12473 | D:4      | 12473 ||| Stepping randomly (stuck).
 12475 | D:4      | 12475 ||| Stepping randomly (stuck).
 12477 | D:4      | 12477 ||| Stepping randomly (stuck).
 12479 | D:4      | 12479 ||| Stepping randomly (stuck).
 12481 | D:4      | 12481 ||| Stepping randomly (stuck).
 12483 | D:4      | 12483 ||| Stepping randomly (stuck).
 12485 | D:4      | 12485 ||| Stepping randomly (stuck).
 12487 | D:4      | 12487 ||| Stepping randomly (stuck).
 12489 | D:4      | 12489 ||| Stepping randomly (stuck).
 12491 | D:4      | 12491 ||| Stepping randomly (stuck).
 12493 | D:4      | 12493 ||| Stepping randomly (stuck).
 12495 | D:4      | 12495 ||| Stepping randomly (stuck).
 12497 | D:4      | 12497 ||| Stepping randomly (stuck).
 12499 | D:4      | 12499 ||| Stepping randomly (stuck).
 12501 | D:4      | 12501 ||| Stepping randomly (stuck).
 12503 | D:4      | 12503 ||| Stepping randomly (stuck).
 12505 | D:4      | 12505 ||| Stepping randomly (stuck).
 12507 | D:4      | 12507 ||| Stepping randomly (stuck).
 12509 | D:4      | 12509 ||| Stepping randomly (stuck).
 12511 | D:4      | 12511 ||| Stepping randomly (stuck).
 12513 | D:4      | 12513 ||| Stepping randomly (stuck).
 12515 | D:4      | 12515 ||| Stepping randomly (stuck).
 12517 | D:4      | 12517 ||| Stepping randomly (stuck).
 12519 | D:4      | 12519 ||| Stepping randomly (stuck).
 12521 | D:4      | 12521 ||| Stepping randomly (stuck).
 12523 | D:4      | 12523 ||| Stepping randomly (stuck).
 12525 | D:4      | 12525 ||| Stepping randomly (stuck).
 12527 | D:4      | 12527 ||| Stepping randomly (stuck).
 12529 | D:4      | 12529 ||| Stepping randomly (stuck).
 12531 | D:4      | 12531 ||| Stepping randomly (stuck).
 12533 | D:4      | 12533 ||| Stepping randomly (stuck).
 12535 | D:4      | 12535 ||| Stepping randomly (stuck).
 12537 | D:4      | 12537 ||| Stepping randomly (stuck).
 12539 | D:4      | 12539 ||| Stepping randomly (stuck).
 12541 | D:4      | 12541 ||| Stepping randomly (stuck).
 12543 | D:4      | 12543 ||| Stepping randomly (stuck).
 12545 | D:4      | 12545 ||| Stepping randomly (stuck).
 12547 | D:4      | 12547 ||| Stepping randomly (stuck).
 12549 | D:4      | 12549 ||| Stepping randomly (stuck).
 12551 | D:4      | 12551 ||| Stepping randomly (stuck).
 12553 | D:4      | 12553 ||| Stepping randomly (stuck).
 12555 | D:4      | 12555 ||| Stepping randomly (stuck).
 12557 | D:4      | 12557 ||| Stepping randomly (stuck).
 12559 | D:4      | 12559 ||| Stepping randomly (stuck).
 12561 | D:4      | 12561 ||| Stepping randomly (stuck).
 12563 | D:4      | 12563 ||| Stepping randomly (stuck).
 12565 | D:4      | 12565 ||| Stepping randomly (stuck).
 12567 | D:4      | 12567 ||| Stepping randomly (stuck).
 12569 | D:4      | 12569 ||| Stepping randomly (stuck).
 12571 | D:4      | 12571 ||| Stepping randomly (stuck).
 12573 | D:4      | 12573 ||| Stepping randomly (stuck).
 12575 | D:4      | 12575 ||| Stepping randomly (stuck).
 12577 | D:4      | 12577 ||| Stepping randomly (stuck).
 12579 | D:4      | 12579 ||| Stepping randomly (stuck).
 12581 | D:4      | 12581 ||| Stepping randomly (stuck).
 12583 | D:4      | 12583 ||| Stepping randomly (stuck).
 12585 | D:4      | 12585 ||| Stepping randomly (stuck).
 12587 | D:4      | 12587 ||| Stepping randomly (stuck).
 12589 | D:4      | 12589 ||| Stepping randomly (stuck).
 12591 | D:4      | 12591 ||| Stepping randomly (stuck).
 12593 | D:4      | 12593 ||| Stepping randomly (stuck).
 12595 | D:4      | 12595 ||| Stepping randomly (stuck).
 12597 | D:4      | 12597 ||| Stepping randomly (stuck).
 12599 | D:4      | 12599 ||| Stepping randomly (stuck).
 12601 | D:4      | 12601 ||| Stepping randomly (stuck).
 12603 | D:4      | 12603 ||| Stepping randomly (stuck).
 12605 | D:4      | 12605 ||| Stepping randomly (stuck).
 12607 | D:4      | 12607 ||| Stepping randomly (stuck).
 12609 | D:4      | 12609 ||| Stepping randomly (stuck).
 12611 | D:4      | 12611 ||| Stepping randomly (stuck).
 12613 | D:4      | 12613 ||| Stepping randomly (stuck).
 12615 | D:4      | 12615 ||| Stepping randomly (stuck).
 12617 | D:4      | 12617 ||| Stepping randomly (stuck).
 12619 | D:4      | 12619 ||| Stepping randomly (stuck).
 12621 | D:4      | 12621 ||| Stepping randomly (stuck).
 12623 | D:4      | 12623 ||| Stepping randomly (stuck).
 12625 | D:4      | 12625 ||| Stepping randomly (stuck).
 12627 | D:4      | 12627 ||| Stepping randomly (stuck).
 12629 | D:4      | 12629 ||| Stepping randomly (stuck).
 12631 | D:4      | 12631 ||| Stepping randomly (stuck).
 12633 | D:4      | 12633 ||| Stepping randomly (stuck).
 12635 | D:4      | 12635 ||| Stepping randomly (stuck).
 12637 | D:4      | 12637 ||| Stepping randomly (stuck).
 12639 | D:4      | 12639 ||| Stepping randomly (stuck).
 12641 | D:4      | 12641 ||| Stepping randomly (stuck).
 12643 | D:4      | 12643 ||| Stepping randomly (stuck).
 12645 | D:4      | 12645 ||| Stepping randomly (stuck).
 12647 | D:4      | 12647 ||| Stepping randomly (stuck).
 12649 | D:4      | 12649 ||| Stepping randomly (stuck).
 12651 | D:4      | 12651 ||| Stepping randomly (stuck).
 12653 | D:4      | 12653 ||| Stepping randomly (stuck).
 12655 | D:4      | 12655 ||| Stepping randomly (stuck).
 12657 | D:4      | 12657 ||| Stepping randomly (stuck).
 12659 | D:4      | 12659 ||| Stepping randomly (stuck).
 12661 | D:4      | 12661 ||| Stepping randomly (stuck).
 12663 | D:4      | 12663 ||| Stepping randomly (stuck).
 12665 | D:4      | 12665 ||| Stepping randomly (stuck).
 12667 | D:4      | 12667 ||| Stepping randomly (stuck).
 12669 | D:4      | 12669 ||| Stepping randomly (stuck).
 12671 | D:4      | 12671 ||| Stepping randomly (stuck).
 12673 | D:4      | 12673 ||| Stepping randomly (stuck).
 12675 | D:4      | 12675 ||| Stepping randomly (stuck).
 12677 | D:4      | 12677 ||| Stepping randomly (stuck).
 12679 | D:4      | 12679 ||| Stepping randomly (stuck).
 12681 | D:4      | 12681 ||| Stepping randomly (stuck).
 12683 | D:4      | 12683 ||| Stepping randomly (stuck).
 12685 | D:4      | 12685 ||| Stepping randomly (stuck).
 12687 | D:4      | 12687 ||| Stepping randomly (stuck).
 12689 | D:4      | 12689 ||| Stepping randomly (stuck).
 12691 | D:4      | 12691 ||| Stepping randomly (stuck).
 12693 | D:4      | 12693 ||| Stepping randomly (stuck).
 12695 | D:4      | 12695 ||| Stepping randomly (stuck).
 12697 | D:4      | 12697 ||| Stepping randomly (stuck).
 12699 | D:4      | 12699 ||| Stepping randomly (stuck).
 12701 | D:4      | 12701 ||| Stepping randomly (stuck).
 12703 | D:4      | 12703 ||| Stepping randomly (stuck).
 12705 | D:4      | 12705 ||| Stepping randomly (stuck).
 12707 | D:4      | 12707 ||| Stepping randomly (stuck).
 12709 | D:4      | 12709 ||| Stepping randomly (stuck).
 12711 | D:4      | 12711 ||| Stepping randomly (stuck).
 12713 | D:4      | 12713 ||| Stepping randomly (stuck).
 12715 | D:4      | 12715 ||| Stepping randomly (stuck).
 12717 | D:4      | 12717 ||| Stepping randomly (stuck).
 12719 | D:4      | 12719 ||| Stepping randomly (stuck).
 12721 | D:4      | 12721 ||| Stepping randomly (stuck).
 12723 | D:4      | 12723 ||| Stepping randomly (stuck).
 12725 | D:4      | 12725 ||| Stepping randomly (stuck).
 12727 | D:4      | 12727 ||| Stepping randomly (stuck).
 12729 | D:4      | 12729 ||| Stepping randomly (stuck).
 12731 | D:4      | 12731 ||| Stepping randomly (stuck).
 12733 | D:4      | 12733 ||| Stepping randomly (stuck).
 12735 | D:4      | 12735 ||| Stepping randomly (stuck).
 12737 | D:4      | 12737 ||| Stepping randomly (stuck).
 12739 | D:4      | 12739 ||| Stepping randomly (stuck).
 12741 | D:4      | 12741 ||| Stepping randomly (stuck).
 12743 | D:4      | 12743 ||| Stepping randomly (stuck).
 12745 | D:4      | 12745 ||| Stepping randomly (stuck).
 12747 | D:4      | 12747 ||| Stepping randomly (stuck).
 12749 | D:4      | 12749 ||| Stepping randomly (stuck).
 12751 | D:4      | 12751 ||| Stepping randomly (stuck).
 12753 | D:4      | 12753 ||| Stepping randomly (stuck).
 12755 | D:4      | 12755 ||| Stepping randomly (stuck).
 12757 | D:4      | 12757 ||| Stepping randomly (stuck).
 12759 | D:4      | 12759 ||| Stepping randomly (stuck).
 12761 | D:4      | 12761 ||| Stepping randomly (stuck).
 12763 | D:4      | 12763 ||| Stepping randomly (stuck).
 12765 | D:4      | 12765 ||| Stepping randomly (stuck).
 12767 | D:4      | 12767 ||| Stepping randomly (stuck).
 12769 | D:4      | 12769 ||| Stepping randomly (stuck).
 12771 | D:4      | 12771 ||| Stepping randomly (stuck).
 12773 | D:4      | 12773 ||| Stepping randomly (stuck).
 12775 | D:4      | 12775 ||| Stepping randomly (stuck).
 12777 | D:4      | 12777 ||| Stepping randomly (stuck).
 12779 | D:4      | 12779 ||| Stepping randomly (stuck).
 12781 | D:4      | 12781 ||| Stepping randomly (stuck).
 12783 | D:4      | 12783 ||| Stepping randomly (stuck).
 12785 | D:4      | 12785 ||| Stepping randomly (stuck).
 12787 | D:4      | 12787 ||| Stepping randomly (stuck).
 12789 | D:4      | 12789 ||| Stepping randomly (stuck).
 12791 | D:4      | 12791 ||| Stepping randomly (stuck).
 12793 | D:4      | 12793 ||| Stepping randomly (stuck).
 12795 | D:4      | 12795 ||| Stepping randomly (stuck).
 12797 | D:4      | 12797 ||| Stepping randomly (stuck).
 12799 | D:4      | 12799 ||| Stepping randomly (stuck).
 12801 | D:4      | 12801 ||| Stepping randomly (stuck).
 12803 | D:4      | 12803 ||| Stepping randomly (stuck).
 12805 | D:4      | 12805 ||| Stepping randomly (stuck).
 12807 | D:4      | 12807 ||| Stepping randomly (stuck).
 12809 | D:4      | 12809 ||| Stepping randomly (stuck).
 12811 | D:4      | 12811 ||| Stepping randomly (stuck).
 12813 | D:4      | 12813 ||| Stepping randomly (stuck).
 12815 | D:4      | 12815 ||| Stepping randomly (stuck).
 12817 | D:4      | 12817 ||| Stepping randomly (stuck).
 12819 | D:4      | 12819 ||| Stepping randomly (stuck).
 12821 | D:4      | 12821 ||| Stepping randomly (stuck).
 12823 | D:4      | 12823 ||| Stepping randomly (stuck).
 12825 | D:4      | 12825 ||| Stepping randomly (stuck).
 12827 | D:4      | 12827 ||| Stepping randomly (stuck).
 12829 | D:4      | 12829 ||| Stepping randomly (stuck).
 12831 | D:4      | 12831 ||| Stepping randomly (stuck).
 12833 | D:4      | 12833 ||| Stepping randomly (stuck).
 12835 | D:4      | 12835 ||| Stepping randomly (stuck).
 12837 | D:4      | 12837 ||| Stepping randomly (stuck).
 12839 | D:4      | 12839 ||| Stepping randomly (stuck).
 12841 | D:4      | 12841 ||| Stepping randomly (stuck).
 12843 | D:4      | 12843 ||| Stepping randomly (stuck).
 12845 | D:4      | 12845 ||| Stepping randomly (stuck).
 12847 | D:4      | 12847 ||| Stepping randomly (stuck).
 12849 | D:4      | 12849 ||| Stepping randomly (stuck).
 12851 | D:4      | 12851 ||| Stepping randomly (stuck).
 12853 | D:4      | 12853 ||| Stepping randomly (stuck).
 12855 | D:4      | 12855 ||| Stepping randomly (stuck).
 12857 | D:4      | 12857 ||| Stepping randomly (stuck).
 12859 | D:4      | 12859 ||| Stepping randomly (stuck).
 12861 | D:4      | 12861 ||| Stepping randomly (stuck).
 12863 | D:4      | 12863 ||| Stepping randomly (stuck).
 12865 | D:4      | 12865 ||| Stepping randomly (stuck).
 12867 | D:4      | 12867 ||| Stepping randomly (stuck).
 12869 | D:4      | 12869 ||| Stepping randomly (stuck).
 12871 | D:4      | 12871 ||| Stepping randomly (stuck).
 12873 | D:4      | 12873 ||| Stepping randomly (stuck).
 12875 | D:4      | 12875 ||| Stepping randomly (stuck).
 12877 | D:4      | 12877 ||| Stepping randomly (stuck).
 12879 | D:4      | 12879 ||| Stepping randomly (stuck).
 12881 | D:4      | 12881 ||| Stepping randomly (stuck).
 12883 | D:4      | 12883 ||| Stepping randomly (stuck).
 12885 | D:4      | 12885 ||| Stepping randomly (stuck).
 12887 | D:4      | 12887 ||| Stepping randomly (stuck).
 12889 | D:4      | 12889 ||| Stepping randomly (stuck).
 12891 | D:4      | 12891 ||| Stepping randomly (stuck).
 12893 | D:4      | 12893 ||| Stepping randomly (stuck).
 12895 | D:4      | 12895 ||| Stepping randomly (stuck).
 12897 | D:4      | 12897 ||| Stepping randomly (stuck).
 12899 | D:4      | 12899 ||| Stepping randomly (stuck).
 12901 | D:4      | 12901 ||| Stepping randomly (stuck).
 12903 | D:4      | 12903 ||| Stepping randomly (stuck).
 12905 | D:4      | 12905 ||| Stepping randomly (stuck).
 12907 | D:4      | 12907 ||| Stepping randomly (stuck).
 12909 | D:4      | 12909 ||| Stepping randomly (stuck).
 12911 | D:4      | 12911 ||| Stepping randomly (stuck).
 12913 | D:4      | 12913 ||| Stepping randomly (stuck).
 12915 | D:4      | 12915 ||| Stepping randomly (stuck).
 12917 | D:4      | 12917 ||| Stepping randomly (stuck).
 12919 | D:4      | 12919 ||| Stepping randomly (stuck).
 12921 | D:4      | 12921 ||| Stepping randomly (stuck).
 12923 | D:4      | 12923 ||| Stepping randomly (stuck).
 12925 | D:4      | 12925 ||| Stepping randomly (stuck).
 12927 | D:4      | 12927 ||| Stepping randomly (stuck).
 12929 | D:4      | 12929 ||| Stepping randomly (stuck).
 12931 | D:4      | 12931 ||| Stepping randomly (stuck).
 12933 | D:4      | 12933 ||| Stepping randomly (stuck).
 12935 | D:4      | 12935 ||| Stepping randomly (stuck).
 12937 | D:4      | 12937 ||| Stepping randomly (stuck).
 12939 | D:4      | 12939 ||| Stepping randomly (stuck).
 12941 | D:4      | 12941 ||| Stepping randomly (stuck).
 12943 | D:4      | 12943 ||| Stepping randomly (stuck).
 12945 | D:4      | 12945 ||| Stepping randomly (stuck).
 12947 | D:4      | 12947 ||| Stepping randomly (stuck).
 12949 | D:4      | 12949 ||| Stepping randomly (stuck).
 12951 | D:4      | 12951 ||| Stepping randomly (stuck).
 12953 | D:4      | 12953 ||| Stepping randomly (stuck).
 12955 | D:4      | 12955 ||| Stepping randomly (stuck).
 12957 | D:4      | 12957 ||| Stepping randomly (stuck).
 12959 | D:4      | 12959 ||| Stepping randomly (stuck).
 12961 | D:4      | 12961 ||| Stepping randomly (stuck).
 12963 | D:4      | 12963 ||| Stepping randomly (stuck).
 12965 | D:4      | 12965 ||| Stepping randomly (stuck).
 12967 | D:4      | 12967 ||| Stepping randomly (stuck).
 12969 | D:4      | 12969 ||| Stepping randomly (stuck).
 12971 | D:4      | 12971 ||| Stepping randomly (stuck).
 12973 | D:4      | 12973 ||| Stepping randomly (stuck).
 12975 | D:4      | 12975 ||| Stepping randomly (stuck).
 12977 | D:4      | 12977 ||| Stepping randomly (stuck).
 12979 | D:4      | 12979 ||| Stepping randomly (stuck).
 12981 | D:4      | 12981 ||| Stepping randomly (stuck).
 12983 | D:4      | 12983 ||| Stepping randomly (stuck).
 12985 | D:4      | 12985 ||| Stepping randomly (stuck).
 12987 | D:4      | 12987 ||| Stepping randomly (stuck).
 12989 | D:4      | 12989 ||| Stepping randomly (stuck).
 12991 | D:4      | 12991 ||| Stepping randomly (stuck).
 12993 | D:4      | 12993 ||| Stepping randomly (stuck).
 12995 | D:4      | 12995 ||| Stepping randomly (stuck).
 12997 | D:4      | 12997 ||| Stepping randomly (stuck).
 12999 | D:4      | 12999 ||| Stepping randomly (stuck).
 13001 | D:4      | 13001 ||| Stepping randomly (stuck).
 13003 | D:4      | 13003 ||| Stepping randomly (stuck).
 13005 | D:4      | 13005 ||| Stepping randomly (stuck).
 13007 | D:4      | 13007 ||| Stepping randomly (stuck).
 13009 | D:4      | 13009 ||| Stepping randomly (stuck).
 13011 | D:4      | 13011 ||| Stepping randomly (stuck).
 13013 | D:4      | 13013 ||| Stepping randomly (stuck).
 13015 | D:4      | 13015 ||| Stepping randomly (stuck).
 13017 | D:4      | 13017 ||| Stepping randomly (stuck).
 13019 | D:4      | 13019 ||| Stepping randomly (stuck).
 13021 | D:4      | 13021 ||| Stepping randomly (stuck).
 13023 | D:4      | 13023 ||| Stepping randomly (stuck).
 13025 | D:4      | 13025 ||| Stepping randomly (stuck).
 13027 | D:4      | 13027 ||| Stepping randomly (stuck).
 13029 | D:4      | 13029 ||| Stepping randomly (stuck).
 13031 | D:4      | 13031 ||| Stepping randomly (stuck).
 13033 | D:4      | 13033 ||| Stepping randomly (stuck).
 13035 | D:4      | 13035 ||| Stepping randomly (stuck).
 13037 | D:4      | 13037 ||| Stepping randomly (stuck).
 13039 | D:4      | 13039 ||| Stepping randomly (stuck).
 13041 | D:4      | 13041 ||| Stepping randomly (stuck).
 13043 | D:4      | 13043 ||| Stepping randomly (stuck).
 13045 | D:4      | 13045 ||| Stepping randomly (stuck).
 13047 | D:4      | 13047 ||| Stepping randomly (stuck).
 13049 | D:4      | 13049 ||| Stepping randomly (stuck).
 13051 | D:4      | 13051 ||| Stepping randomly (stuck).
 13053 | D:4      | 13053 ||| Stepping randomly (stuck).
 13055 | D:4      | 13055 ||| Stepping randomly (stuck).
 13057 | D:4      | 13057 ||| Stepping randomly (stuck).
 13059 | D:4      | 13059 ||| Stepping randomly (stuck).
 13061 | D:4      | 13061 ||| Stepping randomly (stuck).
 13063 | D:4      | 13063 ||| Stepping randomly (stuck).
 13065 | D:4      | 13065 ||| Stepping randomly (stuck).
 13067 | D:4      | 13067 ||| Stepping randomly (stuck).
 13069 | D:4      | 13069 ||| Stepping randomly (stuck).
 13071 | D:4      | 13071 ||| Stepping randomly (stuck).
 13073 | D:4      | 13073 ||| Stepping randomly (stuck).
 13075 | D:4      | 13075 ||| Stepping randomly (stuck).
 13077 | D:4      | 13077 ||| Stepping randomly (stuck).
 13079 | D:4      | 13079 ||| Stepping randomly (stuck).
 13081 | D:4      | 13081 ||| Stepping randomly (stuck).
 13083 | D:4      | 13083 ||| Stepping randomly (stuck).
 13085 | D:4      | 13085 ||| Stepping randomly (stuck).
 13087 | D:4      | 13087 ||| Stepping randomly (stuck).
 13089 | D:4      | 13089 ||| Stepping randomly (stuck).
 13091 | D:4      | 13091 ||| Stepping randomly (stuck).
 13093 | D:4      | 13093 ||| Stepping randomly (stuck).
 13095 | D:4      | 13095 ||| Stepping randomly (stuck).
 13097 | D:4      | 13097 ||| Stepping randomly (stuck).
 13099 | D:4      | 13099 ||| Stepping randomly (stuck).
 13101 | D:4      | 13101 ||| Stepping randomly (stuck).
 13103 | D:4      | 13103 ||| Stepping randomly (stuck).
 13105 | D:4      | 13105 ||| Stepping randomly (stuck).
 13107 | D:4      | 13107 ||| Stepping randomly (stuck).
 13109 | D:4      | 13109 ||| Stepping randomly (stuck).
 13111 | D:4      | 13111 ||| Stepping randomly (stuck).
 13113 | D:4      | 13113 ||| Stepping randomly (stuck).
 13115 | D:4      | 13115 ||| Stepping randomly (stuck).
 13117 | D:4      | 13117 ||| Stepping randomly (stuck).
 13119 | D:4      | 13119 ||| Stepping randomly (stuck).
 13121 | D:4      | 13121 ||| Stepping randomly (stuck).
 13123 | D:4      | 13123 ||| Stepping randomly (stuck).
 13125 | D:4      | 13125 ||| Stepping randomly (stuck).
 13127 | D:4      | 13127 ||| Stepping randomly (stuck).
 13129 | D:4      | 13129 ||| Stepping randomly (stuck).
 13131 | D:4      | 13131 ||| Stepping randomly (stuck).
 13133 | D:4      | 13133 ||| Stepping randomly (stuck).
 13135 | D:4      | 13135 ||| Stepping randomly (stuck).
 13137 | D:4      | 13137 ||| Stepping randomly (stuck).
 13139 | D:4      | 13139 ||| Stepping randomly (stuck).
 13141 | D:4      | 13141 ||| Stepping randomly (stuck).
 13143 | D:4      | 13143 ||| Stepping randomly (stuck).
 13145 | D:4      | 13145 ||| Stepping randomly (stuck).
 13147 | D:4      | 13147 ||| Stepping randomly (stuck).
 13149 | D:4      | 13149 ||| Stepping randomly (stuck).
 13151 | D:4      | 13151 ||| Stepping randomly (stuck).
 13153 | D:4      | 13153 ||| Stepping randomly (stuck).
 13155 | D:4      | 13155 ||| Stepping randomly (stuck).
 13157 | D:4      | 13157 ||| Stepping randomly (stuck).
 13159 | D:4      | 13159 ||| Stepping randomly (stuck).
 13161 | D:4      | 13161 ||| Stepping randomly (stuck).
 13163 | D:4      | 13163 ||| Stepping randomly (stuck).
 13165 | D:4      | 13165 ||| Stepping randomly (stuck).
 13167 | D:4      | 13167 ||| Stepping randomly (stuck).
 13169 | D:4      | 13169 ||| Stepping randomly (stuck).
 13171 | D:4      | 13171 ||| Stepping randomly (stuck).
 13173 | D:4      | 13173 ||| Stepping randomly (stuck).
 13175 | D:4      | 13175 ||| Stepping randomly (stuck).
 13177 | D:4      | 13177 ||| Stepping randomly (stuck).
 13179 | D:4      | 13179 ||| Stepping randomly (stuck).
 13181 | D:4      | 13181 ||| Stepping randomly (stuck).
 13183 | D:4      | 13183 ||| Stepping randomly (stuck).
 13185 | D:4      | 13185 ||| Stepping randomly (stuck).
 13187 | D:4      | 13187 ||| Stepping randomly (stuck).
 13189 | D:4      | 13189 ||| Stepping randomly (stuck).
 13191 | D:4      | 13191 ||| Stepping randomly (stuck).
 13193 | D:4      | 13193 ||| Stepping randomly (stuck).
 13195 | D:4      | 13195 ||| Stepping randomly (stuck).
 13197 | D:4      | 13197 ||| Stepping randomly (stuck).
 13199 | D:4      | 13199 ||| Stepping randomly (stuck).
 13201 | D:4      | 13201 ||| Stepping randomly (stuck).
 13203 | D:4      | 13203 ||| Stepping randomly (stuck).
 13205 | D:4      | 13205 ||| Stepping randomly (stuck).
 13207 | D:4      | 13207 ||| Stepping randomly (stuck).
 13209 | D:4      | 13209 ||| Stepping randomly (stuck).
 13211 | D:4      | 13211 ||| Stepping randomly (stuck).
 13213 | D:4      | 13213 ||| Stepping randomly (stuck).
 13215 | D:4      | 13215 ||| Stepping randomly (stuck).
 13217 | D:4      | 13217 ||| Stepping randomly (stuck).
 13219 | D:4      | 13219 ||| Stepping randomly (stuck).
 13221 | D:4      | 13221 ||| Stepping randomly (stuck).
 13223 | D:4      | 13223 ||| Stepping randomly (stuck).
 13225 | D:4      | 13225 ||| Stepping randomly (stuck).
 13227 | D:4      | 13227 ||| Stepping randomly (stuck).
 13229 | D:4      | 13229 ||| Stepping randomly (stuck).
 13231 | D:4      | 13231 ||| Stepping randomly (stuck).
 13233 | D:4      | 13233 ||| Stepping randomly (stuck).
 13235 | D:4      | 13235 ||| Stepping randomly (stuck).
 13237 | D:4      | 13237 ||| Stepping randomly (stuck).
 13239 | D:4      | 13239 ||| Stepping randomly (stuck).
 13241 | D:4      | 13241 ||| Stepping randomly (stuck).
 13243 | D:4      | 13243 ||| Stepping randomly (stuck).
 13245 | D:4      | 13245 ||| Stepping randomly (stuck).
 13247 | D:4      | 13247 ||| Stepping randomly (stuck).
 13249 | D:4      | 13249 ||| Stepping randomly (stuck).
 13251 | D:4      | 13251 ||| Stepping randomly (stuck).
 13253 | D:4      | 13253 ||| Stepping randomly (stuck).
 13255 | D:4      | 13255 ||| Stepping randomly (stuck).
 13257 | D:4      | 13257 ||| Stepping randomly (stuck).
 13259 | D:4      | 13259 ||| Stepping randomly (stuck).
 13261 | D:4      | 13261 ||| Stepping randomly (stuck).
 13263 | D:4      | 13263 ||| Stepping randomly (stuck).
 13265 | D:4      | 13265 ||| Stepping randomly (stuck).
 13267 | D:4      | 13267 ||| Stepping randomly (stuck).
 13269 | D:4      | 13269 ||| Stepping randomly (stuck).
 13271 | D:4      | 13271 ||| Stepping randomly (stuck).
 13273 | D:4      | 13273 ||| Stepping randomly (stuck).
 13275 | D:4      | 13275 ||| Stepping randomly (stuck).
 13277 | D:4      | 13277 ||| Stepping randomly (stuck).
 13279 | D:4      | 13279 ||| Stepping randomly (stuck).
 13281 | D:4      | 13281 ||| Stepping randomly (stuck).
 13283 | D:4      | 13283 ||| Stepping randomly (stuck).
 13285 | D:4      | 13285 ||| Stepping randomly (stuck).
 13287 | D:4      | 13287 ||| Stepping randomly (stuck).
 13289 | D:4      | 13289 ||| Stepping randomly (stuck).
 13291 | D:4      | 13291 ||| Stepping randomly (stuck).
 13293 | D:4      | 13293 ||| Stepping randomly (stuck).
 13295 | D:4      | 13295 ||| Stepping randomly (stuck).
 13297 | D:4      | 13297 ||| Stepping randomly (stuck).
 13299 | D:4      | 13299 ||| Stepping randomly (stuck).
 13301 | D:4      | 13301 ||| Stepping randomly (stuck).
 13303 | D:4      | 13303 ||| Stepping randomly (stuck).
 13305 | D:4      | 13305 ||| Stepping randomly (stuck).
 13307 | D:4      | 13307 ||| Stepping randomly (stuck).
 13309 | D:4      | 13309 ||| Stepping randomly (stuck).
 13311 | D:4      | 13311 ||| Stepping randomly (stuck).
 13313 | D:4      | 13313 ||| Stepping randomly (stuck).
 13315 | D:4      | 13315 ||| Stepping randomly (stuck).
 13317 | D:4      | 13317 ||| Stepping randomly (stuck).
 13319 | D:4      | 13319 ||| Stepping randomly (stuck).
 13321 | D:4      | 13321 ||| Stepping randomly (stuck).
 13323 | D:4      | 13323 ||| Stepping randomly (stuck).
 13325 | D:4      | 13325 ||| Stepping randomly (stuck).
 13327 | D:4      | 13327 ||| Stepping randomly (stuck).
 13329 | D:4      | 13329 ||| Stepping randomly (stuck).
 13331 | D:4      | 13331 ||| Stepping randomly (stuck).
 13333 | D:4      | 13333 ||| Stepping randomly (stuck).
 13335 | D:4      | 13335 ||| Stepping randomly (stuck).
 13337 | D:4      | 13337 ||| Stepping randomly (stuck).
 13339 | D:4      | 13339 ||| Stepping randomly (stuck).
 13341 | D:4      | 13341 ||| Stepping randomly (stuck).
 13343 | D:4      | 13343 ||| Stepping randomly (stuck).
 13345 | D:4      | 13345 ||| Stepping randomly (stuck).
 13347 | D:4      | 13347 ||| Stepping randomly (stuck).
 13349 | D:4      | 13349 ||| Stepping randomly (stuck).
 13351 | D:4      | 13351 ||| Stepping randomly (stuck).
 13353 | D:4      | 13353 ||| Stepping randomly (stuck).
 13355 | D:4      | 13355 ||| Stepping randomly (stuck).
 13357 | D:4      | 13357 ||| Stepping randomly (stuck).
 13359 | D:4      | 13359 ||| Stepping randomly (stuck).
 13361 | D:4      | 13361 ||| Stepping randomly (stuck).
 13363 | D:4      | 13363 ||| Stepping randomly (stuck).
 13365 | D:4      | 13365 ||| Stepping randomly (stuck).
 13367 | D:4      | 13367 ||| Stepping randomly (stuck).
 13369 | D:4      | 13369 ||| Stepping randomly (stuck).
 13371 | D:4      | 13371 ||| Stepping randomly (stuck).
 13373 | D:4      | 13373 ||| Stepping randomly (stuck).
 13375 | D:4      | 13375 ||| Stepping randomly (stuck).
 13377 | D:4      | 13377 ||| Stepping randomly (stuck).
 13379 | D:4      | 13379 ||| Stepping randomly (stuck).
 13381 | D:4      | 13381 ||| Stepping randomly (stuck).
 13383 | D:4      | 13383 ||| Stepping randomly (stuck).
 13385 | D:4      | 13385 ||| Stepping randomly (stuck).
 13387 | D:4      | 13387 ||| Stepping randomly (stuck).
 13389 | D:4      | 13389 ||| Stepping randomly (stuck).
 13391 | D:4      | 13391 ||| Stepping randomly (stuck).
 13393 | D:4      | 13393 ||| Stepping randomly (stuck).
 13395 | D:4      | 13395 ||| Stepping randomly (stuck).
 13397 | D:4      | 13397 ||| Stepping randomly (stuck).
 13399 | D:4      | 13399 ||| Stepping randomly (stuck).
 13401 | D:4      | 13401 ||| Stepping randomly (stuck).
 13403 | D:4      | 13403 ||| Stepping randomly (stuck).
 13405 | D:4      | 13405 ||| Stepping randomly (stuck).
 13407 | D:4      | 13407 ||| Stepping randomly (stuck).
 13409 | D:4      | 13409 ||| Stepping randomly (stuck).
 13411 | D:4      | 13411 ||| Stepping randomly (stuck).
 13413 | D:4      | 13413 ||| Stepping randomly (stuck).
 13415 | D:4      | 13415 ||| Stepping randomly (stuck).
 13417 | D:4      | 13417 ||| Stepping randomly (stuck).
 13419 | D:4      | 13419 ||| Stepping randomly (stuck).
 13421 | D:4      | 13421 ||| Stepping randomly (stuck).
 13423 | D:4      | 13423 ||| Stepping randomly (stuck).
 13425 | D:4      | 13425 ||| Stepping randomly (stuck).
 13427 | D:4      | 13427 ||| Stepping randomly (stuck).
 13429 | D:4      | 13429 ||| Stepping randomly (stuck).
 13431 | D:4      | 13431 ||| Stepping randomly (stuck).
 13433 | D:4      | 13433 ||| Stepping randomly (stuck).
 13435 | D:4      | 13435 ||| Stepping randomly (stuck).
 13437 | D:4      | 13437 ||| Stepping randomly (stuck).
 13439 | D:4      | 13439 ||| Stepping randomly (stuck).
 13441 | D:4      | 13441 ||| Stepping randomly (stuck).
 13443 | D:4      | 13443 ||| Stepping randomly (stuck).
 13445 | D:4      | 13445 ||| Stepping randomly (stuck).
 13447 | D:4      | 13447 ||| Stepping randomly (stuck).
 13449 | D:4      | 13449 ||| Stepping randomly (stuck).
 13451 | D:4      | 13451 ||| Stepping randomly (stuck).
 13453 | D:4      | 13453 ||| Stepping randomly (stuck).
 13455 | D:4      | 13455 ||| Stepping randomly (stuck).
 13457 | D:4      | 13457 ||| Stepping randomly (stuck).
 13459 | D:4      | 13459 ||| Stepping randomly (stuck).
 13461 | D:4      | 13461 ||| Stepping randomly (stuck).
 13463 | D:4      | 13463 ||| Stepping randomly (stuck).
 13465 | D:4      | 13465 ||| Stepping randomly (stuck).
 13467 | D:4      | 13467 ||| Stepping randomly (stuck).
 13469 | D:4      | 13469 ||| Stepping randomly (stuck).
 13471 | D:4      | 13471 ||| Stepping randomly (stuck).
 13473 | D:4      | 13473 ||| Stepping randomly (stuck).
 13475 | D:4      | 13475 ||| Stepping randomly (stuck).
 13477 | D:4      | 13477 ||| Stepping randomly (stuck).
 13479 | D:4      | 13479 ||| Stepping randomly (stuck).
 13481 | D:4      | 13481 ||| Stepping randomly (stuck).
 13483 | D:4      | 13483 ||| Stepping randomly (stuck).
 13485 | D:4      | 13485 ||| Stepping randomly (stuck).
 13487 | D:4      | 13487 ||| Stepping randomly (stuck).
 13489 | D:4      | 13489 ||| Stepping randomly (stuck).
 13491 | D:4      | 13491 ||| Stepping randomly (stuck).
 13493 | D:4      | 13493 ||| Stepping randomly (stuck).
 13495 | D:4      | 13495 ||| Stepping randomly (stuck).
 13497 | D:4      | 13497 ||| Stepping randomly (stuck).
 13499 | D:4      | 13499 ||| Stepping randomly (stuck).
 13501 | D:4      | 13501 ||| Stepping randomly (stuck).
 13503 | D:4      | 13503 ||| Stepping randomly (stuck).
 13505 | D:4      | 13505 ||| Stepping randomly (stuck).
 13507 | D:4      | 13507 ||| Stepping randomly (stuck).
 13509 | D:4      | 13509 ||| Stepping randomly (stuck).
 13511 | D:4      | 13511 ||| Stepping randomly (stuck).
 13513 | D:4      | 13513 ||| Stepping randomly (stuck).
 13515 | D:4      | 13515 ||| Stepping randomly (stuck).
 13517 | D:4      | 13517 ||| Stepping randomly (stuck).
 13519 | D:4      | 13519 ||| Stepping randomly (stuck).
 13521 | D:4      | 13521 ||| Stepping randomly (stuck).
 13523 | D:4      | 13523 ||| Stepping randomly (stuck).
 13525 | D:4      | 13525 ||| Stepping randomly (stuck).
 13527 | D:4      | 13527 ||| Stepping randomly (stuck).
 13529 | D:4      | 13529 ||| Stepping randomly (stuck).
 13531 | D:4      | 13531 ||| Stepping randomly (stuck).
 13533 | D:4      | 13533 ||| Stepping randomly (stuck).
 13535 | D:4      | 13535 ||| Stepping randomly (stuck).
 13537 | D:4      | 13537 ||| Stepping randomly (stuck).
 13539 | D:4      | 13539 ||| Stepping randomly (stuck).
 13541 | D:4      | 13541 ||| Stepping randomly (stuck).
 13543 | D:4      | 13543 ||| Stepping randomly (stuck).
 13545 | D:4      | 13545 ||| Stepping randomly (stuck).
 13547 | D:4      | 13547 ||| Stepping randomly (stuck).
 13549 | D:4      | 13549 ||| Stepping randomly (stuck).
 13551 | D:4      | 13551 ||| Stepping randomly (stuck).
 13553 | D:4      | 13553 ||| Stepping randomly (stuck).
 13555 | D:4      | 13555 ||| Stepping randomly (stuck).
 13557 | D:4      | 13557 ||| Stepping randomly (stuck).
 13559 | D:4      | 13559 ||| Stepping randomly (stuck).
 13561 | D:4      | 13561 ||| Stepping randomly (stuck).
 13563 | D:4      | 13563 ||| Stepping randomly (stuck).
 13565 | D:4      | 13565 ||| Stepping randomly (stuck).
 13567 | D:4      | 13567 ||| Stepping randomly (stuck).
 13569 | D:4      | 13569 ||| Stepping randomly (stuck).
 13571 | D:4      | 13571 ||| Stepping randomly (stuck).
 13573 | D:4      | 13573 ||| Stepping randomly (stuck).
 13575 | D:4      | 13575 ||| Stepping randomly (stuck).
 13577 | D:4      | 13577 ||| Stepping randomly (stuck).
 13579 | D:4      | 13579 ||| Stepping randomly (stuck).
 13581 | D:4      | 13581 ||| Stepping randomly (stuck).
 13583 | D:4      | 13583 ||| Stepping randomly (stuck).
 13585 | D:4      | 13585 ||| Stepping randomly (stuck).
 13587 | D:4      | 13587 ||| Stepping randomly (stuck).
 13589 | D:4      | 13589 ||| Stepping randomly (stuck).
 13591 | D:4      | 13591 ||| Stepping randomly (stuck).
 13593 | D:4      | 13593 ||| Stepping randomly (stuck).
 13595 | D:4      | 13595 ||| Stepping randomly (stuck).
 13597 | D:4      | 13597 ||| Stepping randomly (stuck).
 13599 | D:4      | 13599 ||| Stepping randomly (stuck).
 13601 | D:4      | 13601 ||| Stepping randomly (stuck).
 13603 | D:4      | 13603 ||| Stepping randomly (stuck).
 13605 | D:4      | 13605 ||| Stepping randomly (stuck).
 13607 | D:4      | 13607 ||| Stepping randomly (stuck).
 13609 | D:4      | 13609 ||| Stepping randomly (stuck).
 13611 | D:4      | 13611 ||| Stepping randomly (stuck).
 13613 | D:4      | 13613 ||| Stepping randomly (stuck).
 13615 | D:4      | 13615 ||| Stepping randomly (stuck).
 13617 | D:4      | 13617 ||| Stepping randomly (stuck).
 13619 | D:4      | 13619 ||| Stepping randomly (stuck).
 13621 | D:4      | 13621 ||| Stepping randomly (stuck).
 13623 | D:4      | 13623 ||| Stepping randomly (stuck).
 13625 | D:4      | 13625 ||| Stepping randomly (stuck).
 13627 | D:4      | 13627 ||| Stepping randomly (stuck).
 13629 | D:4      | 13629 ||| Stepping randomly (stuck).
 13631 | D:4      | 13631 ||| Stepping randomly (stuck).
 13633 | D:4      | 13633 ||| Stepping randomly (stuck).
 13635 | D:4      | 13635 ||| Stepping randomly (stuck).
 13637 | D:4      | 13637 ||| Stepping randomly (stuck).
 13639 | D:4      | 13639 ||| Stepping randomly (stuck).
 13641 | D:4      | 13641 ||| Stepping randomly (stuck).
 13643 | D:4      | 13643 ||| Stepping randomly (stuck).
 13645 | D:4      | 13645 ||| Stepping randomly (stuck).
 13647 | D:4      | 13647 ||| Stepping randomly (stuck).
 13649 | D:4      | 13649 ||| Stepping randomly (stuck).
 13651 | D:4      | 13651 ||| Stepping randomly (stuck).
 13653 | D:4      | 13653 ||| Stepping randomly (stuck).
 13655 | D:4      | 13655 ||| Stepping randomly (stuck).
 13657 | D:4      | 13657 ||| Stepping randomly (stuck).
 13659 | D:4      | 13659 ||| Stepping randomly (stuck).
 13661 | D:4      | 13661 ||| Stepping randomly (stuck).
 13663 | D:4      | 13663 ||| Stepping randomly (stuck).
 13665 | D:4      | 13665 ||| Stepping randomly (stuck).
 13667 | D:4      | 13667 ||| Stepping randomly (stuck).
 13669 | D:4      | 13669 ||| Stepping randomly (stuck).
 13671 | D:4      | 13671 ||| Stepping randomly (stuck).
 13673 | D:4      | 13673 ||| Stepping randomly (stuck).
 13675 | D:4      | 13675 ||| Stepping randomly (stuck).
 13677 | D:4      | 13677 ||| Stepping randomly (stuck).
 13679 | D:4      | 13679 ||| Stepping randomly (stuck).
 13681 | D:4      | 13681 ||| Stepping randomly (stuck).
 13683 | D:4      | 13683 ||| Stepping randomly (stuck).
 13685 | D:4      | 13685 ||| Stepping randomly (stuck).
 13687 | D:4      | 13687 ||| Stepping randomly (stuck).
 13689 | D:4      | 13689 ||| Stepping randomly (stuck).
 13691 | D:4      | 13691 ||| Stepping randomly (stuck).
 13693 | D:4      | 13693 ||| Stepping randomly (stuck).
 13695 | D:4      | 13695 ||| Stepping randomly (stuck).
 13697 | D:4      | 13697 ||| Stepping randomly (stuck).
 13699 | D:4      | 13699 ||| Stepping randomly (stuck).
 13701 | D:4      | 13701 ||| Stepping randomly (stuck).
 13703 | D:4      | 13703 ||| Stepping randomly (stuck).
 13705 | D:4      | 13705 ||| Stepping randomly (stuck).
 13707 | D:4      | 13707 ||| Stepping randomly (stuck).
 13709 | D:4      | 13709 ||| Stepping randomly (stuck).
 13711 | D:4      | 13711 ||| Stepping randomly (stuck).
 13713 | D:4      | 13713 ||| Stepping randomly (stuck).
 13715 | D:4      | 13715 ||| Stepping randomly (stuck).
 13717 | D:4      | 13717 ||| Stepping randomly (stuck).
 13719 | D:4      | 13719 ||| Stepping randomly (stuck).
 13721 | D:4      | 13721 ||| Stepping randomly (stuck).
 13723 | D:4      | 13723 ||| Stepping randomly (stuck).
 13725 | D:4      | 13725 ||| Stepping randomly (stuck).
 13727 | D:4      | 13727 ||| Stepping randomly (stuck).
 13729 | D:4      | 13729 ||| Stepping randomly (stuck).
 13731 | D:4      | 13731 ||| Stepping randomly (stuck).
 13733 | D:4      | 13733 ||| Stepping randomly (stuck).
 13735 | D:4      | 13735 ||| Stepping randomly (stuck).
 13737 | D:4      | 13737 ||| Stepping randomly (stuck).
 13739 | D:4      | 13739 ||| Stepping randomly (stuck).
 13741 | D:4      | 13741 ||| Stepping randomly (stuck).
 13743 | D:4      | 13743 ||| Stepping randomly (stuck).
 13745 | D:4      | 13745 ||| Stepping randomly (stuck).
 13747 | D:4      | 13747 ||| Stepping randomly (stuck).
 13749 | D:4      | 13749 ||| Stepping randomly (stuck).
 13751 | D:4      | 13751 ||| Stepping randomly (stuck).
 13753 | D:4      | 13753 ||| Stepping randomly (stuck).
 13755 | D:4      | 13755 ||| Stepping randomly (stuck).
 13757 | D:4      | 13757 ||| Stepping randomly (stuck).
 13759 | D:4      | 13759 ||| Stepping randomly (stuck).
 13761 | D:4      | 13761 ||| Stepping randomly (stuck).
 13763 | D:4      | 13763 ||| Stepping randomly (stuck).
 13765 | D:4      | 13765 ||| Stepping randomly (stuck).
 13767 | D:4      | 13767 ||| Stepping randomly (stuck).
 13769 | D:4      | 13769 ||| Stepping randomly (stuck).
 13771 | D:4      | 13771 ||| Stepping randomly (stuck).
 13773 | D:4      | 13773 ||| Stepping randomly (stuck).
 13775 | D:4      | 13775 ||| Stepping randomly (stuck).
 13777 | D:4      | 13777 ||| Stepping randomly (stuck).
 13779 | D:4      | 13779 ||| Stepping randomly (stuck).
 13781 | D:4      | 13781 ||| Stepping randomly (stuck).
 13783 | D:4      | 13783 ||| Stepping randomly (stuck).
 13785 | D:4      | 13785 ||| Stepping randomly (stuck).
 13787 | D:4      | 13787 ||| Stepping randomly (stuck).
 13789 | D:4      | 13789 ||| Stepping randomly (stuck).
 13791 | D:4      | 13791 ||| Stepping randomly (stuck).
 13793 | D:4      | 13793 ||| Stepping randomly (stuck).
 13795 | D:4      | 13795 ||| Stepping randomly (stuck).
 13797 | D:4      | 13797 ||| Stepping randomly (stuck).
 13799 | D:4      | 13799 ||| Stepping randomly (stuck).
 13801 | D:4      | 13801 ||| Stepping randomly (stuck).
 13803 | D:4      | 13803 ||| Stepping randomly (stuck).
 13805 | D:4      | 13805 ||| Stepping randomly (stuck).
 13807 | D:4      | 13807 ||| Stepping randomly (stuck).
 13809 | D:4      | 13809 ||| Stepping randomly (stuck).
 13811 | D:4      | 13811 ||| Stepping randomly (stuck).
 13813 | D:4      | 13813 ||| Stepping randomly (stuck).
 13815 | D:4      | 13815 ||| Stepping randomly (stuck).
 13817 | D:4      | 13817 ||| Stepping randomly (stuck).
 13819 | D:4      | 13819 ||| Stepping randomly (stuck).
 13821 | D:4      | 13821 ||| Stepping randomly (stuck).
 13823 | D:4      | 13823 ||| Stepping randomly (stuck).
 13825 | D:4      | 13825 ||| Stepping randomly (stuck).
 13827 | D:4      | 13827 ||| Stepping randomly (stuck).
 13829 | D:4      | 13829 ||| Stepping randomly (stuck).
 13831 | D:4      | 13831 ||| Stepping randomly (stuck).
 13833 | D:4      | 13833 ||| Stepping randomly (stuck).
 13835 | D:4      | 13835 ||| Stepping randomly (stuck).
 13837 | D:4      | 13837 ||| Stepping randomly (stuck).
 13839 | D:4      | 13839 ||| Stepping randomly (stuck).
 13841 | D:4      | 13841 ||| Stepping randomly (stuck).
 13843 | D:4      | 13843 ||| Stepping randomly (stuck).
 13845 | D:4      | 13845 ||| Stepping randomly (stuck).
 13847 | D:4      | 13847 ||| Stepping randomly (stuck).
 13849 | D:4      | 13849 ||| Stepping randomly (stuck).
 13851 | D:4      | 13851 ||| Stepping randomly (stuck).
 13853 | D:4      | 13853 ||| Stepping randomly (stuck).
 13855 | D:4      | 13855 ||| Stepping randomly (stuck).
 13857 | D:4      | 13857 ||| Stepping randomly (stuck).
 13859 | D:4      | 13859 ||| Stepping randomly (stuck).
 13861 | D:4      | 13861 ||| Stepping randomly (stuck).
 13863 | D:4      | 13863 ||| Stepping randomly (stuck).
 13865 | D:4      | 13865 ||| Stepping randomly (stuck).
 13867 | D:4      | 13867 ||| Stepping randomly (stuck).
 13869 | D:4      | 13869 ||| Stepping randomly (stuck).
 13871 | D:4      | 13871 ||| Stepping randomly (stuck).
 13873 | D:4      | 13873 ||| Stepping randomly (stuck).
 13875 | D:4      | 13875 ||| Stepping randomly (stuck).
 13877 | D:4      | 13877 ||| Stepping randomly (stuck).
 13879 | D:4      | 13879 ||| Stepping randomly (stuck).
 13881 | D:4      | 13881 ||| Stepping randomly (stuck).
 13883 | D:4      | 13883 ||| Stepping randomly (stuck).
 13885 | D:4      | 13885 ||| Stepping randomly (stuck).
 13887 | D:4      | 13887 ||| Stepping randomly (stuck).
 13889 | D:4      | 13889 ||| Stepping randomly (stuck).
 13891 | D:4      | 13891 ||| Stepping randomly (stuck).
 13893 | D:4      | 13893 ||| Stepping randomly (stuck).
 13895 | D:4      | 13895 ||| Stepping randomly (stuck).
 13897 | D:4      | 13897 ||| Stepping randomly (stuck).
 13899 | D:4      | 13899 ||| Stepping randomly (stuck).
 13901 | D:4      | 13901 ||| Stepping randomly (stuck).
 13903 | D:4      | 13903 ||| Stepping randomly (stuck).
 13905 | D:4      | 13905 ||| Stepping randomly (stuck).
 13907 | D:4      | 13907 ||| Stepping randomly (stuck).
 13909 | D:4      | 13909 ||| Stepping randomly (stuck).
 13911 | D:4      | 13911 ||| Stepping randomly (stuck).
 13913 | D:4      | 13913 ||| Stepping randomly (stuck).
 13915 | D:4      | 13915 ||| Stepping randomly (stuck).
 13917 | D:4      | 13917 ||| Stepping randomly (stuck).
 13919 | D:4      | 13919 ||| Stepping randomly (stuck).
 13921 | D:4      | 13921 ||| Stepping randomly (stuck).
 13923 | D:4      | 13923 ||| Stepping randomly (stuck).
 13925 | D:4      | 13925 ||| Stepping randomly (stuck).
 13927 | D:4      | 13927 ||| Stepping randomly (stuck).
 13929 | D:4      | 13929 ||| Stepping randomly (stuck).
 13931 | D:4      | 13931 ||| Stepping randomly (stuck).
 13933 | D:4      | 13933 ||| Stepping randomly (stuck).
 13935 | D:4      | 13935 ||| Stepping randomly (stuck).
 13937 | D:4      | 13937 ||| Stepping randomly (stuck).
 13939 | D:4      | 13939 ||| Stepping randomly (stuck).
 13941 | D:4      | 13941 ||| Stepping randomly (stuck).
 13943 | D:4      | 13943 ||| Stepping randomly (stuck).
 13945 | D:4      | 13945 ||| Stepping randomly (stuck).
 13947 | D:4      | 13947 ||| Stepping randomly (stuck).
 13949 | D:4      | 13949 ||| Stepping randomly (stuck).
 13951 | D:4      | 13951 ||| Stepping randomly (stuck).
 13953 | D:4      | 13953 ||| Stepping randomly (stuck).
 13955 | D:4      | 13955 ||| Stepping randomly (stuck).
 13957 | D:4      | 13957 ||| Stepping randomly (stuck).
 13959 | D:4      | 13959 ||| Stepping randomly (stuck).
 13961 | D:4      | 13961 ||| Stepping randomly (stuck).
 13963 | D:4      | 13963 ||| Stepping randomly (stuck).
 13965 | D:4      | 13965 ||| Stepping randomly (stuck).
 13967 | D:4      | 13967 ||| Stepping randomly (stuck).
 13969 | D:4      | 13969 ||| Stepping randomly (stuck).
 13971 | D:4      | 13971 ||| Stepping randomly (stuck).
 13973 | D:4      | 13973 ||| Stepping randomly (stuck).
 13975 | D:4      | 13975 ||| Stepping randomly (stuck).
 13977 | D:4      | 13977 ||| Stepping randomly (stuck).
 13979 | D:4      | 13979 ||| Stepping randomly (stuck).
 13981 | D:4      | 13981 ||| Stepping randomly (stuck).
 13983 | D:4      | 13983 ||| Stepping randomly (stuck).
 13985 | D:4      | 13985 ||| Stepping randomly (stuck).
 13987 | D:4      | 13987 ||| Stepping randomly (stuck).
 13989 | D:4      | 13989 ||| Stepping randomly (stuck).
 13991 | D:4      | 13991 ||| Stepping randomly (stuck).
 13993 | D:4      | 13993 ||| Stepping randomly (stuck).
 13995 | D:4      | 13995 ||| Stepping randomly (stuck).
 13997 | D:4      | 13997 ||| Stepping randomly (stuck).
 13999 | D:4      | 13999 ||| Stepping randomly (stuck).
 14001 | D:4      | 14001 ||| Stepping randomly (stuck).
 14003 | D:4      | 14003 ||| Stepping randomly (stuck).
 14005 | D:4      | 14005 ||| Stepping randomly (stuck).
 14007 | D:4      | 14007 ||| Stepping randomly (stuck).
 14009 | D:4      | 14009 ||| Stepping randomly (stuck).
 14011 | D:4      | 14011 ||| Stepping randomly (stuck).
 14013 | D:4      | 14013 ||| Stepping randomly (stuck).
 14015 | D:4      | 14015 ||| Stepping randomly (stuck).
 14017 | D:4      | 14017 ||| Stepping randomly (stuck).
 14019 | D:4      | 14019 ||| Stepping randomly (stuck).
 14021 | D:4      | 14021 ||| Stepping randomly (stuck).
 14023 | D:4      | 14023 ||| Stepping randomly (stuck).
 14025 | D:4      | 14025 ||| Stepping randomly (stuck).
 14027 | D:4      | 14027 ||| Stepping randomly (stuck).
 14029 | D:4      | 14029 ||| Stepping randomly (stuck).
 14031 | D:4      | 14031 ||| Stepping randomly (stuck).
 14033 | D:4      | 14033 ||| Stepping randomly (stuck).
 14035 | D:4      | 14035 ||| Stepping randomly (stuck).
 14037 | D:4      | 14037 ||| Stepping randomly (stuck).
 14039 | D:4      | 14039 ||| Stepping randomly (stuck).
 14041 | D:4      | 14041 ||| Stepping randomly (stuck).
 14043 | D:4      | 14043 ||| Stepping randomly (stuck).
 14045 | D:4      | 14045 ||| Stepping randomly (stuck).
 14047 | D:4      | 14047 ||| Stepping randomly (stuck).
 14049 | D:4      | 14049 ||| Stepping randomly (stuck).
 14051 | D:4      | 14051 ||| Stepping randomly (stuck).
 14053 | D:4      | 14053 ||| Stepping randomly (stuck).
 14055 | D:4      | 14055 ||| Stepping randomly (stuck).
 14057 | D:4      | 14057 ||| Stepping randomly (stuck).
 14059 | D:4      | 14059 ||| Stepping randomly (stuck).
 14061 | D:4      | 14061 ||| Stepping randomly (stuck).
 14063 | D:4      | 14063 ||| Stepping randomly (stuck).
 14065 | D:4      | 14065 ||| Stepping randomly (stuck).
 14067 | D:4      | 14067 ||| Stepping randomly (stuck).
 14069 | D:4      | 14069 ||| Stepping randomly (stuck).
 14071 | D:4      | 14071 ||| Stepping randomly (stuck).
 14073 | D:4      | 14073 ||| Stepping randomly (stuck).
 14075 | D:4      | 14075 ||| Stepping randomly (stuck).
 14077 | D:4      | 14077 ||| Stepping randomly (stuck).
 14079 | D:4      | 14079 ||| Stepping randomly (stuck).
 14081 | D:4      | 14081 ||| Stepping randomly (stuck).
 14083 | D:4      | 14083 ||| Stepping randomly (stuck).
 14085 | D:4      | 14085 ||| Stepping randomly (stuck).
 14087 | D:4      | 14087 ||| Stepping randomly (stuck).
 14089 | D:4      | 14089 ||| Stepping randomly (stuck).
 14091 | D:4      | 14091 ||| Stepping randomly (stuck).
 14093 | D:4      | 14093 ||| Stepping randomly (stuck).
 14095 | D:4      | 14095 ||| Stepping randomly (stuck).
 14097 | D:4      | 14097 ||| Stepping randomly (stuck).
 14099 | D:4      | 14099 ||| Stepping randomly (stuck).
 14101 | D:4      | 14101 ||| Stepping randomly (stuck).
 14103 | D:4      | 14103 ||| Stepping randomly (stuck).
 14105 | D:4      | 14105 ||| Stepping randomly (stuck).
 14107 | D:4      | 14107 ||| Stepping randomly (stuck).
 14109 | D:4      | 14109 ||| Stepping randomly (stuck).
 14111 | D:4      | 14111 ||| Stepping randomly (stuck).
 14113 | D:4      | 14113 ||| Stepping randomly (stuck).
 14115 | D:4      | 14115 ||| Stepping randomly (stuck).
 14117 | D:4      | 14117 ||| Stepping randomly (stuck).
 14119 | D:4      | 14119 ||| Stepping randomly (stuck).
 14121 | D:4      | 14121 ||| Stepping randomly (stuck).
 14123 | D:4      | 14123 ||| Stepping randomly (stuck).
 14125 | D:4      | 14125 ||| Stepping randomly (stuck).
 14127 | D:4      | 14127 ||| Stepping randomly (stuck).
 14129 | D:4      | 14129 ||| Stepping randomly (stuck).
 14131 | D:4      | 14131 ||| Stepping randomly (stuck).
 14133 | D:4      | 14133 ||| Stepping randomly (stuck).
 14135 | D:4      | 14135 ||| Stepping randomly (stuck).
 14137 | D:4      | 14137 ||| Stepping randomly (stuck).
 14139 | D:4      | 14139 ||| Stepping randomly (stuck).
 14141 | D:4      | 14141 ||| Stepping randomly (stuck).
 14143 | D:4      | 14143 ||| Stepping randomly (stuck).
 14145 | D:4      | 14145 ||| Stepping randomly (stuck).
 14147 | D:4      | 14147 ||| Stepping randomly (stuck).
 14149 | D:4      | 14149 ||| Stepping randomly (stuck).
 14151 | D:4      | 14151 ||| Stepping randomly (stuck).
 14153 | D:4      | 14153 ||| Stepping randomly (stuck).
 14155 | D:4      | 14155 ||| Stepping randomly (stuck).
 14157 | D:4      | 14157 ||| Stepping randomly (stuck).
 14159 | D:4      | 14159 ||| Stepping randomly (stuck).
 14161 | D:4      | 14161 ||| Stepping randomly (stuck).
 14163 | D:4      | 14163 ||| Stepping randomly (stuck).
 14165 | D:4      | 14165 ||| Stepping randomly (stuck).
 14167 | D:4      | 14167 ||| Stepping randomly (stuck).
 14169 | D:4      | 14169 ||| Stepping randomly (stuck).
 14171 | D:4      | 14171 ||| Stepping randomly (stuck).
 14173 | D:4      | 14173 ||| Stepping randomly (stuck).
 14175 | D:4      | 14175 ||| Stepping randomly (stuck).
 14177 | D:4      | 14177 ||| Stepping randomly (stuck).
 14179 | D:4      | 14179 ||| Stepping randomly (stuck).
 14181 | D:4      | 14181 ||| Stepping randomly (stuck).
 14183 | D:4      | 14183 ||| Stepping randomly (stuck).
 14185 | D:4      | 14185 ||| Stepping randomly (stuck).
 14187 | D:4      | 14187 ||| Stepping randomly (stuck).
 14189 | D:4      | 14189 ||| Stepping randomly (stuck).
 14191 | D:4      | 14191 ||| Stepping randomly (stuck).
 14193 | D:4      | 14193 ||| Stepping randomly (stuck).
 14195 | D:4      | 14195 ||| Stepping randomly (stuck).
 14197 | D:4      | 14197 ||| Stepping randomly (stuck).
 14199 | D:4      | 14199 ||| Stepping randomly (stuck).
 14201 | D:4      | 14201 ||| Stepping randomly (stuck).
 14203 | D:4      | 14203 ||| Stepping randomly (stuck).
 14205 | D:4      | 14205 ||| Stepping randomly (stuck).
 14207 | D:4      | 14207 ||| Stepping randomly (stuck).
 14209 | D:4      | 14209 ||| Stepping randomly (stuck).
 14211 | D:4      | 14211 ||| Stepping randomly (stuck).
 14213 | D:4      | 14213 ||| Stepping randomly (stuck).
 14215 | D:4      | 14215 ||| Stepping randomly (stuck).
 14217 | D:4      | 14217 ||| Stepping randomly (stuck).
 14219 | D:4      | 14219 ||| Stepping randomly (stuck).
 14221 | D:4      | 14221 ||| Stepping randomly (stuck).
 14223 | D:4      | 14223 ||| Stepping randomly (stuck).
 14225 | D:4      | 14225 ||| Stepping randomly (stuck).
 14227 | D:4      | 14227 ||| Stepping randomly (stuck).
 14229 | D:4      | 14229 ||| Stepping randomly (stuck).
 14231 | D:4      | 14231 ||| Stepping randomly (stuck).
 14233 | D:4      | 14233 ||| Stepping randomly (stuck).
 14235 | D:4      | 14235 ||| Stepping randomly (stuck).
 14237 | D:4      | 14237 ||| Stepping randomly (stuck).
 14239 | D:4      | 14239 ||| Stepping randomly (stuck).
 14241 | D:4      | 14241 ||| Stepping randomly (stuck).
 14243 | D:4      | 14243 ||| Stepping randomly (stuck).
 14245 | D:4      | 14245 ||| Stepping randomly (stuck).
 14247 | D:4      | 14247 ||| Stepping randomly (stuck).
 14249 | D:4      | 14249 ||| Stepping randomly (stuck).
 14251 | D:4      | 14251 ||| Stepping randomly (stuck).
 14253 | D:4      | 14253 ||| Stepping randomly (stuck).
 14255 | D:4      | 14255 ||| Stepping randomly (stuck).
 14257 | D:4      | 14257 ||| Stepping randomly (stuck).
 14259 | D:4      | 14259 ||| Stepping randomly (stuck).
 14261 | D:4      | 14261 ||| Stepping randomly (stuck).
 14263 | D:4      | 14263 ||| Stepping randomly (stuck).
 14265 | D:4      | 14265 ||| Stepping randomly (stuck).
 14267 | D:4      | 14267 ||| Stepping randomly (stuck).
 14269 | D:4      | 14269 ||| Stepping randomly (stuck).
 14271 | D:4      | 14271 ||| Stepping randomly (stuck).
 14273 | D:4      | 14273 ||| Stepping randomly (stuck).
 14275 | D:4      | 14275 ||| Stepping randomly (stuck).
 14277 | D:4      | 14277 ||| Stepping randomly (stuck).
 14279 | D:4      | 14279 ||| Stepping randomly (stuck).
 14281 | D:4      | 14281 ||| Stepping randomly (stuck).
 14283 | D:4      | 14283 ||| Stepping randomly (stuck).
 14285 | D:4      | 14285 ||| Stepping randomly (stuck).
 14287 | D:4      | 14287 ||| Stepping randomly (stuck).
 14289 | D:4      | 14289 ||| Stepping randomly (stuck).
 14291 | D:4      | 14291 ||| Stepping randomly (stuck).
 14293 | D:4      | 14293 ||| Stepping randomly (stuck).
 14295 | D:4      | 14295 ||| Stepping randomly (stuck).
 14297 | D:4      | 14297 ||| Stepping randomly (stuck).
 14299 | D:4      | 14299 ||| Stepping randomly (stuck).
 14301 | D:4      | 14301 ||| Stepping randomly (stuck).
 14303 | D:4      | 14303 ||| Stepping randomly (stuck).
 14305 | D:4      | 14305 ||| Stepping randomly (stuck).
 14307 | D:4      | 14307 ||| Stepping randomly (stuck).
 14309 | D:4      | 14309 ||| Stepping randomly (stuck).
 14311 | D:4      | 14311 ||| Stepping randomly (stuck).
 14313 | D:4      | 14313 ||| Stepping randomly (stuck).
 14315 | D:4      | 14315 ||| Stepping randomly (stuck).
 14317 | D:4      | 14317 ||| Stepping randomly (stuck).
 14319 | D:4      | 14319 ||| Stepping randomly (stuck).
 14321 | D:4      | 14321 ||| Stepping randomly (stuck).
 14323 | D:4      | 14323 ||| Stepping randomly (stuck).
 14325 | D:4      | 14325 ||| Stepping randomly (stuck).
 14327 | D:4      | 14327 ||| Stepping randomly (stuck).
 14329 | D:4      | 14329 ||| Stepping randomly (stuck).
 14331 | D:4      | 14331 ||| Stepping randomly (stuck).
 14333 | D:4      | 14333 ||| Stepping randomly (stuck).
 14335 | D:4      | 14335 ||| Stepping randomly (stuck).
 14337 | D:4      | 14337 ||| Stepping randomly (stuck).
 14339 | D:4      | 14339 ||| Stepping randomly (stuck).
 14341 | D:4      | 14341 ||| Stepping randomly (stuck).
 14343 | D:4      | 14343 ||| Stepping randomly (stuck).
 14345 | D:4      | 14345 ||| Stepping randomly (stuck).
 14347 | D:4      | 14347 ||| Stepping randomly (stuck).
 14349 | D:4      | 14349 ||| Stepping randomly (stuck).
 14351 | D:4      | 14351 ||| Stepping randomly (stuck).
 14353 | D:4      | 14353 ||| Stepping randomly (stuck).
 14355 | D:4      | 14355 ||| Stepping randomly (stuck).
 14357 | D:4      | 14357 ||| Stepping randomly (stuck).
 14359 | D:4      | 14359 ||| Stepping randomly (stuck).
 14361 | D:4      | 14361 ||| Stepping randomly (stuck).
 14363 | D:4      | 14363 ||| Stepping randomly (stuck).
 14365 | D:4      | 14365 ||| Stepping randomly (stuck).
 14367 | D:4      | 14367 ||| Stepping randomly (stuck).
 14369 | D:4      | 14369 ||| Stepping randomly (stuck).
 14371 | D:4      | 14371 ||| Stepping randomly (stuck).
 14373 | D:4      | 14373 ||| Stepping randomly (stuck).
 14375 | D:4      | 14375 ||| Stepping randomly (stuck).
 14377 | D:4      | 14377 ||| Stepping randomly (stuck).
 14379 | D:4      | 14379 ||| Stepping randomly (stuck).
 14381 | D:4      | 14381 ||| Stepping randomly (stuck).
 14383 | D:4      | 14383 ||| Stepping randomly (stuck).
 14385 | D:4      | 14385 ||| Stepping randomly (stuck).
 14387 | D:4      | 14387 ||| Stepping randomly (stuck).
 14389 | D:4      | 14389 ||| Stepping randomly (stuck).
 14391 | D:4      | 14391 ||| Stepping randomly (stuck).
 14393 | D:4      | 14393 ||| Stepping randomly (stuck).
 14395 | D:4      | 14395 ||| Stepping randomly (stuck).
 14397 | D:4      | 14397 ||| Stepping randomly (stuck).
 14399 | D:4      | 14399 ||| Stepping randomly (stuck).
 14401 | D:4      | 14401 ||| Stepping randomly (stuck).
 14403 | D:4      | 14403 ||| Stepping randomly (stuck).
 14405 | D:4      | 14405 ||| Stepping randomly (stuck).
 14407 | D:4      | 14407 ||| Stepping randomly (stuck).
 14409 | D:4      | 14409 ||| Stepping randomly (stuck).
 14411 | D:4      | 14411 ||| Stepping randomly (stuck).
 14413 | D:4      | 14413 ||| Stepping randomly (stuck).
 14415 | D:4      | 14415 ||| Stepping randomly (stuck).
 14417 | D:4      | 14417 ||| Stepping randomly (stuck).
 14419 | D:4      | 14419 ||| Stepping randomly (stuck).
 14421 | D:4      | 14421 ||| Stepping randomly (stuck).
 14423 | D:4      | 14423 ||| Stepping randomly (stuck).
 14425 | D:4      | 14425 ||| Stepping randomly (stuck).
 14427 | D:4      | 14427 ||| Stepping randomly (stuck).
 14429 | D:4      | 14429 ||| Stepping randomly (stuck).
 14431 | D:4      | 14431 ||| Stepping randomly (stuck).
 14433 | D:4      | 14433 ||| Stepping randomly (stuck).
 14435 | D:4      | 14435 ||| Stepping randomly (stuck).
 14437 | D:4      | 14437 ||| Stepping randomly (stuck).
 14439 | D:4      | 14439 ||| Stepping randomly (stuck).
 14441 | D:4      | 14441 ||| Stepping randomly (stuck).
 14443 | D:4      | 14443 ||| Stepping randomly (stuck).
 14445 | D:4      | 14445 ||| Stepping randomly (stuck).
 14447 | D:4      | 14447 ||| Stepping randomly (stuck).
 14449 | D:4      | 14449 ||| Stepping randomly (stuck).
 14451 | D:4      | 14451 ||| Stepping randomly (stuck).
 14453 | D:4      | 14453 ||| Stepping randomly (stuck).
 14455 | D:4      | 14455 ||| Stepping randomly (stuck).
 14457 | D:4      | 14457 ||| Stepping randomly (stuck).
 14459 | D:4      | 14459 ||| Stepping randomly (stuck).
 14461 | D:4      | 14461 ||| Stepping randomly (stuck).
 14463 | D:4      | 14463 ||| Stepping randomly (stuck).
 14465 | D:4      | 14465 ||| Stepping randomly (stuck).
 14467 | D:4      | 14467 ||| Stepping randomly (stuck).
 14469 | D:4      | 14469 ||| Stepping randomly (stuck).
 14471 | D:4      | 14471 ||| Stepping randomly (stuck).
 14473 | D:4      | 14473 ||| Stepping randomly (stuck).
 14475 | D:4      | 14475 ||| Stepping randomly (stuck).
 14477 | D:4      | 14477 ||| Stepping randomly (stuck).
 14479 | D:4      | 14479 ||| Stepping randomly (stuck).
 14481 | D:4      | 14481 ||| Stepping randomly (stuck).
 14483 | D:4      | 14483 ||| Stepping randomly (stuck).
 14485 | D:4      | 14485 ||| Stepping randomly (stuck).
 14487 | D:4      | 14487 ||| Stepping randomly (stuck).
 14489 | D:4      | 14489 ||| Stepping randomly (stuck).
 14491 | D:4      | 14491 ||| Stepping randomly (stuck).
 14493 | D:4      | 14493 ||| Stepping randomly (stuck).
 14495 | D:4      | 14495 ||| Stepping randomly (stuck).
 14497 | D:4      | 14497 ||| Stepping randomly (stuck).
 14499 | D:4      | 14499 ||| Stepping randomly (stuck).
 14501 | D:4      | 14501 ||| Stepping randomly (stuck).
 14503 | D:4      | 14503 ||| Stepping randomly (stuck).
 14505 | D:4      | 14505 ||| Stepping randomly (stuck).
 14507 | D:4      | 14507 ||| Stepping randomly (stuck).
 14509 | D:4      | 14509 ||| Stepping randomly (stuck).
 14511 | D:4      | 14511 ||| Stepping randomly (stuck).
 14513 | D:4      | 14513 ||| Stepping randomly (stuck).
 14515 | D:4      | 14515 ||| Stepping randomly (stuck).
 14517 | D:4      | 14517 ||| Stepping randomly (stuck).
 14519 | D:4      | 14519 ||| Stepping randomly (stuck).
 14521 | D:4      | 14521 ||| Stepping randomly (stuck).
 14523 | D:4      | 14523 ||| Stepping randomly (stuck).
 14525 | D:4      | 14525 ||| Stepping randomly (stuck).
 14527 | D:4      | 14527 ||| Stepping randomly (stuck).
 14529 | D:4      | 14529 ||| Stepping randomly (stuck).
 14531 | D:4      | 14531 ||| Stepping randomly (stuck).
 14533 | D:4      | 14533 ||| Stepping randomly (stuck).
 14535 | D:4      | 14535 ||| Stepping randomly (stuck).
 14537 | D:4      | 14537 ||| Stepping randomly (stuck).
 14539 | D:4      | 14539 ||| Stepping randomly (stuck).
 14541 | D:4      | 14541 ||| Stepping randomly (stuck).
 14543 | D:4      | 14543 ||| Stepping randomly (stuck).
 14545 | D:4      | 14545 ||| Stepping randomly (stuck).
 14547 | D:4      | 14547 ||| Stepping randomly (stuck).
 14549 | D:4      | 14549 ||| Stepping randomly (stuck).
 14551 | D:4      | 14551 ||| Stepping randomly (stuck).
 14553 | D:4      | 14553 ||| Stepping randomly (stuck).
 14555 | D:4      | 14555 ||| Stepping randomly (stuck).
 14557 | D:4      | 14557 ||| Stepping randomly (stuck).
 14559 | D:4      | 14559 ||| Stepping randomly (stuck).
 14561 | D:4      | 14561 ||| Stepping randomly (stuck).
 14563 | D:4      | 14563 ||| Stepping randomly (stuck).
 14565 | D:4      | 14565 ||| Stepping randomly (stuck).
 14567 | D:4      | 14567 ||| Stepping randomly (stuck).
 14569 | D:4      | 14569 ||| Stepping randomly (stuck).
 14571 | D:4      | 14571 ||| Stepping randomly (stuck).
 14573 | D:4      | 14573 ||| Stepping randomly (stuck).
 14575 | D:4      | 14575 ||| Stepping randomly (stuck).
 14577 | D:4      | 14577 ||| Stepping randomly (stuck).
 14579 | D:4      | 14579 ||| Stepping randomly (stuck).
 14581 | D:4      | 14581 ||| Stepping randomly (stuck).
 14583 | D:4      | 14583 ||| Stepping randomly (stuck).
 14585 | D:4      | 14585 ||| Stepping randomly (stuck).
 14587 | D:4      | 14587 ||| Stepping randomly (stuck).
 14589 | D:4      | 14589 ||| Stepping randomly (stuck).
 14591 | D:4      | 14591 ||| Stepping randomly (stuck).
 14593 | D:4      | 14593 ||| Stepping randomly (stuck).
 14595 | D:4      | 14595 ||| Stepping randomly (stuck).
 14597 | D:4      | 14597 ||| Stepping randomly (stuck).
 14599 | D:4      | 14599 ||| Stepping randomly (stuck).
 14601 | D:4      | 14601 ||| Stepping randomly (stuck).
 14603 | D:4      | 14603 ||| Stepping randomly (stuck).
 14605 | D:4      | 14605 ||| Stepping randomly (stuck).
 14607 | D:4      | 14607 ||| Stepping randomly (stuck).
 14609 | D:4      | 14609 ||| Stepping randomly (stuck).
 14611 | D:4      | 14611 ||| Stepping randomly (stuck).
 14613 | D:4      | 14613 ||| Stepping randomly (stuck).
 14615 | D:4      | 14615 ||| Stepping randomly (stuck).
 14617 | D:4      | 14617 ||| Stepping randomly (stuck).
 14619 | D:4      | 14619 ||| Stepping randomly (stuck).
 14621 | D:4      | 14621 ||| Stepping randomly (stuck).
 14623 | D:4      | 14623 ||| Stepping randomly (stuck).
 14625 | D:4      | 14625 ||| Stepping randomly (stuck).
 14627 | D:4      | 14627 ||| Stepping randomly (stuck).
 14629 | D:4      | 14629 ||| Stepping randomly (stuck).
 14631 | D:4      | 14631 ||| Stepping randomly (stuck).
 14633 | D:4      | 14633 ||| Stepping randomly (stuck).
 14635 | D:4      | 14635 ||| Stepping randomly (stuck).
 14637 | D:4      | 14637 ||| Stepping randomly (stuck).
 14639 | D:4      | 14639 ||| Stepping randomly (stuck).
 14641 | D:4      | 14641 ||| Stepping randomly (stuck).
 14643 | D:4      | 14643 ||| Stepping randomly (stuck).
 14645 | D:4      | 14645 ||| Stepping randomly (stuck).
 14647 | D:4      | 14647 ||| Stepping randomly (stuck).
 14649 | D:4      | 14649 ||| Stepping randomly (stuck).
 14651 | D:4      | 14651 ||| Stepping randomly (stuck).
 14653 | D:4      | 14653 ||| Stepping randomly (stuck).
 14655 | D:4      | 14655 ||| Stepping randomly (stuck).
 14657 | D:4      | 14657 ||| Stepping randomly (stuck).
 14659 | D:4      | 14659 ||| Stepping randomly (stuck).
 14661 | D:4      | 14661 ||| Stepping randomly (stuck).
 14663 | D:4      | 14663 ||| Stepping randomly (stuck).
 14665 | D:4      | 14665 ||| Stepping randomly (stuck).
 14667 | D:4      | 14667 ||| Stepping randomly (stuck).
 14669 | D:4      | 14669 ||| Stepping randomly (stuck).
 14671 | D:4      | 14671 ||| Stepping randomly (stuck).
 14673 | D:4      | 14673 ||| Stepping randomly (stuck).
 14675 | D:4      | 14675 ||| Stepping randomly (stuck).
 14677 | D:4      | 14677 ||| Stepping randomly (stuck).
 14679 | D:4      | 14679 ||| Stepping randomly (stuck).
 14681 | D:4      | 14681 ||| Stepping randomly (stuck).
 14683 | D:4      | 14683 ||| Stepping randomly (stuck).
 14685 | D:4      | 14685 ||| Stepping randomly (stuck).
 14687 | D:4      | 14687 ||| Stepping randomly (stuck).
 14689 | D:4      | 14689 ||| Stepping randomly (stuck).
 14691 | D:4      | 14691 ||| Stepping randomly (stuck).
 14693 | D:4      | 14693 ||| Stepping randomly (stuck).
 14695 | D:4      | 14695 ||| Stepping randomly (stuck).
 14697 | D:4      | 14697 ||| Stepping randomly (stuck).
 14699 | D:4      | 14699 ||| Stepping randomly (stuck).
 14701 | D:4      | 14701 ||| Stepping randomly (stuck).
 14703 | D:4      | 14703 ||| Stepping randomly (stuck).
 14705 | D:4      | 14705 ||| Stepping randomly (stuck).
 14707 | D:4      | 14707 ||| Stepping randomly (stuck).
 14709 | D:4      | 14709 ||| Stepping randomly (stuck).
 14711 | D:4      | 14711 ||| Stepping randomly (stuck).
 14713 | D:4      | 14713 ||| Stepping randomly (stuck).
 14715 | D:4      | 14715 ||| Stepping randomly (stuck).
 14717 | D:4      | 14717 ||| Stepping randomly (stuck).
 14719 | D:4      | 14719 ||| Stepping randomly (stuck).
 14721 | D:4      | 14721 ||| Stepping randomly (stuck).
 14723 | D:4      | 14723 ||| Stepping randomly (stuck).
 14725 | D:4      | 14725 ||| Stepping randomly (stuck).
 14727 | D:4      | 14727 ||| Stepping randomly (stuck).
 14729 | D:4      | 14729 ||| Stepping randomly (stuck).
 14731 | D:4      | 14731 ||| Stepping randomly (stuck).
 14733 | D:4      | 14733 ||| Stepping randomly (stuck).
 14735 | D:4      | 14735 ||| Stepping randomly (stuck).
 14737 | D:4      | 14737 ||| Stepping randomly (stuck).
 14739 | D:4      | 14739 ||| Stepping randomly (stuck).
 14741 | D:4      | 14741 ||| Stepping randomly (stuck).
 14743 | D:4      | 14743 ||| Stepping randomly (stuck).
 14745 | D:4      | 14745 ||| Stepping randomly (stuck).
 14747 | D:4      | 14747 ||| Stepping randomly (stuck).
 14749 | D:4      | 14749 ||| Stepping randomly (stuck).
 14751 | D:4      | 14751 ||| Stepping randomly (stuck).
 14753 | D:4      | 14753 ||| Stepping randomly (stuck).
 14755 | D:4      | 14755 ||| Stepping randomly (stuck).
 14757 | D:4      | 14757 ||| Stepping randomly (stuck).
 14759 | D:4      | 14759 ||| Stepping randomly (stuck).
 14761 | D:4      | 14761 ||| Stepping randomly (stuck).
 14763 | D:4      | 14763 ||| Stepping randomly (stuck).
 14765 | D:4      | 14765 ||| Stepping randomly (stuck).
 14767 | D:4      | 14767 ||| Stepping randomly (stuck).
 14769 | D:4      | 14769 ||| Stepping randomly (stuck).
 14771 | D:4      | 14771 ||| Stepping randomly (stuck).
 14773 | D:4      | 14773 ||| Stepping randomly (stuck).
 14775 | D:4      | 14775 ||| Stepping randomly (stuck).
 14777 | D:4      | 14777 ||| Stepping randomly (stuck).
 14779 | D:4      | 14779 ||| Stepping randomly (stuck).
 14781 | D:4      | 14781 ||| Stepping randomly (stuck).
 14783 | D:4      | 14783 ||| Stepping randomly (stuck).
 14785 | D:4      | 14785 ||| Stepping randomly (stuck).
 14787 | D:4      | 14787 ||| Stepping randomly (stuck).
 14789 | D:4      | 14789 ||| Stepping randomly (stuck).
 14791 | D:4      | 14791 ||| Stepping randomly (stuck).
 14793 | D:4      | 14793 ||| Stepping randomly (stuck).
 14795 | D:4      | 14795 ||| Stepping randomly (stuck).
 14797 | D:4      | 14797 ||| Stepping randomly (stuck).
 14799 | D:4      | 14799 ||| Stepping randomly (stuck).
 14801 | D:4      | 14801 ||| Stepping randomly (stuck).
 14803 | D:4      | 14803 ||| Stepping randomly (stuck).
 14805 | D:4      | 14805 ||| Stepping randomly (stuck).
 14807 | D:4      | 14807 ||| Stepping randomly (stuck).
 14809 | D:4      | 14809 ||| Stepping randomly (stuck).
 14811 | D:4      | 14811 ||| Stepping randomly (stuck).
 14813 | D:4      | 14813 ||| Stepping randomly (stuck).
 14815 | D:4      | 14815 ||| Stepping randomly (stuck).
 14817 | D:4      | 14817 ||| Stepping randomly (stuck).
 14819 | D:4      | 14819 ||| Stepping randomly (stuck).
 14821 | D:4      | 14821 ||| Stepping randomly (stuck).
 14823 | D:4      | 14823 ||| Stepping randomly (stuck).
 14825 | D:4      | 14825 ||| Stepping randomly (stuck).
 14827 | D:4      | 14827 ||| Stepping randomly (stuck).
 14829 | D:4      | 14829 ||| Stepping randomly (stuck).
 14831 | D:4      | 14831 ||| Stepping randomly (stuck).
 14833 | D:4      | 14833 ||| Stepping randomly (stuck).
 14835 | D:4      | 14835 ||| Stepping randomly (stuck).
 14837 | D:4      | 14837 ||| Stepping randomly (stuck).
 14839 | D:4      | 14839 ||| Stepping randomly (stuck).
 14841 | D:4      | 14841 ||| Stepping randomly (stuck).
 14843 | D:4      | 14843 ||| Stepping randomly (stuck).
 14845 | D:4      | 14845 ||| Stepping randomly (stuck).
 14847 | D:4      | 14847 ||| Stepping randomly (stuck).
 14849 | D:4      | 14849 ||| Stepping randomly (stuck).
 14851 | D:4      | 14851 ||| Stepping randomly (stuck).
 14853 | D:4      | 14853 ||| Stepping randomly (stuck).
 14855 | D:4      | 14855 ||| Stepping randomly (stuck).
 14857 | D:4      | 14857 ||| Stepping randomly (stuck).
 14859 | D:4      | 14859 ||| Stepping randomly (stuck).
 14861 | D:4      | 14861 ||| Stepping randomly (stuck).
 14863 | D:4      | 14863 ||| Stepping randomly (stuck).
 14865 | D:4      | 14865 ||| Stepping randomly (stuck).
 14867 | D:4      | 14867 ||| Stepping randomly (stuck).
 14869 | D:4      | 14869 ||| Stepping randomly (stuck).
 14871 | D:4      | 14871 ||| Stepping randomly (stuck).
 14873 | D:4      | 14873 ||| Stepping randomly (stuck).
 14875 | D:4      | 14875 ||| Stepping randomly (stuck).
 14877 | D:4      | 14877 ||| Stepping randomly (stuck).
 14879 | D:4      | 14879 ||| Stepping randomly (stuck).
 14881 | D:4      | 14881 ||| Stepping randomly (stuck).
 14883 | D:4      | 14883 ||| Stepping randomly (stuck).
 14885 | D:4      | 14885 ||| Stepping randomly (stuck).
 14887 | D:4      | 14887 ||| Stepping randomly (stuck).
 14889 | D:4      | 14889 ||| Stepping randomly (stuck).
 14891 | D:4      | 14891 ||| Stepping randomly (stuck).
 14893 | D:4      | 14893 ||| Stepping randomly (stuck).
 14895 | D:4      | 14895 ||| Stepping randomly (stuck).
 14897 | D:4      | 14897 ||| Stepping randomly (stuck).
 14899 | D:4      | 14899 ||| Stepping randomly (stuck).
 14901 | D:4      | 14901 ||| Stepping randomly (stuck).
 14903 | D:4      | 14903 ||| Stepping randomly (stuck).
 14905 | D:4      | 14905 ||| Stepping randomly (stuck).
 14907 | D:4      | 14907 ||| Stepping randomly (stuck).
 14909 | D:4      | 14909 ||| Stepping randomly (stuck).
 14911 | D:4      | 14911 ||| Stepping randomly (stuck).
 14913 | D:4      | 14913 ||| Stepping randomly (stuck).
 14915 | D:4      | 14915 ||| Stepping randomly (stuck).
 14917 | D:4      | 14917 ||| Stepping randomly (stuck).
 14919 | D:4      | 14919 ||| Stepping randomly (stuck).
 14921 | D:4      | 14921 ||| Stepping randomly (stuck).
 14923 | D:4      | 14923 ||| Stepping randomly (stuck).
 14925 | D:4      | 14925 ||| Stepping randomly (stuck).
 14927 | D:4      | 14927 ||| Stepping randomly (stuck).
 14929 | D:4      | 14929 ||| Stepping randomly (stuck).
 14931 | D:4      | 14931 ||| Stepping randomly (stuck).
 14933 | D:4      | 14933 ||| Stepping randomly (stuck).
 14935 | D:4      | 14935 ||| Stepping randomly (stuck).
 14937 | D:4      | 14937 ||| Stepping randomly (stuck).
 14939 | D:4      | 14939 ||| Stepping randomly (stuck).
 14941 | D:4      | 14941 ||| Stepping randomly (stuck).
 14943 | D:4      | 14943 ||| Stepping randomly (stuck).
 14945 | D:4      | 14945 ||| Stepping randomly (stuck).
 14947 | D:4      | 14947 ||| Stepping randomly (stuck).
 14949 | D:4      | 14949 ||| Stepping randomly (stuck).
 14951 | D:4      | 14951 ||| Stepping randomly (stuck).
 14953 | D:4      | 14953 ||| Stepping randomly (stuck).
 14955 | D:4      | 14955 ||| Stepping randomly (stuck).
 14957 | D:4      | 14957 ||| Stepping randomly (stuck).
 14959 | D:4      | 14959 ||| Stepping randomly (stuck).
 14961 | D:4      | 14961 ||| Stepping randomly (stuck).
 14963 | D:4      | 14963 ||| Stepping randomly (stuck).
 14965 | D:4      | 14965 ||| Stepping randomly (stuck).
 14967 | D:4      | 14967 ||| Stepping randomly (stuck).
 14969 | D:4      | 14969 ||| Stepping randomly (stuck).
 14971 | D:4      | 14971 ||| Stepping randomly (stuck).
 14973 | D:4      | 14973 ||| Stepping randomly (stuck).
 14975 | D:4      | 14975 ||| Stepping randomly (stuck).
 14977 | D:4      | 14977 ||| Stepping randomly (stuck).
 14979 | D:4      | 14979 ||| Stepping randomly (stuck).
 14981 | D:4      | 14981 ||| Stepping randomly (stuck).
 14983 | D:4      | 14983 ||| Stepping randomly (stuck).
 14985 | D:4      | 14985 ||| Stepping randomly (stuck).
 14987 | D:4      | 14987 ||| Stepping randomly (stuck).
 14989 | D:4      | 14989 ||| Stepping randomly (stuck).
 14991 | D:4      | 14991 ||| Stepping randomly (stuck).
 14993 | D:4      | 14993 ||| Stepping randomly (stuck).
 14995 | D:4      | 14995 ||| Stepping randomly (stuck).
 14997 | D:4      | 14997 ||| Stepping randomly (stuck).
 14999 | D:4      | 14999 ||| Stepping randomly (stuck).
 15001 | D:4      | 15001 ||| Stepping randomly (stuck).
 15003 | D:4      | 15003 ||| Stepping randomly (stuck).
 15005 | D:4      | 15005 ||| Stepping randomly (stuck).
 15007 | D:4      | 15007 ||| Stepping randomly (stuck).
 15009 | D:4      | 15009 ||| Stepping randomly (stuck).
 15011 | D:4      | 15011 ||| Stepping randomly (stuck).
 15013 | D:4      | 15013 ||| Stepping randomly (stuck).
 15015 | D:4      | 15015 ||| Stepping randomly (stuck).
 15017 | D:4      | 15017 ||| Stepping randomly (stuck).
 15019 | D:4      | 15019 ||| Stepping randomly (stuck).
 15021 | D:4      | 15021 ||| Stepping randomly (stuck).
 15023 | D:4      | 15023 ||| Stepping randomly (stuck).
 15025 | D:4      | 15025 ||| Stepping randomly (stuck).
 15027 | D:4      | 15027 ||| Stepping randomly (stuck).
 15029 | D:4      | 15029 ||| Stepping randomly (stuck).
 15031 | D:4      | 15031 ||| Stepping randomly (stuck).
 15033 | D:4      | 15033 ||| Stepping randomly (stuck).
 15035 | D:4      | 15035 ||| Stepping randomly (stuck).
 15037 | D:4      | 15037 ||| Stepping randomly (stuck).
 15039 | D:4      | 15039 ||| Stepping randomly (stuck).
 15041 | D:4      | 15041 ||| Stepping randomly (stuck).
 15043 | D:4      | 15043 ||| Stepping randomly (stuck).
 15045 | D:4      | 15045 ||| Stepping randomly (stuck).
 15047 | D:4      | 15047 ||| Stepping randomly (stuck).
 15049 | D:4      | 15049 ||| Stepping randomly (stuck).
 15051 | D:4      | 15051 ||| Stepping randomly (stuck).
 15053 | D:4      | 15053 ||| Stepping randomly (stuck).
 15055 | D:4      | 15055 ||| Stepping randomly (stuck).
 15057 | D:4      | 15057 ||| Stepping randomly (stuck).
 15059 | D:4      | 15059 ||| Stepping randomly (stuck).
 15061 | D:4      | 15061 ||| Stepping randomly (stuck).
 15063 | D:4      | 15063 ||| Stepping randomly (stuck).
 15065 | D:4      | 15065 ||| Stepping randomly (stuck).
 15067 | D:4      | 15067 ||| Stepping randomly (stuck).
 15069 | D:4      | 15069 ||| Stepping randomly (stuck).
 15071 | D:4      | 15071 ||| Stepping randomly (stuck).
 15073 | D:4      | 15073 ||| Stepping randomly (stuck).
 15075 | D:4      | 15075 ||| Stepping randomly (stuck).
 15077 | D:4      | 15077 ||| Stepping randomly (stuck).
 15079 | D:4      | 15079 ||| Stepping randomly (stuck).
 15081 | D:4      | 15081 ||| Stepping randomly (stuck).
 15083 | D:4      | 15083 ||| Stepping randomly (stuck).
 15085 | D:4      | 15085 ||| Stepping randomly (stuck).
 15087 | D:4      | 15087 ||| Stepping randomly (stuck).
 15089 | D:4      | 15089 ||| Stepping randomly (stuck).
 15091 | D:4      | 15091 ||| Stepping randomly (stuck).
 15093 | D:4      | 15093 ||| Stepping randomly (stuck).
 15095 | D:4      | 15095 ||| Stepping randomly (stuck).
 15097 | D:4      | 15097 ||| Stepping randomly (stuck).
 15099 | D:4      | 15099 ||| Stepping randomly (stuck).
 15101 | D:4      | 15101 ||| Stepping randomly (stuck).
 15103 | D:4      | 15103 ||| Stepping randomly (stuck).
 15105 | D:4      | 15105 ||| Stepping randomly (stuck).
 15107 | D:4      | 15107 ||| Stepping randomly (stuck).
 15109 | D:4      | 15109 ||| Stepping randomly (stuck).
 15111 | D:4      | 15111 ||| Stepping randomly (stuck).
 15113 | D:4      | 15113 ||| Stepping randomly (stuck).
 15115 | D:4      | 15115 ||| Stepping randomly (stuck).
 15117 | D:4      | 15117 ||| Stepping randomly (stuck).
 15119 | D:4      | 15119 ||| Stepping randomly (stuck).
 15121 | D:4      | 15121 ||| Stepping randomly (stuck).
 15123 | D:4      | 15123 ||| Stepping randomly (stuck).
 15125 | D:4      | 15125 ||| Stepping randomly (stuck).
 15127 | D:4      | 15127 ||| Stepping randomly (stuck).
 15129 | D:4      | 15129 ||| Stepping randomly (stuck).
 15131 | D:4      | 15131 ||| Stepping randomly (stuck).
 15133 | D:4      | 15133 ||| Stepping randomly (stuck).
 15135 | D:4      | 15135 ||| Stepping randomly (stuck).
 15137 | D:4      | 15137 ||| Stepping randomly (stuck).
 15139 | D:4      | 15139 ||| Stepping randomly (stuck).
 15141 | D:4      | 15141 ||| Stepping randomly (stuck).
 15143 | D:4      | 15143 ||| Stepping randomly (stuck).
 15145 | D:4      | 15145 ||| Stepping randomly (stuck).
 15147 | D:4      | 15147 ||| Stepping randomly (stuck).
 15149 | D:4      | 15149 ||| Stepping randomly (stuck).
 15151 | D:4      | 15151 ||| Stepping randomly (stuck).
 15153 | D:4      | 15153 ||| Stepping randomly (stuck).
 15155 | D:4      | 15155 ||| Stepping randomly (stuck).
 15157 | D:4      | 15157 ||| Stepping randomly (stuck).
 15159 | D:4      | 15159 ||| Stepping randomly (stuck).
 15161 | D:4      | 15161 ||| Stepping randomly (stuck).
 15163 | D:4      | 15163 ||| Stepping randomly (stuck).
 15165 | D:4      | 15165 ||| Stepping randomly (stuck).
 15167 | D:4      | 15167 ||| Stepping randomly (stuck).
 15169 | D:4      | 15169 ||| Stepping randomly (stuck).
 15171 | D:4      | 15171 ||| Stepping randomly (stuck).
 15173 | D:4      | 15173 ||| Stepping randomly (stuck).
 15175 | D:4      | 15175 ||| Stepping randomly (stuck).
 15177 | D:4      | 15177 ||| Stepping randomly (stuck).
 15179 | D:4      | 15179 ||| Stepping randomly (stuck).
 15181 | D:4      | 15181 ||| Stepping randomly (stuck).
 15183 | D:4      | 15183 ||| Stepping randomly (stuck).
 15185 | D:4      | 15185 ||| Stepping randomly (stuck).
 15187 | D:4      | 15187 ||| Stepping randomly (stuck).
 15189 | D:4      | 15189 ||| Stepping randomly (stuck).
 15191 | D:4      | 15191 ||| Stepping randomly (stuck).
 15193 | D:4      | 15193 ||| Stepping randomly (stuck).
 15195 | D:4      | 15195 ||| Stepping randomly (stuck).
 15197 | D:4      | 15197 ||| Stepping randomly (stuck).
 15199 | D:4      | 15199 ||| Stepping randomly (stuck).
 15201 | D:4      | 15201 ||| Stepping randomly (stuck).
 15203 | D:4      | 15203 ||| Stepping randomly (stuck).
 15205 | D:4      | 15205 ||| Stepping randomly (stuck).
 15207 | D:4      | 15207 ||| Stepping randomly (stuck).
 15209 | D:4      | 15209 ||| Stepping randomly (stuck).
 15211 | D:4      | 15211 ||| Stepping randomly (stuck).
 15213 | D:4      | 15213 ||| Stepping randomly (stuck).
 15215 | D:4      | 15215 ||| Stepping randomly (stuck).
 15217 | D:4      | 15217 ||| Stepping randomly (stuck).
 15219 | D:4      | 15219 ||| Stepping randomly (stuck).
 15221 | D:4      | 15221 ||| Stepping randomly (stuck).
 15223 | D:4      | 15223 ||| Stepping randomly (stuck).
 15225 | D:4      | 15225 ||| Stepping randomly (stuck).
 15227 | D:4      | 15227 ||| Stepping randomly (stuck).
 15229 | D:4      | 15229 ||| Stepping randomly (stuck).
 15231 | D:4      | 15231 ||| Stepping randomly (stuck).
 15233 | D:4      | 15233 ||| Stepping randomly (stuck).
 15235 | D:4      | 15235 ||| Stepping randomly (stuck).
 15237 | D:4      | 15237 ||| Stepping randomly (stuck).
 15239 | D:4      | 15239 ||| Stepping randomly (stuck).
 15241 | D:4      | 15241 ||| Stepping randomly (stuck).
 15243 | D:4      | 15243 ||| Stepping randomly (stuck).
 15245 | D:4      | 15245 ||| Stepping randomly (stuck).
 15247 | D:4      | 15247 ||| Stepping randomly (stuck).
 15249 | D:4      | 15249 ||| Stepping randomly (stuck).
 15251 | D:4      | 15251 ||| Stepping randomly (stuck).
 15253 | D:4      | 15253 ||| Stepping randomly (stuck).
 15255 | D:4      | 15255 ||| Stepping randomly (stuck).
 15257 | D:4      | 15257 ||| Stepping randomly (stuck).
 15259 | D:4      | 15259 ||| Stepping randomly (stuck).
 15261 | D:4      | 15261 ||| Stepping randomly (stuck).
 15263 | D:4      | 15263 ||| Stepping randomly (stuck).
 15265 | D:4      | 15265 ||| Stepping randomly (stuck).
 15267 | D:4      | 15267 ||| Stepping randomly (stuck).
 15269 | D:4      | 15269 ||| Stepping randomly (stuck).
 15271 | D:4      | 15271 ||| Stepping randomly (stuck).
 15273 | D:4      | 15273 ||| Stepping randomly (stuck).
 15275 | D:4      | 15275 ||| Stepping randomly (stuck).
 15277 | D:4      | 15277 ||| Stepping randomly (stuck).
 15279 | D:4      | 15279 ||| Stepping randomly (stuck).
 15281 | D:4      | 15281 ||| Stepping randomly (stuck).
 15283 | D:4      | 15283 ||| Stepping randomly (stuck).
 15285 | D:4      | 15285 ||| Stepping randomly (stuck).
 15287 | D:4      | 15287 ||| Stepping randomly (stuck).
 15289 | D:4      | 15289 ||| Stepping randomly (stuck).
 15291 | D:4      | 15291 ||| Stepping randomly (stuck).
 15293 | D:4      | 15293 ||| Stepping randomly (stuck).
 15295 | D:4      | 15295 ||| Stepping randomly (stuck).
 15297 | D:4      | 15297 ||| Stepping randomly (stuck).
 15299 | D:4      | 15299 ||| Stepping randomly (stuck).
 15301 | D:4      | 15301 ||| Stepping randomly (stuck).
 15303 | D:4      | 15303 ||| Stepping randomly (stuck).
 15305 | D:4      | 15305 ||| Stepping randomly (stuck).
 15307 | D:4      | 15307 ||| Stepping randomly (stuck).
 15309 | D:4      | 15309 ||| Stepping randomly (stuck).
 15311 | D:4      | 15311 ||| Stepping randomly (stuck).
 15313 | D:4      | 15313 ||| Stepping randomly (stuck).
 15315 | D:4      | 15315 ||| Stepping randomly (stuck).
 15317 | D:4      | 15317 ||| Stepping randomly (stuck).
 15319 | D:4      | 15319 ||| Stepping randomly (stuck).
 15321 | D:4      | 15321 ||| Stepping randomly (stuck).
 15323 | D:4      | 15323 ||| Stepping randomly (stuck).
 15325 | D:4      | 15325 ||| Stepping randomly (stuck).
 15327 | D:4      | 15327 ||| Stepping randomly (stuck).
 15329 | D:4      | 15329 ||| Stepping randomly (stuck).
 15331 | D:4      | 15331 ||| Stepping randomly (stuck).
 15333 | D:4      | 15333 ||| Stepping randomly (stuck).
 15335 | D:4      | 15335 ||| Stepping randomly (stuck).
 15337 | D:4      | 15337 ||| Stepping randomly (stuck).
 15339 | D:4      | 15339 ||| Stepping randomly (stuck).
 15341 | D:4      | 15341 ||| Stepping randomly (stuck).
 15343 | D:4      | 15343 ||| Stepping randomly (stuck).
 15345 | D:4      | 15345 ||| Stepping randomly (stuck).
 15347 | D:4      | 15347 ||| Stepping randomly (stuck).
 15349 | D:4      | 15349 ||| Stepping randomly (stuck).
 15351 | D:4      | 15351 ||| Stepping randomly (stuck).
 15353 | D:4      | 15353 ||| Stepping randomly (stuck).
 15355 | D:4      | 15355 ||| Stepping randomly (stuck).
 15357 | D:4      | 15357 ||| Stepping randomly (stuck).
 15359 | D:4      | 15359 ||| Stepping randomly (stuck).
 15361 | D:4      | 15361 ||| Stepping randomly (stuck).
 15363 | D:4      | 15363 ||| Stepping randomly (stuck).
 15365 | D:4      | 15365 ||| Stepping randomly (stuck).
 15367 | D:4      | 15367 ||| Stepping randomly (stuck).
 15369 | D:4      | 15369 ||| Stepping randomly (stuck).
 15371 | D:4      | 15371 ||| Stepping randomly (stuck).
 15373 | D:4      | 15373 ||| Stepping randomly (stuck).
 15375 | D:4      | 15375 ||| Stepping randomly (stuck).
 15377 | D:4      | 15377 ||| Stepping randomly (stuck).
 15379 | D:4      | 15379 ||| Stepping randomly (stuck).
 15381 | D:4      | 15381 ||| Stepping randomly (stuck).
 15383 | D:4      | 15383 ||| Stepping randomly (stuck).
 15385 | D:4      | 15385 ||| Stepping randomly (stuck).
 15387 | D:4      | 15387 ||| Stepping randomly (stuck).
 15389 | D:4      | 15389 ||| Stepping randomly (stuck).
 15391 | D:4      | 15391 ||| Stepping randomly (stuck).
 15393 | D:4      | 15393 ||| Stepping randomly (stuck).
 15395 | D:4      | 15395 ||| Stepping randomly (stuck).
 15397 | D:4      | 15397 ||| Stepping randomly (stuck).
 15399 | D:4      | 15399 ||| Stepping randomly (stuck).
 15401 | D:4      | 15401 ||| Stepping randomly (stuck).
 15403 | D:4      | 15403 ||| Stepping randomly (stuck).
 15405 | D:4      | 15405 ||| Stepping randomly (stuck).
 15407 | D:4      | 15407 ||| Stepping randomly (stuck).
 15409 | D:4      | 15409 ||| Stepping randomly (stuck).
 15411 | D:4      | 15411 ||| Stepping randomly (stuck).
 15413 | D:4      | 15413 ||| Stepping randomly (stuck).
 15415 | D:4      | 15415 ||| Stepping randomly (stuck).
 15417 | D:4      | 15417 ||| Stepping randomly (stuck).
 15419 | D:4      | 15419 ||| Stepping randomly (stuck).
 15421 | D:4      | 15421 ||| Stepping randomly (stuck).
 15423 | D:4      | 15423 ||| Stepping randomly (stuck).
 15425 | D:4      | 15425 ||| Stepping randomly (stuck).
 15427 | D:4      | 15427 ||| Stepping randomly (stuck).
 15429 | D:4      | 15429 ||| Stepping randomly (stuck).
 15431 | D:4      | 15431 ||| Stepping randomly (stuck).
 15433 | D:4      | 15433 ||| Stepping randomly (stuck).
 15435 | D:4      | 15435 ||| Stepping randomly (stuck).
 15437 | D:4      | 15437 ||| Stepping randomly (stuck).
 15439 | D:4      | 15439 ||| Stepping randomly (stuck).
 15441 | D:4      | 15441 ||| Stepping randomly (stuck).
 15443 | D:4      | 15443 ||| Stepping randomly (stuck).
 15445 | D:4      | 15445 ||| Stepping randomly (stuck).
 15447 | D:4      | 15447 ||| Stepping randomly (stuck).
 15449 | D:4      | 15449 ||| Stepping randomly (stuck).
 15451 | D:4      | 15451 ||| Stepping randomly (stuck).
 15453 | D:4      | 15453 ||| Stepping randomly (stuck).
 15455 | D:4      | 15455 ||| Stepping randomly (stuck).
 15457 | D:4      | 15457 ||| Stepping randomly (stuck).
 15459 | D:4      | 15459 ||| Stepping randomly (stuck).
 15461 | D:4      | 15461 ||| Stepping randomly (stuck).
 15463 | D:4      | 15463 ||| Stepping randomly (stuck).
 15465 | D:4      | 15465 ||| Stepping randomly (stuck).
 15467 | D:4      | 15467 ||| Stepping randomly (stuck).
 15469 | D:4      | 15469 ||| Stepping randomly (stuck).
 15471 | D:4      | 15471 ||| Stepping randomly (stuck).
 15473 | D:4      | 15473 ||| Stepping randomly (stuck).
 15475 | D:4      | 15475 ||| Stepping randomly (stuck).
 15477 | D:4      | 15477 ||| Stepping randomly (stuck).
 15479 | D:4      | 15479 ||| Stepping randomly (stuck).
 15481 | D:4      | 15481 ||| Stepping randomly (stuck).
 15483 | D:4      | 15483 ||| Stepping randomly (stuck).
 15485 | D:4      | 15485 ||| Stepping randomly (stuck).
 15487 | D:4      | 15487 ||| Stepping randomly (stuck).
 15489 | D:4      | 15489 ||| Stepping randomly (stuck).
 15491 | D:4      | 15491 ||| Stepping randomly (stuck).
 15493 | D:4      | 15493 ||| Stepping randomly (stuck).
 15495 | D:4      | 15495 ||| Stepping randomly (stuck).
 15497 | D:4      | 15497 ||| Stepping randomly (stuck).
 15499 | D:4      | 15499 ||| Stepping randomly (stuck).
 15501 | D:4      | 15501 ||| Stepping randomly (stuck).
 15503 | D:4      | 15503 ||| Stepping randomly (stuck).
 15505 | D:4      | 15505 ||| Stepping randomly (stuck).
 15507 | D:4      | 15507 ||| Stepping randomly (stuck).
 15509 | D:4      | 15509 ||| Stepping randomly (stuck).
 15511 | D:4      | 15511 ||| Stepping randomly (stuck).
 15513 | D:4      | 15513 ||| Stepping randomly (stuck).
 15515 | D:4      | 15515 ||| Stepping randomly (stuck).
 15517 | D:4      | 15517 ||| Stepping randomly (stuck).
 15519 | D:4      | 15519 ||| Stepping randomly (stuck).
 15521 | D:4      | 15521 ||| Stepping randomly (stuck).
 15523 | D:4      | 15523 ||| Stepping randomly (stuck).
 15525 | D:4      | 15525 ||| Stepping randomly (stuck).
 15527 | D:4      | 15527 ||| Stepping randomly (stuck).
 15529 | D:4      | 15529 ||| Stepping randomly (stuck).
 15531 | D:4      | 15531 ||| Stepping randomly (stuck).
 15533 | D:4      | 15533 ||| Stepping randomly (stuck).
 15535 | D:4      | 15535 ||| Stepping randomly (stuck).
 15537 | D:4      | 15537 ||| Stepping randomly (stuck).
 15539 | D:4      | 15539 ||| Stepping randomly (stuck).
 15541 | D:4      | 15541 ||| Stepping randomly (stuck).
 15543 | D:4      | 15543 ||| Stepping randomly (stuck).
 15545 | D:4      | 15545 ||| Stepping randomly (stuck).
 15547 | D:4      | 15547 ||| Stepping randomly (stuck).
 15549 | D:4      | 15549 ||| Stepping randomly (stuck).
 15551 | D:4      | 15551 ||| Stepping randomly (stuck).
 15553 | D:4      | 15553 ||| Stepping randomly (stuck).
 15555 | D:4      | 15555 ||| Stepping randomly (stuck).
 15557 | D:4      | 15557 ||| Stepping randomly (stuck).
 15559 | D:4      | 15559 ||| Stepping randomly (stuck).
 15561 | D:4      | 15561 ||| Stepping randomly (stuck).
 15563 | D:4      | 15563 ||| Stepping randomly (stuck).
 15565 | D:4      | 15565 ||| Stepping randomly (stuck).
 15567 | D:4      | 15567 ||| Stepping randomly (stuck).
 15569 | D:4      | 15569 ||| Stepping randomly (stuck).
 15571 | D:4      | 15571 ||| Stepping randomly (stuck).
 15573 | D:4      | 15573 ||| Stepping randomly (stuck).
 15575 | D:4      | 15575 ||| Stepping randomly (stuck).
 15577 | D:4      | 15577 ||| Stepping randomly (stuck).
 15579 | D:4      | 15579 ||| Stepping randomly (stuck).
 15581 | D:4      | 15581 ||| Stepping randomly (stuck).
 15583 | D:4      | 15583 ||| Stepping randomly (stuck).
 15585 | D:4      | 15585 ||| Stepping randomly (stuck).
 15587 | D:4      | 15587 ||| Stepping randomly (stuck).
 15589 | D:4      | 15589 ||| Stepping randomly (stuck).
 15591 | D:4      | 15591 ||| Stepping randomly (stuck).
 15593 | D:4      | 15593 ||| Stepping randomly (stuck).
 15595 | D:4      | 15595 ||| Stepping randomly (stuck).
 15597 | D:4      | 15597 ||| Stepping randomly (stuck).
 15599 | D:4      | 15599 ||| Stepping randomly (stuck).
 15601 | D:4      | 15601 ||| Stepping randomly (stuck).
 15603 | D:4      | 15603 ||| Stepping randomly (stuck).
 15605 | D:4      | 15605 ||| Stepping randomly (stuck).
 15607 | D:4      | 15607 ||| Stepping randomly (stuck).
 15609 | D:4      | 15609 ||| Stepping randomly (stuck).
 15611 | D:4      | 15611 ||| Stepping randomly (stuck).
 15613 | D:4      | 15613 ||| Stepping randomly (stuck).
 15615 | D:4      | 15615 ||| Stepping randomly (stuck).
 15617 | D:4      | 15617 ||| Stepping randomly (stuck).
 15619 | D:4      | 15619 ||| Stepping randomly (stuck).
 15621 | D:4      | 15621 ||| Stepping randomly (stuck).
 15623 | D:4      | 15623 ||| Stepping randomly (stuck).
 15625 | D:4      | 15625 ||| Stepping randomly (stuck).
 15627 | D:4      | 15627 ||| Stepping randomly (stuck).
 15629 | D:4      | 15629 ||| Stepping randomly (stuck).
 15631 | D:4      | 15631 ||| Stepping randomly (stuck).
 15633 | D:4      | 15633 ||| Stepping randomly (stuck).
 15635 | D:4      | 15635 ||| Stepping randomly (stuck).
 15637 | D:4      | 15637 ||| Stepping randomly (stuck).
 15639 | D:4      | 15639 ||| Stepping randomly (stuck).
 15641 | D:4      | 15641 ||| Stepping randomly (stuck).
 15643 | D:4      | 15643 ||| Stepping randomly (stuck).
 15645 | D:4      | 15645 ||| Stepping randomly (stuck).
 15647 | D:4      | 15647 ||| Stepping randomly (stuck).
 15649 | D:4      | 15649 ||| Stepping randomly (stuck).
 15651 | D:4      | 15651 ||| Stepping randomly (stuck).
 15653 | D:4      | 15653 ||| Stepping randomly (stuck).
 15655 | D:4      | 15655 ||| Stepping randomly (stuck).
 15657 | D:4      | 15657 ||| Stepping randomly (stuck).
 15659 | D:4      | 15659 ||| Stepping randomly (stuck).
 15661 | D:4      | 15661 ||| Stepping randomly (stuck).
 15663 | D:4      | 15663 ||| Stepping randomly (stuck).
 15665 | D:4      | 15665 ||| Stepping randomly (stuck).
 15667 | D:4      | 15667 ||| Stepping randomly (stuck).
 15669 | D:4      | 15669 ||| Stepping randomly (stuck).
 15671 | D:4      | 15671 ||| Stepping randomly (stuck).
 15673 | D:4      | 15673 ||| Stepping randomly (stuck).
 15675 | D:4      | 15675 ||| Stepping randomly (stuck).
 15677 | D:4      | 15677 ||| Stepping randomly (stuck).
 15679 | D:4      | 15679 ||| Stepping randomly (stuck).
 15681 | D:4      | 15681 ||| Stepping randomly (stuck).
 15683 | D:4      | 15683 ||| Stepping randomly (stuck).
 15685 | D:4      | 15685 ||| Stepping randomly (stuck).
 15687 | D:4      | 15687 ||| Stepping randomly (stuck).
 15689 | D:4      | 15689 ||| Stepping randomly (stuck).
 15691 | D:4      | 15691 ||| Stepping randomly (stuck).
 15693 | D:4      | 15693 ||| Stepping randomly (stuck).
 15695 | D:4      | 15695 ||| Stepping randomly (stuck).
 15697 | D:4      | 15697 ||| Stepping randomly (stuck).
 15699 | D:4      | 15699 ||| Stepping randomly (stuck).
 15701 | D:4      | 15701 ||| Stepping randomly (stuck).
 15703 | D:4      | 15703 ||| Stepping randomly (stuck).
 15705 | D:4      | 15705 ||| Stepping randomly (stuck).
 15707 | D:4      | 15707 ||| Stepping randomly (stuck).
 15709 | D:4      | 15709 ||| Stepping randomly (stuck).
 15711 | D:4      | 15711 ||| Stepping randomly (stuck).
 15713 | D:4      | 15713 ||| Stepping randomly (stuck).
 15715 | D:4      | 15715 ||| Stepping randomly (stuck).
 15717 | D:4      | 15717 ||| Stepping randomly (stuck).
 15719 | D:4      | 15719 ||| Stepping randomly (stuck).
 15721 | D:4      | 15721 ||| Stepping randomly (stuck).
 15723 | D:4      | 15723 ||| Stepping randomly (stuck).
 15725 | D:4      | 15725 ||| Stepping randomly (stuck).
 15727 | D:4      | 15727 ||| Stepping randomly (stuck).
 15729 | D:4      | 15729 ||| Stepping randomly (stuck).
 15731 | D:4      | 15731 ||| Stepping randomly (stuck).
 15733 | D:4      | 15733 ||| Stepping randomly (stuck).
 15735 | D:4      | 15735 ||| Stepping randomly (stuck).
 15737 | D:4      | 15737 ||| Stepping randomly (stuck).
 15739 | D:4      | 15739 ||| Stepping randomly (stuck).
 15741 | D:4      | 15741 ||| Stepping randomly (stuck).
 15743 | D:4      | 15743 ||| Stepping randomly (stuck).
 15745 | D:4      | 15745 ||| Stepping randomly (stuck).
 15747 | D:4      | 15747 ||| Stepping randomly (stuck).
 15749 | D:4      | 15749 ||| Stepping randomly (stuck).
 15751 | D:4      | 15751 ||| Stepping randomly (stuck).
 15753 | D:4      | 15753 ||| Stepping randomly (stuck).
 15755 | D:4      | 15755 ||| Stepping randomly (stuck).
 15757 | D:4      | 15757 ||| Stepping randomly (stuck).
 15759 | D:4      | 15759 ||| Stepping randomly (stuck).
 15761 | D:4      | 15761 ||| Stepping randomly (stuck).
 15763 | D:4      | 15763 ||| Stepping randomly (stuck).
 15765 | D:4      | 15765 ||| Stepping randomly (stuck).
 15767 | D:4      | 15767 ||| Stepping randomly (stuck).
 15769 | D:4      | 15769 ||| Stepping randomly (stuck).
 15771 | D:4      | 15771 ||| Stepping randomly (stuck).
 15773 | D:4      | 15773 ||| Stepping randomly (stuck).
 15775 | D:4      | 15775 ||| Stepping randomly (stuck).
 15777 | D:4      | 15777 ||| Stepping randomly (stuck).
 15779 | D:4      | 15779 ||| Stepping randomly (stuck).
 15781 | D:4      | 15781 ||| Stepping randomly (stuck).
 15783 | D:4      | 15783 ||| Stepping randomly (stuck).
 15785 | D:4      | 15785 ||| Stepping randomly (stuck).
 15787 | D:4      | 15787 ||| Stepping randomly (stuck).
 15789 | D:4      | 15789 ||| Stepping randomly (stuck).
 15791 | D:4      | 15791 ||| Stepping randomly (stuck).
 15793 | D:4      | 15793 ||| Stepping randomly (stuck).
 15795 | D:4      | 15795 ||| Stepping randomly (stuck).
 15797 | D:4      | 15797 ||| Stepping randomly (stuck).
 15799 | D:4      | 15799 ||| Stepping randomly (stuck).
 15801 | D:4      | 15801 ||| Stepping randomly (stuck).
 15803 | D:4      | 15803 ||| Stepping randomly (stuck).
 15805 | D:4      | 15805 ||| Stepping randomly (stuck).
 15807 | D:4      | 15807 ||| Stepping randomly (stuck).
 15809 | D:4      | 15809 ||| Stepping randomly (stuck).
 15811 | D:4      | 15811 ||| Stepping randomly (stuck).
 15813 | D:4      | 15813 ||| Stepping randomly (stuck).
 15815 | D:4      | 15815 ||| Stepping randomly (stuck).
 15817 | D:4      | 15817 ||| Stepping randomly (stuck).
 15819 | D:4      | 15819 ||| Stepping randomly (stuck).
 15821 | D:4      | 15821 ||| Stepping randomly (stuck).
 15823 | D:4      | 15823 ||| Stepping randomly (stuck).
 15825 | D:4      | 15825 ||| Stepping randomly (stuck).
 15827 | D:4      | 15827 ||| Stepping randomly (stuck).
 15829 | D:4      | 15829 ||| Stepping randomly (stuck).
 15831 | D:4      | 15831 ||| Stepping randomly (stuck).
 15833 | D:4      | 15833 ||| Stepping randomly (stuck).
 15835 | D:4      | 15835 ||| Stepping randomly (stuck).
 15837 | D:4      | 15837 ||| Stepping randomly (stuck).
 15839 | D:4      | 15839 ||| Stepping randomly (stuck).
 15841 | D:4      | 15841 ||| Stepping randomly (stuck).
 15843 | D:4      | 15843 ||| Stepping randomly (stuck).
 15845 | D:4      | 15845 ||| Stepping randomly (stuck).
 15847 | D:4      | 15847 ||| Stepping randomly (stuck).
 15849 | D:4      | 15849 ||| Stepping randomly (stuck).
 15851 | D:4      | 15851 ||| Stepping randomly (stuck).
 15853 | D:4      | 15853 ||| Stepping randomly (stuck).
 15855 | D:4      | 15855 ||| Stepping randomly (stuck).
 15857 | D:4      | 15857 ||| Stepping randomly (stuck).
 15859 | D:4      | 15859 ||| Stepping randomly (stuck).
 15861 | D:4      | 15861 ||| Stepping randomly (stuck).
 15863 | D:4      | 15863 ||| Stepping randomly (stuck).
 15865 | D:4      | 15865 ||| Stepping randomly (stuck).
 15867 | D:4      | 15867 ||| Stepping randomly (stuck).
 15869 | D:4      | 15869 ||| Stepping randomly (stuck).
 15871 | D:4      | 15871 ||| Stepping randomly (stuck).
 15873 | D:4      | 15873 ||| Stepping randomly (stuck).
 15875 | D:4      | 15875 ||| Stepping randomly (stuck).
 15877 | D:4      | 15877 ||| Stepping randomly (stuck).
 15879 | D:4      | 15879 ||| Stepping randomly (stuck).
 15881 | D:4      | 15881 ||| Stepping randomly (stuck).
 15883 | D:4      | 15883 ||| Stepping randomly (stuck).
 15885 | D:4      | 15885 ||| Stepping randomly (stuck).
 15887 | D:4      | 15887 ||| Stepping randomly (stuck).
 15889 | D:4      | 15889 ||| Stepping randomly (stuck).
 15891 | D:4      | 15891 ||| Stepping randomly (stuck).
 15893 | D:4      | 15893 ||| Stepping randomly (stuck).
 15895 | D:4      | 15895 ||| Stepping randomly (stuck).
 15897 | D:4      | 15897 ||| Stepping randomly (stuck).
 15899 | D:4      | 15899 ||| Stepping randomly (stuck).
 15901 | D:4      | 15901 ||| Stepping randomly (stuck).
 15903 | D:4      | 15903 ||| Stepping randomly (stuck).
 15905 | D:4      | 15905 ||| Stepping randomly (stuck).
 15907 | D:4      | 15907 ||| Stepping randomly (stuck).
 15909 | D:4      | 15909 ||| Stepping randomly (stuck).
 15911 | D:4      | 15911 ||| Stepping randomly (stuck).
 15913 | D:4      | 15913 ||| Stepping randomly (stuck).
 15915 | D:4      | 15915 ||| Stepping randomly (stuck).
 15917 | D:4      | 15917 ||| Stepping randomly (stuck).
 15919 | D:4      | 15919 ||| Stepping randomly (stuck).
 15921 | D:4      | 15921 ||| Stepping randomly (stuck).
 15923 | D:4      | 15923 ||| Stepping randomly (stuck).
 15925 | D:4      | 15925 ||| Stepping randomly (stuck).
 15927 | D:4      | 15927 ||| Stepping randomly (stuck).
 15929 | D:4      | 15929 ||| Stepping randomly (stuck).
 15931 | D:4      | 15931 ||| Stepping randomly (stuck).
 15933 | D:4      | 15933 ||| Stepping randomly (stuck).
 15935 | D:4      | 15935 ||| Stepping randomly (stuck).
 15937 | D:4      | 15937 ||| Stepping randomly (stuck).
 15939 | D:4      | 15939 ||| Stepping randomly (stuck).
 15941 | D:4      | 15941 ||| Stepping randomly (stuck).
 15943 | D:4      | 15943 ||| Stepping randomly (stuck).
 15945 | D:4      | 15945 ||| Stepping randomly (stuck).
 15947 | D:4      | 15947 ||| Stepping randomly (stuck).
 15949 | D:4      | 15949 ||| Stepping randomly (stuck).
 15951 | D:4      | 15951 ||| Stepping randomly (stuck).
 15953 | D:4      | 15953 ||| Stepping randomly (stuck).
 15955 | D:4      | 15955 ||| Stepping randomly (stuck).
 15957 | D:4      | 15957 ||| Stepping randomly (stuck).
 15959 | D:4      | 15959 ||| Stepping randomly (stuck).
 15961 | D:4      | 15961 ||| Stepping randomly (stuck).
 15963 | D:4      | 15963 ||| Stepping randomly (stuck).
 15965 | D:4      | 15965 ||| Stepping randomly (stuck).
 15967 | D:4      | 15967 ||| Stepping randomly (stuck).
 15969 | D:4      | 15969 ||| Stepping randomly (stuck).
 15971 | D:4      | 15971 ||| Stepping randomly (stuck).
 15973 | D:4      | 15973 ||| Stepping randomly (stuck).
 15975 | D:4      | 15975 ||| Stepping randomly (stuck).
 15977 | D:4      | 15977 ||| Stepping randomly (stuck).
 15979 | D:4      | 15979 ||| Stepping randomly (stuck).
 15981 | D:4      | 15981 ||| Stepping randomly (stuck).
 15983 | D:4      | 15983 ||| Stepping randomly (stuck).
 15985 | D:4      | 15985 ||| Stepping randomly (stuck).
 15987 | D:4      | 15987 ||| Stepping randomly (stuck).
 15989 | D:4      | 15989 ||| Stepping randomly (stuck).
 15991 | D:4      | 15991 ||| Stepping randomly (stuck).
 15993 | D:4      | 15993 ||| Stepping randomly (stuck).
 15995 | D:4      | 15995 ||| Stepping randomly (stuck).
 15997 | D:4      | 15997 ||| Stepping randomly (stuck).
 15999 | D:4      | 15999 ||| Stepping randomly (stuck).
 16001 | D:4      | 16001 ||| Stepping randomly (stuck).
 16003 | D:4      | 16003 ||| Stepping randomly (stuck).
 16005 | D:4      | 16005 ||| Stepping randomly (stuck).
 16007 | D:4      | 16007 ||| Stepping randomly (stuck).
 16009 | D:4      | 16009 ||| Stepping randomly (stuck).
 16011 | D:4      | 16011 ||| Stepping randomly (stuck).
 16013 | D:4      | 16013 ||| Stepping randomly (stuck).
 16015 | D:4      | 16015 ||| Stepping randomly (stuck).
 16017 | D:4      | 16017 ||| Stepping randomly (stuck).
 16019 | D:4      | 16019 ||| Stepping randomly (stuck).
 16021 | D:4      | 16021 ||| Stepping randomly (stuck).
 16023 | D:4      | 16023 ||| Stepping randomly (stuck).
 16025 | D:4      | 16025 ||| Stepping randomly (stuck).
 16027 | D:4      | 16027 ||| Stepping randomly (stuck).
 16029 | D:4      | 16029 ||| Stepping randomly (stuck).
 16031 | D:4      | 16031 ||| Stepping randomly (stuck).
 16033 | D:4      | 16033 ||| Stepping randomly (stuck).
 16035 | D:4      | 16035 ||| Stepping randomly (stuck).
 16037 | D:4      | 16037 ||| Stepping randomly (stuck).
 16039 | D:4      | 16039 ||| Stepping randomly (stuck).
 16041 | D:4      | 16041 ||| Stepping randomly (stuck).
 16043 | D:4      | 16043 ||| Stepping randomly (stuck).
 16045 | D:4      | 16045 ||| Stepping randomly (stuck).
 16047 | D:4      | 16047 ||| Stepping randomly (stuck).
 16049 | D:4      | 16049 ||| Stepping randomly (stuck).
 16051 | D:4      | 16051 ||| Stepping randomly (stuck).
 16053 | D:4      | 16053 ||| Stepping randomly (stuck).
 16055 | D:4      | 16055 ||| Stepping randomly (stuck).
 16057 | D:4      | 16057 ||| Stepping randomly (stuck).
 16059 | D:4      | 16059 ||| Stepping randomly (stuck).
 16061 | D:4      | 16061 ||| Stepping randomly (stuck).
 16063 | D:4      | 16063 ||| Stepping randomly (stuck).
 16065 | D:4      | 16065 ||| Stepping randomly (stuck).
 16067 | D:4      | 16067 ||| Stepping randomly (stuck).
 16069 | D:4      | 16069 ||| Stepping randomly (stuck).
 16071 | D:4      | 16071 ||| Stepping randomly (stuck).
 16073 | D:4      | 16073 ||| Stepping randomly (stuck).
 16075 | D:4      | 16075 ||| Stepping randomly (stuck).
 16077 | D:4      | 16077 ||| Stepping randomly (stuck).
 16079 | D:4      | 16079 ||| Stepping randomly (stuck).
 16081 | D:4      | 16081 ||| Stepping randomly (stuck).
 16083 | D:4      | 16083 ||| Stepping randomly (stuck).
 16085 | D:4      | 16085 ||| Stepping randomly (stuck).
 16087 | D:4      | 16087 ||| Stepping randomly (stuck).
 16089 | D:4      | 16089 ||| Stepping randomly (stuck).
 16091 | D:4      | 16091 ||| Stepping randomly (stuck).
 16093 | D:4      | 16093 ||| Stepping randomly (stuck).
 16095 | D:4      | 16095 ||| Stepping randomly (stuck).
 16097 | D:4      | 16097 ||| Stepping randomly (stuck).
 16099 | D:4      | 16099 ||| Stepping randomly (stuck).
 16101 | D:4      | 16101 ||| Stepping randomly (stuck).
 16103 | D:4      | 16103 ||| Stepping randomly (stuck).
 16105 | D:4      | 16105 ||| Stepping randomly (stuck).
 16107 | D:4      | 16107 ||| Stepping randomly (stuck).
 16109 | D:4      | 16109 ||| Stepping randomly (stuck).
 16111 | D:4      | 16111 ||| Stepping randomly (stuck).
 16113 | D:4      | 16113 ||| Stepping randomly (stuck).
 16115 | D:4      | 16115 ||| Stepping randomly (stuck).
 16117 | D:4      | 16117 ||| Stepping randomly (stuck).
 16119 | D:4      | 16119 ||| Stepping randomly (stuck).
 16121 | D:4      | 16121 ||| Stepping randomly (stuck).
 16123 | D:4      | 16123 ||| Stepping randomly (stuck).
 16125 | D:4      | 16125 ||| Stepping randomly (stuck).
 16127 | D:4      | 16127 ||| Stepping randomly (stuck).
 16129 | D:4      | 16129 ||| Stepping randomly (stuck).
 16131 | D:4      | 16131 ||| Stepping randomly (stuck).
 16133 | D:4      | 16133 ||| Stepping randomly (stuck).
 16135 | D:4      | 16135 ||| Stepping randomly (stuck).
 16137 | D:4      | 16137 ||| Stepping randomly (stuck).
 16139 | D:4      | 16139 ||| Stepping randomly (stuck).
 16141 | D:4      | 16141 ||| Stepping randomly (stuck).
 16143 | D:4      | 16143 ||| Stepping randomly (stuck).
 16145 | D:4      | 16145 ||| Stepping randomly (stuck).
 16147 | D:4      | 16147 ||| Stepping randomly (stuck).
 16149 | D:4      | 16149 ||| Stepping randomly (stuck).
 16151 | D:4      | 16151 ||| Stepping randomly (stuck).
 16153 | D:4      | 16153 ||| Stepping randomly (stuck).
 16155 | D:4      | 16155 ||| Stepping randomly (stuck).
 16157 | D:4      | 16157 ||| Stepping randomly (stuck).
 16159 | D:4      | 16159 ||| Stepping randomly (stuck).
 16161 | D:4      | 16161 ||| Stepping randomly (stuck).
 16163 | D:4      | 16163 ||| Stepping randomly (stuck).
 16165 | D:4      | 16165 ||| Stepping randomly (stuck).
 16167 | D:4      | 16167 ||| Stepping randomly (stuck).
 16169 | D:4      | 16169 ||| Stepping randomly (stuck).
 16171 | D:4      | 16171 ||| Stepping randomly (stuck).
 16173 | D:4      | 16173 ||| Stepping randomly (stuck).
 16175 | D:4      | 16175 ||| Stepping randomly (stuck).
 16177 | D:4      | 16177 ||| Stepping randomly (stuck).
 16179 | D:4      | 16179 ||| Stepping randomly (stuck).
 16181 | D:4      | 16181 ||| Stepping randomly (stuck).
 16183 | D:4      | 16183 ||| Stepping randomly (stuck).
 16185 | D:4      | 16185 ||| Stepping randomly (stuck).
 16187 | D:4      | 16187 ||| Stepping randomly (stuck).
 16189 | D:4      | 16189 ||| Stepping randomly (stuck).
 16191 | D:4      | 16191 ||| Stepping randomly (stuck).
 16193 | D:4      | 16193 ||| Stepping randomly (stuck).
 16195 | D:4      | 16195 ||| Stepping randomly (stuck).
 16197 | D:4      | 16197 ||| Stepping randomly (stuck).
 16199 | D:4      | 16199 ||| Stepping randomly (stuck).
 16201 | D:4      | 16201 ||| Stepping randomly (stuck).
 16203 | D:4      | 16203 ||| Stepping randomly (stuck).
 16205 | D:4      | 16205 ||| Stepping randomly (stuck).
 16207 | D:4      | 16207 ||| Stepping randomly (stuck).
 16209 | D:4      | 16209 ||| Stepping randomly (stuck).
 16211 | D:4      | 16211 ||| Stepping randomly (stuck).
 16213 | D:4      | 16213 ||| Stepping randomly (stuck).
 16215 | D:4      | 16215 ||| Stepping randomly (stuck).
 16217 | D:4      | 16217 ||| Stepping randomly (stuck).
 16219 | D:4      | 16219 ||| Stepping randomly (stuck).
 16221 | D:4      | 16221 ||| Stepping randomly (stuck).
 16223 | D:4      | 16223 ||| Stepping randomly (stuck).
 16225 | D:4      | 16225 ||| Stepping randomly (stuck).
 16227 | D:4      | 16227 ||| Stepping randomly (stuck).
 16229 | D:4      | 16229 ||| Stepping randomly (stuck).
 16231 | D:4      | 16231 ||| Stepping randomly (stuck).
 16233 | D:4      | 16233 ||| Stepping randomly (stuck).
 16235 | D:4      | 16235 ||| Stepping randomly (stuck).
 16237 | D:4      | 16237 ||| Stepping randomly (stuck).
 16239 | D:4      | 16239 ||| Stepping randomly (stuck).
 16241 | D:4      | 16241 ||| Stepping randomly (stuck).
 16243 | D:4      | 16243 ||| Stepping randomly (stuck).
 16245 | D:4      | 16245 ||| Stepping randomly (stuck).
 16247 | D:4      | 16247 ||| Stepping randomly (stuck).
 16249 | D:4      | 16249 ||| Stepping randomly (stuck).
 16251 | D:4      | 16251 ||| Stepping randomly (stuck).
 16253 | D:4      | 16253 ||| Stepping randomly (stuck).
 16255 | D:4      | 16255 ||| Stepping randomly (stuck).
 16257 | D:4      | 16257 ||| Stepping randomly (stuck).
 16259 | D:4      | 16259 ||| Stepping randomly (stuck).
 16261 | D:4      | 16261 ||| Stepping randomly (stuck).
 16263 | D:4      | 16263 ||| Stepping randomly (stuck).
 16265 | D:4      | 16265 ||| Stepping randomly (stuck).
 16267 | D:4      | 16267 ||| Stepping randomly (stuck).
 16269 | D:4      | 16269 ||| Stepping randomly (stuck).
 16271 | D:4      | 16271 ||| Stepping randomly (stuck).
 16273 | D:4      | 16273 ||| Stepping randomly (stuck).
 16275 | D:4      | 16275 ||| Stepping randomly (stuck).
 16277 | D:4      | 16277 ||| Stepping randomly (stuck).
 16279 | D:4      | 16279 ||| Stepping randomly (stuck).
 16281 | D:4      | 16281 ||| Stepping randomly (stuck).
 16283 | D:4      | 16283 ||| Stepping randomly (stuck).
 16285 | D:4      | 16285 ||| Stepping randomly (stuck).
 16287 | D:4      | 16287 ||| Stepping randomly (stuck).
 16289 | D:4      | 16289 ||| Stepping randomly (stuck).
 16291 | D:4      | 16291 ||| Stepping randomly (stuck).
 16293 | D:4      | 16293 ||| Stepping randomly (stuck).
 16295 | D:4      | 16295 ||| Stepping randomly (stuck).
 16297 | D:4      | 16297 ||| Stepping randomly (stuck).
 16299 | D:4      | 16299 ||| Stepping randomly (stuck).
 16301 | D:4      | 16301 ||| Stepping randomly (stuck).
 16303 | D:4      | 16303 ||| Stepping randomly (stuck).
 16305 | D:4      | 16305 ||| Stepping randomly (stuck).
 16307 | D:4      | 16307 ||| Stepping randomly (stuck).
 16309 | D:4      | 16309 ||| Stepping randomly (stuck).
 16311 | D:4      | 16311 ||| Stepping randomly (stuck).
 16313 | D:4      | 16313 ||| Stepping randomly (stuck).
 16315 | D:4      | 16315 ||| Stepping randomly (stuck).
 16317 | D:4      | 16317 ||| Stepping randomly (stuck).
 16319 | D:4      | 16319 ||| Stepping randomly (stuck).
 16321 | D:4      | 16321 ||| Stepping randomly (stuck).
 16323 | D:4      | 16323 ||| Stepping randomly (stuck).
 16325 | D:4      | 16325 ||| Stepping randomly (stuck).
 16327 | D:4      | 16327 ||| Stepping randomly (stuck).
 16329 | D:4      | 16329 ||| Stepping randomly (stuck).
 16331 | D:4      | 16331 ||| Stepping randomly (stuck).
 16333 | D:4      | 16333 ||| Stepping randomly (stuck).
 16335 | D:4      | 16335 ||| Stepping randomly (stuck).
 16337 | D:4      | 16337 ||| Stepping randomly (stuck).
 16339 | D:4      | 16339 ||| Stepping randomly (stuck).
 16341 | D:4      | 16341 ||| Stepping randomly (stuck).
 16343 | D:4      | 16343 ||| Stepping randomly (stuck).
 16345 | D:4      | 16345 ||| Stepping randomly (stuck).
 16347 | D:4      | 16347 ||| Stepping randomly (stuck).
 16349 | D:4      | 16349 ||| Stepping randomly (stuck).
 16351 | D:4      | 16351 ||| Stepping randomly (stuck).
 16353 | D:4      | 16353 ||| Stepping randomly (stuck).
 16355 | D:4      | 16355 ||| Stepping randomly (stuck).
 16357 | D:4      | 16357 ||| Stepping randomly (stuck).
 16359 | D:4      | 16359 ||| Stepping randomly (stuck).
 16361 | D:4      | 16361 ||| Stepping randomly (stuck).
 16363 | D:4      | 16363 ||| Stepping randomly (stuck).
 16365 | D:4      | 16365 ||| Stepping randomly (stuck).
 16367 | D:4      | 16367 ||| Stepping randomly (stuck).
 16369 | D:4      | 16369 ||| Stepping randomly (stuck).
 16371 | D:4      | 16371 ||| Stepping randomly (stuck).
 16373 | D:4      | 16373 ||| Stepping randomly (stuck).
 16375 | D:4      | 16375 ||| Stepping randomly (stuck).
 16377 | D:4      | 16377 ||| Stepping randomly (stuck).
 16379 | D:4      | 16379 ||| Stepping randomly (stuck).
 16381 | D:4      | 16381 ||| Stepping randomly (stuck).
 16383 | D:4      | 16383 ||| Stepping randomly (stuck).
 16385 | D:4      | 16385 ||| Stepping randomly (stuck).
 16387 | D:4      | 16387 ||| Stepping randomly (stuck).
 16389 | D:4      | 16389 ||| Stepping randomly (stuck).
 16391 | D:4      | 16391 ||| Stepping randomly (stuck).
 16393 | D:4      | 16393 ||| Stepping randomly (stuck).
 16395 | D:4      | 16395 ||| Stepping randomly (stuck).
 16397 | D:4      | 16397 ||| Stepping randomly (stuck).
 16399 | D:4      | 16399 ||| Stepping randomly (stuck).
 16401 | D:4      | 16401 ||| Stepping randomly (stuck).
 16403 | D:4      | 16403 ||| Stepping randomly (stuck).
 16405 | D:4      | 16405 ||| Stepping randomly (stuck).
 16407 | D:4      | 16407 ||| Stepping randomly (stuck).
 16409 | D:4      | 16409 ||| Stepping randomly (stuck).
 16411 | D:4      | 16411 ||| Stepping randomly (stuck).
 16413 | D:4      | 16413 ||| Stepping randomly (stuck).
 16415 | D:4      | 16415 ||| Stepping randomly (stuck).
 16417 | D:4      | 16417 ||| Stepping randomly (stuck).
 16419 | D:4      | 16419 ||| Stepping randomly (stuck).
 16421 | D:4      | 16421 ||| Stepping randomly (stuck).
 16423 | D:4      | 16423 ||| Stepping randomly (stuck).
 16425 | D:4      | 16425 ||| Stepping randomly (stuck).
 16427 | D:4      | 16427 ||| Stepping randomly (stuck).
 16429 | D:4      | 16429 ||| Stepping randomly (stuck).
 16431 | D:4      | 16431 ||| Stepping randomly (stuck).
 16433 | D:4      | 16433 ||| Stepping randomly (stuck).
 16435 | D:4      | 16435 ||| Stepping randomly (stuck).
 16437 | D:4      | 16437 ||| Stepping randomly (stuck).
 16439 | D:4      | 16439 ||| Stepping randomly (stuck).
 16441 | D:4      | 16441 ||| Stepping randomly (stuck).
 16443 | D:4      | 16443 ||| Stepping randomly (stuck).
 16445 | D:4      | 16445 ||| Stepping randomly (stuck).
 16447 | D:4      | 16447 ||| Stepping randomly (stuck).
 16449 | D:4      | 16449 ||| Stepping randomly (stuck).
 16451 | D:4      | 16451 ||| Stepping randomly (stuck).
 16453 | D:4      | 16453 ||| Stepping randomly (stuck).
 16455 | D:4      | 16455 ||| Stepping randomly (stuck).
 16457 | D:4      | 16457 ||| Stepping randomly (stuck).
 16459 | D:4      | 16459 ||| Stepping randomly (stuck).
 16461 | D:4      | 16461 ||| Stepping randomly (stuck).
 16463 | D:4      | 16463 ||| Stepping randomly (stuck).
 16465 | D:4      | 16465 ||| Stepping randomly (stuck).
 16467 | D:4      | 16467 ||| Stepping randomly (stuck).
 16469 | D:4      | 16469 ||| Stepping randomly (stuck).
 16471 | D:4      | 16471 ||| Stepping randomly (stuck).
 16473 | D:4      | 16473 ||| Stepping randomly (stuck).
 16475 | D:4      | 16475 ||| Stepping randomly (stuck).
 16477 | D:4      | 16477 ||| Stepping randomly (stuck).
 16479 | D:4      | 16479 ||| Stepping randomly (stuck).
 16481 | D:4      | 16481 ||| Stepping randomly (stuck).
 16483 | D:4      | 16483 ||| Stepping randomly (stuck).
 16485 | D:4      | 16485 ||| Stepping randomly (stuck).
 16487 | D:4      | 16487 ||| Stepping randomly (stuck).
 16489 | D:4      | 16489 ||| Stepping randomly (stuck).
 16491 | D:4      | 16491 ||| Stepping randomly (stuck).
 16493 | D:4      | 16493 ||| Stepping randomly (stuck).
 16495 | D:4      | 16495 ||| Stepping randomly (stuck).
 16497 | D:4      | 16497 ||| Stepping randomly (stuck).
 16499 | D:4      | 16499 ||| Stepping randomly (stuck).
 16501 | D:4      | 16501 ||| Stepping randomly (stuck).
 16503 | D:4      | 16503 ||| Stepping randomly (stuck).
 16505 | D:4      | 16505 ||| Stepping randomly (stuck).
 16507 | D:4      | 16507 ||| Stepping randomly (stuck).
 16509 | D:4      | 16509 ||| Stepping randomly (stuck).
 16511 | D:4      | 16511 ||| Stepping randomly (stuck).
 16513 | D:4      | 16513 ||| Stepping randomly (stuck).
 16515 | D:4      | 16515 ||| Stepping randomly (stuck).
 16517 | D:4      | 16517 ||| Stepping randomly (stuck).
 16519 | D:4      | 16519 ||| Stepping randomly (stuck).
 16521 | D:4      | 16521 ||| Stepping randomly (stuck).
 16523 | D:4      | 16523 ||| Stepping randomly (stuck).
 16525 | D:4      | 16525 ||| Stepping randomly (stuck).
 16527 | D:4      | 16527 ||| Stepping randomly (stuck).
 16529 | D:4      | 16529 ||| Stepping randomly (stuck).
 16531 | D:4      | 16531 ||| Stepping randomly (stuck).
 16533 | D:4      | 16533 ||| Stepping randomly (stuck).
 16535 | D:4      | 16535 ||| Stepping randomly (stuck).
 16537 | D:4      | 16537 ||| Stepping randomly (stuck).
 16539 | D:4      | 16539 ||| Stepping randomly (stuck).
 16541 | D:4      | 16541 ||| Stepping randomly (stuck).
 16543 | D:4      | 16543 ||| Stepping randomly (stuck).
 16545 | D:4      | 16545 ||| Stepping randomly (stuck).
 16547 | D:4      | 16547 ||| Stepping randomly (stuck).
 16549 | D:4      | 16549 ||| Stepping randomly (stuck).
 16551 | D:4      | 16551 ||| Stepping randomly (stuck).
 16553 | D:4      | 16553 ||| Stepping randomly (stuck).
 16555 | D:4      | 16555 ||| Stepping randomly (stuck).
 16557 | D:4      | 16557 ||| Stepping randomly (stuck).
 16559 | D:4      | 16559 ||| Stepping randomly (stuck).
 16561 | D:4      | 16561 ||| Stepping randomly (stuck).
 16563 | D:4      | 16563 ||| Stepping randomly (stuck).
 16565 | D:4      | 16565 ||| Stepping randomly (stuck).
 16567 | D:4      | 16567 ||| Stepping randomly (stuck).
 16569 | D:4      | 16569 ||| Stepping randomly (stuck).
 16571 | D:4      | 16571 ||| Stepping randomly (stuck).
 16573 | D:4      | 16573 ||| Stepping randomly (stuck).
 16575 | D:4      | 16575 ||| Stepping randomly (stuck).
 16577 | D:4      | 16577 ||| Stepping randomly (stuck).
 16579 | D:4      | 16579 ||| Stepping randomly (stuck).
 16581 | D:4      | 16581 ||| Stepping randomly (stuck).
 16583 | D:4      | 16583 ||| Stepping randomly (stuck).
 16585 | D:4      | 16585 ||| Stepping randomly (stuck).
 16587 | D:4      | 16587 ||| Stepping randomly (stuck).
 16589 | D:4      | 16589 ||| Stepping randomly (stuck).
 16591 | D:4      | 16591 ||| Stepping randomly (stuck).
 16593 | D:4      | 16593 ||| Stepping randomly (stuck).
 16595 | D:4      | 16595 ||| Stepping randomly (stuck).
 16597 | D:4      | 16597 ||| Stepping randomly (stuck).
 16599 | D:4      | 16599 ||| Stepping randomly (stuck).
 16601 | D:4      | 16601 ||| Stepping randomly (stuck).
 16603 | D:4      | 16603 ||| Stepping randomly (stuck).
 16605 | D:4      | 16605 ||| Stepping randomly (stuck).
 16607 | D:4      | 16607 ||| Stepping randomly (stuck).
 16609 | D:4      | 16609 ||| Stepping randomly (stuck).
 16611 | D:4      | 16611 ||| Stepping randomly (stuck).
 16613 | D:4      | 16613 ||| Stepping randomly (stuck).
 16615 | D:4      | 16615 ||| Stepping randomly (stuck).
 16617 | D:4      | 16617 ||| Stepping randomly (stuck).
 16619 | D:4      | 16619 ||| Stepping randomly (stuck).
 16621 | D:4      | 16621 ||| Stepping randomly (stuck).
 16623 | D:4      | 16623 ||| Stepping randomly (stuck).
 16625 | D:4      | 16625 ||| Stepping randomly (stuck).
 16627 | D:4      | 16627 ||| Stepping randomly (stuck).
 16629 | D:4      | 16629 ||| Stepping randomly (stuck).
 16631 | D:4      | 16631 ||| Stepping randomly (stuck).
 16633 | D:4      | 16633 ||| Stepping randomly (stuck).
 16635 | D:4      | 16635 ||| Stepping randomly (stuck).
 16637 | D:4      | 16637 ||| Stepping randomly (stuck).
 16639 | D:4      | 16639 ||| Stepping randomly (stuck).
 16641 | D:4      | 16641 ||| Stepping randomly (stuck).
 16643 | D:4      | 16643 ||| Stepping randomly (stuck).
 16645 | D:4      | 16645 ||| Stepping randomly (stuck).
 16647 | D:4      | 16647 ||| Stepping randomly (stuck).
 16649 | D:4      | 16649 ||| Stepping randomly (stuck).
 16651 | D:4      | 16651 ||| Stepping randomly (stuck).
 16653 | D:4      | 16653 ||| Stepping randomly (stuck).
 16655 | D:4      | 16655 ||| Stepping randomly (stuck).
 16657 | D:4      | 16657 ||| Stepping randomly (stuck).
 16659 | D:4      | 16659 ||| Stepping randomly (stuck).
 16661 | D:4      | 16661 ||| Stepping randomly (stuck).
 16663 | D:4      | 16663 ||| Stepping randomly (stuck).
 16665 | D:4      | 16665 ||| Stepping randomly (stuck).
 16667 | D:4      | 16667 ||| Stepping randomly (stuck).
 16669 | D:4      | 16669 ||| Stepping randomly (stuck).
 16671 | D:4      | 16671 ||| Stepping randomly (stuck).
 16673 | D:4      | 16673 ||| Stepping randomly (stuck).
 16675 | D:4      | 16675 ||| Stepping randomly (stuck).
 16677 | D:4      | 16677 ||| Stepping randomly (stuck).
 16679 | D:4      | 16679 ||| Stepping randomly (stuck).
 16681 | D:4      | 16681 ||| Stepping randomly (stuck).
 16683 | D:4      | 16683 ||| Stepping randomly (stuck).
 16685 | D:4      | 16685 ||| Stepping randomly (stuck).
 16687 | D:4      | 16687 ||| Stepping randomly (stuck).
 16689 | D:4      | 16689 ||| Stepping randomly (stuck).
 16691 | D:4      | 16691 ||| Stepping randomly (stuck).
 16693 | D:4      | 16693 ||| Stepping randomly (stuck).
 16695 | D:4      | 16695 ||| Stepping randomly (stuck).
 16697 | D:4      | 16697 ||| Stepping randomly (stuck).
 16699 | D:4      | 16699 ||| Stepping randomly (stuck).
 16701 | D:4      | 16701 ||| Stepping randomly (stuck).
 16703 | D:4      | 16703 ||| Stepping randomly (stuck).
 16705 | D:4      | 16705 ||| Stepping randomly (stuck).
 16707 | D:4      | 16707 ||| Stepping randomly (stuck).
 16709 | D:4      | 16709 ||| Stepping randomly (stuck).
 16711 | D:4      | 16711 ||| Stepping randomly (stuck).
 16713 | D:4      | 16713 ||| Stepping randomly (stuck).
 16715 | D:4      | 16715 ||| Stepping randomly (stuck).
 16717 | D:4      | 16717 ||| Stepping randomly (stuck).
 16719 | D:4      | 16719 ||| Stepping randomly (stuck).
 16721 | D:4      | 16721 ||| Stepping randomly (stuck).
 16723 | D:4      | 16723 ||| Stepping randomly (stuck).
 16725 | D:4      | 16725 ||| Stepping randomly (stuck).
 16727 | D:4      | 16727 ||| Stepping randomly (stuck).
 16729 | D:4      | 16729 ||| Stepping randomly (stuck).
 16731 | D:4      | 16731 ||| Stepping randomly (stuck).
 16733 | D:4      | 16733 ||| Stepping randomly (stuck).
 16735 | D:4      | 16735 ||| Stepping randomly (stuck).
 16737 | D:4      | 16737 ||| Stepping randomly (stuck).
 16739 | D:4      | 16739 ||| Stepping randomly (stuck).
 16741 | D:4      | 16741 ||| Stepping randomly (stuck).
 16743 | D:4      | 16743 ||| Stepping randomly (stuck).
 16745 | D:4      | 16745 ||| Stepping randomly (stuck).
 16747 | D:4      | 16747 ||| Stepping randomly (stuck).
 16749 | D:4      | 16749 ||| Stepping randomly (stuck).
 16751 | D:4      | 16751 ||| Stepping randomly (stuck).
 16753 | D:4      | 16753 ||| Stepping randomly (stuck).
 16755 | D:4      | 16755 ||| Stepping randomly (stuck).
 16757 | D:4      | 16757 ||| Stepping randomly (stuck).
 16759 | D:4      | 16759 ||| Stepping randomly (stuck).
 16761 | D:4      | 16761 ||| Stepping randomly (stuck).
 16763 | D:4      | 16763 ||| Stepping randomly (stuck).
 16765 | D:4      | 16765 ||| Stepping randomly (stuck).
 16767 | D:4      | 16767 ||| Stepping randomly (stuck).
 16769 | D:4      | 16769 ||| Stepping randomly (stuck).
 16771 | D:4      | 16771 ||| Stepping randomly (stuck).
 16773 | D:4      | 16773 ||| Stepping randomly (stuck).
 16775 | D:4      | 16775 ||| Stepping randomly (stuck).
 16777 | D:4      | 16777 ||| Stepping randomly (stuck).
 16779 | D:4      | 16779 ||| Stepping randomly (stuck).
 16781 | D:4      | 16781 ||| Stepping randomly (stuck).
 16783 | D:4      | 16783 ||| Stepping randomly (stuck).
 16785 | D:4      | 16785 ||| Stepping randomly (stuck).
 16787 | D:4      | 16787 ||| Stepping randomly (stuck).
 16789 | D:4      | 16789 ||| Stepping randomly (stuck).
 16791 | D:4      | 16791 ||| Stepping randomly (stuck).
 16793 | D:4      | 16793 ||| Stepping randomly (stuck).
 16795 | D:4      | 16795 ||| Stepping randomly (stuck).
 16797 | D:4      | 16797 ||| Stepping randomly (stuck).
 16799 | D:4      | 16799 ||| Stepping randomly (stuck).
 16801 | D:4      | 16801 ||| Stepping randomly (stuck).
 16803 | D:4      | 16803 ||| Stepping randomly (stuck).
 16805 | D:4      | 16805 ||| Stepping randomly (stuck).
 16807 | D:4      | 16807 ||| Stepping randomly (stuck).
 16809 | D:4      | 16809 ||| Stepping randomly (stuck).
 16811 | D:4      | 16811 ||| Stepping randomly (stuck).
 16813 | D:4      | 16813 ||| Stepping randomly (stuck).
 16815 | D:4      | 16815 ||| Stepping randomly (stuck).
 16817 | D:4      | 16817 ||| Stepping randomly (stuck).
 16819 | D:4      | 16819 ||| Stepping randomly (stuck).
 16821 | D:4      | 16821 ||| Stepping randomly (stuck).
 16823 | D:4      | 16823 ||| Stepping randomly (stuck).
 16825 | D:4      | 16825 ||| Stepping randomly (stuck).
 16827 | D:4      | 16827 ||| Stepping randomly (stuck).
 16829 | D:4      | 16829 ||| Stepping randomly (stuck).
 16831 | D:4      | 16831 ||| Stepping randomly (stuck).
 16833 | D:4      | 16833 ||| Stepping randomly (stuck).
 16835 | D:4      | 16835 ||| Stepping randomly (stuck).
 16837 | D:4      | 16837 ||| Stepping randomly (stuck).
 16839 | D:4      | 16839 ||| Stepping randomly (stuck).
 16841 | D:4      | 16841 ||| Stepping randomly (stuck).
 16843 | D:4      | 16843 ||| Stepping randomly (stuck).
 16845 | D:4      | 16845 ||| Stepping randomly (stuck).
 16847 | D:4      | 16847 ||| Stepping randomly (stuck).
 16849 | D:4      | 16849 ||| Stepping randomly (stuck).
 16851 | D:4      | 16851 ||| Stepping randomly (stuck).
 16853 | D:4      | 16853 ||| Stepping randomly (stuck).
 16855 | D:4      | 16855 ||| Stepping randomly (stuck).
 16857 | D:4      | 16857 ||| Stepping randomly (stuck).
 16859 | D:4      | 16859 ||| Stepping randomly (stuck).
 16861 | D:4      | 16861 ||| Stepping randomly (stuck).
 16863 | D:4      | 16863 ||| Stepping randomly (stuck).
 16865 | D:4      | 16865 ||| Stepping randomly (stuck).
 16867 | D:4      | 16867 ||| Stepping randomly (stuck).
 16869 | D:4      | 16869 ||| Stepping randomly (stuck).
 16871 | D:4      | 16871 ||| Stepping randomly (stuck).
 16873 | D:4      | 16873 ||| Stepping randomly (stuck).
 16875 | D:4      | 16875 ||| Stepping randomly (stuck).
 16877 | D:4      | 16877 ||| Stepping randomly (stuck).
 16879 | D:4      | 16879 ||| Stepping randomly (stuck).
 16881 | D:4      | 16881 ||| Stepping randomly (stuck).
 16883 | D:4      | 16883 ||| Stepping randomly (stuck).
 16885 | D:4      | 16885 ||| Stepping randomly (stuck).
 16887 | D:4      | 16887 ||| Stepping randomly (stuck).
 16889 | D:4      | 16889 ||| Stepping randomly (stuck).
 16891 | D:4      | 16891 ||| Stepping randomly (stuck).
 16893 | D:4      | 16893 ||| Stepping randomly (stuck).
 16895 | D:4      | 16895 ||| Stepping randomly (stuck).
 16897 | D:4      | 16897 ||| Stepping randomly (stuck).
 16899 | D:4      | 16899 ||| Stepping randomly (stuck).
 16901 | D:4      | 16901 ||| Stepping randomly (stuck).
 16903 | D:4      | 16903 ||| Stepping randomly (stuck).
 16905 | D:4      | 16905 ||| Stepping randomly (stuck).
 16907 | D:4      | 16907 ||| Stepping randomly (stuck).
 16909 | D:4      | 16909 ||| Stepping randomly (stuck).
 16911 | D:4      | 16911 ||| Stepping randomly (stuck).
 16913 | D:4      | 16913 ||| Stepping randomly (stuck).
 16915 | D:4      | 16915 ||| Stepping randomly (stuck).
 16917 | D:4      | 16917 ||| Stepping randomly (stuck).
 16919 | D:4      | 16919 ||| Stepping randomly (stuck).
 16921 | D:4      | 16921 ||| Stepping randomly (stuck).
 16923 | D:4      | 16923 ||| Stepping randomly (stuck).
 16925 | D:4      | 16925 ||| Stepping randomly (stuck).
 16927 | D:4      | 16927 ||| Stepping randomly (stuck).
 16929 | D:4      | 16929 ||| Stepping randomly (stuck).
 16931 | D:4      | 16931 ||| Stepping randomly (stuck).
 16933 | D:4      | 16933 ||| Stepping randomly (stuck).
 16935 | D:4      | 16935 ||| Stepping randomly (stuck).
 16937 | D:4      | 16937 ||| Stepping randomly (stuck).
 16939 | D:4      | 16939 ||| Stepping randomly (stuck).
 16941 | D:4      | 16941 ||| Stepping randomly (stuck).
 16943 | D:4      | 16943 ||| Stepping randomly (stuck).
 16945 | D:4      | 16945 ||| Stepping randomly (stuck).
 16947 | D:4      | 16947 ||| Stepping randomly (stuck).
 16949 | D:4      | 16949 ||| Stepping randomly (stuck).
 16951 | D:4      | 16951 ||| Stepping randomly (stuck).
 16953 | D:4      | 16953 ||| Stepping randomly (stuck).
 16955 | D:4      | 16955 ||| Stepping randomly (stuck).
 16957 | D:4      | 16957 ||| Stepping randomly (stuck).
 16959 | D:4      | 16959 ||| Stepping randomly (stuck).
 16961 | D:4      | 16961 ||| Stepping randomly (stuck).
 16963 | D:4      | 16963 ||| Stepping randomly (stuck).
 16965 | D:4      | 16965 ||| Stepping randomly (stuck).
 16967 | D:4      | 16967 ||| Stepping randomly (stuck).
 16969 | D:4      | 16969 ||| Stepping randomly (stuck).
 16971 | D:4      | 16971 ||| Stepping randomly (stuck).
 16973 | D:4      | 16973 ||| Stepping randomly (stuck).
 16975 | D:4      | 16975 ||| Stepping randomly (stuck).
 16977 | D:4      | 16977 ||| Stepping randomly (stuck).
 16979 | D:4      | 16979 ||| Stepping randomly (stuck).
 16981 | D:4      | 16981 ||| Stepping randomly (stuck).
 16983 | D:4      | 16983 ||| Stepping randomly (stuck).
 16985 | D:4      | 16985 ||| Stepping randomly (stuck).
 16987 | D:4      | 16987 ||| Stepping randomly (stuck).
 16989 | D:4      | 16989 ||| Stepping randomly (stuck).
 16991 | D:4      | 16991 ||| Stepping randomly (stuck).
 16993 | D:4      | 16993 ||| Stepping randomly (stuck).
 16995 | D:4      | 16995 ||| Stepping randomly (stuck).
 16997 | D:4      | 16997 ||| Stepping randomly (stuck).
 16999 | D:4      | 16999 ||| Stepping randomly (stuck).
 17001 | D:4      | 17001 ||| Stepping randomly (stuck).
 17003 | D:4      | 17003 ||| Stepping randomly (stuck).
 17005 | D:4      | 17005 ||| Stepping randomly (stuck).
 17007 | D:4      | 17007 ||| Stepping randomly (stuck).
 17009 | D:4      | 17009 ||| Stepping randomly (stuck).
 17011 | D:4      | 17011 ||| Stepping randomly (stuck).
 17013 | D:4      | 17013 ||| Stepping randomly (stuck).
 17015 | D:4      | 17015 ||| Stepping randomly (stuck).
 17017 | D:4      | 17017 ||| Stepping randomly (stuck).
 17019 | D:4      | 17019 ||| Stepping randomly (stuck).
 17021 | D:4      | 17021 ||| Stepping randomly (stuck).
 17023 | D:4      | 17023 ||| Stepping randomly (stuck).
 17025 | D:4      | 17025 ||| Stepping randomly (stuck).
 17027 | D:4      | 17027 ||| Stepping randomly (stuck).
 17029 | D:4      | 17029 ||| Stepping randomly (stuck).
 17031 | D:4      | 17031 ||| Stepping randomly (stuck).
 17033 | D:4      | 17033 ||| Stepping randomly (stuck).
 17035 | D:4      | 17035 ||| Stepping randomly (stuck).
 17037 | D:4      | 17037 ||| Stepping randomly (stuck).
 17039 | D:4      | 17039 ||| Stepping randomly (stuck).
 17041 | D:4      | 17041 ||| Stepping randomly (stuck).
 17043 | D:4      | 17043 ||| Stepping randomly (stuck).
 17045 | D:4      | 17045 ||| Stepping randomly (stuck).
 17047 | D:4      | 17047 ||| Stepping randomly (stuck).
 17049 | D:4      | 17049 ||| Stepping randomly (stuck).
 17051 | D:4      | 17051 ||| Stepping randomly (stuck).
 17053 | D:4      | 17053 ||| Stepping randomly (stuck).
 17055 | D:4      | 17055 ||| Stepping randomly (stuck).
 17057 | D:4      | 17057 ||| Stepping randomly (stuck).
 17059 | D:4      | 17059 ||| Stepping randomly (stuck).
 17061 | D:4      | 17061 ||| Stepping randomly (stuck).
 17063 | D:4      | 17063 ||| Stepping randomly (stuck).
 17065 | D:4      | 17065 ||| Stepping randomly (stuck).
 17067 | D:4      | 17067 ||| Stepping randomly (stuck).
 17069 | D:4      | 17069 ||| Stepping randomly (stuck).
 17071 | D:4      | 17071 ||| Stepping randomly (stuck).
 17073 | D:4      | 17073 ||| Stepping randomly (stuck).
 17075 | D:4      | 17075 ||| Stepping randomly (stuck).
 17077 | D:4      | 17077 ||| Stepping randomly (stuck).
 17079 | D:4      | 17079 ||| Stepping randomly (stuck).
 17081 | D:4      | 17081 ||| Stepping randomly (stuck).
 17083 | D:4      | 17083 ||| Stepping randomly (stuck).
 17085 | D:4      | 17085 ||| Stepping randomly (stuck).
 17087 | D:4      | 17087 ||| Stepping randomly (stuck).
 17089 | D:4      | 17089 ||| Stepping randomly (stuck).
 17091 | D:4      | 17091 ||| Stepping randomly (stuck).
 17093 | D:4      | 17093 ||| Stepping randomly (stuck).
 17095 | D:4      | 17095 ||| Stepping randomly (stuck).
 17097 | D:4      | 17097 ||| Stepping randomly (stuck).
 17099 | D:4      | 17099 ||| Stepping randomly (stuck).
 17101 | D:4      | 17101 ||| Stepping randomly (stuck).
 17103 | D:4      | 17103 ||| Stepping randomly (stuck).
 17105 | D:4      | 17105 ||| Stepping randomly (stuck).
 17107 | D:4      | 17107 ||| Stepping randomly (stuck).
 17109 | D:4      | 17109 ||| Stepping randomly (stuck).
 17111 | D:4      | 17111 ||| Stepping randomly (stuck).
 17113 | D:4      | 17113 ||| Stepping randomly (stuck).
 17115 | D:4      | 17115 ||| Stepping randomly (stuck).
 17117 | D:4      | 17117 ||| Stepping randomly (stuck).
 17119 | D:4      | 17119 ||| Stepping randomly (stuck).
 17121 | D:4      | 17121 ||| Stepping randomly (stuck).
 17123 | D:4      | 17123 ||| Stepping randomly (stuck).
 17125 | D:4      | 17125 ||| Stepping randomly (stuck).
 17127 | D:4      | 17127 ||| Stepping randomly (stuck).
 17129 | D:4      | 17129 ||| Stepping randomly (stuck).
 17131 | D:4      | 17131 ||| Stepping randomly (stuck).
 17133 | D:4      | 17133 ||| Stepping randomly (stuck).
 17135 | D:4      | 17135 ||| Stepping randomly (stuck).
 17137 | D:4      | 17137 ||| Stepping randomly (stuck).
 17139 | D:4      | 17139 ||| Stepping randomly (stuck).
 17141 | D:4      | 17141 ||| Stepping randomly (stuck).
 17143 | D:4      | 17143 ||| Stepping randomly (stuck).
 17145 | D:4      | 17145 ||| Stepping randomly (stuck).
 17147 | D:4      | 17147 ||| Stepping randomly (stuck).
 17149 | D:4      | 17149 ||| Stepping randomly (stuck).
 17151 | D:4      | 17151 ||| Stepping randomly (stuck).
 17153 | D:4      | 17153 ||| Stepping randomly (stuck).
 17155 | D:4      | 17155 ||| Stepping randomly (stuck).
 17157 | D:4      | 17157 ||| Stepping randomly (stuck).
 17159 | D:4      | 17159 ||| Stepping randomly (stuck).
 17161 | D:4      | 17161 ||| Stepping randomly (stuck).
 17163 | D:4      | 17163 ||| Stepping randomly (stuck).
 17165 | D:4      | 17165 ||| Stepping randomly (stuck).
 17167 | D:4      | 17167 ||| Stepping randomly (stuck).
 17169 | D:4      | 17169 ||| Stepping randomly (stuck).
 17171 | D:4      | 17171 ||| Stepping randomly (stuck).
 17173 | D:4      | 17173 ||| Stepping randomly (stuck).
 17175 | D:4      | 17175 ||| Stepping randomly (stuck).
 17177 | D:4      | 17177 ||| Stepping randomly (stuck).
 17179 | D:4      | 17179 ||| Stepping randomly (stuck).
 17181 | D:4      | 17181 ||| Stepping randomly (stuck).
 17183 | D:4      | 17183 ||| Stepping randomly (stuck).
 17185 | D:4      | 17185 ||| Stepping randomly (stuck).
 17187 | D:4      | 17187 ||| Stepping randomly (stuck).
 17189 | D:4      | 17189 ||| Stepping randomly (stuck).
 17191 | D:4      | 17191 ||| Stepping randomly (stuck).
 17193 | D:4      | 17193 ||| Stepping randomly (stuck).
 17195 | D:4      | 17195 ||| Stepping randomly (stuck).
 17197 | D:4      | 17197 ||| Stepping randomly (stuck).
 17199 | D:4      | 17199 ||| Stepping randomly (stuck).
 17201 | D:4      | 17201 ||| Stepping randomly (stuck).
 17203 | D:4      | 17203 ||| Stepping randomly (stuck).
 17205 | D:4      | 17205 ||| Stepping randomly (stuck).
 17207 | D:4      | 17207 ||| Stepping randomly (stuck).
 17209 | D:4      | 17209 ||| Stepping randomly (stuck).
 17211 | D:4      | 17211 ||| Stepping randomly (stuck).
 17213 | D:4      | 17213 ||| Stepping randomly (stuck).
 17215 | D:4      | 17215 ||| Stepping randomly (stuck).
 17217 | D:4      | 17217 ||| Stepping randomly (stuck).
 17219 | D:4      | 17219 ||| Stepping randomly (stuck).
 17221 | D:4      | 17221 ||| Stepping randomly (stuck).
 17223 | D:4      | 17223 ||| Stepping randomly (stuck).
 17225 | D:4      | 17225 ||| Stepping randomly (stuck).
 17227 | D:4      | 17227 ||| Stepping randomly (stuck).
 17229 | D:4      | 17229 ||| Stepping randomly (stuck).
 17231 | D:4      | 17231 ||| Stepping randomly (stuck).
 17233 | D:4      | 17233 ||| Stepping randomly (stuck).
 17235 | D:4      | 17235 ||| Stepping randomly (stuck).
 17237 | D:4      | 17237 ||| Stepping randomly (stuck).
 17239 | D:4      | 17239 ||| Stepping randomly (stuck).
 17241 | D:4      | 17241 ||| Stepping randomly (stuck).
 17243 | D:4      | 17243 ||| Stepping randomly (stuck).
 17245 | D:4      | 17245 ||| Stepping randomly (stuck).
 17247 | D:4      | 17247 ||| Stepping randomly (stuck).
 17249 | D:4      | 17249 ||| Stepping randomly (stuck).
 17251 | D:4      | 17251 ||| Stepping randomly (stuck).
 17253 | D:4      | 17253 ||| Stepping randomly (stuck).
 17255 | D:4      | 17255 ||| Stepping randomly (stuck).
 17257 | D:4      | 17257 ||| Stepping randomly (stuck).
 17259 | D:4      | 17259 ||| Stepping randomly (stuck).
 17261 | D:4      | 17261 ||| Stepping randomly (stuck).
 17263 | D:4      | 17263 ||| Stepping randomly (stuck).
 17265 | D:4      | 17265 ||| Stepping randomly (stuck).
 17267 | D:4      | 17267 ||| Stepping randomly (stuck).
 17269 | D:4      | 17269 ||| Stepping randomly (stuck).
 17271 | D:4      | 17271 ||| Stepping randomly (stuck).
 17273 | D:4      | 17273 ||| Stepping randomly (stuck).
 17275 | D:4      | 17275 ||| Stepping randomly (stuck).
 17277 | D:4      | 17277 ||| Stepping randomly (stuck).
 17279 | D:4      | 17279 ||| Stepping randomly (stuck).
 17281 | D:4      | 17281 ||| Stepping randomly (stuck).
 17283 | D:4      | 17283 ||| Stepping randomly (stuck).
 17285 | D:4      | 17285 ||| Stepping randomly (stuck).
 17287 | D:4      | 17287 ||| Stepping randomly (stuck).
 17289 | D:4      | 17289 ||| Stepping randomly (stuck).
 17291 | D:4      | 17291 ||| Stepping randomly (stuck).
 17293 | D:4      | 17293 ||| Stepping randomly (stuck).
 17295 | D:4      | 17295 ||| Stepping randomly (stuck).
 17297 | D:4      | 17297 ||| Stepping randomly (stuck).
 17299 | D:4      | 17299 ||| Stepping randomly (stuck).
 17301 | D:4      | 17301 ||| Stepping randomly (stuck).
 17303 | D:4      | 17303 ||| Stepping randomly (stuck).
 17305 | D:4      | 17305 ||| Stepping randomly (stuck).
 17307 | D:4      | 17307 ||| Stepping randomly (stuck).
 17309 | D:4      | 17309 ||| Stepping randomly (stuck).
 17311 | D:4      | 17311 ||| Stepping randomly (stuck).
 17313 | D:4      | 17313 ||| Stepping randomly (stuck).
 17315 | D:4      | 17315 ||| Stepping randomly (stuck).
 17317 | D:4      | 17317 ||| Stepping randomly (stuck).
 17319 | D:4      | 17319 ||| Stepping randomly (stuck).
 17321 | D:4      | 17321 ||| Stepping randomly (stuck).
 17323 | D:4      | 17323 ||| Stepping randomly (stuck).
 17325 | D:4      | 17325 ||| Stepping randomly (stuck).
 17327 | D:4      | 17327 ||| Stepping randomly (stuck).
 17329 | D:4      | 17329 ||| Stepping randomly (stuck).
 17331 | D:4      | 17331 ||| Stepping randomly (stuck).
 17333 | D:4      | 17333 ||| Stepping randomly (stuck).
 17335 | D:4      | 17335 ||| Stepping randomly (stuck).
 17337 | D:4      | 17337 ||| Stepping randomly (stuck).
 17339 | D:4      | 17339 ||| Stepping randomly (stuck).
 17341 | D:4      | 17341 ||| Stepping randomly (stuck).
 17343 | D:4      | 17343 ||| Stepping randomly (stuck).
 17345 | D:4      | 17345 ||| Stepping randomly (stuck).
 17347 | D:4      | 17347 ||| Stepping randomly (stuck).
 17349 | D:4      | 17349 ||| Stepping randomly (stuck).
 17351 | D:4      | 17351 ||| Stepping randomly (stuck).
 17353 | D:4      | 17353 ||| Stepping randomly (stuck).
 17355 | D:4      | 17355 ||| Stepping randomly (stuck).
 17357 | D:4      | 17357 ||| Stepping randomly (stuck).
 17359 | D:4      | 17359 ||| Stepping randomly (stuck).
 17361 | D:4      | 17361 ||| Stepping randomly (stuck).
 17363 | D:4      | 17363 ||| Stepping randomly (stuck).
 17365 | D:4      | 17365 ||| Stepping randomly (stuck).
 17367 | D:4      | 17367 ||| Stepping randomly (stuck).
 17369 | D:4      | 17369 ||| Stepping randomly (stuck).
 17371 | D:4      | 17371 ||| Stepping randomly (stuck).
 17373 | D:4      | 17373 ||| Stepping randomly (stuck).
 17375 | D:4      | 17375 ||| Stepping randomly (stuck).
 17377 | D:4      | 17377 ||| Stepping randomly (stuck).
 17379 | D:4      | 17379 ||| Stepping randomly (stuck).
 17381 | D:4      | 17381 ||| Stepping randomly (stuck).
 17383 | D:4      | 17383 ||| Stepping randomly (stuck).
 17385 | D:4      | 17385 ||| Stepping randomly (stuck).
 17387 | D:4      | 17387 ||| Stepping randomly (stuck).
 17389 | D:4      | 17389 ||| Stepping randomly (stuck).
 17391 | D:4      | 17391 ||| Stepping randomly (stuck).
 17393 | D:4      | 17393 ||| Stepping randomly (stuck).
 17395 | D:4      | 17395 ||| Stepping randomly (stuck).
 17397 | D:4      | 17397 ||| Stepping randomly (stuck).
 17399 | D:4      | 17399 ||| Stepping randomly (stuck).
 17401 | D:4      | 17401 ||| Stepping randomly (stuck).
 17403 | D:4      | 17403 ||| Stepping randomly (stuck).
 17405 | D:4      | 17405 ||| Stepping randomly (stuck).
 17407 | D:4      | 17407 ||| Stepping randomly (stuck).
 17409 | D:4      | 17409 ||| Stepping randomly (stuck).
 17411 | D:4      | 17411 ||| Stepping randomly (stuck).
 17413 | D:4      | 17413 ||| Stepping randomly (stuck).
 17415 | D:4      | 17415 ||| Stepping randomly (stuck).
 17417 | D:4      | 17417 ||| Stepping randomly (stuck).
 17419 | D:4      | 17419 ||| Stepping randomly (stuck).
 17421 | D:4      | 17421 ||| Stepping randomly (stuck).
 17423 | D:4      | 17423 ||| Stepping randomly (stuck).
 17425 | D:4      | 17425 ||| Stepping randomly (stuck).
 17427 | D:4      | 17427 ||| Stepping randomly (stuck).
 17429 | D:4      | 17429 ||| Stepping randomly (stuck).
 17431 | D:4      | 17431 ||| Stepping randomly (stuck).
 17433 | D:4      | 17433 ||| Stepping randomly (stuck).
 17435 | D:4      | 17435 ||| Stepping randomly (stuck).
 17437 | D:4      | 17437 ||| Stepping randomly (stuck).
 17439 | D:4      | 17439 ||| Stepping randomly (stuck).
 17441 | D:4      | 17441 ||| Stepping randomly (stuck).
 17443 | D:4      | 17443 ||| Stepping randomly (stuck).
 17445 | D:4      | 17445 ||| Stepping randomly (stuck).
 17447 | D:4      | 17447 ||| Stepping randomly (stuck).
 17449 | D:4      | 17449 ||| Stepping randomly (stuck).
 17451 | D:4      | 17451 ||| Stepping randomly (stuck).
 17453 | D:4      | 17453 ||| Stepping randomly (stuck).
 17455 | D:4      | 17455 ||| Stepping randomly (stuck).
 17457 | D:4      | 17457 ||| Stepping randomly (stuck).
 17459 | D:4      | 17459 ||| Stepping randomly (stuck).
 17461 | D:4      | 17461 ||| Stepping randomly (stuck).
 17463 | D:4      | 17463 ||| Stepping randomly (stuck).
 17465 | D:4      | 17465 ||| Stepping randomly (stuck).
 17467 | D:4      | 17467 ||| Stepping randomly (stuck).
 17469 | D:4      | 17469 ||| Stepping randomly (stuck).
 17471 | D:4      | 17471 ||| Stepping randomly (stuck).
 17473 | D:4      | 17473 ||| Stepping randomly (stuck).
 17475 | D:4      | 17475 ||| Stepping randomly (stuck).
 17477 | D:4      | 17477 ||| Stepping randomly (stuck).
 17479 | D:4      | 17479 ||| Stepping randomly (stuck).
 17481 | D:4      | 17481 ||| Stepping randomly (stuck).
 17483 | D:4      | 17483 ||| Stepping randomly (stuck).
 17485 | D:4      | 17485 ||| Stepping randomly (stuck).
 17487 | D:4      | 17487 ||| Stepping randomly (stuck).
 17489 | D:4      | 17489 ||| Stepping randomly (stuck).
 17491 | D:4      | 17491 ||| Stepping randomly (stuck).
 17493 | D:4      | 17493 ||| Stepping randomly (stuck).
 17495 | D:4      | 17495 ||| Stepping randomly (stuck).
 17497 | D:4      | 17497 ||| Stepping randomly (stuck).
 17499 | D:4      | 17499 ||| Stepping randomly (stuck).
 17501 | D:4      | 17501 ||| Stepping randomly (stuck).
 17503 | D:4      | 17503 ||| Stepping randomly (stuck).
 17505 | D:4      | 17505 ||| Stepping randomly (stuck).
 17507 | D:4      | 17507 ||| Stepping randomly (stuck).
 17509 | D:4      | 17509 ||| Stepping randomly (stuck).
 17511 | D:4      | 17511 ||| Stepping randomly (stuck).
 17513 | D:4      | 17513 ||| Stepping randomly (stuck).
 17515 | D:4      | 17515 ||| Stepping randomly (stuck).
 17517 | D:4      | 17517 ||| Stepping randomly (stuck).
 17519 | D:4      | 17519 ||| Stepping randomly (stuck).
 17521 | D:4      | 17521 ||| Stepping randomly (stuck).
 17523 | D:4      | 17523 ||| Stepping randomly (stuck).
 17525 | D:4      | 17525 ||| Stepping randomly (stuck).
 17527 | D:4      | 17527 ||| Stepping randomly (stuck).
 17529 | D:4      | 17529 ||| Stepping randomly (stuck).
 17531 | D:4      | 17531 ||| Stepping randomly (stuck).
 17533 | D:4      | 17533 ||| Stepping randomly (stuck).
 17535 | D:4      | 17535 ||| Stepping randomly (stuck).
 17537 | D:4      | 17537 ||| Stepping randomly (stuck).
 17539 | D:4      | 17539 ||| Stepping randomly (stuck).
 17541 | D:4      | 17541 ||| Stepping randomly (stuck).
 17543 | D:4      | 17543 ||| Stepping randomly (stuck).
 17545 | D:4      | 17545 ||| Stepping randomly (stuck).
 17547 | D:4      | 17547 ||| Stepping randomly (stuck).
 17549 | D:4      | 17549 ||| Stepping randomly (stuck).
 17551 | D:4      | 17551 ||| Stepping randomly (stuck).
 17553 | D:4      | 17553 ||| Stepping randomly (stuck).
 17555 | D:4      | 17555 ||| Stepping randomly (stuck).
 17557 | D:4      | 17557 ||| Stepping randomly (stuck).
 17559 | D:4      | 17559 ||| Stepping randomly (stuck).
 17561 | D:4      | 17561 ||| Stepping randomly (stuck).
 17563 | D:4      | 17563 ||| Stepping randomly (stuck).
 17565 | D:4      | 17565 ||| Stepping randomly (stuck).
 17567 | D:4      | 17567 ||| Stepping randomly (stuck).
 17569 | D:4      | 17569 ||| Stepping randomly (stuck).
 17571 | D:4      | 17571 ||| Stepping randomly (stuck).
 17573 | D:4      | 17573 ||| Stepping randomly (stuck).
 17575 | D:4      | 17575 ||| Stepping randomly (stuck).
 17577 | D:4      | 17577 ||| Stepping randomly (stuck).
 17579 | D:4      | 17579 ||| Stepping randomly (stuck).
 17581 | D:4      | 17581 ||| Stepping randomly (stuck).
 17583 | D:4      | 17583 ||| Stepping randomly (stuck).
 17585 | D:4      | 17585 ||| Stepping randomly (stuck).
 17587 | D:4      | 17587 ||| Stepping randomly (stuck).
 17589 | D:4      | 17589 ||| Stepping randomly (stuck).
 17591 | D:4      | 17591 ||| Stepping randomly (stuck).
 17593 | D:4      | 17593 ||| Stepping randomly (stuck).
 17595 | D:4      | 17595 ||| Stepping randomly (stuck).
 17597 | D:4      | 17597 ||| Stepping randomly (stuck).
 17599 | D:4      | 17599 ||| Stepping randomly (stuck).
 17601 | D:4      | 17601 ||| Stepping randomly (stuck).
 17603 | D:4      | 17603 ||| Stepping randomly (stuck).
 17605 | D:4      | 17605 ||| Stepping randomly (stuck).
 17607 | D:4      | 17607 ||| Stepping randomly (stuck).
 17609 | D:4      | 17609 ||| Stepping randomly (stuck).
 17611 | D:4      | 17611 ||| Stepping randomly (stuck).
 17613 | D:4      | 17613 ||| Stepping randomly (stuck).
 17615 | D:4      | 17615 ||| Stepping randomly (stuck).
 17617 | D:4      | 17617 ||| Stepping randomly (stuck).
 17619 | D:4      | 17619 ||| Stepping randomly (stuck).
 17621 | D:4      | 17621 ||| Stepping randomly (stuck).
 17623 | D:4      | 17623 ||| Stepping randomly (stuck).
 17625 | D:4      | 17625 ||| Stepping randomly (stuck).
 17627 | D:4      | 17627 ||| Stepping randomly (stuck).
 17629 | D:4      | 17629 ||| Stepping randomly (stuck).
 17631 | D:4      | 17631 ||| Stepping randomly (stuck).
 17633 | D:4      | 17633 ||| Stepping randomly (stuck).
 17635 | D:4      | 17635 ||| Stepping randomly (stuck).
 17637 | D:4      | 17637 ||| Stepping randomly (stuck).
 17639 | D:4      | 17639 ||| Stepping randomly (stuck).
 17641 | D:4      | 17641 ||| Stepping randomly (stuck).
 17643 | D:4      | 17643 ||| Stepping randomly (stuck).
 17645 | D:4      | 17645 ||| Stepping randomly (stuck).
 17647 | D:4      | 17647 ||| Stepping randomly (stuck).
 17649 | D:4      | 17649 ||| Stepping randomly (stuck).
 17651 | D:4      | 17651 ||| Stepping randomly (stuck).
 17653 | D:4      | 17653 ||| Stepping randomly (stuck).
 17655 | D:4      | 17655 ||| Stepping randomly (stuck).
 17657 | D:4      | 17657 ||| Stepping randomly (stuck).
 17659 | D:4      | 17659 ||| Stepping randomly (stuck).
 17661 | D:4      | 17661 ||| Stepping randomly (stuck).
 17663 | D:4      | 17663 ||| Stepping randomly (stuck).
 17665 | D:4      | 17665 ||| Stepping randomly (stuck).
 17667 | D:4      | 17667 ||| Stepping randomly (stuck).
 17669 | D:4      | 17669 ||| Stepping randomly (stuck).
 17671 | D:4      | 17671 ||| Stepping randomly (stuck).
 17673 | D:4      | 17673 ||| Stepping randomly (stuck).
 17675 | D:4      | 17675 ||| Stepping randomly (stuck).
 17677 | D:4      | 17677 ||| Stepping randomly (stuck).
 17679 | D:4      | 17679 ||| Stepping randomly (stuck).
 17681 | D:4      | 17681 ||| Stepping randomly (stuck).
 17683 | D:4      | 17683 ||| Stepping randomly (stuck).
 17685 | D:4      | 17685 ||| Stepping randomly (stuck).
 17687 | D:4      | 17687 ||| Stepping randomly (stuck).
 17689 | D:4      | 17689 ||| Stepping randomly (stuck).
 17691 | D:4      | 17691 ||| Stepping randomly (stuck).
 17693 | D:4      | 17693 ||| Stepping randomly (stuck).
 17695 | D:4      | 17695 ||| Stepping randomly (stuck).
 17697 | D:4      | 17697 ||| Stepping randomly (stuck).
 17699 | D:4      | 17699 ||| Stepping randomly (stuck).
 17701 | D:4      | 17701 ||| Stepping randomly (stuck).
 17703 | D:4      | 17703 ||| Stepping randomly (stuck).
 17705 | D:4      | 17705 ||| Stepping randomly (stuck).
 17707 | D:4      | 17707 ||| Stepping randomly (stuck).
 17709 | D:4      | 17709 ||| Stepping randomly (stuck).
 17711 | D:4      | 17711 ||| Stepping randomly (stuck).
 17713 | D:4      | 17713 ||| Stepping randomly (stuck).
 17715 | D:4      | 17715 ||| Stepping randomly (stuck).
 17717 | D:4      | 17717 ||| Stepping randomly (stuck).
 17719 | D:4      | 17719 ||| Stepping randomly (stuck).
 17721 | D:4      | 17721 ||| Stepping randomly (stuck).
 17723 | D:4      | 17723 ||| Stepping randomly (stuck).
 17725 | D:4      | 17725 ||| Stepping randomly (stuck).
 17727 | D:4      | 17727 ||| Stepping randomly (stuck).
 17729 | D:4      | 17729 ||| Stepping randomly (stuck).
 17731 | D:4      | 17731 ||| Stepping randomly (stuck).
 17733 | D:4      | 17733 ||| Stepping randomly (stuck).
 17735 | D:4      | 17735 ||| Stepping randomly (stuck).
 17737 | D:4      | 17737 ||| Stepping randomly (stuck).
 17739 | D:4      | 17739 ||| Stepping randomly (stuck).
 17741 | D:4      | 17741 ||| Stepping randomly (stuck).
 17743 | D:4      | 17743 ||| Stepping randomly (stuck).
 17745 | D:4      | 17745 ||| Stepping randomly (stuck).
 17747 | D:4      | 17747 ||| Stepping randomly (stuck).
 17749 | D:4      | 17749 ||| Stepping randomly (stuck).
 17751 | D:4      | 17751 ||| Stepping randomly (stuck).
 17753 | D:4      | 17753 ||| Stepping randomly (stuck).
 17755 | D:4      | 17755 ||| Stepping randomly (stuck).
 17757 | D:4      | 17757 ||| Stepping randomly (stuck).
 17759 | D:4      | 17759 ||| Stepping randomly (stuck).
 17761 | D:4      | 17761 ||| Stepping randomly (stuck).
 17763 | D:4      | 17763 ||| Stepping randomly (stuck).
 17765 | D:4      | 17765 ||| Stepping randomly (stuck).
 17767 | D:4      | 17767 ||| Stepping randomly (stuck).
 17769 | D:4      | 17769 ||| Stepping randomly (stuck).
 17771 | D:4      | 17771 ||| Stepping randomly (stuck).
 17773 | D:4      | 17773 ||| Stepping randomly (stuck).
 17775 | D:4      | 17775 ||| Stepping randomly (stuck).
 17777 | D:4      | 17777 ||| Stepping randomly (stuck).
 17779 | D:4      | 17779 ||| Stepping randomly (stuck).
 17781 | D:4      | 17781 ||| Stepping randomly (stuck).
 17783 | D:4      | 17783 ||| Stepping randomly (stuck).
 17785 | D:4      | 17785 ||| Stepping randomly (stuck).
 17787 | D:4      | 17787 ||| Stepping randomly (stuck).
 17789 | D:4      | 17789 ||| Stepping randomly (stuck).
 17791 | D:4      | 17791 ||| Stepping randomly (stuck).
 17793 | D:4      | 17793 ||| Stepping randomly (stuck).
 17795 | D:4      | 17795 ||| Stepping randomly (stuck).
 17797 | D:4      | 17797 ||| Stepping randomly (stuck).
 17799 | D:4      | 17799 ||| Stepping randomly (stuck).
 17801 | D:4      | 17801 ||| Stepping randomly (stuck).
 17803 | D:4      | 17803 ||| Stepping randomly (stuck).
 17805 | D:4      | 17805 ||| Stepping randomly (stuck).
 17807 | D:4      | 17807 ||| Stepping randomly (stuck).
 17809 | D:4      | 17809 ||| Stepping randomly (stuck).
 17811 | D:4      | 17811 ||| Stepping randomly (stuck).
 17813 | D:4      | 17813 ||| Stepping randomly (stuck).
 17815 | D:4      | 17815 ||| Stepping randomly (stuck).
 17817 | D:4      | 17817 ||| Stepping randomly (stuck).
 17819 | D:4      | 17819 ||| Stepping randomly (stuck).
 17821 | D:4      | 17821 ||| Stepping randomly (stuck).
 17823 | D:4      | 17823 ||| Stepping randomly (stuck).
 17825 | D:4      | 17825 ||| Stepping randomly (stuck).
 17827 | D:4      | 17827 ||| Stepping randomly (stuck).
 17829 | D:4      | 17829 ||| Stepping randomly (stuck).
 17831 | D:4      | 17831 ||| Stepping randomly (stuck).
 17833 | D:4      | 17833 ||| Stepping randomly (stuck).
 17835 | D:4      | 17835 ||| Stepping randomly (stuck).
 17837 | D:4      | 17837 ||| Stepping randomly (stuck).
 17839 | D:4      | 17839 ||| Stepping randomly (stuck).
 17841 | D:4      | 17841 ||| Stepping randomly (stuck).
 17843 | D:4      | 17843 ||| Stepping randomly (stuck).
 17845 | D:4      | 17845 ||| Stepping randomly (stuck).
 17847 | D:4      | 17847 ||| Stepping randomly (stuck).
 17849 | D:4      | 17849 ||| Stepping randomly (stuck).
 17851 | D:4      | 17851 ||| Stepping randomly (stuck).
 17853 | D:4      | 17853 ||| Stepping randomly (stuck).
 17855 | D:4      | 17855 ||| Stepping randomly (stuck).
 17857 | D:4      | 17857 ||| Stepping randomly (stuck).
 17859 | D:4      | 17859 ||| Stepping randomly (stuck).
 17861 | D:4      | 17861 ||| Stepping randomly (stuck).
 17863 | D:4      | 17863 ||| Stepping randomly (stuck).
 17865 | D:4      | 17865 ||| Stepping randomly (stuck).
 17867 | D:4      | 17867 ||| Stepping randomly (stuck).
 17869 | D:4      | 17869 ||| Stepping randomly (stuck).
 17871 | D:4      | 17871 ||| Stepping randomly (stuck).
 17873 | D:4      | 17873 ||| Stepping randomly (stuck).
 17875 | D:4      | 17875 ||| Stepping randomly (stuck).
 17877 | D:4      | 17877 ||| Stepping randomly (stuck).
 17879 | D:4      | 17879 ||| Stepping randomly (stuck).
 17881 | D:4      | 17881 ||| Stepping randomly (stuck).
 17883 | D:4      | 17883 ||| Stepping randomly (stuck).
 17885 | D:4      | 17885 ||| Stepping randomly (stuck).
 17887 | D:4      | 17887 ||| Stepping randomly (stuck).
 17889 | D:4      | 17889 ||| Stepping randomly (stuck).
 17891 | D:4      | 17891 ||| Stepping randomly (stuck).
 17893 | D:4      | 17893 ||| Stepping randomly (stuck).
 17895 | D:4      | 17895 ||| Stepping randomly (stuck).
 17897 | D:4      | 17897 ||| Stepping randomly (stuck).
 17899 | D:4      | 17899 ||| Stepping randomly (stuck).
 17901 | D:4      | 17901 ||| Stepping randomly (stuck).
 17903 | D:4      | 17903 ||| Stepping randomly (stuck).
 17905 | D:4      | 17905 ||| Stepping randomly (stuck).
 17907 | D:4      | 17907 ||| Stepping randomly (stuck).
 17909 | D:4      | 17909 ||| Stepping randomly (stuck).
 17911 | D:4      | 17911 ||| Stepping randomly (stuck).
 17913 | D:4      | 17913 ||| Stepping randomly (stuck).
 17915 | D:4      | 17915 ||| Stepping randomly (stuck).
 17917 | D:4      | 17917 ||| Stepping randomly (stuck).
 17919 | D:4      | 17919 ||| Stepping randomly (stuck).
 17921 | D:4      | 17921 ||| Stepping randomly (stuck).
 17923 | D:4      | 17923 ||| Stepping randomly (stuck).
 17925 | D:4      | 17925 ||| Stepping randomly (stuck).
 17927 | D:4      | 17927 ||| Stepping randomly (stuck).
 17929 | D:4      | 17929 ||| Stepping randomly (stuck).
 17931 | D:4      | 17931 ||| Stepping randomly (stuck).
 17933 | D:4      | 17933 ||| Stepping randomly (stuck).
 17935 | D:4      | 17935 ||| Stepping randomly (stuck).
 17937 | D:4      | 17937 ||| Stepping randomly (stuck).
 17939 | D:4      | 17939 ||| Stepping randomly (stuck).
 17941 | D:4      | 17941 ||| Stepping randomly (stuck).
 17943 | D:4      | 17943 ||| Stepping randomly (stuck).
 17945 | D:4      | 17945 ||| Stepping randomly (stuck).
 17947 | D:4      | 17947 ||| Stepping randomly (stuck).
 17949 | D:4      | 17949 ||| Stepping randomly (stuck).
 17951 | D:4      | 17951 ||| Stepping randomly (stuck).
 17953 | D:4      | 17953 ||| Stepping randomly (stuck).
 17955 | D:4      | 17955 ||| Stepping randomly (stuck).
 17957 | D:4      | 17957 ||| Stepping randomly (stuck).
 17959 | D:4      | 17959 ||| Stepping randomly (stuck).
 17961 | D:4      | 17961 ||| Stepping randomly (stuck).
 17963 | D:4      | 17963 ||| Stepping randomly (stuck).
 17965 | D:4      | 17965 ||| Stepping randomly (stuck).
 17967 | D:4      | 17967 ||| Stepping randomly (stuck).
 17969 | D:4      | 17969 ||| Stepping randomly (stuck).
 17971 | D:4      | 17971 ||| Stepping randomly (stuck).
 17973 | D:4      | 17973 ||| Stepping randomly (stuck).
 17975 | D:4      | 17975 ||| Stepping randomly (stuck).
 17977 | D:4      | 17977 ||| Stepping randomly (stuck).
 17979 | D:4      | 17979 ||| Stepping randomly (stuck).
 17981 | D:4      | 17981 ||| Stepping randomly (stuck).
 17983 | D:4      | 17983 ||| Stepping randomly (stuck).
 17985 | D:4      | 17985 ||| Stepping randomly (stuck).
 17987 | D:4      | 17987 ||| Stepping randomly (stuck).
 17989 | D:4      | 17989 ||| Stepping randomly (stuck).
 17991 | D:4      | 17991 ||| Stepping randomly (stuck).
 17993 | D:4      | 17993 ||| Stepping randomly (stuck).
 17995 | D:4      | 17995 ||| Stepping randomly (stuck).
 17997 | D:4      | 17997 ||| Stepping randomly (stuck).
 17999 | D:4      | 17999 ||| Stepping randomly (stuck).
 18001 | D:4      | 18001 ||| Stepping randomly (stuck).
 18003 | D:4      | 18003 ||| Stepping randomly (stuck).
 18005 | D:4      | 18005 ||| Stepping randomly (stuck).
 18007 | D:4      | 18007 ||| Stepping randomly (stuck).
 18009 | D:4      | 18009 ||| Stepping randomly (stuck).
 18011 | D:4      | 18011 ||| Stepping randomly (stuck).
 18013 | D:4      | 18013 ||| Stepping randomly (stuck).
 18015 | D:4      | 18015 ||| Stepping randomly (stuck).
 18017 | D:4      | 18017 ||| Stepping randomly (stuck).
 18019 | D:4      | 18019 ||| Stepping randomly (stuck).
 18021 | D:4      | 18021 ||| Stepping randomly (stuck).
 18023 | D:4      | 18023 ||| Stepping randomly (stuck).
 18025 | D:4      | 18025 ||| Stepping randomly (stuck).
 18027 | D:4      | 18027 ||| Stepping randomly (stuck).
 18029 | D:4      | 18029 ||| Stepping randomly (stuck).
 18031 | D:4      | 18031 ||| Stepping randomly (stuck).
 18033 | D:4      | 18033 ||| Stepping randomly (stuck).
 18035 | D:4      | 18035 ||| Stepping randomly (stuck).
 18037 | D:4      | 18037 ||| Stepping randomly (stuck).
 18039 | D:4      | 18039 ||| Stepping randomly (stuck).
 18041 | D:4      | 18041 ||| Stepping randomly (stuck).
 18043 | D:4      | 18043 ||| Stepping randomly (stuck).
 18045 | D:4      | 18045 ||| Stepping randomly (stuck).
 18047 | D:4      | 18047 ||| Stepping randomly (stuck).
 18049 | D:4      | 18049 ||| Stepping randomly (stuck).
 18051 | D:4      | 18051 ||| Stepping randomly (stuck).
 18053 | D:4      | 18053 ||| Stepping randomly (stuck).
 18055 | D:4      | 18055 ||| Stepping randomly (stuck).
 18057 | D:4      | 18057 ||| Stepping randomly (stuck).
 18059 | D:4      | 18059 ||| Stepping randomly (stuck).
 18061 | D:4      | 18061 ||| Stepping randomly (stuck).
 18063 | D:4      | 18063 ||| Stepping randomly (stuck).
 18065 | D:4      | 18065 ||| Stepping randomly (stuck).
 18067 | D:4      | 18067 ||| Stepping randomly (stuck).
 18069 | D:4      | 18069 ||| Stepping randomly (stuck).
 18071 | D:4      | 18071 ||| Stepping randomly (stuck).
 18073 | D:4      | 18073 ||| Stepping randomly (stuck).
 18075 | D:4      | 18075 ||| Stepping randomly (stuck).
 18077 | D:4      | 18077 ||| Stepping randomly (stuck).
 18079 | D:4      | 18079 ||| Stepping randomly (stuck).
 18081 | D:4      | 18081 ||| Stepping randomly (stuck).
 18083 | D:4      | 18083 ||| Stepping randomly (stuck).
 18085 | D:4      | 18085 ||| Stepping randomly (stuck).
 18087 | D:4      | 18087 ||| Stepping randomly (stuck).
 18089 | D:4      | 18089 ||| Stepping randomly (stuck).
 18091 | D:4      | 18091 ||| Stepping randomly (stuck).
 18093 | D:4      | 18093 ||| Stepping randomly (stuck).
 18095 | D:4      | 18095 ||| Stepping randomly (stuck).
 18097 | D:4      | 18097 ||| Stepping randomly (stuck).
 18099 | D:4      | 18099 ||| Stepping randomly (stuck).
 18101 | D:4      | 18101 ||| Stepping randomly (stuck).
 18103 | D:4      | 18103 ||| Stepping randomly (stuck).
 18105 | D:4      | 18105 ||| Stepping randomly (stuck).
 18107 | D:4      | 18107 ||| Stepping randomly (stuck).
 18109 | D:4      | 18109 ||| Stepping randomly (stuck).
 18111 | D:4      | 18111 ||| Stepping randomly (stuck).
 18113 | D:4      | 18113 ||| Stepping randomly (stuck).
 18115 | D:4      | 18115 ||| Stepping randomly (stuck).
 18117 | D:4      | 18117 ||| Stepping randomly (stuck).
 18119 | D:4      | 18119 ||| Stepping randomly (stuck).
 18121 | D:4      | 18121 ||| Stepping randomly (stuck).
 18123 | D:4      | 18123 ||| Stepping randomly (stuck).
 18125 | D:4      | 18125 ||| Stepping randomly (stuck).
 18127 | D:4      | 18127 ||| Stepping randomly (stuck).
 18129 | D:4      | 18129 ||| Stepping randomly (stuck).
 18131 | D:4      | 18131 ||| Stepping randomly (stuck).
 18133 | D:4      | 18133 ||| Stepping randomly (stuck).
 18135 | D:4      | 18135 ||| Stepping randomly (stuck).
 18137 | D:4      | 18137 ||| Stepping randomly (stuck).
 18139 | D:4      | 18139 ||| Stepping randomly (stuck).
 18141 | D:4      | 18141 ||| Stepping randomly (stuck).
 18143 | D:4      | 18143 ||| Stepping randomly (stuck).
 18145 | D:4      | 18145 ||| Stepping randomly (stuck).
 18147 | D:4      | 18147 ||| Stepping randomly (stuck).
 18149 | D:4      | 18149 ||| Stepping randomly (stuck).
 18151 | D:4      | 18151 ||| Stepping randomly (stuck).
 18153 | D:4      | 18153 ||| Stepping randomly (stuck).
 18155 | D:4      | 18155 ||| Stepping randomly (stuck).
 18157 | D:4      | 18157 ||| Stepping randomly (stuck).
 18159 | D:4      | 18159 ||| Stepping randomly (stuck).
 18161 | D:4      | 18161 ||| Stepping randomly (stuck).
 18163 | D:4      | 18163 ||| Stepping randomly (stuck).
 18165 | D:4      | 18165 ||| Stepping randomly (stuck).
 18167 | D:4      | 18167 ||| Stepping randomly (stuck).
 18169 | D:4      | 18169 ||| Stepping randomly (stuck).
 18171 | D:4      | 18171 ||| Stepping randomly (stuck).
 18173 | D:4      | 18173 ||| Stepping randomly (stuck).
 18175 | D:4      | 18175 ||| Stepping randomly (stuck).
 18177 | D:4      | 18177 ||| Stepping randomly (stuck).
 18179 | D:4      | 18179 ||| Stepping randomly (stuck).
 18181 | D:4      | 18181 ||| Stepping randomly (stuck).
 18183 | D:4      | 18183 ||| Stepping randomly (stuck).
 18185 | D:4      | 18185 ||| Stepping randomly (stuck).
 18187 | D:4      | 18187 ||| Stepping randomly (stuck).
 18189 | D:4      | 18189 ||| Stepping randomly (stuck).
 18191 | D:4      | 18191 ||| Stepping randomly (stuck).
 18193 | D:4      | 18193 ||| Stepping randomly (stuck).
 18195 | D:4      | 18195 ||| Stepping randomly (stuck).
 18197 | D:4      | 18197 ||| Stepping randomly (stuck).
 18199 | D:4      | 18199 ||| Stepping randomly (stuck).
 18201 | D:4      | 18201 ||| Stepping randomly (stuck).
 18203 | D:4      | 18203 ||| Stepping randomly (stuck).
 18205 | D:4      | 18205 ||| Stepping randomly (stuck).
 18207 | D:4      | 18207 ||| Stepping randomly (stuck).
 18209 | D:4      | 18209 ||| Stepping randomly (stuck).
 18211 | D:4      | 18211 ||| Stepping randomly (stuck).
 18213 | D:4      | 18213 ||| Stepping randomly (stuck).
 18215 | D:4      | 18215 ||| Stepping randomly (stuck).
 18217 | D:4      | 18217 ||| Stepping randomly (stuck).
 18219 | D:4      | 18219 ||| Stepping randomly (stuck).
 18221 | D:4      | 18221 ||| Stepping randomly (stuck).
 18223 | D:4      | 18223 ||| Stepping randomly (stuck).
 18225 | D:4      | 18225 ||| Stepping randomly (stuck).
 18227 | D:4      | 18227 ||| Stepping randomly (stuck).
 18229 | D:4      | 18229 ||| Stepping randomly (stuck).
 18231 | D:4      | 18231 ||| Stepping randomly (stuck).
 18233 | D:4      | 18233 ||| Stepping randomly (stuck).
 18235 | D:4      | 18235 ||| Stepping randomly (stuck).
 18237 | D:4      | 18237 ||| Stepping randomly (stuck).
 18239 | D:4      | 18239 ||| Stepping randomly (stuck).
 18241 | D:4      | 18241 ||| Stepping randomly (stuck).
 18243 | D:4      | 18243 ||| Stepping randomly (stuck).
 18245 | D:4      | 18245 ||| Stepping randomly (stuck).
 18247 | D:4      | 18247 ||| Stepping randomly (stuck).
 18249 | D:4      | 18249 ||| Stepping randomly (stuck).
 18251 | D:4      | 18251 ||| Stepping randomly (stuck).
 18253 | D:4      | 18253 ||| Stepping randomly (stuck).
 18255 | D:4      | 18255 ||| Stepping randomly (stuck).
 18257 | D:4      | 18257 ||| Stepping randomly (stuck).
 18259 | D:4      | 18259 ||| Stepping randomly (stuck).
 18261 | D:4      | 18261 ||| Stepping randomly (stuck).
 18263 | D:4      | 18263 ||| Stepping randomly (stuck).
 18265 | D:4      | 18265 ||| Stepping randomly (stuck).
 18267 | D:4      | 18267 ||| Stepping randomly (stuck).
 18269 | D:4      | 18269 ||| Stepping randomly (stuck).
 18271 | D:4      | 18271 ||| Stepping randomly (stuck).
 18273 | D:4      | 18273 ||| Stepping randomly (stuck).
 18275 | D:4      | 18275 ||| Stepping randomly (stuck).
 18277 | D:4      | 18277 ||| Stepping randomly (stuck).
 18279 | D:4      | 18279 ||| Stepping randomly (stuck).
 18281 | D:4      | 18281 ||| Stepping randomly (stuck).
 18283 | D:4      | 18283 ||| Stepping randomly (stuck).
 18285 | D:4      | 18285 ||| Stepping randomly (stuck).
 18287 | D:4      | 18287 ||| Stepping randomly (stuck).
 18289 | D:4      | 18289 ||| Stepping randomly (stuck).
 18291 | D:4      | 18291 ||| Stepping randomly (stuck).
 18293 | D:4      | 18293 ||| Stepping randomly (stuck).
 18295 | D:4      | 18295 ||| Stepping randomly (stuck).
 18297 | D:4      | 18297 ||| Stepping randomly (stuck).
 18299 | D:4      | 18299 ||| Stepping randomly (stuck).
 18301 | D:4      | 18301 ||| Stepping randomly (stuck).
 18303 | D:4      | 18303 ||| Stepping randomly (stuck).
 18305 | D:4      | 18305 ||| Stepping randomly (stuck).
 18307 | D:4      | 18307 ||| Stepping randomly (stuck).
 18309 | D:4      | 18309 ||| Stepping randomly (stuck).
 18311 | D:4      | 18311 ||| Stepping randomly (stuck).
 18313 | D:4      | 18313 ||| Stepping randomly (stuck).
 18315 | D:4      | 18315 ||| Stepping randomly (stuck).
 18317 | D:4      | 18317 ||| Stepping randomly (stuck).
 18319 | D:4      | 18319 ||| Stepping randomly (stuck).
 18321 | D:4      | 18321 ||| Stepping randomly (stuck).
 18323 | D:4      | 18323 ||| Stepping randomly (stuck).
 18325 | D:4      | 18325 ||| Stepping randomly (stuck).
 18327 | D:4      | 18327 ||| Stepping randomly (stuck).
 18329 | D:4      | 18329 ||| Stepping randomly (stuck).
 18331 | D:4      | 18331 ||| Stepping randomly (stuck).
 18333 | D:4      | 18333 ||| Stepping randomly (stuck).
 18335 | D:4      | 18335 ||| Stepping randomly (stuck).
 18337 | D:4      | 18337 ||| Stepping randomly (stuck).
 18339 | D:4      | 18339 ||| Stepping randomly (stuck).
 18341 | D:4      | 18341 ||| Stepping randomly (stuck).
 18343 | D:4      | 18343 ||| Stepping randomly (stuck).
 18345 | D:4      | 18345 ||| Stepping randomly (stuck).
 18347 | D:4      | 18347 ||| Stepping randomly (stuck).
 18349 | D:4      | 18349 ||| Stepping randomly (stuck).
 18351 | D:4      | 18351 ||| Stepping randomly (stuck).
 18353 | D:4      | 18353 ||| Stepping randomly (stuck).
 18355 | D:4      | 18355 ||| Stepping randomly (stuck).
 18357 | D:4      | 18357 ||| Stepping randomly (stuck).
 18359 | D:4      | 18359 ||| Stepping randomly (stuck).
 18361 | D:4      | 18361 ||| Stepping randomly (stuck).
 18363 | D:4      | 18363 ||| Stepping randomly (stuck).
 18365 | D:4      | 18365 ||| Stepping randomly (stuck).
 18367 | D:4      | 18367 ||| Stepping randomly (stuck).
 18369 | D:4      | 18369 ||| Stepping randomly (stuck).
 18371 | D:4      | 18371 ||| Stepping randomly (stuck).
 18373 | D:4      | 18373 ||| Stepping randomly (stuck).
 18375 | D:4      | 18375 ||| Stepping randomly (stuck).
 18377 | D:4      | 18377 ||| Stepping randomly (stuck).
 18379 | D:4      | 18379 ||| Stepping randomly (stuck).
 18381 | D:4      | 18381 ||| Stepping randomly (stuck).
 18383 | D:4      | 18383 ||| Stepping randomly (stuck).
 18385 | D:4      | 18385 ||| Stepping randomly (stuck).
 18387 | D:4      | 18387 ||| Stepping randomly (stuck).
 18389 | D:4      | 18389 ||| Stepping randomly (stuck).
 18391 | D:4      | 18391 ||| Stepping randomly (stuck).
 18393 | D:4      | 18393 ||| Stepping randomly (stuck).
 18395 | D:4      | 18395 ||| Stepping randomly (stuck).
 18397 | D:4      | 18397 ||| Stepping randomly (stuck).
 18399 | D:4      | 18399 ||| Stepping randomly (stuck).
 18401 | D:4      | 18401 ||| Stepping randomly (stuck).
 18403 | D:4      | 18403 ||| Stepping randomly (stuck).
 18405 | D:4      | 18405 ||| Stepping randomly (stuck).
 18407 | D:4      | 18407 ||| Stepping randomly (stuck).
 18409 | D:4      | 18409 ||| Stepping randomly (stuck).
 18411 | D:4      | 18411 ||| Stepping randomly (stuck).
 18413 | D:4      | 18413 ||| Stepping randomly (stuck).
 18415 | D:4      | 18415 ||| Stepping randomly (stuck).
 18417 | D:4      | 18417 ||| Stepping randomly (stuck).
 18419 | D:4      | 18419 ||| Stepping randomly (stuck).
 18421 | D:4      | 18421 ||| Stepping randomly (stuck).
 18423 | D:4      | 18423 ||| Stepping randomly (stuck).
 18425 | D:4      | 18425 ||| Stepping randomly (stuck).
 18427 | D:4      | 18427 ||| Stepping randomly (stuck).
 18429 | D:4      | 18429 ||| Stepping randomly (stuck).
 18431 | D:4      | 18431 ||| Stepping randomly (stuck).
 18433 | D:4      | 18433 ||| Stepping randomly (stuck).
 18435 | D:4      | 18435 ||| Stepping randomly (stuck).
 18437 | D:4      | 18437 ||| Stepping randomly (stuck).
 18439 | D:4      | 18439 ||| Stepping randomly (stuck).
 18441 | D:4      | 18441 ||| Stepping randomly (stuck).
 18443 | D:4      | 18443 ||| Stepping randomly (stuck).
 18445 | D:4      | 18445 ||| Stepping randomly (stuck).
 18447 | D:4      | 18447 ||| Stepping randomly (stuck).
 18449 | D:4      | 18449 ||| Stepping randomly (stuck).
 18451 | D:4      | 18451 ||| Stepping randomly (stuck).
 18453 | D:4      | 18453 ||| Stepping randomly (stuck).
 18455 | D:4      | 18455 ||| Stepping randomly (stuck).
 18457 | D:4      | 18457 ||| Stepping randomly (stuck).
 18459 | D:4      | 18459 ||| Stepping randomly (stuck).
 18461 | D:4      | 18461 ||| Stepping randomly (stuck).
 18463 | D:4      | 18463 ||| Stepping randomly (stuck).
 18465 | D:4      | 18465 ||| Stepping randomly (stuck).
 18467 | D:4      | 18467 ||| Stepping randomly (stuck).
 18469 | D:4      | 18469 ||| Stepping randomly (stuck).
 18471 | D:4      | 18471 ||| Stepping randomly (stuck).
 18473 | D:4      | 18473 ||| Stepping randomly (stuck).
 18475 | D:4      | 18475 ||| Stepping randomly (stuck).
 18477 | D:4      | 18477 ||| Stepping randomly (stuck).
 18479 | D:4      | 18479 ||| Stepping randomly (stuck).
 18481 | D:4      | 18481 ||| Stepping randomly (stuck).
 18483 | D:4      | 18483 ||| Stepping randomly (stuck).
 18485 | D:4      | 18485 ||| Stepping randomly (stuck).
 18487 | D:4      | 18487 ||| Stepping randomly (stuck).
 18489 | D:4      | 18489 ||| Stepping randomly (stuck).
 18491 | D:4      | 18491 ||| Stepping randomly (stuck).
 18493 | D:4      | 18493 ||| Stepping randomly (stuck).
 18495 | D:4      | 18495 ||| Stepping randomly (stuck).
 18497 | D:4      | 18497 ||| Stepping randomly (stuck).
 18499 | D:4      | 18499 ||| Stepping randomly (stuck).
 18501 | D:4      | 18501 ||| Stepping randomly (stuck).
 18503 | D:4      | 18503 ||| Stepping randomly (stuck).
 18505 | D:4      | 18505 ||| Stepping randomly (stuck).
 18507 | D:4      | 18507 ||| Stepping randomly (stuck).
 18509 | D:4      | 18509 ||| Stepping randomly (stuck).
 18511 | D:4      | 18511 ||| Stepping randomly (stuck).
 18513 | D:4      | 18513 ||| Stepping randomly (stuck).
 18515 | D:4      | 18515 ||| Stepping randomly (stuck).
 18517 | D:4      | 18517 ||| Stepping randomly (stuck).
 18519 | D:4      | 18519 ||| Stepping randomly (stuck).
 18521 | D:4      | 18521 ||| Stepping randomly (stuck).
 18523 | D:4      | 18523 ||| Stepping randomly (stuck).
 18525 | D:4      | 18525 ||| Stepping randomly (stuck).
 18527 | D:4      | 18527 ||| Stepping randomly (stuck).
 18529 | D:4      | 18529 ||| Stepping randomly (stuck).
 18531 | D:4      | 18531 ||| Stepping randomly (stuck).
 18533 | D:4      | 18533 ||| Stepping randomly (stuck).
 18535 | D:4      | 18535 ||| Stepping randomly (stuck).
 18537 | D:4      | 18537 ||| Stepping randomly (stuck).
 18539 | D:4      | 18539 ||| Stepping randomly (stuck).
 18541 | D:4      | 18541 ||| Stepping randomly (stuck).
 18543 | D:4      | 18543 ||| Stepping randomly (stuck).
 18545 | D:4      | 18545 ||| Stepping randomly (stuck).
 18547 | D:4      | 18547 ||| Stepping randomly (stuck).
 18549 | D:4      | 18549 ||| Stepping randomly (stuck).
 18551 | D:4      | 18551 ||| Stepping randomly (stuck).
 18553 | D:4      | 18553 ||| Stepping randomly (stuck).
 18555 | D:4      | 18555 ||| Stepping randomly (stuck).
 18557 | D:4      | 18557 ||| Stepping randomly (stuck).
 18559 | D:4      | 18559 ||| Stepping randomly (stuck).
 18561 | D:4      | 18561 ||| Stepping randomly (stuck).
 18563 | D:4      | 18563 ||| Stepping randomly (stuck).
 18565 | D:4      | 18565 ||| Stepping randomly (stuck).
 18567 | D:4      | 18567 ||| Stepping randomly (stuck).
 18569 | D:4      | 18569 ||| Stepping randomly (stuck).
 18571 | D:4      | 18571 ||| Stepping randomly (stuck).
 18573 | D:4      | 18573 ||| Stepping randomly (stuck).
 18575 | D:4      | 18575 ||| Stepping randomly (stuck).
 18577 | D:4      | 18577 ||| Stepping randomly (stuck).
 18579 | D:4      | 18579 ||| Stepping randomly (stuck).
 18581 | D:4      | 18581 ||| Stepping randomly (stuck).
 18583 | D:4      | 18583 ||| Stepping randomly (stuck).
 18585 | D:4      | 18585 ||| Stepping randomly (stuck).
 18587 | D:4      | 18587 ||| Stepping randomly (stuck).
 18589 | D:4      | 18589 ||| Stepping randomly (stuck).
 18591 | D:4      | 18591 ||| Stepping randomly (stuck).
 18593 | D:4      | 18593 ||| Stepping randomly (stuck).
 18595 | D:4      | 18595 ||| Stepping randomly (stuck).
 18597 | D:4      | 18597 ||| Stepping randomly (stuck).
 18599 | D:4      | 18599 ||| Stepping randomly (stuck).
 18601 | D:4      | 18601 ||| Stepping randomly (stuck).
 18603 | D:4      | 18603 ||| Stepping randomly (stuck).
 18605 | D:4      | 18605 ||| Stepping randomly (stuck).
 18607 | D:4      | 18607 ||| Stepping randomly (stuck).
 18609 | D:4      | 18609 ||| Stepping randomly (stuck).
 18611 | D:4      | 18611 ||| Stepping randomly (stuck).
 18613 | D:4      | 18613 ||| Stepping randomly (stuck).
 18615 | D:4      | 18615 ||| Stepping randomly (stuck).
 18617 | D:4      | 18617 ||| Stepping randomly (stuck).
 18619 | D:4      | 18619 ||| Stepping randomly (stuck).
 18621 | D:4      | 18621 ||| Stepping randomly (stuck).
 18623 | D:4      | 18623 ||| Stepping randomly (stuck).
 18625 | D:4      | 18625 ||| Stepping randomly (stuck).
 18627 | D:4      | 18627 ||| Stepping randomly (stuck).
 18629 | D:4      | 18629 ||| Stepping randomly (stuck).
 18631 | D:4      | 18631 ||| Stepping randomly (stuck).
 18633 | D:4      | 18633 ||| Stepping randomly (stuck).
 18635 | D:4      | 18635 ||| Stepping randomly (stuck).
 18637 | D:4      | 18637 ||| Stepping randomly (stuck).
 18639 | D:4      | 18639 ||| Stepping randomly (stuck).
 18641 | D:4      | 18641 ||| Stepping randomly (stuck).
 18643 | D:4      | 18643 ||| Stepping randomly (stuck).
 18645 | D:4      | 18645 ||| Stepping randomly (stuck).
 18647 | D:4      | 18647 ||| Stepping randomly (stuck).
 18649 | D:4      | 18649 ||| Stepping randomly (stuck).
 18651 | D:4      | 18651 ||| Stepping randomly (stuck).
 18653 | D:4      | 18653 ||| Stepping randomly (stuck).
 18655 | D:4      | 18655 ||| Stepping randomly (stuck).
 18657 | D:4      | 18657 ||| Stepping randomly (stuck).
 18659 | D:4      | 18659 ||| Stepping randomly (stuck).
 18661 | D:4      | 18661 ||| Stepping randomly (stuck).
 18663 | D:4      | 18663 ||| Stepping randomly (stuck).
 18665 | D:4      | 18665 ||| Stepping randomly (stuck).
 18667 | D:4      | 18667 ||| Stepping randomly (stuck).
 18669 | D:4      | 18669 ||| Stepping randomly (stuck).
 18671 | D:4      | 18671 ||| Stepping randomly (stuck).
 18673 | D:4      | 18673 ||| Stepping randomly (stuck).
 18675 | D:4      | 18675 ||| Stepping randomly (stuck).
 18677 | D:4      | 18677 ||| Stepping randomly (stuck).
 18679 | D:4      | 18679 ||| Stepping randomly (stuck).
 18681 | D:4      | 18681 ||| Stepping randomly (stuck).
 18683 | D:4      | 18683 ||| Stepping randomly (stuck).
 18685 | D:4      | 18685 ||| Stepping randomly (stuck).
 18687 | D:4      | 18687 ||| Stepping randomly (stuck).
 18689 | D:4      | 18689 ||| Stepping randomly (stuck).
 18691 | D:4      | 18691 ||| Stepping randomly (stuck).
 18693 | D:4      | 18693 ||| Stepping randomly (stuck).
 18695 | D:4      | 18695 ||| Stepping randomly (stuck).
 18697 | D:4      | 18697 ||| Stepping randomly (stuck).
 18699 | D:4      | 18699 ||| Stepping randomly (stuck).
 18701 | D:4      | 18701 ||| Stepping randomly (stuck).
 18703 | D:4      | 18703 ||| Stepping randomly (stuck).
 18705 | D:4      | 18705 ||| Stepping randomly (stuck).
 18707 | D:4      | 18707 ||| Stepping randomly (stuck).
 18709 | D:4      | 18709 ||| Stepping randomly (stuck).
 18711 | D:4      | 18711 ||| Stepping randomly (stuck).
 18713 | D:4      | 18713 ||| Stepping randomly (stuck).
 18715 | D:4      | 18715 ||| Stepping randomly (stuck).
 18717 | D:4      | 18717 ||| Stepping randomly (stuck).
 18719 | D:4      | 18719 ||| Stepping randomly (stuck).
 18721 | D:4      | 18721 ||| Stepping randomly (stuck).
 18723 | D:4      | 18723 ||| Stepping randomly (stuck).
 18725 | D:4      | 18725 ||| Stepping randomly (stuck).
 18727 | D:4      | 18727 ||| Stepping randomly (stuck).
 18729 | D:4      | 18729 ||| Stepping randomly (stuck).
 18731 | D:4      | 18731 ||| Stepping randomly (stuck).
 18733 | D:4      | 18733 ||| Stepping randomly (stuck).
 18735 | D:4      | 18735 ||| Stepping randomly (stuck).
 18737 | D:4      | 18737 ||| Stepping randomly (stuck).
 18739 | D:4      | 18739 ||| Stepping randomly (stuck).
 18741 | D:4      | 18741 ||| Stepping randomly (stuck).
 18743 | D:4      | 18743 ||| Stepping randomly (stuck).
 18745 | D:4      | 18745 ||| Stepping randomly (stuck).
 18747 | D:4      | 18747 ||| Stepping randomly (stuck).
 18749 | D:4      | 18749 ||| Stepping randomly (stuck).
 18751 | D:4      | 18751 ||| Stepping randomly (stuck).
 18753 | D:4      | 18753 ||| Stepping randomly (stuck).
 18755 | D:4      | 18755 ||| Stepping randomly (stuck).
 18757 | D:4      | 18757 ||| Stepping randomly (stuck).
 18759 | D:4      | 18759 ||| Stepping randomly (stuck).
 18761 | D:4      | 18761 ||| Stepping randomly (stuck).
 18763 | D:4      | 18763 ||| Stepping randomly (stuck).
 18765 | D:4      | 18765 ||| Stepping randomly (stuck).
 18767 | D:4      | 18767 ||| Stepping randomly (stuck).
 18769 | D:4      | 18769 ||| Stepping randomly (stuck).
 18771 | D:4      | 18771 ||| Stepping randomly (stuck).
 18773 | D:4      | 18773 ||| Stepping randomly (stuck).
 18775 | D:4      | 18775 ||| Stepping randomly (stuck).
 18777 | D:4      | 18777 ||| Stepping randomly (stuck).
 18779 | D:4      | 18779 ||| Stepping randomly (stuck).
 18781 | D:4      | 18781 ||| Stepping randomly (stuck).
 18783 | D:4      | 18783 ||| Stepping randomly (stuck).
 18785 | D:4      | 18785 ||| Stepping randomly (stuck).
 18787 | D:4      | 18787 ||| Stepping randomly (stuck).
 18789 | D:4      | 18789 ||| Stepping randomly (stuck).
 18791 | D:4      | 18791 ||| Stepping randomly (stuck).
 18793 | D:4      | 18793 ||| Stepping randomly (stuck).
 18795 | D:4      | 18795 ||| Stepping randomly (stuck).
 18797 | D:4      | 18797 ||| Stepping randomly (stuck).
 18799 | D:4      | 18799 ||| Stepping randomly (stuck).
 18801 | D:4      | 18801 ||| Stepping randomly (stuck).
 18803 | D:4      | 18803 ||| Stepping randomly (stuck).
 18805 | D:4      | 18805 ||| Stepping randomly (stuck).
 18807 | D:4      | 18807 ||| Stepping randomly (stuck).
 18809 | D:4      | 18809 ||| Stepping randomly (stuck).
 18811 | D:4      | 18811 ||| Stepping randomly (stuck).
 18813 | D:4      | 18813 ||| Stepping randomly (stuck).
 18815 | D:4      | 18815 ||| Stepping randomly (stuck).
 18817 | D:4      | 18817 ||| Stepping randomly (stuck).
 18819 | D:4      | 18819 ||| Stepping randomly (stuck).
 18821 | D:4      | 18821 ||| Stepping randomly (stuck).
 18823 | D:4      | 18823 ||| Stepping randomly (stuck).
 18825 | D:4      | 18825 ||| Stepping randomly (stuck).
 18827 | D:4      | 18827 ||| Stepping randomly (stuck).
 18829 | D:4      | 18829 ||| Stepping randomly (stuck).
 18831 | D:4      | 18831 ||| Stepping randomly (stuck).
 18833 | D:4      | 18833 ||| Stepping randomly (stuck).
 18835 | D:4      | 18835 ||| Stepping randomly (stuck).
 18837 | D:4      | 18837 ||| Stepping randomly (stuck).
 18839 | D:4      | 18839 ||| Stepping randomly (stuck).
 18841 | D:4      | 18841 ||| Stepping randomly (stuck).
 18843 | D:4      | 18843 ||| Stepping randomly (stuck).
 18845 | D:4      | 18845 ||| Stepping randomly (stuck).
 18847 | D:4      | 18847 ||| Stepping randomly (stuck).
 18849 | D:4      | 18849 ||| Stepping randomly (stuck).
 18851 | D:4      | 18851 ||| Stepping randomly (stuck).
 18853 | D:4      | 18853 ||| Stepping randomly (stuck).
 18855 | D:4      | 18855 ||| Stepping randomly (stuck).
 18857 | D:4      | 18857 ||| Stepping randomly (stuck).
 18859 | D:4      | 18859 ||| Stepping randomly (stuck).
 18861 | D:4      | 18861 ||| Stepping randomly (stuck).
 18863 | D:4      | 18863 ||| Stepping randomly (stuck).
 18865 | D:4      | 18865 ||| Stepping randomly (stuck).
 18867 | D:4      | 18867 ||| Stepping randomly (stuck).
 18869 | D:4      | 18869 ||| Stepping randomly (stuck).
 18871 | D:4      | 18871 ||| Stepping randomly (stuck).
 18873 | D:4      | 18873 ||| Stepping randomly (stuck).
 18875 | D:4      | 18875 ||| Stepping randomly (stuck).
 18877 | D:4      | 18877 ||| Stepping randomly (stuck).
 18879 | D:4      | 18879 ||| Stepping randomly (stuck).
 18881 | D:4      | 18881 ||| Stepping randomly (stuck).
 18883 | D:4      | 18883 ||| Stepping randomly (stuck).
 18885 | D:4      | 18885 ||| Stepping randomly (stuck).
 18887 | D:4      | 18887 ||| Stepping randomly (stuck).
 18889 | D:4      | 18889 ||| Stepping randomly (stuck).
 18891 | D:4      | 18891 ||| Stepping randomly (stuck).
 18893 | D:4      | 18893 ||| Stepping randomly (stuck).
 18895 | D:4      | 18895 ||| Stepping randomly (stuck).
 18897 | D:4      | 18897 ||| Stepping randomly (stuck).
 18899 | D:4      | 18899 ||| Stepping randomly (stuck).
 18901 | D:4      | 18901 ||| Stepping randomly (stuck).
 18903 | D:4      | 18903 ||| Stepping randomly (stuck).
 18905 | D:4      | 18905 ||| Stepping randomly (stuck).
 18907 | D:4      | 18907 ||| Stepping randomly (stuck).
 18909 | D:4      | 18909 ||| Stepping randomly (stuck).
 18911 | D:4      | 18911 ||| Stepping randomly (stuck).
 18913 | D:4      | 18913 ||| Stepping randomly (stuck).
 18915 | D:4      | 18915 ||| Stepping randomly (stuck).
 18917 | D:4      | 18917 ||| Stepping randomly (stuck).
 18919 | D:4      | 18919 ||| Stepping randomly (stuck).
 18921 | D:4      | 18921 ||| Stepping randomly (stuck).
 18923 | D:4      | 18923 ||| Stepping randomly (stuck).
 18925 | D:4      | 18925 ||| Stepping randomly (stuck).
 18927 | D:4      | 18927 ||| Stepping randomly (stuck).
 18929 | D:4      | 18929 ||| Stepping randomly (stuck).
 18931 | D:4      | 18931 ||| Stepping randomly (stuck).
 18933 | D:4      | 18933 ||| Stepping randomly (stuck).
 18935 | D:4      | 18935 ||| Stepping randomly (stuck).
 18937 | D:4      | 18937 ||| Stepping randomly (stuck).
 18939 | D:4      | 18939 ||| Stepping randomly (stuck).
 18941 | D:4      | 18941 ||| Stepping randomly (stuck).
 18943 | D:4      | 18943 ||| Stepping randomly (stuck).
 18945 | D:4      | 18945 ||| Stepping randomly (stuck).
 18947 | D:4      | 18947 ||| Stepping randomly (stuck).
 18949 | D:4      | 18949 ||| Stepping randomly (stuck).
 18951 | D:4      | 18951 ||| Stepping randomly (stuck).
 18953 | D:4      | 18953 ||| Stepping randomly (stuck).
 18955 | D:4      | 18955 ||| Stepping randomly (stuck).
 18957 | D:4      | 18957 ||| Stepping randomly (stuck).
 18959 | D:4      | 18959 ||| Stepping randomly (stuck).
 18961 | D:4      | 18961 ||| Stepping randomly (stuck).
 18963 | D:4      | 18963 ||| Stepping randomly (stuck).
 18965 | D:4      | 18965 ||| Stepping randomly (stuck).
 18967 | D:4      | 18967 ||| Stepping randomly (stuck).
 18969 | D:4      | 18969 ||| Stepping randomly (stuck).
 18971 | D:4      | 18971 ||| Stepping randomly (stuck).
 18973 | D:4      | 18973 ||| Stepping randomly (stuck).
 18975 | D:4      | 18975 ||| Stepping randomly (stuck).
 18977 | D:4      | 18977 ||| Stepping randomly (stuck).
 18979 | D:4      | 18979 ||| Stepping randomly (stuck).
 18981 | D:4      | 18981 ||| Stepping randomly (stuck).
 18983 | D:4      | 18983 ||| Stepping randomly (stuck).
 18985 | D:4      | 18985 ||| Stepping randomly (stuck).
 18987 | D:4      | 18987 ||| Stepping randomly (stuck).
 18989 | D:4      | 18989 ||| Stepping randomly (stuck).
 18991 | D:4      | 18991 ||| Stepping randomly (stuck).
 18993 | D:4      | 18993 ||| Stepping randomly (stuck).
 18995 | D:4      | 18995 ||| Stepping randomly (stuck).
 18997 | D:4      | 18997 ||| Stepping randomly (stuck).
 18999 | D:4      | 18999 ||| Stepping randomly (stuck).
 19001 | D:4      | 19001 ||| Stepping randomly (stuck).
 19003 | D:4      | 19003 ||| Stepping randomly (stuck).
 19005 | D:4      | 19005 ||| Stepping randomly (stuck).
 19007 | D:4      | 19007 ||| Stepping randomly (stuck).
 19009 | D:4      | 19009 ||| Stepping randomly (stuck).
 19011 | D:4      | 19011 ||| Stepping randomly (stuck).
 19013 | D:4      | 19013 ||| Stepping randomly (stuck).
 19015 | D:4      | 19015 ||| Stepping randomly (stuck).
 19017 | D:4      | 19017 ||| Stepping randomly (stuck).
 19019 | D:4      | 19019 ||| Stepping randomly (stuck).
 19021 | D:4      | 19021 ||| Stepping randomly (stuck).
 19023 | D:4      | 19023 ||| Stepping randomly (stuck).
 19025 | D:4      | 19025 ||| Stepping randomly (stuck).
 19027 | D:4      | 19027 ||| Stepping randomly (stuck).
 19029 | D:4      | 19029 ||| Stepping randomly (stuck).
 19031 | D:4      | 19031 ||| Stepping randomly (stuck).
 19033 | D:4      | 19033 ||| Stepping randomly (stuck).
 19035 | D:4      | 19035 ||| Stepping randomly (stuck).
 19037 | D:4      | 19037 ||| Stepping randomly (stuck).
 19039 | D:4      | 19039 ||| Stepping randomly (stuck).
 19041 | D:4      | 19041 ||| Stepping randomly (stuck).
 19043 | D:4      | 19043 ||| Stepping randomly (stuck).
 19045 | D:4      | 19045 ||| Stepping randomly (stuck).
 19047 | D:4      | 19047 ||| Stepping randomly (stuck).
 19049 | D:4      | 19049 ||| Stepping randomly (stuck).
 19051 | D:4      | 19051 ||| Stepping randomly (stuck).
 19053 | D:4      | 19053 ||| Stepping randomly (stuck).
 19055 | D:4      | 19055 ||| Stepping randomly (stuck).
 19057 | D:4      | 19057 ||| Stepping randomly (stuck).
 19059 | D:4      | 19059 ||| Stepping randomly (stuck).
 19061 | D:4      | 19061 ||| Stepping randomly (stuck).
 19063 | D:4      | 19063 ||| Stepping randomly (stuck).
 19065 | D:4      | 19065 ||| Stepping randomly (stuck).
 19067 | D:4      | 19067 ||| Stepping randomly (stuck).
 19069 | D:4      | 19069 ||| Stepping randomly (stuck).
 19071 | D:4      | 19071 ||| Stepping randomly (stuck).
 19073 | D:4      | 19073 ||| Stepping randomly (stuck).
 19075 | D:4      | 19075 ||| Stepping randomly (stuck).
 19077 | D:4      | 19077 ||| Stepping randomly (stuck).
 19079 | D:4      | 19079 ||| Stepping randomly (stuck).
 19081 | D:4      | 19081 ||| Stepping randomly (stuck).
 19083 | D:4      | 19083 ||| Stepping randomly (stuck).
 19085 | D:4      | 19085 ||| Stepping randomly (stuck).
 19087 | D:4      | 19087 ||| Stepping randomly (stuck).
 19089 | D:4      | 19089 ||| Stepping randomly (stuck).
 19091 | D:4      | 19091 ||| Stepping randomly (stuck).
 19093 | D:4      | 19093 ||| Stepping randomly (stuck).
 19095 | D:4      | 19095 ||| Stepping randomly (stuck).
 19097 | D:4      | 19097 ||| Stepping randomly (stuck).
 19099 | D:4      | 19099 ||| Stepping randomly (stuck).
 19101 | D:4      | 19101 ||| Stepping randomly (stuck).
 19103 | D:4      | 19103 ||| Stepping randomly (stuck).
 19105 | D:4      | 19105 ||| Stepping randomly (stuck).
 19107 | D:4      | 19107 ||| Stepping randomly (stuck).
 19109 | D:4      | 19109 ||| Stepping randomly (stuck).
 19111 | D:4      | 19111 ||| Stepping randomly (stuck).
 19113 | D:4      | 19113 ||| Stepping randomly (stuck).
 19115 | D:4      | 19115 ||| Stepping randomly (stuck).
 19117 | D:4      | 19117 ||| Stepping randomly (stuck).
 19119 | D:4      | 19119 ||| Stepping randomly (stuck).
 19121 | D:4      | 19121 ||| Stepping randomly (stuck).
 19123 | D:4      | 19123 ||| Stepping randomly (stuck).
 19125 | D:4      | 19125 ||| Stepping randomly (stuck).
 19127 | D:4      | 19127 ||| Stepping randomly (stuck).
 19129 | D:4      | 19129 ||| Stepping randomly (stuck).
 19131 | D:4      | 19131 ||| Stepping randomly (stuck).
 19133 | D:4      | 19133 ||| Stepping randomly (stuck).
 19135 | D:4      | 19135 ||| Stepping randomly (stuck).
 19137 | D:4      | 19137 ||| Stepping randomly (stuck).
 19139 | D:4      | 19139 ||| Stepping randomly (stuck).
 19141 | D:4      | 19141 ||| Stepping randomly (stuck).
 19143 | D:4      | 19143 ||| Stepping randomly (stuck).
 19145 | D:4      | 19145 ||| Stepping randomly (stuck).
 19147 | D:4      | 19147 ||| Stepping randomly (stuck).
 19149 | D:4      | 19149 ||| Stepping randomly (stuck).
 19151 | D:4      | 19151 ||| Stepping randomly (stuck).
 19153 | D:4      | 19153 ||| Stepping randomly (stuck).
 19155 | D:4      | 19155 ||| Stepping randomly (stuck).
 19157 | D:4      | 19157 ||| Stepping randomly (stuck).
 19159 | D:4      | 19159 ||| Stepping randomly (stuck).
 19161 | D:4      | 19161 ||| Stepping randomly (stuck).
 19163 | D:4      | 19163 ||| Stepping randomly (stuck).
 19165 | D:4      | 19165 ||| Stepping randomly (stuck).
 19167 | D:4      | 19167 ||| Stepping randomly (stuck).
 19169 | D:4      | 19169 ||| Stepping randomly (stuck).
 19171 | D:4      | 19171 ||| Stepping randomly (stuck).
 19173 | D:4      | 19173 ||| Stepping randomly (stuck).
 19175 | D:4      | 19175 ||| Stepping randomly (stuck).
 19177 | D:4      | 19177 ||| Stepping randomly (stuck).
 19179 | D:4      | 19179 ||| Stepping randomly (stuck).
 19181 | D:4      | 19181 ||| Stepping randomly (stuck).
 19183 | D:4      | 19183 ||| Stepping randomly (stuck).
 19185 | D:4      | 19185 ||| Stepping randomly (stuck).
 19187 | D:4      | 19187 ||| Stepping randomly (stuck).
 19189 | D:4      | 19189 ||| Stepping randomly (stuck).
 19191 | D:4      | 19191 ||| Stepping randomly (stuck).
 19193 | D:4      | 19193 ||| Stepping randomly (stuck).
 19195 | D:4      | 19195 ||| Stepping randomly (stuck).
 19197 | D:4      | 19197 ||| Stepping randomly (stuck).
 19199 | D:4      | 19199 ||| Stepping randomly (stuck).
 19201 | D:4      | 19201 ||| Stepping randomly (stuck).
 19203 | D:4      | 19203 ||| Stepping randomly (stuck).
 19205 | D:4      | 19205 ||| Stepping randomly (stuck).
 19207 | D:4      | 19207 ||| Stepping randomly (stuck).
 19209 | D:4      | 19209 ||| Stepping randomly (stuck).
 19211 | D:4      | 19211 ||| Stepping randomly (stuck).
 19213 | D:4      | 19213 ||| Stepping randomly (stuck).
 19215 | D:4      | 19215 ||| Stepping randomly (stuck).
 19217 | D:4      | 19217 ||| Stepping randomly (stuck).
 19219 | D:4      | 19219 ||| Stepping randomly (stuck).
 19221 | D:4      | 19221 ||| Stepping randomly (stuck).
 19223 | D:4      | 19223 ||| Stepping randomly (stuck).
 19225 | D:4      | 19225 ||| Stepping randomly (stuck).
 19227 | D:4      | 19227 ||| Stepping randomly (stuck).
 19229 | D:4      | 19229 ||| Stepping randomly (stuck).
 19231 | D:4      | 19231 ||| Stepping randomly (stuck).
 19233 | D:4      | 19233 ||| Stepping randomly (stuck).
 19235 | D:4      | 19235 ||| Stepping randomly (stuck).
 19237 | D:4      | 19237 ||| Stepping randomly (stuck).
 19239 | D:4      | 19239 ||| Stepping randomly (stuck).
 19241 | D:4      | 19241 ||| Stepping randomly (stuck).
 19243 | D:4      | 19243 ||| Stepping randomly (stuck).
 19245 | D:4      | 19245 ||| Stepping randomly (stuck).
 19247 | D:4      | 19247 ||| Stepping randomly (stuck).
 19249 | D:4      | 19249 ||| Stepping randomly (stuck).
 19251 | D:4      | 19251 ||| Stepping randomly (stuck).
 19253 | D:4      | 19253 ||| Stepping randomly (stuck).
 19255 | D:4      | 19255 ||| Stepping randomly (stuck).
 19257 | D:4      | 19257 ||| Stepping randomly (stuck).
 19259 | D:4      | 19259 ||| Stepping randomly (stuck).
 19261 | D:4      | 19261 ||| Stepping randomly (stuck).
 19263 | D:4      | 19263 ||| Stepping randomly (stuck).
 19265 | D:4      | 19265 ||| Stepping randomly (stuck).
 19267 | D:4      | 19267 ||| Stepping randomly (stuck).
 19269 | D:4      | 19269 ||| Stepping randomly (stuck).
 19271 | D:4      | 19271 ||| Stepping randomly (stuck).
 19273 | D:4      | 19273 ||| Stepping randomly (stuck).
 19275 | D:4      | 19275 ||| Stepping randomly (stuck).
 19277 | D:4      | 19277 ||| Stepping randomly (stuck).
 19279 | D:4      | 19279 ||| Stepping randomly (stuck).
 19281 | D:4      | 19281 ||| Stepping randomly (stuck).
 19283 | D:4      | 19283 ||| Stepping randomly (stuck).
 19285 | D:4      | 19285 ||| Stepping randomly (stuck).
 19287 | D:4      | 19287 ||| Stepping randomly (stuck).
 19289 | D:4      | 19289 ||| Stepping randomly (stuck).
 19291 | D:4      | 19291 ||| Stepping randomly (stuck).
 19293 | D:4      | 19293 ||| Stepping randomly (stuck).
 19295 | D:4      | 19295 ||| Stepping randomly (stuck).
 19297 | D:4      | 19297 ||| Stepping randomly (stuck).
 19299 | D:4      | 19299 ||| Stepping randomly (stuck).
 19301 | D:4      | 19301 ||| Stepping randomly (stuck).
 19303 | D:4      | 19303 ||| Stepping randomly (stuck).
 19305 | D:4      | 19305 ||| Stepping randomly (stuck).
 19307 | D:4      | 19307 ||| Stepping randomly (stuck).
 19309 | D:4      | 19309 ||| Stepping randomly (stuck).
 19311 | D:4      | 19311 ||| Stepping randomly (stuck).
 19313 | D:4      | 19313 ||| Stepping randomly (stuck).
 19315 | D:4      | 19315 ||| Stepping randomly (stuck).
 19317 | D:4      | 19317 ||| Stepping randomly (stuck).
 19319 | D:4      | 19319 ||| Stepping randomly (stuck).
 19321 | D:4      | 19321 ||| Stepping randomly (stuck).
 19323 | D:4      | 19323 ||| Stepping randomly (stuck).
 19325 | D:4      | 19325 ||| Stepping randomly (stuck).
 19327 | D:4      | 19327 ||| Stepping randomly (stuck).
 19329 | D:4      | 19329 ||| Stepping randomly (stuck).
 19331 | D:4      | 19331 ||| Stepping randomly (stuck).
 19333 | D:4      | 19333 ||| Stepping randomly (stuck).
 19335 | D:4      | 19335 ||| Stepping randomly (stuck).
 19337 | D:4      | 19337 ||| Stepping randomly (stuck).
 19339 | D:4      | 19339 ||| Stepping randomly (stuck).
 19341 | D:4      | 19341 ||| Stepping randomly (stuck).
 19343 | D:4      | 19343 ||| Stepping randomly (stuck).
 19345 | D:4      | 19345 ||| Stepping randomly (stuck).
 19347 | D:4      | 19347 ||| Stepping randomly (stuck).
 19349 | D:4      | 19349 ||| Stepping randomly (stuck).
 19351 | D:4      | 19351 ||| Stepping randomly (stuck).
 19353 | D:4      | 19353 ||| Stepping randomly (stuck).
 19355 | D:4      | 19355 ||| Stepping randomly (stuck).
 19357 | D:4      | 19357 ||| Stepping randomly (stuck).
 19359 | D:4      | 19359 ||| Stepping randomly (stuck).
 19361 | D:4      | 19361 ||| Stepping randomly (stuck).
 19363 | D:4      | 19363 ||| Stepping randomly (stuck).
 19365 | D:4      | 19365 ||| Stepping randomly (stuck).
 19367 | D:4      | 19367 ||| Stepping randomly (stuck).
 19369 | D:4      | 19369 ||| Stepping randomly (stuck).
 19371 | D:4      | 19371 ||| Stepping randomly (stuck).
 19373 | D:4      | 19373 ||| Stepping randomly (stuck).
 19375 | D:4      | 19375 ||| Stepping randomly (stuck).
 19377 | D:4      | 19377 ||| Stepping randomly (stuck).
 19379 | D:4      | 19379 ||| Stepping randomly (stuck).
 19381 | D:4      | 19381 ||| Stepping randomly (stuck).
 19383 | D:4      | 19383 ||| Stepping randomly (stuck).
 19385 | D:4      | 19385 ||| Stepping randomly (stuck).
 19387 | D:4      | 19387 ||| Stepping randomly (stuck).
 19389 | D:4      | 19389 ||| Stepping randomly (stuck).
 19391 | D:4      | 19391 ||| Stepping randomly (stuck).
 19393 | D:4      | 19393 ||| Stepping randomly (stuck).
 19395 | D:4      | 19395 ||| Stepping randomly (stuck).
 19397 | D:4      | 19397 ||| Stepping randomly (stuck).
 19399 | D:4      | 19399 ||| Stepping randomly (stuck).
 19401 | D:4      | 19401 ||| Stepping randomly (stuck).
 19403 | D:4      | 19403 ||| Stepping randomly (stuck).
 19405 | D:4      | 19405 ||| Stepping randomly (stuck).
 19407 | D:4      | 19407 ||| Stepping randomly (stuck).
 19409 | D:4      | 19409 ||| Stepping randomly (stuck).
 19411 | D:4      | 19411 ||| Stepping randomly (stuck).
 19413 | D:4      | 19413 ||| Stepping randomly (stuck).
 19415 | D:4      | 19415 ||| Stepping randomly (stuck).
 19417 | D:4      | 19417 ||| Stepping randomly (stuck).
 19419 | D:4      | 19419 ||| Stepping randomly (stuck).
 19421 | D:4      | 19421 ||| Stepping randomly (stuck).
 19423 | D:4      | 19423 ||| Stepping randomly (stuck).
 19425 | D:4      | 19425 ||| Stepping randomly (stuck).
 19427 | D:4      | 19427 ||| Stepping randomly (stuck).
 19429 | D:4      | 19429 ||| Stepping randomly (stuck).
 19431 | D:4      | 19431 ||| Stepping randomly (stuck).
 19433 | D:4      | 19433 ||| Stepping randomly (stuck).
 19435 | D:4      | 19435 ||| Stepping randomly (stuck).
 19437 | D:4      | 19437 ||| Stepping randomly (stuck).
 19439 | D:4      | 19439 ||| Stepping randomly (stuck).
 19441 | D:4      | 19441 ||| Stepping randomly (stuck).
 19443 | D:4      | 19443 ||| Stepping randomly (stuck).
 19445 | D:4      | 19445 ||| Stepping randomly (stuck).
 19447 | D:4      | 19447 ||| Stepping randomly (stuck).
 19449 | D:4      | 19449 ||| Stepping randomly (stuck).
 19451 | D:4      | 19451 ||| Stepping randomly (stuck).
 19453 | D:4      | 19453 ||| Stepping randomly (stuck).
 19455 | D:4      | 19455 ||| Stepping randomly (stuck).
 19457 | D:4      | 19457 ||| Stepping randomly (stuck).
 19459 | D:4      | 19459 ||| Stepping randomly (stuck).
 19461 | D:4      | 19461 ||| Stepping randomly (stuck).
 19463 | D:4      | 19463 ||| Stepping randomly (stuck).
 19465 | D:4      | 19465 ||| Stepping randomly (stuck).
 19467 | D:4      | 19467 ||| Stepping randomly (stuck).
 19469 | D:4      | 19469 ||| Stepping randomly (stuck).
 19471 | D:4      | 19471 ||| Stepping randomly (stuck).
 19473 | D:4      | 19473 ||| Stepping randomly (stuck).
 19475 | D:4      | 19475 ||| Stepping randomly (stuck).
 19477 | D:4      | 19477 ||| Stepping randomly (stuck).
 19479 | D:4      | 19479 ||| Stepping randomly (stuck).
 19481 | D:4      | 19481 ||| Stepping randomly (stuck).
 19483 | D:4      | 19483 ||| Stepping randomly (stuck).
 19485 | D:4      | 19485 ||| Stepping randomly (stuck).
 19487 | D:4      | 19487 ||| Stepping randomly (stuck).
 19489 | D:4      | 19489 ||| Stepping randomly (stuck).
 19491 | D:4      | 19491 ||| Stepping randomly (stuck).
 19493 | D:4      | 19493 ||| Stepping randomly (stuck).
 19495 | D:4      | 19495 ||| Stepping randomly (stuck).
 19497 | D:4      | 19497 ||| Stepping randomly (stuck).
 19499 | D:4      | 19499 ||| Stepping randomly (stuck).
 19501 | D:4      | 19501 ||| Stepping randomly (stuck).
 19503 | D:4      | 19503 ||| Stepping randomly (stuck).
 19505 | D:4      | 19505 ||| Stepping randomly (stuck).
 19507 | D:4      | 19507 ||| Stepping randomly (stuck).
 19509 | D:4      | 19509 ||| Stepping randomly (stuck).
 19511 | D:4      | 19511 ||| Stepping randomly (stuck).
 19513 | D:4      | 19513 ||| Stepping randomly (stuck).
 19515 | D:4      | 19515 ||| Stepping randomly (stuck).
 19517 | D:4      | 19517 ||| Stepping randomly (stuck).
 19519 | D:4      | 19519 ||| Stepping randomly (stuck).
 19521 | D:4      | 19521 ||| Stepping randomly (stuck).
 19523 | D:4      | 19523 ||| Stepping randomly (stuck).
 19525 | D:4      | 19525 ||| Stepping randomly (stuck).
 19527 | D:4      | 19527 ||| Stepping randomly (stuck).
 19529 | D:4      | 19529 ||| Stepping randomly (stuck).
 19531 | D:4      | 19531 ||| Stepping randomly (stuck).
 19533 | D:4      | 19533 ||| Stepping randomly (stuck).
 19535 | D:4      | 19535 ||| Stepping randomly (stuck).
 19537 | D:4      | 19537 ||| Stepping randomly (stuck).
 19539 | D:4      | 19539 ||| Stepping randomly (stuck).
 19541 | D:4      | 19541 ||| Stepping randomly (stuck).
 19543 | D:4      | 19543 ||| Stepping randomly (stuck).
 19545 | D:4      | 19545 ||| Stepping randomly (stuck).
 19547 | D:4      | 19547 ||| Stepping randomly (stuck).
 19549 | D:4      | 19549 ||| Stepping randomly (stuck).
 19551 | D:4      | 19551 ||| Stepping randomly (stuck).
 19553 | D:4      | 19553 ||| Stepping randomly (stuck).
 19555 | D:4      | 19555 ||| Stepping randomly (stuck).
 19557 | D:4      | 19557 ||| Stepping randomly (stuck).
 19559 | D:4      | 19559 ||| Stepping randomly (stuck).
 19561 | D:4      | 19561 ||| Stepping randomly (stuck).
 19563 | D:4      | 19563 ||| Stepping randomly (stuck).
 19565 | D:4      | 19565 ||| Stepping randomly (stuck).
 19567 | D:4      | 19567 ||| Stepping randomly (stuck).
 19569 | D:4      | 19569 ||| Stepping randomly (stuck).
 19571 | D:4      | 19571 ||| Stepping randomly (stuck).
 19573 | D:4      | 19573 ||| Stepping randomly (stuck).
 19575 | D:4      | 19575 ||| Stepping randomly (stuck).
 19577 | D:4      | 19577 ||| Stepping randomly (stuck).
 19579 | D:4      | 19579 ||| Stepping randomly (stuck).
 19581 | D:4      | 19581 ||| Stepping randomly (stuck).
 19583 | D:4      | 19583 ||| Stepping randomly (stuck).
 19585 | D:4      | 19585 ||| Stepping randomly (stuck).
 19587 | D:4      | 19587 ||| Stepping randomly (stuck).
 19589 | D:4      | 19589 ||| Stepping randomly (stuck).
 19591 | D:4      | 19591 ||| Stepping randomly (stuck).
 19593 | D:4      | 19593 ||| Stepping randomly (stuck).
 19595 | D:4      | 19595 ||| Stepping randomly (stuck).
 19597 | D:4      | 19597 ||| Stepping randomly (stuck).
 19599 | D:4      | 19599 ||| Stepping randomly (stuck).
 19601 | D:4      | 19601 ||| Stepping randomly (stuck).
 19603 | D:4      | 19603 ||| Stepping randomly (stuck).
 19605 | D:4      | 19605 ||| Stepping randomly (stuck).
 19607 | D:4      | 19607 ||| Stepping randomly (stuck).
 19609 | D:4      | 19609 ||| Stepping randomly (stuck).
 19611 | D:4      | 19611 ||| Stepping randomly (stuck).
 19613 | D:4      | 19613 ||| Stepping randomly (stuck).
 19615 | D:4      | 19615 ||| Stepping randomly (stuck).
 19617 | D:4      | 19617 ||| Stepping randomly (stuck).
 19619 | D:4      | 19619 ||| Stepping randomly (stuck).
 19621 | D:4      | 19621 ||| Stepping randomly (stuck).
 19623 | D:4      | 19623 ||| Stepping randomly (stuck).
 19625 | D:4      | 19625 ||| Stepping randomly (stuck).
 19627 | D:4      | 19627 ||| Stepping randomly (stuck).
 19629 | D:4      | 19629 ||| Stepping randomly (stuck).
 19631 | D:4      | 19631 ||| Stepping randomly (stuck).
 19633 | D:4      | 19633 ||| Stepping randomly (stuck).
 19635 | D:4      | 19635 ||| Stepping randomly (stuck).
 19637 | D:4      | 19637 ||| Stepping randomly (stuck).
 19639 | D:4      | 19639 ||| Stepping randomly (stuck).
 19641 | D:4      | 19641 ||| Stepping randomly (stuck).
 19643 | D:4      | 19643 ||| Stepping randomly (stuck).
 19645 | D:4      | 19645 ||| Stepping randomly (stuck).
 19647 | D:4      | 19647 ||| Stepping randomly (stuck).
 19649 | D:4      | 19649 ||| Stepping randomly (stuck).
 19651 | D:4      | 19651 ||| Stepping randomly (stuck).
 19653 | D:4      | 19653 ||| Stepping randomly (stuck).
 19655 | D:4      | 19655 ||| Stepping randomly (stuck).
 19657 | D:4      | 19657 ||| Stepping randomly (stuck).
 19659 | D:4      | 19659 ||| Stepping randomly (stuck).
 19661 | D:4      | 19661 ||| Stepping randomly (stuck).
 19663 | D:4      | 19663 ||| Stepping randomly (stuck).
 19665 | D:4      | 19665 ||| Stepping randomly (stuck).
 19667 | D:4      | 19667 ||| Stepping randomly (stuck).
 19669 | D:4      | 19669 ||| Stepping randomly (stuck).
 19671 | D:4      | 19671 ||| Stepping randomly (stuck).
 19673 | D:4      | 19673 ||| Stepping randomly (stuck).
 19675 | D:4      | 19675 ||| Stepping randomly (stuck).
 19677 | D:4      | 19677 ||| Stepping randomly (stuck).
 19679 | D:4      | 19679 ||| Stepping randomly (stuck).
 19681 | D:4      | 19681 ||| Stepping randomly (stuck).
 19683 | D:4      | 19683 ||| Stepping randomly (stuck).
 19685 | D:4      | 19685 ||| Stepping randomly (stuck).
 19687 | D:4      | 19687 ||| Stepping randomly (stuck).
 19689 | D:4      | 19689 ||| Stepping randomly (stuck).
 19691 | D:4      | 19691 ||| Stepping randomly (stuck).
 19693 | D:4      | 19693 ||| Stepping randomly (stuck).
 19695 | D:4      | 19695 ||| Stepping randomly (stuck).
 19697 | D:4      | 19697 ||| Stepping randomly (stuck).
 19699 | D:4      | 19699 ||| Stepping randomly (stuck).
 19701 | D:4      | 19701 ||| Stepping randomly (stuck).
 19703 | D:4      | 19703 ||| Stepping randomly (stuck).
 19705 | D:4      | 19705 ||| Stepping randomly (stuck).
 19707 | D:4      | 19707 ||| Stepping randomly (stuck).
 19709 | D:4      | 19709 ||| Stepping randomly (stuck).
 19711 | D:4      | 19711 ||| Stepping randomly (stuck).
 19713 | D:4      | 19713 ||| Stepping randomly (stuck).
 19715 | D:4      | 19715 ||| Stepping randomly (stuck).
 19717 | D:4      | 19717 ||| Stepping randomly (stuck).
 19719 | D:4      | 19719 ||| Stepping randomly (stuck).
 19721 | D:4      | 19721 ||| Stepping randomly (stuck).
 19723 | D:4      | 19723 ||| Stepping randomly (stuck).
 19725 | D:4      | 19725 ||| Stepping randomly (stuck).
 19727 | D:4      | 19727 ||| Stepping randomly (stuck).
 19729 | D:4      | 19729 ||| Stepping randomly (stuck).
 19731 | D:4      | 19731 ||| Stepping randomly (stuck).
 19733 | D:4      | 19733 ||| Stepping randomly (stuck).
 19735 | D:4      | 19735 ||| Stepping randomly (stuck).
 19737 | D:4      | 19737 ||| Stepping randomly (stuck).
 19739 | D:4      | 19739 ||| Stepping randomly (stuck).
 19741 | D:4      | 19741 ||| Stepping randomly (stuck).
 19743 | D:4      | 19743 ||| Stepping randomly (stuck).
 19745 | D:4      | 19745 ||| Stepping randomly (stuck).
 19747 | D:4      | 19747 ||| Stepping randomly (stuck).
 19749 | D:4      | 19749 ||| Stepping randomly (stuck).
 19751 | D:4      | 19751 ||| Stepping randomly (stuck).
 19753 | D:4      | 19753 ||| Stepping randomly (stuck).
 19755 | D:4      | 19755 ||| Stepping randomly (stuck).
 19757 | D:4      | 19757 ||| Stepping randomly (stuck).
 19759 | D:4      | 19759 ||| Stepping randomly (stuck).
 19761 | D:4      | 19761 ||| Stepping randomly (stuck).
 19763 | D:4      | 19763 ||| Stepping randomly (stuck).
 19765 | D:4      | 19765 ||| Stepping randomly (stuck).
 19767 | D:4      | 19767 ||| Stepping randomly (stuck).
 19769 | D:4      | 19769 ||| Stepping randomly (stuck).
 19771 | D:4      | 19771 ||| Stepping randomly (stuck).
 19773 | D:4      | 19773 ||| Stepping randomly (stuck).
 19775 | D:4      | 19775 ||| Stepping randomly (stuck).
 19777 | D:4      | 19777 ||| Stepping randomly (stuck).
 19779 | D:4      | 19779 ||| Stepping randomly (stuck).
 19781 | D:4      | 19781 ||| Stepping randomly (stuck).
 19783 | D:4      | 19783 ||| Stepping randomly (stuck).
 19785 | D:4      | 19785 ||| Stepping randomly (stuck).
 19787 | D:4      | 19787 ||| Stepping randomly (stuck).
 19789 | D:4      | 19789 ||| Stepping randomly (stuck).
 19791 | D:4      | 19791 ||| Stepping randomly (stuck).
 19793 | D:4      | 19793 ||| Stepping randomly (stuck).
 19795 | D:4      | 19795 ||| Stepping randomly (stuck).
 19797 | D:4      | 19797 ||| Stepping randomly (stuck).
 19799 | D:4      | 19799 ||| Stepping randomly (stuck).
 19801 | D:4      | 19801 ||| Stepping randomly (stuck).
 19803 | D:4      | 19803 ||| Stepping randomly (stuck).
 19805 | D:4      | 19805 ||| Stepping randomly (stuck).
 19807 | D:4      | 19807 ||| Stepping randomly (stuck).
 19809 | D:4      | 19809 ||| Stepping randomly (stuck).
 19811 | D:4      | 19811 ||| Stepping randomly (stuck).
 19813 | D:4      | 19813 ||| Stepping randomly (stuck).
 19815 | D:4      | 19815 ||| Stepping randomly (stuck).
 19817 | D:4      | 19817 ||| Stepping randomly (stuck).
 19819 | D:4      | 19819 ||| Stepping randomly (stuck).
 19821 | D:4      | 19821 ||| Stepping randomly (stuck).
 19823 | D:4      | 19823 ||| Stepping randomly (stuck).
 19825 | D:4      | 19825 ||| Stepping randomly (stuck).
 19827 | D:4      | 19827 ||| Stepping randomly (stuck).
 19829 | D:4      | 19829 ||| Stepping randomly (stuck).
 19831 | D:4      | 19831 ||| Stepping randomly (stuck).
 19833 | D:4      | 19833 ||| Stepping randomly (stuck).
 19835 | D:4      | 19835 ||| Stepping randomly (stuck).
 19837 | D:4      | 19837 ||| Stepping randomly (stuck).
 19839 | D:4      | 19839 ||| Stepping randomly (stuck).
 19841 | D:4      | 19841 ||| Stepping randomly (stuck).
 19843 | D:4      | 19843 ||| Stepping randomly (stuck).
 19845 | D:4      | 19845 ||| Stepping randomly (stuck).
 19847 | D:4      | 19847 ||| Stepping randomly (stuck).
 19849 | D:4      | 19849 ||| Stepping randomly (stuck).
 19851 | D:4      | 19851 ||| Stepping randomly (stuck).
 19853 | D:4      | 19853 ||| Stepping randomly (stuck).
 19855 | D:4      | 19855 ||| Stepping randomly (stuck).
 19857 | D:4      | 19857 ||| Stepping randomly (stuck).
 19859 | D:4      | 19859 ||| Stepping randomly (stuck).
 19861 | D:4      | 19861 ||| Stepping randomly (stuck).
 19863 | D:4      | 19863 ||| Stepping randomly (stuck).
 19865 | D:4      | 19865 ||| Stepping randomly (stuck).
 19867 | D:4      | 19867 ||| Stepping randomly (stuck).
 19869 | D:4      | 19869 ||| Stepping randomly (stuck).
 19871 | D:4      | 19871 ||| Stepping randomly (stuck).
 19873 | D:4      | 19873 ||| Stepping randomly (stuck).
 19875 | D:4      | 19875 ||| Stepping randomly (stuck).
 19877 | D:4      | 19877 ||| Stepping randomly (stuck).
 19879 | D:4      | 19879 ||| Stepping randomly (stuck).
 19881 | D:4      | 19881 ||| Stepping randomly (stuck).
 19883 | D:4      | 19883 ||| Stepping randomly (stuck).
 19885 | D:4      | 19885 ||| Stepping randomly (stuck).
 19887 | D:4      | 19887 ||| Stepping randomly (stuck).
 19889 | D:4      | 19889 ||| Stepping randomly (stuck).
 19891 | D:4      | 19891 ||| Stepping randomly (stuck).
 19893 | D:4      | 19893 ||| Stepping randomly (stuck).
 19895 | D:4      | 19895 ||| Stepping randomly (stuck).
 19897 | D:4      | 19897 ||| Stepping randomly (stuck).
 19899 | D:4      | 19899 ||| Stepping randomly (stuck).
 19901 | D:4      | 19901 ||| Stepping randomly (stuck).
 19903 | D:4      | 19903 ||| Stepping randomly (stuck).
 19905 | D:4      | 19905 ||| Stepping randomly (stuck).
 19907 | D:4      | 19907 ||| Stepping randomly (stuck).
 19909 | D:4      | 19909 ||| Stepping randomly (stuck).
 19911 | D:4      | 19911 ||| Stepping randomly (stuck).
 19913 | D:4      | 19913 ||| Stepping randomly (stuck).
 19915 | D:4      | 19915 ||| Stepping randomly (stuck).
 19917 | D:4      | 19917 ||| Stepping randomly (stuck).
 19919 | D:4      | 19919 ||| Stepping randomly (stuck).
 19921 | D:4      | 19921 ||| Stepping randomly (stuck).
 19923 | D:4      | 19923 ||| Stepping randomly (stuck).
 19925 | D:4      | 19925 ||| Stepping randomly (stuck).
 19927 | D:4      | 19927 ||| Stepping randomly (stuck).
 19929 | D:4      | 19929 ||| Stepping randomly (stuck).
 19931 | D:4      | 19931 ||| Stepping randomly (stuck).
 19933 | D:4      | 19933 ||| Stepping randomly (stuck).
 19935 | D:4      | 19935 ||| Stepping randomly (stuck).
 19937 | D:4      | 19937 ||| Stepping randomly (stuck).
 19939 | D:4      | 19939 ||| Stepping randomly (stuck).
 19941 | D:4      | 19941 ||| Stepping randomly (stuck).
 19943 | D:4      | 19943 ||| Stepping randomly (stuck).
 19945 | D:4      | 19945 ||| Stepping randomly (stuck).
 19947 | D:4      | 19947 ||| Stepping randomly (stuck).
 19949 | D:4      | 19949 ||| Stepping randomly (stuck).
 19951 | D:4      | 19951 ||| Stepping randomly (stuck).
 19953 | D:4      | 19953 ||| Stepping randomly (stuck).
 19955 | D:4      | 19955 ||| Stepping randomly (stuck).
 19957 | D:4      | 19957 ||| Stepping randomly (stuck).
 19959 | D:4      | 19959 ||| Stepping randomly (stuck).
 19961 | D:4      | 19961 ||| Stepping randomly (stuck).
 19963 | D:4      | 19963 ||| Stepping randomly (stuck).
 19965 | D:4      | 19965 ||| Stepping randomly (stuck).
 19967 | D:4      | 19967 ||| Stepping randomly (stuck).
 19969 | D:4      | 19969 ||| Stepping randomly (stuck).
 19971 | D:4      | 19971 ||| Stepping randomly (stuck).
 19973 | D:4      | 19973 ||| Stepping randomly (stuck).
 19975 | D:4      | 19975 ||| Stepping randomly (stuck).
 19977 | D:4      | 19977 ||| Stepping randomly (stuck).
 19979 | D:4      | 19979 ||| Stepping randomly (stuck).
 19981 | D:4      | 19981 ||| Stepping randomly (stuck).
 19983 | D:4      | 19983 ||| Stepping randomly (stuck).
 19985 | D:4      | 19985 ||| Stepping randomly (stuck).
 19987 | D:4      | 19987 ||| Stepping randomly (stuck).
 19989 | D:4      | 19989 ||| Stepping randomly (stuck).
 19991 | D:4      | 19991 ||| Stepping randomly (stuck).
 19993 | D:4      | 19993 ||| Stepping randomly (stuck).
 19995 | D:4      | 19995 ||| Stepping randomly (stuck).
 19997 | D:4      | 19997 ||| Stepping randomly (stuck).
 19999 | D:4      | 19999 ||| Stepping randomly (stuck).
 20001 | D:4      | 20001 ||| Stepping randomly (stuck).
 20003 | D:4      | 20003 ||| Stepping randomly (stuck).
 20005 | D:4      | 20005 ||| Stepping randomly (stuck).
 20007 | D:4      | 20007 ||| Stepping randomly (stuck).
 20009 | D:4      | 20009 ||| Stepping randomly (stuck).
 20011 | D:4      | 20011 ||| Stepping randomly (stuck).
 20013 | D:4      | 20013 ||| Stepping randomly (stuck).
 20015 | D:4      | 20015 ||| Stepping randomly (stuck).
 20017 | D:4      | 20017 ||| Stepping randomly (stuck).
 20019 | D:4      | 20019 ||| Stepping randomly (stuck).
 20021 | D:4      | 20021 ||| Stepping randomly (stuck).
 20023 | D:4      | 20023 ||| Stepping randomly (stuck).
 20025 | D:4      | 20025 ||| Stepping randomly (stuck).
 20027 | D:4      | 20027 ||| Stepping randomly (stuck).
 20029 | D:4      | 20029 ||| Stepping randomly (stuck).
 20031 | D:4      | 20031 ||| Stepping randomly (stuck).
 20033 | D:4      | 20033 ||| Stepping randomly (stuck).
 20035 | D:4      | 20035 ||| Stepping randomly (stuck).
 20037 | D:4      | 20037 ||| Stepping randomly (stuck).
 20039 | D:4      | 20039 ||| Stepping randomly (stuck).
 20041 | D:4      | 20041 ||| Stepping randomly (stuck).
 20043 | D:4      | 20043 ||| Stepping randomly (stuck).
 20045 | D:4      | 20045 ||| Stepping randomly (stuck).
 20047 | D:4      | 20047 ||| Stepping randomly (stuck).
 20049 | D:4      | 20049 ||| Stepping randomly (stuck).
 20051 | D:4      | 20051 ||| Stepping randomly (stuck).
 20053 | D:4      | 20053 ||| Stepping randomly (stuck).
 20055 | D:4      | 20055 ||| Stepping randomly (stuck).
 20057 | D:4      | 20057 ||| Stepping randomly (stuck).
 20059 | D:4      | 20059 ||| Stepping randomly (stuck).
 20061 | D:4      | 20061 ||| Stepping randomly (stuck).
 20063 | D:4      | 20063 ||| Stepping randomly (stuck).
 20065 | D:4      | 20065 ||| Stepping randomly (stuck).
 20067 | D:4      | 20067 ||| Stepping randomly (stuck).
 20069 | D:4      | 20069 ||| Stepping randomly (stuck).
 20071 | D:4      | 20071 ||| Stepping randomly (stuck).
 20073 | D:4      | 20073 ||| Stepping randomly (stuck).
 20075 | D:4      | 20075 ||| Stepping randomly (stuck).
 20077 | D:4      | 20077 ||| Stepping randomly (stuck).
 20079 | D:4      | 20079 ||| Stepping randomly (stuck).
 20081 | D:4      | 20081 ||| Stepping randomly (stuck).
 20083 | D:4      | 20083 ||| Stepping randomly (stuck).
 20085 | D:4      | 20085 ||| Stepping randomly (stuck).
 20087 | D:4      | 20087 ||| Stepping randomly (stuck).
 20089 | D:4      | 20089 ||| Stepping randomly (stuck).
 20091 | D:4      | 20091 ||| Stepping randomly (stuck).
 20093 | D:4      | 20093 ||| Stepping randomly (stuck).
 20095 | D:4      | 20095 ||| Stepping randomly (stuck).
 20097 | D:4      | 20097 ||| Stepping randomly (stuck).
 20099 | D:4      | 20099 ||| Stepping randomly (stuck).
 20101 | D:4      | 20101 ||| Stepping randomly (stuck).
 20103 | D:4      | 20103 ||| Stepping randomly (stuck).
 20105 | D:4      | 20105 ||| Stepping randomly (stuck).
 20107 | D:4      | 20107 ||| Stepping randomly (stuck).
 20109 | D:4      | 20109 ||| Stepping randomly (stuck).
 20111 | D:4      | 20111 ||| Stepping randomly (stuck).
 20113 | D:4      | 20113 ||| Stepping randomly (stuck).
 20115 | D:4      | 20115 ||| Stepping randomly (stuck).
 20117 | D:4      | 20117 ||| Stepping randomly (stuck).
 20119 | D:4      | 20119 ||| Stepping randomly (stuck).
 20121 | D:4      | 20121 ||| Stepping randomly (stuck).
 20123 | D:4      | 20123 ||| Stepping randomly (stuck).
 20125 | D:4      | 20125 ||| Stepping randomly (stuck).
 20127 | D:4      | 20127 ||| Stepping randomly (stuck).
 20129 | D:4      | 20129 ||| Stepping randomly (stuck).
 20131 | D:4      | 20131 ||| Stepping randomly (stuck).
 20133 | D:4      | 20133 ||| Stepping randomly (stuck).
 20135 | D:4      | 20135 ||| Stepping randomly (stuck).
 20137 | D:4      | 20137 ||| Stepping randomly (stuck).
 20139 | D:4      | 20139 ||| Stepping randomly (stuck).
 20141 | D:4      | 20141 ||| Stepping randomly (stuck).
 20143 | D:4      | 20143 ||| Stepping randomly (stuck).
 20145 | D:4      | 20145 ||| Stepping randomly (stuck).
 20147 | D:4      | 20147 ||| Stepping randomly (stuck).
 20149 | D:4      | 20149 ||| Stepping randomly (stuck).
 20151 | D:4      | 20151 ||| Stepping randomly (stuck).
 20153 | D:4      | 20153 ||| Stepping randomly (stuck).
 20155 | D:4      | 20155 ||| Stepping randomly (stuck).
 20157 | D:4      | 20157 ||| Stepping randomly (stuck).
 20159 | D:4      | 20159 ||| Stepping randomly (stuck).
 20161 | D:4      | 20161 ||| Stepping randomly (stuck).
 20163 | D:4      | 20163 ||| Stepping randomly (stuck).
 20165 | D:4      | 20165 ||| Stepping randomly (stuck).
 20167 | D:4      | 20167 ||| Stepping randomly (stuck).
 20169 | D:4      | 20169 ||| Stepping randomly (stuck).
 20171 | D:4      | 20171 ||| Stepping randomly (stuck).
 20173 | D:4      | 20173 ||| Stepping randomly (stuck).
 20175 | D:4      | 20175 ||| Stepping randomly (stuck).
 20177 | D:4      | 20177 ||| Stepping randomly (stuck).
 20179 | D:4      | 20179 ||| Stepping randomly (stuck).
 20181 | D:4      | 20181 ||| Stepping randomly (stuck).
 20183 | D:4      | 20183 ||| Stepping randomly (stuck).
 20185 | D:4      | 20185 ||| Stepping randomly (stuck).
 20187 | D:4      | 20187 ||| Stepping randomly (stuck).
 20189 | D:4      | 20189 ||| Stepping randomly (stuck).
 20191 | D:4      | 20191 ||| Stepping randomly (stuck).
 20193 | D:4      | 20193 ||| Stepping randomly (stuck).
 20195 | D:4      | 20195 ||| Stepping randomly (stuck).
 20197 | D:4      | 20197 ||| Stepping randomly (stuck).
 20199 | D:4      | 20199 ||| Stepping randomly (stuck).
 20201 | D:4      | 20201 ||| Stepping randomly (stuck).
 20203 | D:4      | 20203 ||| Stepping randomly (stuck).
 20205 | D:4      | 20205 ||| Stepping randomly (stuck).
 20207 | D:4      | 20207 ||| Stepping randomly (stuck).
 20209 | D:4      | 20209 ||| Stepping randomly (stuck).
 20211 | D:4      | 20211 ||| Stepping randomly (stuck).
 20213 | D:4      | 20213 ||| Stepping randomly (stuck).
 20215 | D:4      | 20215 ||| Stepping randomly (stuck).
 20217 | D:4      | 20217 ||| Stepping randomly (stuck).
 20219 | D:4      | 20219 ||| Stepping randomly (stuck).
 20221 | D:4      | 20221 ||| Stepping randomly (stuck).
 20223 | D:4      | 20223 ||| Stepping randomly (stuck).
 20225 | D:4      | 20225 ||| Stepping randomly (stuck).
 20227 | D:4      | 20227 ||| Stepping randomly (stuck).
 20229 | D:4      | 20229 ||| Stepping randomly (stuck).
 20231 | D:4      | 20231 ||| Stepping randomly (stuck).
 20233 | D:4      | 20233 ||| Stepping randomly (stuck).
 20235 | D:4      | 20235 ||| Stepping randomly (stuck).
 20237 | D:4      | 20237 ||| Stepping randomly (stuck).
 20239 | D:4      | 20239 ||| Stepping randomly (stuck).
 20241 | D:4      | 20241 ||| Stepping randomly (stuck).
 20243 | D:4      | 20243 ||| Stepping randomly (stuck).
 20245 | D:4      | 20245 ||| Stepping randomly (stuck).
 20247 | D:4      | 20247 ||| Stepping randomly (stuck).
 20249 | D:4      | 20249 ||| Stepping randomly (stuck).
 20251 | D:4      | 20251 ||| Stepping randomly (stuck).
 20253 | D:4      | 20253 ||| Stepping randomly (stuck).
 20255 | D:4      | 20255 ||| Stepping randomly (stuck).
 20257 | D:4      | 20257 ||| Stepping randomly (stuck).
 20259 | D:4      | 20259 ||| Stepping randomly (stuck).
 20261 | D:4      | 20261 ||| Stepping randomly (stuck).
 20263 | D:4      | 20263 ||| Stepping randomly (stuck).
 20265 | D:4      | 20265 ||| Stepping randomly (stuck).
 20267 | D:4      | 20267 ||| Stepping randomly (stuck).
 20269 | D:4      | 20269 ||| Stepping randomly (stuck).
 20271 | D:4      | 20271 ||| Stepping randomly (stuck).
 20273 | D:4      | 20273 ||| Stepping randomly (stuck).
 20275 | D:4      | 20275 ||| Stepping randomly (stuck).
 20277 | D:4      | 20277 ||| Stepping randomly (stuck).
 20279 | D:4      | 20279 ||| Stepping randomly (stuck).
 20281 | D:4      | 20281 ||| Stepping randomly (stuck).
 20283 | D:4      | 20283 ||| Stepping randomly (stuck).
 20285 | D:4      | 20285 ||| Stepping randomly (stuck).
 20287 | D:4      | 20287 ||| Stepping randomly (stuck).
 20289 | D:4      | 20289 ||| Stepping randomly (stuck).
 20291 | D:4      | 20291 ||| Stepping randomly (stuck).
 20293 | D:4      | 20293 ||| Stepping randomly (stuck).
 20295 | D:4      | 20295 ||| Stepping randomly (stuck).
 20297 | D:4      | 20297 ||| Stepping randomly (stuck).
 20299 | D:4      | 20299 ||| Stepping randomly (stuck).
 20301 | D:4      | 20301 ||| Stepping randomly (stuck).
 20303 | D:4      | 20303 ||| Stepping randomly (stuck).
 20305 | D:4      | 20305 ||| Stepping randomly (stuck).
 20307 | D:4      | 20307 ||| Stepping randomly (stuck).
 20309 | D:4      | 20309 ||| Stepping randomly (stuck).
 20311 | D:4      | 20311 ||| Stepping randomly (stuck).
 20313 | D:4      | 20313 ||| Stepping randomly (stuck).
 20315 | D:4      | 20315 ||| Stepping randomly (stuck).
 20317 | D:4      | 20317 ||| Stepping randomly (stuck).
 20319 | D:4      | 20319 ||| Stepping randomly (stuck).
 20321 | D:4      | 20321 ||| Stepping randomly (stuck).
 20323 | D:4      | 20323 ||| Stepping randomly (stuck).
 20325 | D:4      | 20325 ||| Stepping randomly (stuck).
 20327 | D:4      | 20327 ||| Stepping randomly (stuck).
 20329 | D:4      | 20329 ||| Stepping randomly (stuck).
 20331 | D:4      | 20331 ||| Stepping randomly (stuck).
 20333 | D:4      | 20333 ||| Stepping randomly (stuck).
 20335 | D:4      | 20335 ||| Stepping randomly (stuck).
 20337 | D:4      | 20337 ||| Stepping randomly (stuck).
 20339 | D:4      | 20339 ||| Stepping randomly (stuck).
 20341 | D:4      | 20341 ||| Stepping randomly (stuck).
 20343 | D:4      | 20343 ||| Stepping randomly (stuck).
 20345 | D:4      | 20345 ||| Stepping randomly (stuck).
 20347 | D:4      | 20347 ||| Stepping randomly (stuck).
 20349 | D:4      | 20349 ||| Stepping randomly (stuck).
 20351 | D:4      | 20351 ||| Stepping randomly (stuck).
 20353 | D:4      | 20353 ||| Stepping randomly (stuck).
 20355 | D:4      | 20355 ||| Stepping randomly (stuck).
 20357 | D:4      | 20357 ||| Stepping randomly (stuck).
 20359 | D:4      | 20359 ||| Stepping randomly (stuck).
 20361 | D:4      | 20361 ||| Stepping randomly (stuck).
 20363 | D:4      | 20363 ||| Stepping randomly (stuck).
 20365 | D:4      | 20365 ||| Stepping randomly (stuck).
 20367 | D:4      | 20367 ||| Stepping randomly (stuck).
 20369 | D:4      | 20369 ||| Stepping randomly (stuck).
 20371 | D:4      | 20371 ||| Stepping randomly (stuck).
 20373 | D:4      | 20373 ||| Stepping randomly (stuck).
 20375 | D:4      | 20375 ||| Stepping randomly (stuck).
 20377 | D:4      | 20377 ||| Stepping randomly (stuck).
 20379 | D:4      | 20379 ||| Stepping randomly (stuck).
 20381 | D:4      | 20381 ||| Stepping randomly (stuck).
 20383 | D:4      | 20383 ||| Stepping randomly (stuck).
 20385 | D:4      | 20385 ||| Stepping randomly (stuck).
 20387 | D:4      | 20387 ||| Stepping randomly (stuck).
 20389 | D:4      | 20389 ||| Stepping randomly (stuck).
 20391 | D:4      | 20391 ||| Stepping randomly (stuck).
 20393 | D:4      | 20393 ||| Stepping randomly (stuck).
 20395 | D:4      | 20395 ||| Stepping randomly (stuck).
 20397 | D:4      | 20397 ||| Stepping randomly (stuck).
 20399 | D:4      | 20399 ||| Stepping randomly (stuck).
 20401 | D:4      | 20401 ||| Stepping randomly (stuck).
 20403 | D:4      | 20403 ||| Stepping randomly (stuck).
 20405 | D:4      | 20405 ||| Stepping randomly (stuck).
 20407 | D:4      | 20407 ||| Stepping randomly (stuck).
 20409 | D:4      | 20409 ||| Stepping randomly (stuck).
 20411 | D:4      | 20411 ||| Stepping randomly (stuck).
 20413 | D:4      | 20413 ||| Stepping randomly (stuck).
 20415 | D:4      | 20415 ||| Stepping randomly (stuck).
 20417 | D:4      | 20417 ||| Stepping randomly (stuck).
 20419 | D:4      | 20419 ||| Stepping randomly (stuck).
 20421 | D:4      | 20421 ||| Stepping randomly (stuck).
 20423 | D:4      | 20423 ||| Stepping randomly (stuck).
 20425 | D:4      | 20425 ||| Stepping randomly (stuck).
 20427 | D:4      | 20427 ||| Stepping randomly (stuck).
 20429 | D:4      | 20429 ||| Stepping randomly (stuck).
 20431 | D:4      | 20431 ||| Stepping randomly (stuck).
 20433 | D:4      | 20433 ||| Stepping randomly (stuck).
 20435 | D:4      | 20435 ||| Stepping randomly (stuck).
 20437 | D:4      | 20437 ||| Stepping randomly (stuck).
 20439 | D:4      | 20439 ||| Stepping randomly (stuck).
 20441 | D:4      | 20441 ||| Stepping randomly (stuck).
 20443 | D:4      | 20443 ||| Stepping randomly (stuck).
 20445 | D:4      | 20445 ||| Stepping randomly (stuck).
 20447 | D:4      | 20447 ||| Stepping randomly (stuck).
 20449 | D:4      | 20449 ||| Stepping randomly (stuck).
 20451 | D:4      | 20451 ||| Stepping randomly (stuck).
 20453 | D:4      | 20453 ||| Stepping randomly (stuck).
 20455 | D:4      | 20455 ||| Stepping randomly (stuck).
 20457 | D:4      | 20457 ||| Stepping randomly (stuck).
 20459 | D:4      | 20459 ||| Stepping randomly (stuck).
 20461 | D:4      | 20461 ||| Stepping randomly (stuck).
 20463 | D:4      | 20463 ||| Stepping randomly (stuck).
 20465 | D:4      | 20465 ||| Stepping randomly (stuck).
 20467 | D:4      | 20467 ||| Stepping randomly (stuck).
 20469 | D:4      | 20469 ||| Stepping randomly (stuck).
 20471 | D:4      | 20471 ||| Stepping randomly (stuck).
 20473 | D:4      | 20473 ||| Stepping randomly (stuck).
 20475 | D:4      | 20475 ||| Stepping randomly (stuck).
 20477 | D:4      | 20477 ||| Stepping randomly (stuck).
 20479 | D:4      | 20479 ||| Stepping randomly (stuck).
 20481 | D:4      | 20481 ||| Stepping randomly (stuck).
 20483 | D:4      | 20483 ||| Stepping randomly (stuck).
 20485 | D:4      | 20485 ||| Stepping randomly (stuck).
 20487 | D:4      | 20487 ||| Stepping randomly (stuck).
 20489 | D:4      | 20489 ||| Stepping randomly (stuck).
 20491 | D:4      | 20491 ||| Stepping randomly (stuck).
 20493 | D:4      | 20493 ||| Stepping randomly (stuck).
 20495 | D:4      | 20495 ||| Stepping randomly (stuck).
 20497 | D:4      | 20497 ||| Stepping randomly (stuck).
 20499 | D:4      | 20499 ||| Stepping randomly (stuck).
 20501 | D:4      | 20501 ||| Stepping randomly (stuck).
 20503 | D:4      | 20503 ||| Stepping randomly (stuck).
 20505 | D:4      | 20505 ||| Stepping randomly (stuck).
 20507 | D:4      | 20507 ||| Stepping randomly (stuck).
 20509 | D:4      | 20509 ||| Stepping randomly (stuck).
 20511 | D:4      | 20511 ||| Stepping randomly (stuck).
 20513 | D:4      | 20513 ||| Stepping randomly (stuck).
 20515 | D:4      | 20515 ||| Stepping randomly (stuck).
 20517 | D:4      | 20517 ||| Stepping randomly (stuck).
 20519 | D:4      | 20519 ||| Stepping randomly (stuck).
 20521 | D:4      | 20521 ||| Stepping randomly (stuck).
 20523 | D:4      | 20523 ||| Stepping randomly (stuck).
 20525 | D:4      | 20525 ||| Stepping randomly (stuck).
 20527 | D:4      | 20527 ||| Stepping randomly (stuck).
 20529 | D:4      | 20529 ||| Stepping randomly (stuck).
 20531 | D:4      | 20531 ||| Stepping randomly (stuck).
 20533 | D:4      | 20533 ||| Stepping randomly (stuck).
 20535 | D:4      | 20535 ||| Stepping randomly (stuck).
 20537 | D:4      | 20537 ||| Stepping randomly (stuck).
 20539 | D:4      | 20539 ||| Stepping randomly (stuck).
 20541 | D:4      | 20541 ||| Stepping randomly (stuck).
 20543 | D:4      | 20543 ||| Stepping randomly (stuck).
 20545 | D:4      | 20545 ||| Stepping randomly (stuck).
 20547 | D:4      | 20547 ||| Stepping randomly (stuck).
 20549 | D:4      | 20549 ||| Stepping randomly (stuck).
 20551 | D:4      | 20551 ||| Stepping randomly (stuck).
 20553 | D:4      | 20553 ||| Stepping randomly (stuck).
 20555 | D:4      | 20555 ||| Stepping randomly (stuck).
 20557 | D:4      | 20557 ||| Stepping randomly (stuck).
 20559 | D:4      | 20559 ||| Stepping randomly (stuck).
 20561 | D:4      | 20561 ||| Stepping randomly (stuck).
 20563 | D:4      | 20563 ||| Stepping randomly (stuck).
 20565 | D:4      | 20565 ||| Stepping randomly (stuck).
 20567 | D:4      | 20567 ||| Stepping randomly (stuck).
 20569 | D:4      | 20569 ||| Stepping randomly (stuck).
 20571 | D:4      | 20571 ||| Stepping randomly (stuck).
 20573 | D:4      | 20573 ||| Stepping randomly (stuck).
 20575 | D:4      | 20575 ||| Stepping randomly (stuck).
 20577 | D:4      | 20577 ||| Stepping randomly (stuck).
 20579 | D:4      | 20579 ||| Stepping randomly (stuck).
 20581 | D:4      | 20581 ||| Stepping randomly (stuck).
 20583 | D:4      | 20583 ||| Stepping randomly (stuck).
 20585 | D:4      | 20585 ||| Stepping randomly (stuck).
 20587 | D:4      | 20587 ||| Stepping randomly (stuck).
 20589 | D:4      | 20589 ||| Stepping randomly (stuck).
 20591 | D:4      | 20591 ||| Stepping randomly (stuck).
 20593 | D:4      | 20593 ||| Stepping randomly (stuck).
 20595 | D:4      | 20595 ||| Stepping randomly (stuck).
 20597 | D:4      | 20597 ||| Stepping randomly (stuck).
 20599 | D:4      | 20599 ||| Stepping randomly (stuck).
 20601 | D:4      | 20601 ||| Stepping randomly (stuck).
 20603 | D:4      | 20603 ||| Stepping randomly (stuck).
 20605 | D:4      | 20605 ||| Stepping randomly (stuck).
 20607 | D:4      | 20607 ||| Stepping randomly (stuck).
 20609 | D:4      | 20609 ||| Stepping randomly (stuck).
 20611 | D:4      | 20611 ||| Stepping randomly (stuck).
 20613 | D:4      | 20613 ||| Stepping randomly (stuck).
 20615 | D:4      | 20615 ||| Stepping randomly (stuck).
 20617 | D:4      | 20617 ||| Stepping randomly (stuck).
 20619 | D:4      | 20619 ||| Stepping randomly (stuck).
 20621 | D:4      | 20621 ||| Stepping randomly (stuck).
 20623 | D:4      | 20623 ||| Stepping randomly (stuck).
 20625 | D:4      | 20625 ||| Stepping randomly (stuck).
 20627 | D:4      | 20627 ||| Stepping randomly (stuck).
 20629 | D:4      | 20629 ||| Stepping randomly (stuck).
 20631 | D:4      | 20631 ||| Stepping randomly (stuck).
 20633 | D:4      | 20633 ||| Stepping randomly (stuck).
 20635 | D:4      | 20635 ||| Stepping randomly (stuck).
 20637 | D:4      | 20637 ||| Stepping randomly (stuck).
 20639 | D:4      | 20639 ||| Stepping randomly (stuck).
 20641 | D:4      | 20641 ||| Stepping randomly (stuck).
 20643 | D:4      | 20643 ||| Stepping randomly (stuck).
 20645 | D:4      | 20645 ||| Stepping randomly (stuck).
 20647 | D:4      | 20647 ||| Stepping randomly (stuck).
 20649 | D:4      | 20649 ||| Stepping randomly (stuck).
 20651 | D:4      | 20651 ||| Stepping randomly (stuck).
 20653 | D:4      | 20653 ||| Stepping randomly (stuck).
 20655 | D:4      | 20655 ||| Stepping randomly (stuck).
 20657 | D:4      | 20657 ||| Stepping randomly (stuck).
 20659 | D:4      | 20659 ||| Stepping randomly (stuck).
 20661 | D:4      | 20661 ||| Stepping randomly (stuck).
 20663 | D:4      | 20663 ||| Stepping randomly (stuck).
 20665 | D:4      | 20665 ||| Stepping randomly (stuck).
 20667 | D:4      | 20667 ||| Stepping randomly (stuck).
 20669 | D:4      | 20669 ||| Stepping randomly (stuck).
 20671 | D:4      | 20671 ||| Stepping randomly (stuck).
 20673 | D:4      | 20673 ||| Stepping randomly (stuck).
 20675 | D:4      | 20675 ||| Stepping randomly (stuck).
 20677 | D:4      | 20677 ||| Stepping randomly (stuck).
 20679 | D:4      | 20679 ||| Stepping randomly (stuck).
 20681 | D:4      | 20681 ||| Stepping randomly (stuck).
 20683 | D:4      | 20683 ||| Stepping randomly (stuck).
 20685 | D:4      | 20685 ||| Stepping randomly (stuck).
 20687 | D:4      | 20687 ||| Stepping randomly (stuck).
 20689 | D:4      | 20689 ||| Stepping randomly (stuck).
 20691 | D:4      | 20691 ||| Stepping randomly (stuck).
 20693 | D:4      | 20693 ||| Stepping randomly (stuck).
 20695 | D:4      | 20695 ||| Stepping randomly (stuck).
 20697 | D:4      | 20697 ||| Stepping randomly (stuck).
 20699 | D:4      | 20699 ||| Stepping randomly (stuck).
 20701 | D:4      | 20701 ||| Stepping randomly (stuck).
 20703 | D:4      | 20703 ||| Stepping randomly (stuck).
 20705 | D:4      | 20705 ||| Stepping randomly (stuck).
 20707 | D:4      | 20707 ||| Stepping randomly (stuck).
 20709 | D:4      | 20709 ||| Stepping randomly (stuck).
 20711 | D:4      | 20711 ||| Stepping randomly (stuck).
 20713 | D:4      | 20713 ||| Stepping randomly (stuck).
 20715 | D:4      | 20715 ||| Stepping randomly (stuck).
 20717 | D:4      | 20717 ||| Stepping randomly (stuck).
 20719 | D:4      | 20719 ||| Stepping randomly (stuck).
 20721 | D:4      | 20721 ||| Stepping randomly (stuck).
 20723 | D:4      | 20723 ||| Stepping randomly (stuck).
 20725 | D:4      | 20725 ||| Stepping randomly (stuck).
 20727 | D:4      | 20727 ||| Stepping randomly (stuck).
 20729 | D:4      | 20729 ||| Stepping randomly (stuck).
 20731 | D:4      | 20731 ||| Stepping randomly (stuck).
 20733 | D:4      | 20733 ||| Stepping randomly (stuck).
 20735 | D:4      | 20735 ||| Stepping randomly (stuck).
 20737 | D:4      | 20737 ||| Stepping randomly (stuck).
 20739 | D:4      | 20739 ||| Stepping randomly (stuck).
 20741 | D:4      | 20741 ||| Stepping randomly (stuck).
 20743 | D:4      | 20743 ||| Stepping randomly (stuck).
 20745 | D:4      | 20745 ||| Stepping randomly (stuck).
 20747 | D:4      | 20747 ||| Stepping randomly (stuck).
 20749 | D:4      | 20749 ||| Stepping randomly (stuck).
 20751 | D:4      | 20751 ||| Stepping randomly (stuck).
 20753 | D:4      | 20753 ||| Stepping randomly (stuck).
 20755 | D:4      | 20755 ||| Stepping randomly (stuck).
 20757 | D:4      | 20757 ||| Stepping randomly (stuck).
 20759 | D:4      | 20759 ||| Stepping randomly (stuck).
 20761 | D:4      | 20761 ||| Stepping randomly (stuck).
 20763 | D:4      | 20763 ||| Stepping randomly (stuck).
 20765 | D:4      | 20765 ||| Stepping randomly (stuck).
 20767 | D:4      | 20767 ||| Stepping randomly (stuck).
 20769 | D:4      | 20769 ||| Stepping randomly (stuck).
 20771 | D:4      | 20771 ||| Stepping randomly (stuck).
 20773 | D:4      | 20773 ||| Stepping randomly (stuck).
 20775 | D:4      | 20775 ||| Stepping randomly (stuck).
 20777 | D:4      | 20777 ||| Stepping randomly (stuck).
 20779 | D:4      | 20779 ||| Stepping randomly (stuck).
 20781 | D:4      | 20781 ||| Stepping randomly (stuck).
 20783 | D:4      | 20783 ||| Stepping randomly (stuck).
 20785 | D:4      | 20785 ||| Stepping randomly (stuck).
 20787 | D:4      | 20787 ||| Stepping randomly (stuck).
 20789 | D:4      | 20789 ||| Stepping randomly (stuck).
 20791 | D:4      | 20791 ||| Stepping randomly (stuck).
 20793 | D:4      | 20793 ||| Stepping randomly (stuck).
 20795 | D:4      | 20795 ||| Stepping randomly (stuck).
 20797 | D:4      | 20797 ||| Stepping randomly (stuck).
 20799 | D:4      | 20799 ||| Stepping randomly (stuck).
 20801 | D:4      | 20801 ||| Stepping randomly (stuck).
 20803 | D:4      | 20803 ||| Stepping randomly (stuck).
 20805 | D:4      | 20805 ||| Stepping randomly (stuck).
 20807 | D:4      | 20807 ||| Stepping randomly (stuck).
 20809 | D:4      | 20809 ||| Stepping randomly (stuck).
 20811 | D:4      | 20811 ||| Stepping randomly (stuck).
 20813 | D:4      | 20813 ||| Stepping randomly (stuck).
 20815 | D:4      | 20815 ||| Stepping randomly (stuck).
 20817 | D:4      | 20817 ||| Stepping randomly (stuck).
 20819 | D:4      | 20819 ||| Stepping randomly (stuck).
 20821 | D:4      | 20821 ||| Stepping randomly (stuck).
 20823 | D:4      | 20823 ||| Stepping randomly (stuck).
 20825 | D:4      | 20825 ||| Stepping randomly (stuck).
 20827 | D:4      | 20827 ||| Stepping randomly (stuck).
 20829 | D:4      | 20829 ||| Stepping randomly (stuck).
 20831 | D:4      | 20831 ||| Stepping randomly (stuck).
 20833 | D:4      | 20833 ||| Stepping randomly (stuck).
 20835 | D:4      | 20835 ||| Stepping randomly (stuck).
 20837 | D:4      | 20837 ||| Stepping randomly (stuck).
 20839 | D:4      | 20839 ||| Stepping randomly (stuck).
 20841 | D:4      | 20841 ||| Stepping randomly (stuck).
 20843 | D:4      | 20843 ||| Stepping randomly (stuck).
 20845 | D:4      | 20845 ||| Stepping randomly (stuck).
 20847 | D:4      | 20847 ||| Stepping randomly (stuck).
 20849 | D:4      | 20849 ||| Stepping randomly (stuck).
 20851 | D:4      | 20851 ||| Stepping randomly (stuck).
 20853 | D:4      | 20853 ||| Stepping randomly (stuck).
 20855 | D:4      | 20855 ||| Stepping randomly (stuck).
 20857 | D:4      | 20857 ||| Stepping randomly (stuck).
 20859 | D:4      | 20859 ||| Stepping randomly (stuck).
 20861 | D:4      | 20861 ||| Stepping randomly (stuck).
 20863 | D:4      | 20863 ||| Stepping randomly (stuck).
 20865 | D:4      | 20865 ||| Stepping randomly (stuck).
 20867 | D:4      | 20867 ||| Stepping randomly (stuck).
 20869 | D:4      | 20869 ||| Stepping randomly (stuck).
 20871 | D:4      | 20871 ||| Stepping randomly (stuck).
 20873 | D:4      | 20873 ||| Stepping randomly (stuck).
 20875 | D:4      | 20875 ||| Stepping randomly (stuck).
 20877 | D:4      | 20877 ||| Stepping randomly (stuck).
 20879 | D:4      | 20879 ||| Stepping randomly (stuck).
 20881 | D:4      | 20881 ||| Stepping randomly (stuck).
 20883 | D:4      | 20883 ||| Stepping randomly (stuck).
 20885 | D:4      | 20885 ||| Stepping randomly (stuck).
 20887 | D:4      | 20887 ||| Stepping randomly (stuck).
 20889 | D:4      | 20889 ||| Stepping randomly (stuck).
 20891 | D:4      | 20891 ||| Stepping randomly (stuck).
 20893 | D:4      | 20893 ||| Stepping randomly (stuck).
 20895 | D:4      | 20895 ||| Stepping randomly (stuck).
 20897 | D:4      | 20897 ||| Stepping randomly (stuck).
 20899 | D:4      | 20899 ||| Stepping randomly (stuck).
 20901 | D:4      | 20901 ||| Stepping randomly (stuck).
 20903 | D:4      | 20903 ||| Stepping randomly (stuck).
 20905 | D:4      | 20905 ||| Stepping randomly (stuck).
 20907 | D:4      | 20907 ||| Stepping randomly (stuck).
 20909 | D:4      | 20909 ||| Stepping randomly (stuck).
 20911 | D:4      | 20911 ||| Stepping randomly (stuck).
 20913 | D:4      | 20913 ||| Stepping randomly (stuck).
 20915 | D:4      | 20915 ||| Stepping randomly (stuck).
 20917 | D:4      | 20917 ||| Stepping randomly (stuck).
 20919 | D:4      | 20919 ||| Stepping randomly (stuck).
 20921 | D:4      | 20921 ||| Stepping randomly (stuck).
 20923 | D:4      | 20923 ||| Stepping randomly (stuck).
 20925 | D:4      | 20925 ||| Stepping randomly (stuck).
 20927 | D:4      | 20927 ||| Stepping randomly (stuck).
 20929 | D:4      | 20929 ||| Stepping randomly (stuck).
 20931 | D:4      | 20931 ||| Stepping randomly (stuck).
 20933 | D:4      | 20933 ||| Stepping randomly (stuck).
 20935 | D:4      | 20935 ||| Stepping randomly (stuck).
 20937 | D:4      | 20937 ||| Stepping randomly (stuck).
 20939 | D:4      | 20939 ||| Stepping randomly (stuck).
 20941 | D:4      | 20941 ||| Stepping randomly (stuck).
 20943 | D:4      | 20943 ||| Stepping randomly (stuck).
 20945 | D:4      | 20945 ||| Stepping randomly (stuck).
 20947 | D:4      | 20947 ||| Stepping randomly (stuck).
 20949 | D:4      | 20949 ||| Stepping randomly (stuck).
 20951 | D:4      | 20951 ||| Stepping randomly (stuck).
 20953 | D:4      | 20953 ||| Stepping randomly (stuck).
 20955 | D:4      | 20955 ||| Stepping randomly (stuck).
 20957 | D:4      | 20957 ||| Stepping randomly (stuck).
 20959 | D:4      | 20959 ||| Stepping randomly (stuck).
 20961 | D:4      | 20961 ||| Stepping randomly (stuck).
 20963 | D:4      | 20963 ||| Stepping randomly (stuck).
 20965 | D:4      | 20965 ||| Stepping randomly (stuck).
 20967 | D:4      | 20967 ||| Stepping randomly (stuck).
 20969 | D:4      | 20969 ||| Stepping randomly (stuck).
 20971 | D:4      | 20971 ||| Stepping randomly (stuck).
 20973 | D:4      | 20973 ||| Stepping randomly (stuck).
 20975 | D:4      | 20975 ||| Stepping randomly (stuck).
 20977 | D:4      | 20977 ||| Stepping randomly (stuck).
 20979 | D:4      | 20979 ||| Stepping randomly (stuck).
 20981 | D:4      | 20981 ||| Stepping randomly (stuck).
 20983 | D:4      | 20983 ||| Stepping randomly (stuck).
 20985 | D:4      | 20985 ||| Stepping randomly (stuck).
 20987 | D:4      | 20987 ||| Stepping randomly (stuck).
 20989 | D:4      | 20989 ||| Stepping randomly (stuck).
 20991 | D:4      | 20991 ||| Stepping randomly (stuck).
 20993 | D:4      | 20993 ||| Stepping randomly (stuck).
 20995 | D:4      | 20995 ||| Stepping randomly (stuck).
 20997 | D:4      | 20997 ||| Stepping randomly (stuck).
 20999 | D:4      | 20999 ||| Stepping randomly (stuck).
 21001 | D:4      | 21001 ||| Stepping randomly (stuck).
 21003 | D:4      | 21003 ||| Stepping randomly (stuck).
 21005 | D:4      | 21005 ||| Stepping randomly (stuck).
 21007 | D:4      | 21007 ||| Stepping randomly (stuck).
 21009 | D:4      | 21009 ||| Stepping randomly (stuck).
 21011 | D:4      | 21011 ||| Stepping randomly (stuck).
 21013 | D:4      | 21013 ||| Stepping randomly (stuck).
 21015 | D:4      | 21015 ||| Stepping randomly (stuck).
 21017 | D:4      | 21017 ||| Stepping randomly (stuck).
 21019 | D:4      | 21019 ||| Stepping randomly (stuck).
 21021 | D:4      | 21021 ||| Stepping randomly (stuck).
 21023 | D:4      | 21023 ||| Stepping randomly (stuck).
 21025 | D:4      | 21025 ||| Stepping randomly (stuck).
 21027 | D:4      | 21027 ||| Stepping randomly (stuck).
 21029 | D:4      | 21029 ||| Stepping randomly (stuck).
 21031 | D:4      | 21031 ||| Stepping randomly (stuck).
 21033 | D:4      | 21033 ||| Stepping randomly (stuck).
 21035 | D:4      | 21035 ||| Stepping randomly (stuck).
 21037 | D:4      | 21037 ||| Stepping randomly (stuck).
 21039 | D:4      | 21039 ||| Stepping randomly (stuck).
 21041 | D:4      | 21041 ||| Stepping randomly (stuck).
 21043 | D:4      | 21043 ||| Stepping randomly (stuck).
 21045 | D:4      | 21045 ||| Stepping randomly (stuck).
 21047 | D:4      | 21047 ||| Stepping randomly (stuck).
 21049 | D:4      | 21049 ||| Stepping randomly (stuck).
 21051 | D:4      | 21051 ||| Stepping randomly (stuck).
 21053 | D:4      | 21053 ||| Stepping randomly (stuck).
 21055 | D:4      | 21055 ||| Stepping randomly (stuck).
 21057 | D:4      | 21057 ||| Stepping randomly (stuck).
 21059 | D:4      | 21059 ||| Stepping randomly (stuck).
 21061 | D:4      | 21061 ||| Stepping randomly (stuck).
 21063 | D:4      | 21063 ||| Stepping randomly (stuck).
 21065 | D:4      | 21065 ||| Stepping randomly (stuck).
 21067 | D:4      | 21067 ||| Stepping randomly (stuck).
 21069 | D:4      | 21069 ||| Stepping randomly (stuck).
 21071 | D:4      | 21071 ||| Stepping randomly (stuck).
 21073 | D:4      | 21073 ||| Stepping randomly (stuck).
 21075 | D:4      | 21075 ||| Stepping randomly (stuck).
 21077 | D:4      | 21077 ||| Stepping randomly (stuck).
 21079 | D:4      | 21079 ||| Stepping randomly (stuck).
 21081 | D:4      | 21081 ||| Stepping randomly (stuck).
 21083 | D:4      | 21083 ||| Stepping randomly (stuck).
 21085 | D:4      | 21085 ||| Stepping randomly (stuck).
 21087 | D:4      | 21087 ||| Stepping randomly (stuck).
 21089 | D:4      | 21089 ||| Stepping randomly (stuck).
 21091 | D:4      | 21091 ||| Stepping randomly (stuck).
 21093 | D:4      | 21093 ||| Stepping randomly (stuck).
 21095 | D:4      | 21095 ||| Stepping randomly (stuck).
 21097 | D:4      | 21097 ||| Stepping randomly (stuck).
 21099 | D:4      | 21099 ||| Stepping randomly (stuck).
 21101 | D:4      | 21101 ||| Stepping randomly (stuck).
 21103 | D:4      | 21103 ||| Stepping randomly (stuck).
 21105 | D:4      | 21105 ||| Stepping randomly (stuck).
 21107 | D:4      | 21107 ||| Stepping randomly (stuck).
 21109 | D:4      | 21109 ||| Stepping randomly (stuck).
 21111 | D:4      | 21111 ||| Stepping randomly (stuck).
 21113 | D:4      | 21113 ||| Stepping randomly (stuck).
 21115 | D:4      | 21115 ||| Stepping randomly (stuck).
 21117 | D:4      | 21117 ||| Stepping randomly (stuck).
 21119 | D:4      | 21119 ||| Stepping randomly (stuck).
 21121 | D:4      | 21121 ||| Stepping randomly (stuck).
 21123 | D:4      | 21123 ||| Stepping randomly (stuck).
 21125 | D:4      | 21125 ||| Stepping randomly (stuck).
 21127 | D:4      | 21127 ||| Stepping randomly (stuck).
 21129 | D:4      | 21129 ||| Stepping randomly (stuck).
 21131 | D:4      | 21131 ||| Stepping randomly (stuck).
 21133 | D:4      | 21133 ||| Stepping randomly (stuck).
 21135 | D:4      | 21135 ||| Stepping randomly (stuck).
 21137 | D:4      | 21137 ||| Stepping randomly (stuck).
 21139 | D:4      | 21139 ||| Stepping randomly (stuck).
 21141 | D:4      | 21141 ||| Stepping randomly (stuck).
 21143 | D:4      | 21143 ||| Stepping randomly (stuck).
 21145 | D:4      | 21145 ||| Stepping randomly (stuck).
 21147 | D:4      | 21147 ||| Stepping randomly (stuck).
 21149 | D:4      | 21149 ||| Stepping randomly (stuck).
 21151 | D:4      | 21151 ||| Stepping randomly (stuck).
 21153 | D:4      | 21153 ||| Stepping randomly (stuck).
 21155 | D:4      | 21155 ||| Stepping randomly (stuck).
 21157 | D:4      | 21157 ||| Stepping randomly (stuck).
 21159 | D:4      | 21159 ||| Stepping randomly (stuck).
 21161 | D:4      | 21161 ||| Stepping randomly (stuck).
 21163 | D:4      | 21163 ||| Stepping randomly (stuck).
 21165 | D:4      | 21165 ||| Stepping randomly (stuck).
 21167 | D:4      | 21167 ||| Stepping randomly (stuck).
 21169 | D:4      | 21169 ||| Stepping randomly (stuck).
 21171 | D:4      | 21171 ||| Stepping randomly (stuck).
 21173 | D:4      | 21173 ||| Stepping randomly (stuck).
 21175 | D:4      | 21175 ||| Stepping randomly (stuck).
 21177 | D:4      | 21177 ||| Stepping randomly (stuck).
 21179 | D:4      | 21179 ||| Stepping randomly (stuck).
 21181 | D:4      | 21181 ||| Stepping randomly (stuck).
 21183 | D:4      | 21183 ||| Stepping randomly (stuck).
 21185 | D:4      | 21185 ||| Stepping randomly (stuck).
 21187 | D:4      | 21187 ||| Stepping randomly (stuck).
 21189 | D:4      | 21189 ||| Stepping randomly (stuck).
 21191 | D:4      | 21191 ||| Stepping randomly (stuck).
 21193 | D:4      | 21193 ||| Stepping randomly (stuck).
 21195 | D:4      | 21195 ||| Stepping randomly (stuck).
 21197 | D:4      | 21197 ||| Stepping randomly (stuck).
 21199 | D:4      | 21199 ||| Stepping randomly (stuck).
 21201 | D:4      | 21201 ||| Stepping randomly (stuck).
 21203 | D:4      | 21203 ||| Stepping randomly (stuck).
 21205 | D:4      | 21205 ||| Stepping randomly (stuck).
 21207 | D:4      | 21207 ||| Stepping randomly (stuck).
 21209 | D:4      | 21209 ||| Stepping randomly (stuck).
 21211 | D:4      | 21211 ||| Stepping randomly (stuck).
 21213 | D:4      | 21213 ||| Stepping randomly (stuck).
 21215 | D:4      | 21215 ||| Stepping randomly (stuck).
 21217 | D:4      | 21217 ||| Stepping randomly (stuck).
 21219 | D:4      | 21219 ||| Stepping randomly (stuck).
 21221 | D:4      | 21221 ||| Stepping randomly (stuck).
 21223 | D:4      | 21223 ||| Stepping randomly (stuck).
 21225 | D:4      | 21225 ||| Stepping randomly (stuck).
 21227 | D:4      | 21227 ||| Stepping randomly (stuck).
 21229 | D:4      | 21229 ||| Stepping randomly (stuck).
 21231 | D:4      | 21231 ||| Stepping randomly (stuck).
 21233 | D:4      | 21233 ||| Stepping randomly (stuck).
 21235 | D:4      | 21235 ||| Stepping randomly (stuck).
 21237 | D:4      | 21237 ||| Stepping randomly (stuck).
 21239 | D:4      | 21239 ||| Stepping randomly (stuck).
 21241 | D:4      | 21241 ||| Stepping randomly (stuck).
 21243 | D:4      | 21243 ||| Stepping randomly (stuck).
 21245 | D:4      | 21245 ||| Stepping randomly (stuck).
 21247 | D:4      | 21247 ||| Stepping randomly (stuck).
 21249 | D:4      | 21249 ||| Stepping randomly (stuck).
 21251 | D:4      | 21251 ||| Stepping randomly (stuck).
 21253 | D:4      | 21253 ||| Stepping randomly (stuck).
 21255 | D:4      | 21255 ||| Stepping randomly (stuck).
 21257 | D:4      | 21257 ||| Stepping randomly (stuck).
 21259 | D:4      | 21259 ||| Stepping randomly (stuck).
 21261 | D:4      | 21261 ||| Stepping randomly (stuck).
 21263 | D:4      | 21263 ||| Stepping randomly (stuck).
 21265 | D:4      | 21265 ||| Stepping randomly (stuck).
 21267 | D:4      | 21267 ||| Stepping randomly (stuck).
 21269 | D:4      | 21269 ||| Stepping randomly (stuck).
 21271 | D:4      | 21271 ||| Stepping randomly (stuck).
 21273 | D:4      | 21273 ||| Stepping randomly (stuck).
 21275 | D:4      | 21275 ||| Stepping randomly (stuck).
 21277 | D:4      | 21277 ||| Stepping randomly (stuck).
 21279 | D:4      | 21279 ||| Stepping randomly (stuck).
 21281 | D:4      | 21281 ||| Stepping randomly (stuck).
 21283 | D:4      | 21283 ||| Stepping randomly (stuck).
 21285 | D:4      | 21285 ||| Stepping randomly (stuck).
 21287 | D:4      | 21287 ||| Stepping randomly (stuck).
 21289 | D:4      | 21289 ||| Stepping randomly (stuck).
 21291 | D:4      | 21291 ||| Stepping randomly (stuck).
 21293 | D:4      | 21293 ||| Stepping randomly (stuck).
 21295 | D:4      | 21295 ||| Stepping randomly (stuck).
 21297 | D:4      | 21297 ||| Stepping randomly (stuck).
 21299 | D:4      | 21299 ||| Stepping randomly (stuck).
 21301 | D:4      | 21301 ||| Stepping randomly (stuck).
 21303 | D:4      | 21303 ||| Stepping randomly (stuck).
 21305 | D:4      | 21305 ||| Stepping randomly (stuck).
 21307 | D:4      | 21307 ||| Stepping randomly (stuck).
 21309 | D:4      | 21309 ||| Stepping randomly (stuck).
 21311 | D:4      | 21311 ||| Stepping randomly (stuck).
 21313 | D:4      | 21313 ||| Stepping randomly (stuck).
 21315 | D:4      | 21315 ||| Stepping randomly (stuck).
 21317 | D:4      | 21317 ||| Stepping randomly (stuck).
 21319 | D:4      | 21319 ||| Stepping randomly (stuck).
 21321 | D:4      | 21321 ||| Stepping randomly (stuck).
 21323 | D:4      | 21323 ||| Stepping randomly (stuck).
 21325 | D:4      | 21325 ||| Stepping randomly (stuck).
 21327 | D:4      | 21327 ||| Stepping randomly (stuck).
 21329 | D:4      | 21329 ||| Stepping randomly (stuck).
 21331 | D:4      | 21331 ||| Stepping randomly (stuck).
 21333 | D:4      | 21333 ||| Stepping randomly (stuck).
 21335 | D:4      | 21335 ||| Stepping randomly (stuck).
 21337 | D:4      | 21337 ||| Stepping randomly (stuck).
 21339 | D:4      | 21339 ||| Stepping randomly (stuck).
 21341 | D:4      | 21341 ||| Stepping randomly (stuck).
 21343 | D:4      | 21343 ||| Stepping randomly (stuck).
 21345 | D:4      | 21345 ||| Stepping randomly (stuck).
 21347 | D:4      | 21347 ||| Stepping randomly (stuck).
 21349 | D:4      | 21349 ||| Stepping randomly (stuck).
 21351 | D:4      | 21351 ||| Stepping randomly (stuck).
 21353 | D:4      | 21353 ||| Stepping randomly (stuck).
 21355 | D:4      | 21355 ||| Stepping randomly (stuck).
 21357 | D:4      | 21357 ||| Stepping randomly (stuck).
 21359 | D:4      | 21359 ||| Stepping randomly (stuck).
 21361 | D:4      | 21361 ||| Stepping randomly (stuck).
 21363 | D:4      | 21363 ||| Stepping randomly (stuck).
 21365 | D:4      | 21365 ||| Stepping randomly (stuck).
 21367 | D:4      | 21367 ||| Stepping randomly (stuck).
 21369 | D:4      | 21369 ||| Stepping randomly (stuck).
 21371 | D:4      | 21371 ||| Stepping randomly (stuck).
 21373 | D:4      | 21373 ||| Stepping randomly (stuck).
 21375 | D:4      | 21375 ||| Stepping randomly (stuck).
 21377 | D:4      | 21377 ||| Stepping randomly (stuck).
 21379 | D:4      | 21379 ||| Stepping randomly (stuck).
 21381 | D:4      | 21381 ||| Stepping randomly (stuck).
 21383 | D:4      | 21383 ||| Stepping randomly (stuck).
 21385 | D:4      | 21385 ||| Stepping randomly (stuck).
 21387 | D:4      | 21387 ||| Stepping randomly (stuck).
 21389 | D:4      | 21389 ||| Stepping randomly (stuck).
 21391 | D:4      | 21391 ||| Stepping randomly (stuck).
 21393 | D:4      | 21393 ||| Stepping randomly (stuck).
 21395 | D:4      | 21395 ||| Stepping randomly (stuck).
 21397 | D:4      | 21397 ||| Stepping randomly (stuck).
 21399 | D:4      | 21399 ||| Stepping randomly (stuck).
 21401 | D:4      | 21401 ||| Stepping randomly (stuck).
 21403 | D:4      | 21403 ||| Stepping randomly (stuck).
 21405 | D:4      | 21405 ||| Stepping randomly (stuck).
 21407 | D:4      | 21407 ||| Stepping randomly (stuck).
 21409 | D:4      | 21409 ||| Stepping randomly (stuck).
 21411 | D:4      | 21411 ||| Stepping randomly (stuck).
 21413 | D:4      | 21413 ||| Stepping randomly (stuck).
 21415 | D:4      | 21415 ||| Stepping randomly (stuck).
 21417 | D:4      | 21417 ||| Stepping randomly (stuck).
 21419 | D:4      | 21419 ||| Stepping randomly (stuck).
 21421 | D:4      | 21421 ||| Stepping randomly (stuck).
 21423 | D:4      | 21423 ||| Stepping randomly (stuck).
 21425 | D:4      | 21425 ||| Stepping randomly (stuck).
 21427 | D:4      | 21427 ||| Stepping randomly (stuck).
 21429 | D:4      | 21429 ||| Stepping randomly (stuck).
 21431 | D:4      | 21431 ||| Stepping randomly (stuck).
 21433 | D:4      | 21433 ||| Stepping randomly (stuck).
 21435 | D:4      | 21435 ||| Stepping randomly (stuck).
 21437 | D:4      | 21437 ||| Stepping randomly (stuck).
 21439 | D:4      | 21439 ||| Stepping randomly (stuck).
 21441 | D:4      | 21441 ||| Stepping randomly (stuck).
 21443 | D:4      | 21443 ||| Stepping randomly (stuck).
 21445 | D:4      | 21445 ||| Stepping randomly (stuck).
 21447 | D:4      | 21447 ||| Stepping randomly (stuck).
 21449 | D:4      | 21449 ||| Stepping randomly (stuck).
 21451 | D:4      | 21451 ||| Stepping randomly (stuck).
 21453 | D:4      | 21453 ||| Stepping randomly (stuck).
 21455 | D:4      | 21455 ||| Stepping randomly (stuck).
 21457 | D:4      | 21457 ||| Stepping randomly (stuck).
 21459 | D:4      | 21459 ||| Stepping randomly (stuck).
 21461 | D:4      | 21461 ||| Stepping randomly (stuck).
 21463 | D:4      | 21463 ||| Stepping randomly (stuck).
 21465 | D:4      | 21465 ||| Stepping randomly (stuck).
 21467 | D:4      | 21467 ||| Stepping randomly (stuck).
 21469 | D:4      | 21469 ||| Stepping randomly (stuck).
 21471 | D:4      | 21471 ||| Stepping randomly (stuck).
 21473 | D:4      | 21473 ||| Stepping randomly (stuck).
 21475 | D:4      | 21475 ||| Stepping randomly (stuck).
 21477 | D:4      | 21477 ||| Stepping randomly (stuck).
 21479 | D:4      | 21479 ||| Stepping randomly (stuck).
 21481 | D:4      | 21481 ||| Stepping randomly (stuck).
 21483 | D:4      | 21483 ||| Stepping randomly (stuck).
 21485 | D:4      | 21485 ||| Stepping randomly (stuck).
 21487 | D:4      | 21487 ||| Stepping randomly (stuck).
 21489 | D:4      | 21489 ||| Stepping randomly (stuck).
 21491 | D:4      | 21491 ||| Stepping randomly (stuck).
 21493 | D:4      | 21493 ||| Stepping randomly (stuck).
 21495 | D:4      | 21495 ||| Stepping randomly (stuck).
 21497 | D:4      | 21497 ||| Stepping randomly (stuck).
 21499 | D:4      | 21499 ||| Stepping randomly (stuck).
 21501 | D:4      | 21501 ||| Stepping randomly (stuck).
 21503 | D:4      | 21503 ||| Stepping randomly (stuck).
 21505 | D:4      | 21505 ||| Stepping randomly (stuck).
 21507 | D:4      | 21507 ||| Stepping randomly (stuck).
 21509 | D:4      | 21509 ||| Stepping randomly (stuck).
 21511 | D:4      | 21511 ||| Stepping randomly (stuck).
 21513 | D:4      | 21513 ||| Stepping randomly (stuck).
 21515 | D:4      | 21515 ||| Stepping randomly (stuck).
 21517 | D:4      | 21517 ||| Stepping randomly (stuck).
 21519 | D:4      | 21519 ||| Stepping randomly (stuck).
 21521 | D:4      | 21521 ||| Stepping randomly (stuck).
 21523 | D:4      | 21523 ||| Stepping randomly (stuck).
 21525 | D:4      | 21525 ||| Stepping randomly (stuck).
 21527 | D:4      | 21527 ||| Stepping randomly (stuck).
 21529 | D:4      | 21529 ||| Stepping randomly (stuck).
 21531 | D:4      | 21531 ||| Stepping randomly (stuck).
 21533 | D:4      | 21533 ||| Stepping randomly (stuck).
 21535 | D:4      | 21535 ||| Stepping randomly (stuck).
 21537 | D:4      | 21537 ||| Stepping randomly (stuck).
 21539 | D:4      | 21539 ||| Stepping randomly (stuck).
 21541 | D:4      | 21541 ||| Stepping randomly (stuck).
 21543 | D:4      | 21543 ||| Stepping randomly (stuck).
 21545 | D:4      | 21545 ||| Stepping randomly (stuck).
 21547 | D:4      | 21547 ||| Stepping randomly (stuck).
 21549 | D:4      | 21549 ||| Stepping randomly (stuck).
 21551 | D:4      | 21551 ||| Stepping randomly (stuck).
 21553 | D:4      | 21553 ||| Stepping randomly (stuck).
 21555 | D:4      | 21555 ||| Stepping randomly (stuck).
 21557 | D:4      | 21557 ||| Stepping randomly (stuck).
 21559 | D:4      | 21559 ||| Stepping randomly (stuck).
 21561 | D:4      | 21561 ||| Stepping randomly (stuck).
 21563 | D:4      | 21563 ||| Stepping randomly (stuck).
 21565 | D:4      | 21565 ||| Stepping randomly (stuck).
 21567 | D:4      | 21567 ||| Stepping randomly (stuck).
 21569 | D:4      | 21569 ||| Stepping randomly (stuck).
 21571 | D:4      | 21571 ||| Stepping randomly (stuck).
 21573 | D:4      | 21573 ||| Stepping randomly (stuck).
 21575 | D:4      | 21575 ||| Stepping randomly (stuck).
 21577 | D:4      | 21577 ||| Stepping randomly (stuck).
 21579 | D:4      | 21579 ||| Stepping randomly (stuck).
 21581 | D:4      | 21581 ||| Stepping randomly (stuck).
 21583 | D:4      | 21583 ||| Stepping randomly (stuck).
 21585 | D:4      | 21585 ||| Stepping randomly (stuck).
 21587 | D:4      | 21587 ||| Stepping randomly (stuck).
 21589 | D:4      | 21589 ||| Stepping randomly (stuck).
 21591 | D:4      | 21591 ||| Stepping randomly (stuck).
 21593 | D:4      | 21593 ||| Stepping randomly (stuck).
 21595 | D:4      | 21595 ||| Stepping randomly (stuck).
 21597 | D:4      | 21597 ||| Stepping randomly (stuck).
 21599 | D:4      | 21599 ||| Stepping randomly (stuck).
 21601 | D:4      | 21601 ||| Stepping randomly (stuck).
 21603 | D:4      | 21603 ||| Stepping randomly (stuck).
 21605 | D:4      | 21605 ||| Stepping randomly (stuck).
 21607 | D:4      | 21607 ||| Stepping randomly (stuck).
 21609 | D:4      | 21609 ||| Stepping randomly (stuck).
 21611 | D:4      | 21611 ||| Stepping randomly (stuck).
 21613 | D:4      | 21613 ||| Stepping randomly (stuck).
 21615 | D:4      | 21615 ||| Stepping randomly (stuck).
 21617 | D:4      | 21617 ||| Stepping randomly (stuck).
 21619 | D:4      | 21619 ||| Stepping randomly (stuck).
 21621 | D:4      | 21621 ||| Stepping randomly (stuck).
 21623 | D:4      | 21623 ||| Stepping randomly (stuck).
 21625 | D:4      | 21625 ||| Stepping randomly (stuck).
 21627 | D:4      | 21627 ||| Stepping randomly (stuck).
 21629 | D:4      | 21629 ||| Stepping randomly (stuck).
 21631 | D:4      | 21631 ||| Stepping randomly (stuck).
 21633 | D:4      | 21633 ||| Stepping randomly (stuck).
 21635 | D:4      | 21635 ||| Stepping randomly (stuck).
 21637 | D:4      | 21637 ||| Stepping randomly (stuck).
 21639 | D:4      | 21639 ||| Stepping randomly (stuck).
 21641 | D:4      | 21641 ||| Stepping randomly (stuck).
 21643 | D:4      | 21643 ||| Stepping randomly (stuck).
 21645 | D:4      | 21645 ||| Stepping randomly (stuck).
 21647 | D:4      | 21647 ||| Stepping randomly (stuck).
 21649 | D:4      | 21649 ||| Stepping randomly (stuck).
 21651 | D:4      | 21651 ||| Stepping randomly (stuck).
 21653 | D:4      | 21653 ||| Stepping randomly (stuck).
 21655 | D:4      | 21655 ||| Stepping randomly (stuck).
 21657 | D:4      | 21657 ||| Stepping randomly (stuck).
 21659 | D:4      | 21659 ||| Stepping randomly (stuck).
 21661 | D:4      | 21661 ||| Stepping randomly (stuck).
 21663 | D:4      | 21663 ||| Stepping randomly (stuck).
 21665 | D:4      | 21665 ||| Stepping randomly (stuck).
 21667 | D:4      | 21667 ||| Stepping randomly (stuck).
 21669 | D:4      | 21669 ||| Stepping randomly (stuck).
 21671 | D:4      | 21671 ||| Stepping randomly (stuck).
 21673 | D:4      | 21673 ||| Stepping randomly (stuck).
 21675 | D:4      | 21675 ||| Stepping randomly (stuck).
 21677 | D:4      | 21677 ||| Stepping randomly (stuck).
 21679 | D:4      | 21679 ||| Stepping randomly (stuck).
 21681 | D:4      | 21681 ||| Stepping randomly (stuck).
 21683 | D:4      | 21683 ||| Stepping randomly (stuck).
 21685 | D:4      | 21685 ||| Stepping randomly (stuck).
 21687 | D:4      | 21687 ||| Stepping randomly (stuck).
 21689 | D:4      | 21689 ||| Stepping randomly (stuck).
 21691 | D:4      | 21691 ||| Stepping randomly (stuck).
 21693 | D:4      | 21693 ||| Stepping randomly (stuck).
 21695 | D:4      | 21695 ||| Stepping randomly (stuck).
 21697 | D:4      | 21697 ||| Stepping randomly (stuck).
 21699 | D:4      | 21699 ||| Stepping randomly (stuck).
 21701 | D:4      | 21701 ||| Stepping randomly (stuck).
 21703 | D:4      | 21703 ||| Stepping randomly (stuck).
 21705 | D:4      | 21705 ||| Stepping randomly (stuck).
 21707 | D:4      | 21707 ||| Stepping randomly (stuck).
 21709 | D:4      | 21709 ||| Stepping randomly (stuck).
 21711 | D:4      | 21711 ||| Stepping randomly (stuck).
 21713 | D:4      | 21713 ||| Stepping randomly (stuck).
 21715 | D:4      | 21715 ||| Stepping randomly (stuck).
 21717 | D:4      | 21717 ||| Stepping randomly (stuck).
 21719 | D:4      | 21719 ||| Stepping randomly (stuck).
 21721 | D:4      | 21721 ||| Stepping randomly (stuck).
 21723 | D:4      | 21723 ||| Stepping randomly (stuck).
 21725 | D:4      | 21725 ||| Stepping randomly (stuck).
 21727 | D:4      | 21727 ||| Stepping randomly (stuck).
 21729 | D:4      | 21729 ||| Stepping randomly (stuck).
 21731 | D:4      | 21731 ||| Stepping randomly (stuck).
 21733 | D:4      | 21733 ||| Stepping randomly (stuck).
 21735 | D:4      | 21735 ||| Stepping randomly (stuck).
 21737 | D:4      | 21737 ||| Stepping randomly (stuck).
 21739 | D:4      | 21739 ||| Stepping randomly (stuck).
 21741 | D:4      | 21741 ||| Stepping randomly (stuck).
 21743 | D:4      | 21743 ||| Stepping randomly (stuck).
 21745 | D:4      | 21745 ||| Stepping randomly (stuck).
 21747 | D:4      | 21747 ||| Stepping randomly (stuck).
 21749 | D:4      | 21749 ||| Stepping randomly (stuck).
 21751 | D:4      | 21751 ||| Stepping randomly (stuck).
 21753 | D:4      | 21753 ||| Stepping randomly (stuck).
 21755 | D:4      | 21755 ||| Stepping randomly (stuck).
 21757 | D:4      | 21757 ||| Stepping randomly (stuck).
 21759 | D:4      | 21759 ||| Stepping randomly (stuck).
 21761 | D:4      | 21761 ||| Stepping randomly (stuck).
 21763 | D:4      | 21763 ||| Stepping randomly (stuck).
 21765 | D:4      | 21765 ||| Stepping randomly (stuck).
 21767 | D:4      | 21767 ||| Stepping randomly (stuck).
 21769 | D:4      | 21769 ||| Stepping randomly (stuck).
 21771 | D:4      | 21771 ||| Stepping randomly (stuck).
 21773 | D:4      | 21773 ||| Stepping randomly (stuck).
 21775 | D:4      | 21775 ||| Stepping randomly (stuck).
 21777 | D:4      | 21777 ||| Stepping randomly (stuck).
 21779 | D:4      | 21779 ||| Stepping randomly (stuck).
 21781 | D:4      | 21781 ||| Stepping randomly (stuck).
 21783 | D:4      | 21783 ||| Stepping randomly (stuck).
 21785 | D:4      | 21785 ||| Stepping randomly (stuck).
 21787 | D:4      | 21787 ||| Stepping randomly (stuck).
 21789 | D:4      | 21789 ||| Stepping randomly (stuck).
 21791 | D:4      | 21791 ||| Stepping randomly (stuck).
 21793 | D:4      | 21793 ||| Stepping randomly (stuck).
 21795 | D:4      | 21795 ||| Stepping randomly (stuck).
 21797 | D:4      | 21797 ||| Stepping randomly (stuck).
 21799 | D:4      | 21799 ||| Stepping randomly (stuck).
 21801 | D:4      | 21801 ||| Stepping randomly (stuck).
 21803 | D:4      | 21803 ||| Stepping randomly (stuck).
 21805 | D:4      | 21805 ||| Stepping randomly (stuck).
 21807 | D:4      | 21807 ||| Stepping randomly (stuck).
 21809 | D:4      | 21809 ||| Stepping randomly (stuck).
 21811 | D:4      | 21811 ||| Stepping randomly (stuck).
 21813 | D:4      | 21813 ||| Stepping randomly (stuck).
 21815 | D:4      | 21815 ||| Stepping randomly (stuck).
 21817 | D:4      | 21817 ||| Stepping randomly (stuck).
 21819 | D:4      | 21819 ||| Stepping randomly (stuck).
 21821 | D:4      | 21821 ||| Stepping randomly (stuck).
 21823 | D:4      | 21823 ||| Stepping randomly (stuck).
 21825 | D:4      | 21825 ||| Stepping randomly (stuck).
 21827 | D:4      | 21827 ||| Stepping randomly (stuck).
 21829 | D:4      | 21829 ||| Stepping randomly (stuck).
 21831 | D:4      | 21831 ||| Stepping randomly (stuck).
 21833 | D:4      | 21833 ||| Stepping randomly (stuck).
 21835 | D:4      | 21835 ||| Stepping randomly (stuck).
 21837 | D:4      | 21837 ||| Stepping randomly (stuck).
 21839 | D:4      | 21839 ||| Stepping randomly (stuck).
 21841 | D:4      | 21841 ||| Stepping randomly (stuck).
 21843 | D:4      | 21843 ||| Stepping randomly (stuck).
 21845 | D:4      | 21845 ||| Stepping randomly (stuck).
 21847 | D:4      | 21847 ||| Stepping randomly (stuck).
 21849 | D:4      | 21849 ||| Stepping randomly (stuck).
 21851 | D:4      | 21851 ||| Stepping randomly (stuck).
 21853 | D:4      | 21853 ||| Stepping randomly (stuck).
 21855 | D:4      | 21855 ||| Stepping randomly (stuck).
 21857 | D:4      | 21857 ||| Stepping randomly (stuck).
 21859 | D:4      | 21859 ||| Stepping randomly (stuck).
 21861 | D:4      | 21861 ||| Stepping randomly (stuck).
 21863 | D:4      | 21863 ||| Stepping randomly (stuck).
 21865 | D:4      | 21865 ||| Stepping randomly (stuck).
 21867 | D:4      | 21867 ||| Stepping randomly (stuck).
 21869 | D:4      | 21869 ||| Stepping randomly (stuck).
 21871 | D:4      | 21871 ||| Stepping randomly (stuck).
 21873 | D:4      | 21873 ||| Stepping randomly (stuck).
 21875 | D:4      | 21875 ||| Stepping randomly (stuck).
 21877 | D:4      | 21877 ||| Stepping randomly (stuck).
 21879 | D:4      | 21879 ||| Stepping randomly (stuck).
 21881 | D:4      | 21881 ||| Stepping randomly (stuck).
 21883 | D:4      | 21883 ||| Stepping randomly (stuck).
 21885 | D:4      | 21885 ||| Stepping randomly (stuck).
 21887 | D:4      | 21887 ||| Stepping randomly (stuck).
 21889 | D:4      | 21889 ||| Stepping randomly (stuck).
 21891 | D:4      | 21891 ||| Stepping randomly (stuck).
 21893 | D:4      | 21893 ||| Stepping randomly (stuck).
 21895 | D:4      | 21895 ||| Stepping randomly (stuck).
 21897 | D:4      | 21897 ||| Stepping randomly (stuck).
 21899 | D:4      | 21899 ||| Stepping randomly (stuck).
 21901 | D:4      | 21901 ||| Stepping randomly (stuck).
 21903 | D:4      | 21903 ||| Stepping randomly (stuck).
 21905 | D:4      | 21905 ||| Stepping randomly (stuck).
 21907 | D:4      | 21907 ||| Stepping randomly (stuck).
 21909 | D:4      | 21909 ||| Stepping randomly (stuck).
 21911 | D:4      | 21911 ||| Stepping randomly (stuck).
 21913 | D:4      | 21913 ||| Stepping randomly (stuck).
 21915 | D:4      | 21915 ||| Stepping randomly (stuck).
 21917 | D:4      | 21917 ||| Stepping randomly (stuck).
 21919 | D:4      | 21919 ||| Stepping randomly (stuck).
 21921 | D:4      | 21921 ||| Stepping randomly (stuck).
 21923 | D:4      | 21923 ||| Stepping randomly (stuck).
 21925 | D:4      | 21925 ||| Stepping randomly (stuck).
 21927 | D:4      | 21927 ||| Stepping randomly (stuck).
 21929 | D:4      | 21929 ||| Stepping randomly (stuck).
 21931 | D:4      | 21931 ||| Stepping randomly (stuck).
 21933 | D:4      | 21933 ||| Stepping randomly (stuck).
 21935 | D:4      | 21935 ||| Stepping randomly (stuck).
 21937 | D:4      | 21937 ||| Stepping randomly (stuck).
 21939 | D:4      | 21939 ||| Stepping randomly (stuck).
 21941 | D:4      | 21941 ||| Stepping randomly (stuck).
 21943 | D:4      | 21943 ||| Stepping randomly (stuck).
 21945 | D:4      | 21945 ||| Stepping randomly (stuck).
 21947 | D:4      | 21947 ||| Stepping randomly (stuck).
 21949 | D:4      | 21949 ||| Stepping randomly (stuck).
 21951 | D:4      | 21951 ||| Stepping randomly (stuck).
 21953 | D:4      | 21953 ||| Stepping randomly (stuck).
 21955 | D:4      | 21955 ||| Stepping randomly (stuck).
 21957 | D:4      | 21957 ||| Stepping randomly (stuck).
 21959 | D:4      | 21959 ||| Stepping randomly (stuck).
 21961 | D:4      | 21961 ||| Stepping randomly (stuck).
 21963 | D:4      | 21963 ||| Stepping randomly (stuck).
 21965 | D:4      | 21965 ||| Stepping randomly (stuck).
 21967 | D:4      | 21967 ||| Stepping randomly (stuck).
 21969 | D:4      | 21969 ||| Stepping randomly (stuck).
 21971 | D:4      | 21971 ||| Stepping randomly (stuck).
 21973 | D:4      | 21973 ||| Stepping randomly (stuck).
 21975 | D:4      | 21975 ||| Stepping randomly (stuck).
 21977 | D:4      | 21977 ||| Stepping randomly (stuck).
 21979 | D:4      | 21979 ||| Stepping randomly (stuck).
 21981 | D:4      | 21981 ||| Stepping randomly (stuck).
 21983 | D:4      | 21983 ||| Stepping randomly (stuck).
 21985 | D:4      | 21985 ||| Stepping randomly (stuck).
 21987 | D:4      | 21987 ||| Stepping randomly (stuck).
 21989 | D:4      | 21989 ||| Stepping randomly (stuck).
 21991 | D:4      | 21991 ||| Stepping randomly (stuck).
 21993 | D:4      | 21993 ||| Stepping randomly (stuck).
 21995 | D:4      | 21995 ||| Stepping randomly (stuck).
 21997 | D:4      | 21997 ||| Stepping randomly (stuck).
 21999 | D:4      | 21999 ||| Stepping randomly (stuck).
 22001 | D:4      | 22001 ||| Stepping randomly (stuck).
 22003 | D:4      | 22003 ||| Stepping randomly (stuck).
 22005 | D:4      | 22005 ||| Stepping randomly (stuck).
 22007 | D:4      | 22007 ||| Stepping randomly (stuck).
 22009 | D:4      | 22009 ||| Stepping randomly (stuck).
 22011 | D:4      | 22011 ||| Stepping randomly (stuck).
 22013 | D:4      | 22013 ||| Stepping randomly (stuck).
 22015 | D:4      | 22015 ||| Stepping randomly (stuck).
 22017 | D:4      | 22017 ||| Stepping randomly (stuck).
 22019 | D:4      | 22019 ||| Stepping randomly (stuck).
 22021 | D:4      | 22021 ||| Stepping randomly (stuck).
 22023 | D:4      | 22023 ||| Stepping randomly (stuck).
 22025 | D:4      | 22025 ||| Stepping randomly (stuck).
 22027 | D:4      | 22027 ||| Stepping randomly (stuck).
 22029 | D:4      | 22029 ||| Stepping randomly (stuck).
 22031 | D:4      | 22031 ||| Stepping randomly (stuck).
 22033 | D:4      | 22033 ||| Stepping randomly (stuck).
 22035 | D:4      | 22035 ||| Stepping randomly (stuck).
 22037 | D:4      | 22037 ||| Stepping randomly (stuck).
 22039 | D:4      | 22039 ||| Stepping randomly (stuck).
 22041 | D:4      | 22041 ||| Stepping randomly (stuck).
 22043 | D:4      | 22043 ||| Stepping randomly (stuck).
 22045 | D:4      | 22045 ||| Stepping randomly (stuck).
 22047 | D:4      | 22047 ||| Stepping randomly (stuck).
 22049 | D:4      | 22049 ||| Stepping randomly (stuck).
 22051 | D:4      | 22051 ||| Stepping randomly (stuck).
 22053 | D:4      | 22053 ||| Stepping randomly (stuck).
 22055 | D:4      | 22055 ||| Stepping randomly (stuck).
 22057 | D:4      | 22057 ||| Stepping randomly (stuck).
 22059 | D:4      | 22059 ||| Stepping randomly (stuck).
 22061 | D:4      | 22061 ||| Stepping randomly (stuck).
 22063 | D:4      | 22063 ||| Stepping randomly (stuck).
 22065 | D:4      | 22065 ||| Stepping randomly (stuck).
 22067 | D:4      | 22067 ||| Stepping randomly (stuck).
 22069 | D:4      | 22069 ||| Stepping randomly (stuck).
 22071 | D:4      | 22071 ||| Stepping randomly (stuck).
 22073 | D:4      | 22073 ||| Stepping randomly (stuck).
 22075 | D:4      | 22075 ||| Stepping randomly (stuck).
 22077 | D:4      | 22077 ||| Stepping randomly (stuck).
 22079 | D:4      | 22079 ||| Stepping randomly (stuck).
 22081 | D:4      | 22081 ||| Stepping randomly (stuck).
 22083 | D:4      | 22083 ||| Stepping randomly (stuck).
 22085 | D:4      | 22085 ||| Stepping randomly (stuck).
 22087 | D:4      | 22087 ||| Stepping randomly (stuck).
 22089 | D:4      | 22089 ||| Stepping randomly (stuck).
 22091 | D:4      | 22091 ||| Stepping randomly (stuck).
 22093 | D:4      | 22093 ||| Stepping randomly (stuck).
 22095 | D:4      | 22095 ||| Stepping randomly (stuck).
 22097 | D:4      | 22097 ||| Stepping randomly (stuck).
 22099 | D:4      | 22099 ||| Stepping randomly (stuck).
 22101 | D:4      | 22101 ||| Stepping randomly (stuck).
 22103 | D:4      | 22103 ||| Stepping randomly (stuck).
 22105 | D:4      | 22105 ||| Stepping randomly (stuck).
 22107 | D:4      | 22107 ||| Stepping randomly (stuck).
 22109 | D:4      | 22109 ||| Stepping randomly (stuck).
 22111 | D:4      | 22111 ||| Stepping randomly (stuck).
 22113 | D:4      | 22113 ||| Stepping randomly (stuck).
 22115 | D:4      | 22115 ||| Stepping randomly (stuck).
 22117 | D:4      | 22117 ||| Stepping randomly (stuck).
 22119 | D:4      | 22119 ||| Stepping randomly (stuck).
 22121 | D:4      | 22121 ||| Stepping randomly (stuck).
 22123 | D:4      | 22123 ||| Stepping randomly (stuck).
 22125 | D:4      | 22125 ||| Stepping randomly (stuck).
 22127 | D:4      | 22127 ||| Stepping randomly (stuck).
 22129 | D:4      | 22129 ||| Stepping randomly (stuck).
 22131 | D:4      | 22131 ||| Stepping randomly (stuck).
 22133 | D:4      | 22133 ||| Stepping randomly (stuck).
 22135 | D:4      | 22135 ||| Stepping randomly (stuck).
 22137 | D:4      | 22137 ||| Stepping randomly (stuck).
 22139 | D:4      | 22139 ||| Stepping randomly (stuck).
 22141 | D:4      | 22141 ||| Stepping randomly (stuck).
 22143 | D:4      | 22143 ||| Stepping randomly (stuck).
 22145 | D:4      | 22145 ||| Stepping randomly (stuck).
 22147 | D:4      | 22147 ||| Stepping randomly (stuck).
 22149 | D:4      | 22149 ||| Stepping randomly (stuck).
 22151 | D:4      | 22151 ||| Stepping randomly (stuck).
 22153 | D:4      | 22153 ||| Stepping randomly (stuck).
 22155 | D:4      | 22155 ||| Stepping randomly (stuck).
 22157 | D:4      | 22157 ||| Stepping randomly (stuck).
 22159 | D:4      | 22159 ||| Stepping randomly (stuck).
 22161 | D:4      | 22161 ||| Stepping randomly (stuck).
 22163 | D:4      | 22163 ||| Stepping randomly (stuck).
 22165 | D:4      | 22165 ||| Stepping randomly (stuck).
 22167 | D:4      | 22167 ||| Stepping randomly (stuck).
 22169 | D:4      | 22169 ||| Stepping randomly (stuck).
 22171 | D:4      | 22171 ||| Stepping randomly (stuck).
 22173 | D:4      | 22173 ||| Stepping randomly (stuck).
 22175 | D:4      | 22175 ||| Stepping randomly (stuck).
 22177 | D:4      | 22177 ||| Stepping randomly (stuck).
 22179 | D:4      | 22179 ||| Stepping randomly (stuck).
 22181 | D:4      | 22181 ||| Stepping randomly (stuck).
 22183 | D:4      | 22183 ||| Stepping randomly (stuck).
 22185 | D:4      | 22185 ||| Stepping randomly (stuck).
 22187 | D:4      | 22187 ||| Stepping randomly (stuck).
 22189 | D:4      | 22189 ||| Stepping randomly (stuck).
 22191 | D:4      | 22191 ||| Stepping randomly (stuck).
 22193 | D:4      | 22193 ||| Stepping randomly (stuck).
 22195 | D:4      | 22195 ||| Stepping randomly (stuck).
 22197 | D:4      | 22197 ||| Stepping randomly (stuck).
 22199 | D:4      | 22199 ||| Stepping randomly (stuck).
 22201 | D:4      | 22201 ||| Stepping randomly (stuck).
 22203 | D:4      | 22203 ||| Stepping randomly (stuck).
 22205 | D:4      | 22205 ||| Stepping randomly (stuck).
 22207 | D:4      | 22207 ||| Stepping randomly (stuck).
 22209 | D:4      | 22209 ||| Stepping randomly (stuck).
 22211 | D:4      | 22211 ||| Stepping randomly (stuck).
 22213 | D:4      | 22213 ||| Stepping randomly (stuck).
 22215 | D:4      | 22215 ||| Stepping randomly (stuck).
 22217 | D:4      | 22217 ||| Stepping randomly (stuck).
 22219 | D:4      | 22219 ||| Stepping randomly (stuck).
 22221 | D:4      | 22221 ||| Stepping randomly (stuck).
 22223 | D:4      | 22223 ||| Stepping randomly (stuck).
 22225 | D:4      | 22225 ||| Stepping randomly (stuck).
 22227 | D:4      | 22227 ||| Stepping randomly (stuck).
 22229 | D:4      | 22229 ||| Stepping randomly (stuck).
 22231 | D:4      | 22231 ||| Stepping randomly (stuck).
 22233 | D:4      | 22233 ||| Stepping randomly (stuck).
 22235 | D:4      | 22235 ||| Stepping randomly (stuck).
 22237 | D:4      | 22237 ||| Stepping randomly (stuck).
 22239 | D:4      | 22239 ||| Stepping randomly (stuck).
 22241 | D:4      | 22241 ||| Stepping randomly (stuck).
 22243 | D:4      | 22243 ||| Stepping randomly (stuck).
 22245 | D:4      | 22245 ||| Stepping randomly (stuck).
 22247 | D:4      | 22247 ||| Stepping randomly (stuck).
 22249 | D:4      | 22249 ||| Stepping randomly (stuck).
 22251 | D:4      | 22251 ||| Stepping randomly (stuck).
 22253 | D:4      | 22253 ||| Stepping randomly (stuck).
 22255 | D:4      | 22255 ||| Stepping randomly (stuck).
 22257 | D:4      | 22257 ||| Stepping randomly (stuck).
 22259 | D:4      | 22259 ||| Stepping randomly (stuck).
 22261 | D:4      | 22261 ||| Stepping randomly (stuck).
 22263 | D:4      | 22263 ||| Stepping randomly (stuck).
 22265 | D:4      | 22265 ||| Stepping randomly (stuck).
 22267 | D:4      | 22267 ||| Stepping randomly (stuck).
 22269 | D:4      | 22269 ||| Stepping randomly (stuck).
 22271 | D:4      | 22271 ||| Stepping randomly (stuck).
 22273 | D:4      | 22273 ||| Stepping randomly (stuck).
 22275 | D:4      | 22275 ||| Stepping randomly (stuck).
 22277 | D:4      | 22277 ||| Stepping randomly (stuck).
 22279 | D:4      | 22279 ||| Stepping randomly (stuck).
 22281 | D:4      | 22281 ||| Stepping randomly (stuck).
 22283 | D:4      | 22283 ||| Stepping randomly (stuck).
 22285 | D:4      | 22285 ||| Stepping randomly (stuck).
 22287 | D:4      | 22287 ||| Stepping randomly (stuck).
 22289 | D:4      | 22289 ||| Stepping randomly (stuck).
 22291 | D:4      | 22291 ||| Stepping randomly (stuck).
 22293 | D:4      | 22293 ||| Stepping randomly (stuck).
 22295 | D:4      | 22295 ||| Stepping randomly (stuck).
 22297 | D:4      | 22297 ||| Stepping randomly (stuck).
 22299 | D:4      | 22299 ||| Stepping randomly (stuck).
 22301 | D:4      | 22301 ||| Stepping randomly (stuck).
 22303 | D:4      | 22303 ||| Stepping randomly (stuck).
 22305 | D:4      | 22305 ||| Stepping randomly (stuck).
 22307 | D:4      | 22307 ||| Stepping randomly (stuck).
 22309 | D:4      | 22309 ||| Stepping randomly (stuck).
 22311 | D:4      | 22311 ||| Stepping randomly (stuck).
 22313 | D:4      | 22313 ||| Stepping randomly (stuck).
 22315 | D:4      | 22315 ||| Stepping randomly (stuck).
 22317 | D:4      | 22317 ||| Stepping randomly (stuck).
 22319 | D:4      | 22319 ||| Stepping randomly (stuck).
 22321 | D:4      | 22321 ||| Stepping randomly (stuck).
 22323 | D:4      | 22323 ||| Stepping randomly (stuck).
 22325 | D:4      | 22325 ||| Stepping randomly (stuck).
 22327 | D:4      | 22327 ||| Stepping randomly (stuck).
 22329 | D:4      | 22329 ||| Stepping randomly (stuck).
 22331 | D:4      | 22331 ||| Stepping randomly (stuck).
 22333 | D:4      | 22333 ||| Stepping randomly (stuck).
 22335 | D:4      | 22335 ||| Stepping randomly (stuck).
 22337 | D:4      | 22337 ||| Stepping randomly (stuck).
 22339 | D:4      | 22339 ||| Stepping randomly (stuck).
 22341 | D:4      | 22341 ||| Stepping randomly (stuck).
 22343 | D:4      | 22343 ||| Stepping randomly (stuck).
 22345 | D:4      | 22345 ||| Stepping randomly (stuck).
 22347 | D:4      | 22347 ||| Stepping randomly (stuck).
 22349 | D:4      | 22349 ||| Stepping randomly (stuck).
 22351 | D:4      | 22351 ||| Stepping randomly (stuck).
 22353 | D:4      | 22353 ||| Stepping randomly (stuck).
 22355 | D:4      | 22355 ||| Stepping randomly (stuck).
 22357 | D:4      | 22357 ||| Stepping randomly (stuck).
 22359 | D:4      | 22359 ||| Stepping randomly (stuck).
 22361 | D:4      | 22361 ||| Stepping randomly (stuck).
 22363 | D:4      | 22363 ||| Stepping randomly (stuck).
 22365 | D:4      | 22365 ||| Stepping randomly (stuck).
 22367 | D:4      | 22367 ||| Stepping randomly (stuck).
 22369 | D:4      | 22369 ||| Stepping randomly (stuck).
 22371 | D:4      | 22371 ||| Stepping randomly (stuck).
 22373 | D:4      | 22373 ||| Stepping randomly (stuck).
 22375 | D:4      | 22375 ||| Stepping randomly (stuck).
 22377 | D:4      | 22377 ||| Stepping randomly (stuck).
 22379 | D:4      | 22379 ||| Stepping randomly (stuck).
 22381 | D:4      | 22381 ||| Stepping randomly (stuck).
 22383 | D:4      | 22383 ||| Stepping randomly (stuck).
 22385 | D:4      | 22385 ||| Stepping randomly (stuck).
 22387 | D:4      | 22387 ||| Stepping randomly (stuck).
 22389 | D:4      | 22389 ||| Stepping randomly (stuck).
 22391 | D:4      | 22391 ||| Stepping randomly (stuck).
 22393 | D:4      | 22393 ||| Stepping randomly (stuck).
 22395 | D:4      | 22395 ||| Stepping randomly (stuck).
 22397 | D:4      | 22397 ||| Stepping randomly (stuck).
 22399 | D:4      | 22399 ||| Stepping randomly (stuck).
 22401 | D:4      | 22401 ||| Stepping randomly (stuck).
 22403 | D:4      | 22403 ||| Stepping randomly (stuck).
 22405 | D:4      | 22405 ||| Stepping randomly (stuck).
 22407 | D:4      | 22407 ||| Stepping randomly (stuck).
 22409 | D:4      | 22409 ||| Stepping randomly (stuck).
 22411 | D:4      | 22411 ||| Stepping randomly (stuck).
 22413 | D:4      | 22413 ||| Stepping randomly (stuck).
 22415 | D:4      | 22415 ||| Stepping randomly (stuck).
 22417 | D:4      | 22417 ||| Stepping randomly (stuck).
 22419 | D:4      | 22419 ||| Stepping randomly (stuck).
 22421 | D:4      | 22421 ||| Stepping randomly (stuck).
 22423 | D:4      | 22423 ||| Stepping randomly (stuck).
 22425 | D:4      | 22425 ||| Stepping randomly (stuck).
 22427 | D:4      | 22427 ||| Stepping randomly (stuck).
 22429 | D:4      | 22429 ||| Stepping randomly (stuck).
 22431 | D:4      | 22431 ||| Stepping randomly (stuck).
 22433 | D:4      | 22433 ||| Stepping randomly (stuck).
 22435 | D:4      | 22435 ||| Stepping randomly (stuck).
 22437 | D:4      | 22437 ||| Stepping randomly (stuck).
 22439 | D:4      | 22439 ||| Stepping randomly (stuck).
 22441 | D:4      | 22441 ||| Stepping randomly (stuck).
 22443 | D:4      | 22443 ||| Stepping randomly (stuck).
 22445 | D:4      | 22445 ||| Stepping randomly (stuck).
 22447 | D:4      | 22447 ||| Stepping randomly (stuck).
 22449 | D:4      | 22449 ||| Stepping randomly (stuck).
 22451 | D:4      | 22451 ||| Stepping randomly (stuck).
 22453 | D:4      | 22453 ||| Stepping randomly (stuck).
 22455 | D:4      | 22455 ||| Stepping randomly (stuck).
 22457 | D:4      | 22457 ||| Stepping randomly (stuck).
 22459 | D:4      | 22459 ||| Stepping randomly (stuck).
 22461 | D:4      | 22461 ||| Stepping randomly (stuck).
 22463 | D:4      | 22463 ||| Stepping randomly (stuck).
 22465 | D:4      | 22465 ||| Stepping randomly (stuck).
 22467 | D:4      | 22467 ||| Stepping randomly (stuck).
 22469 | D:4      | 22469 ||| Stepping randomly (stuck).
 22471 | D:4      | 22471 ||| Stepping randomly (stuck).
 22473 | D:4      | 22473 ||| Stepping randomly (stuck).
 22475 | D:4      | 22475 ||| Stepping randomly (stuck).
 22477 | D:4      | 22477 ||| Stepping randomly (stuck).
 22479 | D:4      | 22479 ||| Stepping randomly (stuck).
 22481 | D:4      | 22481 ||| Stepping randomly (stuck).
 22483 | D:4      | 22483 ||| Stepping randomly (stuck).
 22485 | D:4      | 22485 ||| Stepping randomly (stuck).
 22487 | D:4      | 22487 ||| Stepping randomly (stuck).
 22489 | D:4      | 22489 ||| Stepping randomly (stuck).
 22491 | D:4      | 22491 ||| Stepping randomly (stuck).
 22493 | D:4      | 22493 ||| Stepping randomly (stuck).
 22495 | D:4      | 22495 ||| Stepping randomly (stuck).
 22497 | D:4      | 22497 ||| Stepping randomly (stuck).
 22499 | D:4      | 22499 ||| Stepping randomly (stuck).
 22501 | D:4      | 22501 ||| Stepping randomly (stuck).
 22503 | D:4      | 22503 ||| Stepping randomly (stuck).
 22505 | D:4      | 22505 ||| Stepping randomly (stuck).
 22507 | D:4      | 22507 ||| Stepping randomly (stuck).
 22509 | D:4      | 22509 ||| Stepping randomly (stuck).
 22511 | D:4      | 22511 ||| Stepping randomly (stuck).
 22513 | D:4      | 22513 ||| Stepping randomly (stuck).
 22515 | D:4      | 22515 ||| Stepping randomly (stuck).
 22517 | D:4      | 22517 ||| Stepping randomly (stuck).
 22519 | D:4      | 22519 ||| Stepping randomly (stuck).
 22521 | D:4      | 22521 ||| Stepping randomly (stuck).
 22523 | D:4      | 22523 ||| Stepping randomly (stuck).
 22525 | D:4      | 22525 ||| Stepping randomly (stuck).
 22527 | D:4      | 22527 ||| Stepping randomly (stuck).
 22529 | D:4      | 22529 ||| Stepping randomly (stuck).
 22531 | D:4      | 22531 ||| Stepping randomly (stuck).
 22533 | D:4      | 22533 ||| Stepping randomly (stuck).
 22535 | D:4      | 22535 ||| Stepping randomly (stuck).
 22537 | D:4      | 22537 ||| Stepping randomly (stuck).
 22539 | D:4      | 22539 ||| Stepping randomly (stuck).
 22541 | D:4      | 22541 ||| Stepping randomly (stuck).
 22543 | D:4      | 22543 ||| Stepping randomly (stuck).
 22545 | D:4      | 22545 ||| Stepping randomly (stuck).
 22547 | D:4      | 22547 ||| Stepping randomly (stuck).
 22549 | D:4      | 22549 ||| Stepping randomly (stuck).
 22551 | D:4      | 22551 ||| Stepping randomly (stuck).
 22553 | D:4      | 22553 ||| Stepping randomly (stuck).
 22555 | D:4      | 22555 ||| Stepping randomly (stuck).
 22557 | D:4      | 22557 ||| Stepping randomly (stuck).
 22559 | D:4      | 22559 ||| Stepping randomly (stuck).
 22561 | D:4      | 22561 ||| Stepping randomly (stuck).
 22563 | D:4      | 22563 ||| Stepping randomly (stuck).
 22565 | D:4      | 22565 ||| Stepping randomly (stuck).
 22567 | D:4      | 22567 ||| Stepping randomly (stuck).
 22569 | D:4      | 22569 ||| Stepping randomly (stuck).
 22571 | D:4      | 22571 ||| Stepping randomly (stuck).
 22573 | D:4      | 22573 ||| Stepping randomly (stuck).
 22575 | D:4      | 22575 ||| Stepping randomly (stuck).
 22577 | D:4      | 22577 ||| Stepping randomly (stuck).
 22579 | D:4      | 22579 ||| Stepping randomly (stuck).
 22581 | D:4      | 22581 ||| Stepping randomly (stuck).
 22583 | D:4      | 22583 ||| Stepping randomly (stuck).
 22585 | D:4      | 22585 ||| Stepping randomly (stuck).
 22587 | D:4      | 22587 ||| Stepping randomly (stuck).
 22589 | D:4      | 22589 ||| Stepping randomly (stuck).
 22591 | D:4      | 22591 ||| Stepping randomly (stuck).
 22593 | D:4      | 22593 ||| Stepping randomly (stuck).
 22595 | D:4      | 22595 ||| Stepping randomly (stuck).
 22597 | D:4      | 22597 ||| Stepping randomly (stuck).
 22599 | D:4      | 22599 ||| Stepping randomly (stuck).
 22601 | D:4      | 22601 ||| Stepping randomly (stuck).
 22603 | D:4      | 22603 ||| Stepping randomly (stuck).
 22605 | D:4      | 22605 ||| Stepping randomly (stuck).
 22607 | D:4      | 22607 ||| Stepping randomly (stuck).
 22609 | D:4      | 22609 ||| Stepping randomly (stuck).
 22611 | D:4      | 22611 ||| Stepping randomly (stuck).
 22613 | D:4      | 22613 ||| Stepping randomly (stuck).
 22615 | D:4      | 22615 ||| Stepping randomly (stuck).
 22617 | D:4      | 22617 ||| Stepping randomly (stuck).
 22619 | D:4      | 22619 ||| Stepping randomly (stuck).
 22621 | D:4      | 22621 ||| Stepping randomly (stuck).
 22623 | D:4      | 22623 ||| Stepping randomly (stuck).
 22625 | D:4      | 22625 ||| Stepping randomly (stuck).
 22627 | D:4      | 22627 ||| Stepping randomly (stuck).
 22629 | D:4      | 22629 ||| Stepping randomly (stuck).
 22631 | D:4      | 22631 ||| Stepping randomly (stuck).
 22633 | D:4      | 22633 ||| Stepping randomly (stuck).
 22635 | D:4      | 22635 ||| Stepping randomly (stuck).
 22637 | D:4      | 22637 ||| Stepping randomly (stuck).
 22639 | D:4      | 22639 ||| Stepping randomly (stuck).
 22641 | D:4      | 22641 ||| Stepping randomly (stuck).
 22643 | D:4      | 22643 ||| Stepping randomly (stuck).
 22645 | D:4      | 22645 ||| Stepping randomly (stuck).
 22647 | D:4      | 22647 ||| Stepping randomly (stuck).
 22649 | D:4      | 22649 ||| Stepping randomly (stuck).
 22651 | D:4      | 22651 ||| Stepping randomly (stuck).
 22653 | D:4      | 22653 ||| Stepping randomly (stuck).
 22655 | D:4      | 22655 ||| Stepping randomly (stuck).
 22657 | D:4      | 22657 ||| Stepping randomly (stuck).
 22659 | D:4      | 22659 ||| Stepping randomly (stuck).
 22661 | D:4      | 22661 ||| Stepping randomly (stuck).
 22663 | D:4      | 22663 ||| Stepping randomly (stuck).
 22665 | D:4      | 22665 ||| Stepping randomly (stuck).
 22667 | D:4      | 22667 ||| Stepping randomly (stuck).
 22669 | D:4      | 22669 ||| Stepping randomly (stuck).
 22671 | D:4      | 22671 ||| Stepping randomly (stuck).
 22673 | D:4      | 22673 ||| Stepping randomly (stuck).
 22675 | D:4      | 22675 ||| Stepping randomly (stuck).
 22677 | D:4      | 22677 ||| Stepping randomly (stuck).
 22679 | D:4      | 22679 ||| Stepping randomly (stuck).
 22681 | D:4      | 22681 ||| Stepping randomly (stuck).
 22683 | D:4      | 22683 ||| Stepping randomly (stuck).
 22685 | D:4      | 22685 ||| Stepping randomly (stuck).
 22687 | D:4      | 22687 ||| Stepping randomly (stuck).
 22689 | D:4      | 22689 ||| Stepping randomly (stuck).
 22691 | D:4      | 22691 ||| Stepping randomly (stuck).
 22693 | D:4      | 22693 ||| Stepping randomly (stuck).
 22695 | D:4      | 22695 ||| Stepping randomly (stuck).
 22697 | D:4      | 22697 ||| Stepping randomly (stuck).
 22699 | D:4      | 22699 ||| Stepping randomly (stuck).
 22701 | D:4      | 22701 ||| Stepping randomly (stuck).
 22703 | D:4      | 22703 ||| Stepping randomly (stuck).
 22705 | D:4      | 22705 ||| Stepping randomly (stuck).
 22707 | D:4      | 22707 ||| Stepping randomly (stuck).
 22709 | D:4      | 22709 ||| Stepping randomly (stuck).
 22711 | D:4      | 22711 ||| Stepping randomly (stuck).
 22713 | D:4      | 22713 ||| Stepping randomly (stuck).
 22715 | D:4      | 22715 ||| Stepping randomly (stuck).
 22717 | D:4      | 22717 ||| Stepping randomly (stuck).
 22719 | D:4      | 22719 ||| Stepping randomly (stuck).
 22721 | D:4      | 22721 ||| Stepping randomly (stuck).
 22723 | D:4      | 22723 ||| Stepping randomly (stuck).
 22725 | D:4      | 22725 ||| Stepping randomly (stuck).
 22727 | D:4      | 22727 ||| Stepping randomly (stuck).
 22729 | D:4      | 22729 ||| Stepping randomly (stuck).
 22731 | D:4      | 22731 ||| Stepping randomly (stuck).
 22733 | D:4      | 22733 ||| Stepping randomly (stuck).
 22735 | D:4      | 22735 ||| Stepping randomly (stuck).
 22737 | D:4      | 22737 ||| Stepping randomly (stuck).
 22739 | D:4      | 22739 ||| Stepping randomly (stuck).
 22741 | D:4      | 22741 ||| Stepping randomly (stuck).
 22743 | D:4      | 22743 ||| Stepping randomly (stuck).
 22745 | D:4      | 22745 ||| Stepping randomly (stuck).
 22747 | D:4      | 22747 ||| Stepping randomly (stuck).
 22749 | D:4      | 22749 ||| Stepping randomly (stuck).
 22751 | D:4      | 22751 ||| Stepping randomly (stuck).
 22753 | D:4      | 22753 ||| Stepping randomly (stuck).
 22755 | D:4      | 22755 ||| Stepping randomly (stuck).
 22757 | D:4      | 22757 ||| Stepping randomly (stuck).
 22759 | D:4      | 22759 ||| Stepping randomly (stuck).
 22761 | D:4      | 22761 ||| Stepping randomly (stuck).
 22763 | D:4      | 22763 ||| Stepping randomly (stuck).
 22765 | D:4      | 22765 ||| Stepping randomly (stuck).
 22767 | D:4      | 22767 ||| Stepping randomly (stuck).
 22769 | D:4      | 22769 ||| Stepping randomly (stuck).
 22771 | D:4      | 22771 ||| Stepping randomly (stuck).
 22773 | D:4      | 22773 ||| Stepping randomly (stuck).
 22775 | D:4      | 22775 ||| Stepping randomly (stuck).
 22777 | D:4      | 22777 ||| Stepping randomly (stuck).
 22779 | D:4      | 22779 ||| Stepping randomly (stuck).
 22781 | D:4      | 22781 ||| Stepping randomly (stuck).
 22783 | D:4      | 22783 ||| Stepping randomly (stuck).
 22785 | D:4      | 22785 ||| Stepping randomly (stuck).
 22787 | D:4      | 22787 ||| Stepping randomly (stuck).
 22789 | D:4      | 22789 ||| Stepping randomly (stuck).
 22791 | D:4      | 22791 ||| Stepping randomly (stuck).
 22793 | D:4      | 22793 ||| Stepping randomly (stuck).
 22795 | D:4      | 22795 ||| Stepping randomly (stuck).
 22797 | D:4      | 22797 ||| Stepping randomly (stuck).
 22799 | D:4      | 22799 ||| Stepping randomly (stuck).
 22801 | D:4      | 22801 ||| Stepping randomly (stuck).
 22803 | D:4      | 22803 ||| Stepping randomly (stuck).
 22805 | D:4      | 22805 ||| Stepping randomly (stuck).
 22807 | D:4      | 22807 ||| Stepping randomly (stuck).
 22809 | D:4      | 22809 ||| Stepping randomly (stuck).
 22811 | D:4      | 22811 ||| Stepping randomly (stuck).
 22813 | D:4      | 22813 ||| Stepping randomly (stuck).
 22815 | D:4      | 22815 ||| Stepping randomly (stuck).
 22817 | D:4      | 22817 ||| Stepping randomly (stuck).
 22819 | D:4      | 22819 ||| Stepping randomly (stuck).
 22821 | D:4      | 22821 ||| Stepping randomly (stuck).
 22823 | D:4      | 22823 ||| Stepping randomly (stuck).
 22825 | D:4      | 22825 ||| Stepping randomly (stuck).
 22827 | D:4      | 22827 ||| Stepping randomly (stuck).
 22829 | D:4      | 22829 ||| Stepping randomly (stuck).
 22831 | D:4      | 22831 ||| Stepping randomly (stuck).
 22833 | D:4      | 22833 ||| Stepping randomly (stuck).
 22835 | D:4      | 22835 ||| Stepping randomly (stuck).
 22837 | D:4      | 22837 ||| Stepping randomly (stuck).
 22839 | D:4      | 22839 ||| Stepping randomly (stuck).
 22841 | D:4      | 22841 ||| Stepping randomly (stuck).
 22843 | D:4      | 22843 ||| Stepping randomly (stuck).
 22845 | D:4      | 22845 ||| Stepping randomly (stuck).
 22847 | D:4      | 22847 ||| Stepping randomly (stuck).
 22849 | D:4      | 22849 ||| Stepping randomly (stuck).
 22851 | D:4      | 22851 ||| Stepping randomly (stuck).
 22853 | D:4      | 22853 ||| Stepping randomly (stuck).
 22855 | D:4      | 22855 ||| Stepping randomly (stuck).
 22857 | D:4      | 22857 ||| Stepping randomly (stuck).
 22859 | D:4      | 22859 ||| Stepping randomly (stuck).
 22861 | D:4      | 22861 ||| Stepping randomly (stuck).
 22863 | D:4      | 22863 ||| Stepping randomly (stuck).
 22865 | D:4      | 22865 ||| Stepping randomly (stuck).
 22867 | D:4      | 22867 ||| Stepping randomly (stuck).
 22869 | D:4      | 22869 ||| Stepping randomly (stuck).
 22871 | D:4      | 22871 ||| Stepping randomly (stuck).
 22873 | D:4      | 22873 ||| Stepping randomly (stuck).
 22875 | D:4      | 22875 ||| Stepping randomly (stuck).
 22877 | D:4      | 22877 ||| Stepping randomly (stuck).
 22879 | D:4      | 22879 ||| Stepping randomly (stuck).
 22881 | D:4      | 22881 ||| Stepping randomly (stuck).
 22883 | D:4      | 22883 ||| Stepping randomly (stuck).
 22885 | D:4      | 22885 ||| Stepping randomly (stuck).
 22887 | D:4      | 22887 ||| Stepping randomly (stuck).
 22889 | D:4      | 22889 ||| Stepping randomly (stuck).
 22891 | D:4      | 22891 ||| Stepping randomly (stuck).
 22893 | D:4      | 22893 ||| Stepping randomly (stuck).
 22895 | D:4      | 22895 ||| Stepping randomly (stuck).
 22897 | D:4      | 22897 ||| Stepping randomly (stuck).
 22899 | D:4      | 22899 ||| Stepping randomly (stuck).
 22901 | D:4      | 22901 ||| Stepping randomly (stuck).
 22903 | D:4      | 22903 ||| Stepping randomly (stuck).
 22905 | D:4      | 22905 ||| Stepping randomly (stuck).
 22907 | D:4      | 22907 ||| Stepping randomly (stuck).
 22909 | D:4      | 22909 ||| Stepping randomly (stuck).
 22911 | D:4      | 22911 ||| Stepping randomly (stuck).
 22913 | D:4      | 22913 ||| Stepping randomly (stuck).
 22915 | D:4      | 22915 ||| Stepping randomly (stuck).
 22917 | D:4      | 22917 ||| Stepping randomly (stuck).
 22919 | D:4      | 22919 ||| Stepping randomly (stuck).
 22921 | D:4      | 22921 ||| Stepping randomly (stuck).
 22923 | D:4      | 22923 ||| Stepping randomly (stuck).
 22925 | D:4      | 22925 ||| Stepping randomly (stuck).
 22927 | D:4      | 22927 ||| Stepping randomly (stuck).
 22929 | D:4      | 22929 ||| Stepping randomly (stuck).
 22931 | D:4      | 22931 ||| Stepping randomly (stuck).
 22933 | D:4      | 22933 ||| Stepping randomly (stuck).
 22935 | D:4      | 22935 ||| Stepping randomly (stuck).
 22937 | D:4      | 22937 ||| Stepping randomly (stuck).
 22939 | D:4      | 22939 ||| Stepping randomly (stuck).
 22941 | D:4      | 22941 ||| Stepping randomly (stuck).
 22943 | D:4      | 22943 ||| Stepping randomly (stuck).
 22945 | D:4      | 22945 ||| Stepping randomly (stuck).
 22947 | D:4      | 22947 ||| Stepping randomly (stuck).
 22949 | D:4      | 22949 ||| Stepping randomly (stuck).
 22951 | D:4      | 22951 ||| Stepping randomly (stuck).
 22951 | D:4      | Glimpsed the power of Zot.
 22953 | D:4      | 22953 ||| Stepping randomly (stuck).
 22955 | D:4      | 22955 ||| Stepping randomly (stuck).
 22957 | D:4      | 22957 ||| Stepping randomly (stuck).
 22959 | D:4      | 22959 ||| Stepping randomly (stuck).
 22961 | D:4      | 22961 ||| Stepping randomly (stuck).
 22963 | D:4      | 22963 ||| Stepping randomly (stuck).
 22965 | D:4      | 22965 ||| Stepping randomly (stuck).
 22967 | D:4      | 22967 ||| Stepping randomly (stuck).
 22969 | D:4      | 22969 ||| Stepping randomly (stuck).
 22971 | D:4      | 22971 ||| Stepping randomly (stuck).
 22973 | D:4      | 22973 ||| Stepping randomly (stuck).
 22975 | D:4      | 22975 ||| Stepping randomly (stuck).
 22977 | D:4      | 22977 ||| Stepping randomly (stuck).
 22979 | D:4      | 22979 ||| Stepping randomly (stuck).
 22981 | D:4      | 22981 ||| Stepping randomly (stuck).
 22983 | D:4      | 22983 ||| Stepping randomly (stuck).
 22985 | D:4      | 22985 ||| Stepping randomly (stuck).
 22987 | D:4      | 22987 ||| Stepping randomly (stuck).
 22989 | D:4      | 22989 ||| Stepping randomly (stuck).
 22991 | D:4      | 22991 ||| Stepping randomly (stuck).
 22993 | D:4      | 22993 ||| Stepping randomly (stuck).
 22995 | D:4      | 22995 ||| Stepping randomly (stuck).
 22997 | D:4      | 22997 ||| Stepping randomly (stuck).
 22999 | D:4      | 22999 ||| Stepping randomly (stuck).
 23001 | D:4      | 23001 ||| Stepping randomly (stuck).
 23003 | D:4      | 23003 ||| Stepping randomly (stuck).
 23005 | D:4      | 23005 ||| Stepping randomly (stuck).
 23007 | D:4      | 23007 ||| Stepping randomly (stuck).
 23009 | D:4      | 23009 ||| Stepping randomly (stuck).
 23011 | D:4      | 23011 ||| Stepping randomly (stuck).
 23013 | D:4      | 23013 ||| Stepping randomly (stuck).
 23015 | D:4      | 23015 ||| Stepping randomly (stuck).
 23017 | D:4      | 23017 ||| Stepping randomly (stuck).
 23019 | D:4      | 23019 ||| Stepping randomly (stuck).
 23021 | D:4      | 23021 ||| Stepping randomly (stuck).
 23023 | D:4      | 23023 ||| Stepping randomly (stuck).
 23025 | D:4      | 23025 ||| Stepping randomly (stuck).
 23027 | D:4      | 23027 ||| Stepping randomly (stuck).
 23029 | D:4      | 23029 ||| Stepping randomly (stuck).
 23031 | D:4      | 23031 ||| Stepping randomly (stuck).
 23033 | D:4      | 23033 ||| Stepping randomly (stuck).
 23035 | D:4      | 23035 ||| Stepping randomly (stuck).
 23037 | D:4      | 23037 ||| Stepping randomly (stuck).
 23039 | D:4      | 23039 ||| Stepping randomly (stuck).
 23041 | D:4      | 23041 ||| Stepping randomly (stuck).
 23043 | D:4      | 23043 ||| Stepping randomly (stuck).
 23045 | D:4      | 23045 ||| Stepping randomly (stuck).
 23047 | D:4      | 23047 ||| Stepping randomly (stuck).
 23049 | D:4      | 23049 ||| Stepping randomly (stuck).
 23051 | D:4      | 23051 ||| Stepping randomly (stuck).
 23053 | D:4      | 23053 ||| Stepping randomly (stuck).
 23055 | D:4      | 23055 ||| Stepping randomly (stuck).
 23057 | D:4      | 23057 ||| Stepping randomly (stuck).
 23059 | D:4      | 23059 ||| Stepping randomly (stuck).
 23061 | D:4      | 23061 ||| Stepping randomly (stuck).
 23063 | D:4      | 23063 ||| Stepping randomly (stuck).
 23065 | D:4      | 23065 ||| Stepping randomly (stuck).
 23067 | D:4      | 23067 ||| Stepping randomly (stuck).
 23069 | D:4      | 23069 ||| Stepping randomly (stuck).
 23071 | D:4      | 23071 ||| Stepping randomly (stuck).
 23073 | D:4      | 23073 ||| Stepping randomly (stuck).
 23075 | D:4      | 23075 ||| Stepping randomly (stuck).
 23077 | D:4      | 23077 ||| Stepping randomly (stuck).
 23079 | D:4      | 23079 ||| Stepping randomly (stuck).
 23081 | D:4      | 23081 ||| Stepping randomly (stuck).
 23083 | D:4      | 23083 ||| Stepping randomly (stuck).
 23085 | D:4      | 23085 ||| Stepping randomly (stuck).
 23087 | D:4      | 23087 ||| Stepping randomly (stuck).
 23089 | D:4      | 23089 ||| Stepping randomly (stuck).
 23091 | D:4      | 23091 ||| Stepping randomly (stuck).
 23093 | D:4      | 23093 ||| Stepping randomly (stuck).
 23095 | D:4      | 23095 ||| Stepping randomly (stuck).
 23097 | D:4      | 23097 ||| Stepping randomly (stuck).
 23099 | D:4      | 23099 ||| Stepping randomly (stuck).
 23101 | D:4      | 23101 ||| Stepping randomly (stuck).
 23103 | D:4      | 23103 ||| Stepping randomly (stuck).
 23105 | D:4      | 23105 ||| Stepping randomly (stuck).
 23107 | D:4      | 23107 ||| Stepping randomly (stuck).
 23109 | D:4      | 23109 ||| Stepping randomly (stuck).
 23111 | D:4      | 23111 ||| Stepping randomly (stuck).
 23113 | D:4      | 23113 ||| Stepping randomly (stuck).
 23115 | D:4      | 23115 ||| Stepping randomly (stuck).
 23117 | D:4      | 23117 ||| Stepping randomly (stuck).
 23119 | D:4      | 23119 ||| Stepping randomly (stuck).
 23121 | D:4      | 23121 ||| Stepping randomly (stuck).
 23123 | D:4      | 23123 ||| Stepping randomly (stuck).
 23125 | D:4      | 23125 ||| Stepping randomly (stuck).
 23127 | D:4      | 23127 ||| Stepping randomly (stuck).
 23129 | D:4      | 23129 ||| Stepping randomly (stuck).
 23131 | D:4      | 23131 ||| Stepping randomly (stuck).
 23133 | D:4      | 23133 ||| Stepping randomly (stuck).
 23135 | D:4      | 23135 ||| Stepping randomly (stuck).
 23137 | D:4      | 23137 ||| Stepping randomly (stuck).
 23139 | D:4      | 23139 ||| Stepping randomly (stuck).
 23141 | D:4      | 23141 ||| Stepping randomly (stuck).
 23143 | D:4      | 23143 ||| Stepping randomly (stuck).
 23145 | D:4      | 23145 ||| Stepping randomly (stuck).
 23147 | D:4      | 23147 ||| Stepping randomly (stuck).
 23149 | D:4      | 23149 ||| Stepping randomly (stuck).
 23151 | D:4      | 23151 ||| Stepping randomly (stuck).
 23153 | D:4      | 23153 ||| Stepping randomly (stuck).
 23155 | D:4      | 23155 ||| Stepping randomly (stuck).
 23157 | D:4      | 23157 ||| Stepping randomly (stuck).
 23159 | D:4      | 23159 ||| Stepping randomly (stuck).
 23161 | D:4      | 23161 ||| Stepping randomly (stuck).
 23163 | D:4      | 23163 ||| Stepping randomly (stuck).
 23165 | D:4      | 23165 ||| Stepping randomly (stuck).
 23167 | D:4      | 23167 ||| Stepping randomly (stuck).
 23169 | D:4      | 23169 ||| Stepping randomly (stuck).
 23171 | D:4      | 23171 ||| Stepping randomly (stuck).
 23173 | D:4      | 23173 ||| Stepping randomly (stuck).
 23175 | D:4      | 23175 ||| Stepping randomly (stuck).
 23177 | D:4      | 23177 ||| Stepping randomly (stuck).
 23179 | D:4      | 23179 ||| Stepping randomly (stuck).
 23181 | D:4      | 23181 ||| Stepping randomly (stuck).
 23183 | D:4      | 23183 ||| Stepping randomly (stuck).
 23185 | D:4      | 23185 ||| Stepping randomly (stuck).
 23187 | D:4      | 23187 ||| Stepping randomly (stuck).
 23189 | D:4      | 23189 ||| Stepping randomly (stuck).
 23191 | D:4      | 23191 ||| Stepping randomly (stuck).
 23193 | D:4      | 23193 ||| Stepping randomly (stuck).
 23195 | D:4      | 23195 ||| Stepping randomly (stuck).
 23197 | D:4      | 23197 ||| Stepping randomly (stuck).
 23199 | D:4      | 23199 ||| Stepping randomly (stuck).
 23201 | D:4      | 23201 ||| Stepping randomly (stuck).
 23203 | D:4      | 23203 ||| Stepping randomly (stuck).
 23205 | D:4      | 23205 ||| Stepping randomly (stuck).
 23207 | D:4      | 23207 ||| Stepping randomly (stuck).
 23209 | D:4      | 23209 ||| Stepping randomly (stuck).
 23211 | D:4      | 23211 ||| Stepping randomly (stuck).
 23213 | D:4      | 23213 ||| Stepping randomly (stuck).
 23215 | D:4      | 23215 ||| Stepping randomly (stuck).
 23217 | D:4      | 23217 ||| Stepping randomly (stuck).
 23219 | D:4      | 23219 ||| Stepping randomly (stuck).
 23221 | D:4      | 23221 ||| Stepping randomly (stuck).
 23223 | D:4      | 23223 ||| Stepping randomly (stuck).
 23225 | D:4      | 23225 ||| Stepping randomly (stuck).
 23227 | D:4      | 23227 ||| Stepping randomly (stuck).
 23229 | D:4      | 23229 ||| Stepping randomly (stuck).
 23231 | D:4      | 23231 ||| Stepping randomly (stuck).
 23233 | D:4      | 23233 ||| Stepping randomly (stuck).
 23235 | D:4      | 23235 ||| Stepping randomly (stuck).
 23237 | D:4      | 23237 ||| Stepping randomly (stuck).
 23239 | D:4      | 23239 ||| Stepping randomly (stuck).
 23241 | D:4      | 23241 ||| Stepping randomly (stuck).
 23243 | D:4      | 23243 ||| Stepping randomly (stuck).
 23245 | D:4      | 23245 ||| Stepping randomly (stuck).
 23247 | D:4      | 23247 ||| Stepping randomly (stuck).
 23249 | D:4      | 23249 ||| Stepping randomly (stuck).
 23251 | D:4      | 23251 ||| Stepping randomly (stuck).
 23253 | D:4      | 23253 ||| Stepping randomly (stuck).
 23255 | D:4      | 23255 ||| Stepping randomly (stuck).
 23257 | D:4      | 23257 ||| Stepping randomly (stuck).
 23259 | D:4      | 23259 ||| Stepping randomly (stuck).
 23261 | D:4      | 23261 ||| Stepping randomly (stuck).
 23263 | D:4      | 23263 ||| Stepping randomly (stuck).
 23265 | D:4      | 23265 ||| Stepping randomly (stuck).
 23267 | D:4      | 23267 ||| Stepping randomly (stuck).
 23269 | D:4      | 23269 ||| Stepping randomly (stuck).
 23271 | D:4      | 23271 ||| Stepping randomly (stuck).
 23273 | D:4      | 23273 ||| Stepping randomly (stuck).
 23275 | D:4      | 23275 ||| Stepping randomly (stuck).
 23277 | D:4      | 23277 ||| Stepping randomly (stuck).
 23279 | D:4      | 23279 ||| Stepping randomly (stuck).
 23281 | D:4      | 23281 ||| Stepping randomly (stuck).
 23283 | D:4      | 23283 ||| Stepping randomly (stuck).
 23285 | D:4      | 23285 ||| Stepping randomly (stuck).
 23287 | D:4      | 23287 ||| Stepping randomly (stuck).
 23289 | D:4      | 23289 ||| Stepping randomly (stuck).
 23291 | D:4      | 23291 ||| Stepping randomly (stuck).
 23293 | D:4      | 23293 ||| Stepping randomly (stuck).
 23295 | D:4      | 23295 ||| Stepping randomly (stuck).
 23297 | D:4      | 23297 ||| Stepping randomly (stuck).
 23299 | D:4      | 23299 ||| Stepping randomly (stuck).
 23301 | D:4      | 23301 ||| Stepping randomly (stuck).
 23303 | D:4      | 23303 ||| Stepping randomly (stuck).
 23305 | D:4      | 23305 ||| Stepping randomly (stuck).
 23307 | D:4      | 23307 ||| Stepping randomly (stuck).
 23309 | D:4      | 23309 ||| Stepping randomly (stuck).
 23311 | D:4      | 23311 ||| Stepping randomly (stuck).
 23313 | D:4      | 23313 ||| Stepping randomly (stuck).
 23315 | D:4      | 23315 ||| Stepping randomly (stuck).
 23317 | D:4      | 23317 ||| Stepping randomly (stuck).
 23319 | D:4      | 23319 ||| Stepping randomly (stuck).
 23321 | D:4      | 23321 ||| Stepping randomly (stuck).
 23323 | D:4      | 23323 ||| Stepping randomly (stuck).
 23325 | D:4      | 23325 ||| Stepping randomly (stuck).
 23327 | D:4      | 23327 ||| Stepping randomly (stuck).
 23329 | D:4      | 23329 ||| Stepping randomly (stuck).
 23331 | D:4      | 23331 ||| Stepping randomly (stuck).
 23333 | D:4      | 23333 ||| Stepping randomly (stuck).
 23335 | D:4      | 23335 ||| Stepping randomly (stuck).
 23337 | D:4      | 23337 ||| Stepping randomly (stuck).
 23339 | D:4      | 23339 ||| Stepping randomly (stuck).
 23341 | D:4      | 23341 ||| Stepping randomly (stuck).
 23343 | D:4      | 23343 ||| Stepping randomly (stuck).
 23345 | D:4      | 23345 ||| Stepping randomly (stuck).
 23347 | D:4      | 23347 ||| Stepping randomly (stuck).
 23349 | D:4      | 23349 ||| Stepping randomly (stuck).
 23351 | D:4      | 23351 ||| Stepping randomly (stuck).
 23353 | D:4      | 23353 ||| Stepping randomly (stuck).
 23355 | D:4      | 23355 ||| Stepping randomly (stuck).
 23357 | D:4      | 23357 ||| Stepping randomly (stuck).
 23359 | D:4      | 23359 ||| Stepping randomly (stuck).
 23361 | D:4      | 23361 ||| Stepping randomly (stuck).
 23363 | D:4      | 23363 ||| Stepping randomly (stuck).
 23365 | D:4      | 23365 ||| Stepping randomly (stuck).
 23367 | D:4      | 23367 ||| Stepping randomly (stuck).
 23369 | D:4      | 23369 ||| Stepping randomly (stuck).
 23371 | D:4      | 23371 ||| Stepping randomly (stuck).
 23373 | D:4      | 23373 ||| Stepping randomly (stuck).
 23375 | D:4      | 23375 ||| Stepping randomly (stuck).
 23377 | D:4      | 23377 ||| Stepping randomly (stuck).
 23379 | D:4      | 23379 ||| Stepping randomly (stuck).
 23381 | D:4      | 23381 ||| Stepping randomly (stuck).
 23383 | D:4      | 23383 ||| Stepping randomly (stuck).
 23385 | D:4      | 23385 ||| Stepping randomly (stuck).
 23387 | D:4      | 23387 ||| Stepping randomly (stuck).
 23389 | D:4      | 23389 ||| Stepping randomly (stuck).
 23391 | D:4      | 23391 ||| Stepping randomly (stuck).
 23393 | D:4      | 23393 ||| Stepping randomly (stuck).
 23395 | D:4      | 23395 ||| Stepping randomly (stuck).
 23397 | D:4      | 23397 ||| Stepping randomly (stuck).
 23399 | D:4      | 23399 ||| Stepping randomly (stuck).
 23401 | D:4      | 23401 ||| Stepping randomly (stuck).
 23403 | D:4      | 23403 ||| Stepping randomly (stuck).
 23405 | D:4      | 23405 ||| Stepping randomly (stuck).
 23407 | D:4      | 23407 ||| Stepping randomly (stuck).
 23409 | D:4      | 23409 ||| Stepping randomly (stuck).
 23411 | D:4      | 23411 ||| Stepping randomly (stuck).
 23413 | D:4      | 23413 ||| Stepping randomly (stuck).
 23415 | D:4      | 23415 ||| Stepping randomly (stuck).
 23417 | D:4      | 23417 ||| Stepping randomly (stuck).
 23419 | D:4      | 23419 ||| Stepping randomly (stuck).
 23421 | D:4      | 23421 ||| Stepping randomly (stuck).
 23423 | D:4      | 23423 ||| Stepping randomly (stuck).
 23425 | D:4      | 23425 ||| Stepping randomly (stuck).
 23427 | D:4      | 23427 ||| Stepping randomly (stuck).
 23429 | D:4      | 23429 ||| Stepping randomly (stuck).
 23431 | D:4      | 23431 ||| Stepping randomly (stuck).
 23433 | D:4      | 23433 ||| Stepping randomly (stuck).
 23435 | D:4      | 23435 ||| Stepping randomly (stuck).
 23437 | D:4      | 23437 ||| Stepping randomly (stuck).
 23439 | D:4      | 23439 ||| Stepping randomly (stuck).
 23441 | D:4      | 23441 ||| Stepping randomly (stuck).
 23443 | D:4      | 23443 ||| Stepping randomly (stuck).
 23445 | D:4      | 23445 ||| Stepping randomly (stuck).
 23447 | D:4      | 23447 ||| Stepping randomly (stuck).
 23449 | D:4      | 23449 ||| Stepping randomly (stuck).
 23451 | D:4      | 23451 ||| Stepping randomly (stuck).
 23451 | D:4      | Glimpsed the power of Zot.
 23453 | D:4      | 23453 ||| Stepping randomly (stuck).
 23455 | D:4      | 23455 ||| Stepping randomly (stuck).
 23457 | D:4      | 23457 ||| Stepping randomly (stuck).
 23459 | D:4      | 23459 ||| Stepping randomly (stuck).
 23461 | D:4      | 23461 ||| Stepping randomly (stuck).
 23463 | D:4      | 23463 ||| Stepping randomly (stuck).
 23465 | D:4      | 23465 ||| Stepping randomly (stuck).
 23467 | D:4      | 23467 ||| Stepping randomly (stuck).
 23469 | D:4      | 23469 ||| Stepping randomly (stuck).
 23471 | D:4      | 23471 ||| Stepping randomly (stuck).
 23473 | D:4      | 23473 ||| Stepping randomly (stuck).
 23475 | D:4      | 23475 ||| Stepping randomly (stuck).
 23477 | D:4      | 23477 ||| Stepping randomly (stuck).
 23479 | D:4      | 23479 ||| Stepping randomly (stuck).
 23481 | D:4      | 23481 ||| Stepping randomly (stuck).
 23483 | D:4      | 23483 ||| Stepping randomly (stuck).
 23485 | D:4      | 23485 ||| Stepping randomly (stuck).
 23487 | D:4      | 23487 ||| Stepping randomly (stuck).
 23489 | D:4      | 23489 ||| Stepping randomly (stuck).
 23491 | D:4      | 23491 ||| Stepping randomly (stuck).
 23493 | D:4      | 23493 ||| Stepping randomly (stuck).
 23495 | D:4      | 23495 ||| Stepping randomly (stuck).
 23497 | D:4      | 23497 ||| Stepping randomly (stuck).
 23499 | D:4      | 23499 ||| Stepping randomly (stuck).
 23501 | D:4      | 23501 ||| Stepping randomly (stuck).
 23503 | D:4      | 23503 ||| Stepping randomly (stuck).
 23505 | D:4      | 23505 ||| Stepping randomly (stuck).
 23507 | D:4      | 23507 ||| Stepping randomly (stuck).
 23509 | D:4      | 23509 ||| Stepping randomly (stuck).
 23511 | D:4      | 23511 ||| Stepping randomly (stuck).
 23513 | D:4      | 23513 ||| Stepping randomly (stuck).
 23515 | D:4      | 23515 ||| Stepping randomly (stuck).
 23517 | D:4      | 23517 ||| Stepping randomly (stuck).
 23519 | D:4      | 23519 ||| Stepping randomly (stuck).
 23521 | D:4      | 23521 ||| Stepping randomly (stuck).
 23523 | D:4      | 23523 ||| Stepping randomly (stuck).
 23525 | D:4      | 23525 ||| Stepping randomly (stuck).
 23527 | D:4      | 23527 ||| Stepping randomly (stuck).
 23529 | D:4      | 23529 ||| Stepping randomly (stuck).
 23531 | D:4      | 23531 ||| Stepping randomly (stuck).
 23533 | D:4      | 23533 ||| Stepping randomly (stuck).
 23535 | D:4      | 23535 ||| Stepping randomly (stuck).
 23537 | D:4      | 23537 ||| Stepping randomly (stuck).
 23539 | D:4      | 23539 ||| Stepping randomly (stuck).
 23541 | D:4      | 23541 ||| Stepping randomly (stuck).
 23543 | D:4      | 23543 ||| Stepping randomly (stuck).
 23545 | D:4      | 23545 ||| Stepping randomly (stuck).
 23547 | D:4      | 23547 ||| Stepping randomly (stuck).
 23549 | D:4      | 23549 ||| Stepping randomly (stuck).
 23551 | D:4      | 23551 ||| Stepping randomly (stuck).
 23553 | D:4      | 23553 ||| Stepping randomly (stuck).
 23555 | D:4      | 23555 ||| Stepping randomly (stuck).
 23557 | D:4      | 23557 ||| Stepping randomly (stuck).
 23559 | D:4      | 23559 ||| Stepping randomly (stuck).
 23561 | D:4      | 23561 ||| Stepping randomly (stuck).
 23563 | D:4      | 23563 ||| Stepping randomly (stuck).
 23565 | D:4      | 23565 ||| Stepping randomly (stuck).
 23567 | D:4      | 23567 ||| Stepping randomly (stuck).
 23569 | D:4      | 23569 ||| Stepping randomly (stuck).
 23571 | D:4      | 23571 ||| Stepping randomly (stuck).
 23573 | D:4      | 23573 ||| Stepping randomly (stuck).
 23575 | D:4      | 23575 ||| Stepping randomly (stuck).
 23577 | D:4      | 23577 ||| Stepping randomly (stuck).
 23579 | D:4      | 23579 ||| Stepping randomly (stuck).
 23581 | D:4      | 23581 ||| Stepping randomly (stuck).
 23583 | D:4      | 23583 ||| Stepping randomly (stuck).
 23585 | D:4      | 23585 ||| Stepping randomly (stuck).
 23587 | D:4      | 23587 ||| Stepping randomly (stuck).
 23589 | D:4      | 23589 ||| Stepping randomly (stuck).
 23591 | D:4      | 23591 ||| Stepping randomly (stuck).
 23593 | D:4      | 23593 ||| Stepping randomly (stuck).
 23595 | D:4      | 23595 ||| Stepping randomly (stuck).
 23597 | D:4      | 23597 ||| Stepping randomly (stuck).
 23599 | D:4      | 23599 ||| Stepping randomly (stuck).
 23601 | D:4      | 23601 ||| Stepping randomly (stuck).
 23603 | D:4      | 23603 ||| Stepping randomly (stuck).
 23605 | D:4      | 23605 ||| Stepping randomly (stuck).
 23607 | D:4      | 23607 ||| Stepping randomly (stuck).
 23609 | D:4      | 23609 ||| Stepping randomly (stuck).
 23611 | D:4      | 23611 ||| Stepping randomly (stuck).
 23613 | D:4      | 23613 ||| Stepping randomly (stuck).
 23615 | D:4      | 23615 ||| Stepping randomly (stuck).
 23617 | D:4      | 23617 ||| Stepping randomly (stuck).
 23619 | D:4      | 23619 ||| Stepping randomly (stuck).
 23621 | D:4      | 23621 ||| Stepping randomly (stuck).
 23623 | D:4      | 23623 ||| Stepping randomly (stuck).
 23625 | D:4      | 23625 ||| Stepping randomly (stuck).
 23627 | D:4      | 23627 ||| Stepping randomly (stuck).
 23629 | D:4      | 23629 ||| Stepping randomly (stuck).
 23631 | D:4      | 23631 ||| Stepping randomly (stuck).
 23633 | D:4      | 23633 ||| Stepping randomly (stuck).
 23635 | D:4      | 23635 ||| Stepping randomly (stuck).
 23637 | D:4      | 23637 ||| Stepping randomly (stuck).
 23639 | D:4      | 23639 ||| Stepping randomly (stuck).
 23641 | D:4      | 23641 ||| Stepping randomly (stuck).
 23643 | D:4      | 23643 ||| Stepping randomly (stuck).
 23645 | D:4      | 23645 ||| Stepping randomly (stuck).
 23647 | D:4      | 23647 ||| Stepping randomly (stuck).
 23649 | D:4      | 23649 ||| Stepping randomly (stuck).
 23651 | D:4      | 23651 ||| Stepping randomly (stuck).
 23653 | D:4      | 23653 ||| Stepping randomly (stuck).
 23655 | D:4      | 23655 ||| Stepping randomly (stuck).
 23657 | D:4      | 23657 ||| Stepping randomly (stuck).
 23659 | D:4      | 23659 ||| Stepping randomly (stuck).
 23661 | D:4      | 23661 ||| Stepping randomly (stuck).
 23663 | D:4      | 23663 ||| Stepping randomly (stuck).
 23665 | D:4      | 23665 ||| Stepping randomly (stuck).
 23667 | D:4      | 23667 ||| Stepping randomly (stuck).
 23669 | D:4      | 23669 ||| Stepping randomly (stuck).
 23671 | D:4      | 23671 ||| Stepping randomly (stuck).
 23673 | D:4      | 23673 ||| Stepping randomly (stuck).
 23675 | D:4      | 23675 ||| Stepping randomly (stuck).
 23677 | D:4      | 23677 ||| Stepping randomly (stuck).
 23679 | D:4      | 23679 ||| Stepping randomly (stuck).
 23681 | D:4      | 23681 ||| Stepping randomly (stuck).
 23683 | D:4      | 23683 ||| Stepping randomly (stuck).
 23685 | D:4      | 23685 ||| Stepping randomly (stuck).
 23687 | D:4      | 23687 ||| Stepping randomly (stuck).
 23689 | D:4      | 23689 ||| Stepping randomly (stuck).
 23691 | D:4      | 23691 ||| Stepping randomly (stuck).
 23693 | D:4      | 23693 ||| Stepping randomly (stuck).
 23695 | D:4      | 23695 ||| Stepping randomly (stuck).
 23697 | D:4      | 23697 ||| Stepping randomly (stuck).
 23699 | D:4      | 23699 ||| Stepping randomly (stuck).
 23701 | D:4      | 23701 ||| Stepping randomly (stuck).
 23703 | D:4      | 23703 ||| Stepping randomly (stuck).
 23705 | D:4      | 23705 ||| Stepping randomly (stuck).
 23707 | D:4      | 23707 ||| Stepping randomly (stuck).
 23709 | D:4      | 23709 ||| Stepping randomly (stuck).
 23711 | D:4      | 23711 ||| Stepping randomly (stuck).
 23713 | D:4      | 23713 ||| Stepping randomly (stuck).
 23715 | D:4      | 23715 ||| Stepping randomly (stuck).
 23717 | D:4      | 23717 ||| Stepping randomly (stuck).
 23719 | D:4      | 23719 ||| Stepping randomly (stuck).
 23721 | D:4      | 23721 ||| Stepping randomly (stuck).
 23723 | D:4      | 23723 ||| Stepping randomly (stuck).
 23725 | D:4      | 23725 ||| Stepping randomly (stuck).
 23727 | D:4      | 23727 ||| Stepping randomly (stuck).
 23729 | D:4      | 23729 ||| Stepping randomly (stuck).
 23731 | D:4      | 23731 ||| Stepping randomly (stuck).
 23733 | D:4      | 23733 ||| Stepping randomly (stuck).
 23735 | D:4      | 23735 ||| Stepping randomly (stuck).
 23737 | D:4      | 23737 ||| Stepping randomly (stuck).
 23739 | D:4      | 23739 ||| Stepping randomly (stuck).
 23741 | D:4      | 23741 ||| Stepping randomly (stuck).
 23743 | D:4      | 23743 ||| Stepping randomly (stuck).
 23745 | D:4      | 23745 ||| Stepping randomly (stuck).
 23747 | D:4      | 23747 ||| Stepping randomly (stuck).
 23749 | D:4      | 23749 ||| Stepping randomly (stuck).
 23751 | D:4      | 23751 ||| Stepping randomly (stuck).
 23753 | D:4      | 23753 ||| Stepping randomly (stuck).
 23755 | D:4      | 23755 ||| Stepping randomly (stuck).
 23757 | D:4      | 23757 ||| Stepping randomly (stuck).
 23759 | D:4      | 23759 ||| Stepping randomly (stuck).
 23761 | D:4      | 23761 ||| Stepping randomly (stuck).
 23763 | D:4      | 23763 ||| Stepping randomly (stuck).
 23765 | D:4      | 23765 ||| Stepping randomly (stuck).
 23767 | D:4      | 23767 ||| Stepping randomly (stuck).
 23769 | D:4      | 23769 ||| Stepping randomly (stuck).
 23771 | D:4      | 23771 ||| Stepping randomly (stuck).
 23773 | D:4      | 23773 ||| Stepping randomly (stuck).
 23775 | D:4      | 23775 ||| Stepping randomly (stuck).
 23777 | D:4      | 23777 ||| Stepping randomly (stuck).
 23779 | D:4      | 23779 ||| Stepping randomly (stuck).
 23781 | D:4      | 23781 ||| Stepping randomly (stuck).
 23783 | D:4      | 23783 ||| Stepping randomly (stuck).
 23785 | D:4      | 23785 ||| Stepping randomly (stuck).
 23787 | D:4      | 23787 ||| Stepping randomly (stuck).
 23789 | D:4      | 23789 ||| Stepping randomly (stuck).
 23791 | D:4      | 23791 ||| Stepping randomly (stuck).
 23793 | D:4      | 23793 ||| Stepping randomly (stuck).
 23795 | D:4      | 23795 ||| Stepping randomly (stuck).
 23797 | D:4      | 23797 ||| Stepping randomly (stuck).
 23799 | D:4      | 23799 ||| Stepping randomly (stuck).
 23801 | D:4      | 23801 ||| Stepping randomly (stuck).
 23803 | D:4      | 23803 ||| Stepping randomly (stuck).
 23805 | D:4      | 23805 ||| Stepping randomly (stuck).
 23807 | D:4      | 23807 ||| Stepping randomly (stuck).
 23809 | D:4      | 23809 ||| Stepping randomly (stuck).
 23811 | D:4      | 23811 ||| Stepping randomly (stuck).
 23813 | D:4      | 23813 ||| Stepping randomly (stuck).
 23815 | D:4      | 23815 ||| Stepping randomly (stuck).
 23817 | D:4      | 23817 ||| Stepping randomly (stuck).
 23819 | D:4      | 23819 ||| Stepping randomly (stuck).
 23821 | D:4      | 23821 ||| Stepping randomly (stuck).
 23823 | D:4      | 23823 ||| Stepping randomly (stuck).
 23825 | D:4      | 23825 ||| Stepping randomly (stuck).
 23827 | D:4      | 23827 ||| Stepping randomly (stuck).
 23829 | D:4      | 23829 ||| Stepping randomly (stuck).
 23831 | D:4      | 23831 ||| Stepping randomly (stuck).
 23833 | D:4      | 23833 ||| Stepping randomly (stuck).
 23835 | D:4      | 23835 ||| Stepping randomly (stuck).
 23837 | D:4      | 23837 ||| Stepping randomly (stuck).
 23839 | D:4      | 23839 ||| Stepping randomly (stuck).
 23841 | D:4      | 23841 ||| Stepping randomly (stuck).
 23843 | D:4      | 23843 ||| Stepping randomly (stuck).
 23845 | D:4      | 23845 ||| Stepping randomly (stuck).
 23847 | D:4      | 23847 ||| Stepping randomly (stuck).
 23849 | D:4      | 23849 ||| Stepping randomly (stuck).
 23851 | D:4      | 23851 ||| Stepping randomly (stuck).
 23851 | D:4      | Glimpsed the power of Zot.
 23853 | D:4      | 23853 ||| Stepping randomly (stuck).
 23855 | D:4      | 23855 ||| Stepping randomly (stuck).
 23857 | D:4      | 23857 ||| Stepping randomly (stuck).
 23859 | D:4      | 23859 ||| Stepping randomly (stuck).
 23861 | D:4      | 23861 ||| Stepping randomly (stuck).
 23863 | D:4      | 23863 ||| Stepping randomly (stuck).
 23865 | D:4      | 23865 ||| Stepping randomly (stuck).
 23867 | D:4      | 23867 ||| Stepping randomly (stuck).
 23869 | D:4      | 23869 ||| Stepping randomly (stuck).
 23871 | D:4      | 23871 ||| Stepping randomly (stuck).
 23873 | D:4      | 23873 ||| Stepping randomly (stuck).
 23875 | D:4      | 23875 ||| Stepping randomly (stuck).
 23877 | D:4      | 23877 ||| Stepping randomly (stuck).
 23879 | D:4      | 23879 ||| Stepping randomly (stuck).
 23881 | D:4      | 23881 ||| Stepping randomly (stuck).
 23883 | D:4      | 23883 ||| Stepping randomly (stuck).
 23885 | D:4      | 23885 ||| Stepping randomly (stuck).
 23887 | D:4      | 23887 ||| Stepping randomly (stuck).
 23889 | D:4      | 23889 ||| Stepping randomly (stuck).
 23891 | D:4      | 23891 ||| Stepping randomly (stuck).
 23893 | D:4      | 23893 ||| Stepping randomly (stuck).
 23895 | D:4      | 23895 ||| Stepping randomly (stuck).
 23897 | D:4      | 23897 ||| Stepping randomly (stuck).
 23899 | D:4      | 23899 ||| Stepping randomly (stuck).
 23901 | D:4      | 23901 ||| Stepping randomly (stuck).
 23903 | D:4      | 23903 ||| Stepping randomly (stuck).
 23905 | D:4      | 23905 ||| Stepping randomly (stuck).
 23907 | D:4      | 23907 ||| Stepping randomly (stuck).
 23909 | D:4      | 23909 ||| Stepping randomly (stuck).
 23911 | D:4      | 23911 ||| Stepping randomly (stuck).
 23913 | D:4      | 23913 ||| Stepping randomly (stuck).
 23915 | D:4      | 23915 ||| Stepping randomly (stuck).
 23917 | D:4      | 23917 ||| Stepping randomly (stuck).
 23919 | D:4      | 23919 ||| Stepping randomly (stuck).
 23921 | D:4      | 23921 ||| Stepping randomly (stuck).
 23923 | D:4      | 23923 ||| Stepping randomly (stuck).
 23925 | D:4      | 23925 ||| Stepping randomly (stuck).
 23927 | D:4      | 23927 ||| Stepping randomly (stuck).
 23929 | D:4      | 23929 ||| Stepping randomly (stuck).
 23931 | D:4      | 23931 ||| Stepping randomly (stuck).
 23933 | D:4      | 23933 ||| Stepping randomly (stuck).
 23935 | D:4      | 23935 ||| Stepping randomly (stuck).
 23937 | D:4      | 23937 ||| Stepping randomly (stuck).
 23939 | D:4      | 23939 ||| Stepping randomly (stuck).
 23941 | D:4      | 23941 ||| Stepping randomly (stuck).
 23943 | D:4      | 23943 ||| Stepping randomly (stuck).
 23945 | D:4      | 23945 ||| Stepping randomly (stuck).
 23947 | D:4      | 23947 ||| Stepping randomly (stuck).
 23949 | D:4      | 23949 ||| Stepping randomly (stuck).
 23951 | D:4      | 23951 ||| Stepping randomly (stuck).
 23951 | D:4      | Touched by the power of Zot (MHP 45 -> 35)
 23952 | D:4      | 23952 ||| RIP OSSUARY
 23952 | D:4      | 23952 ||| QUITTING!
 23952 | D:4      | Quit the game

Levels and vault maps discovered:
D:1:      dpeg_arrival_court, layout_rooms, patterned_corridor
D:2:      layout_basic
D:3:      layout_basic, ebering_ghost_rock_garden,
          chequers_serial_rivers_small_b
D:4:      layout_rooms, biasface_ghost_orc_armoury, gup_ossuary_entry_pyramid,
          dk_noncrumbling_3

Skill      XL: |  1  2  3  4  5 |
---------------+----------------+-----
Ranged Weapons | 3 4 5 |  5.2
Fighting       | 2 3 |  3.1
Dodging        | |  2.1
Spellcasting   | |  1.0
Hexes          | |  2.0

Action                     |  1- 3 |  4- 6 || total
---------------------------+-------+-------++-------
   Fire: Sling             |   147 |    88 ||   235
    Use: Scroll            |    10 |       ||    10
         Potion            |     2 |     1 ||     3
 Armour: Robe              |    15 |       ||    15
         Leather armour    |     5 |    24 ||    29
  Dodge: Dodged            |    39 |    23 ||    62

Table legend:
 A = Non-vault XP
 B = Vault XP
 C = Vault XP percentage of total XP
 D = Non-vault monster count
 E = Vault monster count
 F = Vault count percentage of total count
                 A         B        C        D         E       F
            +---------+---------+-------+---------+---------+-------
      Total |     202 |      18 |   8.2 |      56 |       1 |   1.8
            +---------+---------+-------+---------+---------+-------
        D:1 |      34 |       0 |   0.0 |      17 |       0 |   0.0
        D:2 |      38 |       0 |   0.0 |      13 |       0 |   0.0
        D:3 |      21 |       0 |   0.0 |      10 |       0 |   0.0
        D:4 |     109 |      18 |  14.2 |      16 |       1 |   5.9
            +---------+---------+-------+---------+---------+-------
